Workbook
Name 核算项目: #REF!

Sheet 清算项目基本情况表
A1: T10000清算项目基本情况表
A2: （从事房地产开发的纳税人适用）
A3: 纳税人识别号： | C3: 91652801576209018D | G3: 纳税人名称： | I3: 新疆通力房地产开发有限公司库尔勒分公司 | Z3: *填表日期： | AC3: 2023-07-25
A4: 金额单位:人民币元(列至角分) | Z4: 面积单位:平方米
A5: 项目基本情况
A6: *项目名称 | D6: 春和景苑 | H6: *项目编码 | S6: Z65280120200013 | X6: *是否属于分期开发项目 | AG6: 是
A7: *项目地址 | D7: 库尔勒市新城辖区幸福路南侧、杜鹃河东侧、68号小区 | X7: *总预算成本 | AG7: 45156000
A8: *项目所在地主管税务机关 | D8: 国家税务总局库尔勒市税务局 | H8: *项目所在地主管税务所（科/分局） | S8: 库尔勒市税务局税源管理一股 | X8: *土地使用权出（转）让合同签订日期 | AG8: 43692
A9: *开发土地总面积 | D9: 16456.05 | H9: *开发建筑总面积 | L9: 17250 | S9: *项目总地价款 | X9: 0 | AB9: *容积率 | AG9: 1.01
A10: *绿地率 | D10: 0.35 | H10: 项目开工日期 | L10: 2019-08-15 | S10: 整体竣工日期 | X10: 2021-12-10 | AB10: 最后一个销（预）售证取得时间 | AG10: 2019-11-20
A11: 发改部门立项信息
A12: 序号 | B12: 投资项目代码 | C12: 项目名称 | Q12: 项目总投资 | AA12: 建筑面积
A13: 1 | B13: 2018036 | C13: 春和景苑建设项目 | Q13: 45156000 | AA13: 17250
A14: 土地使用权信息
A15: 序号 | B15: 不动产权证号 | C15: 不动产单元号 | H15: 权利类型 | O15: 权利性质 | X15: 用途 | AA15: 面积 | AE15: 使用期限 | AG15: 土地使用权证发证日期
A16: 1 | B16: 00019443 | C16: 652801 005068 GB00054 | H16: 国有建设用地使用权 | O16: 出让 | X16: 房地产开发企业的开发用地 | AA16: 16456.05 | AE16: 50 | AG16: 2010-05-24
A17: 建设用地规划许可信息
A18: 序号 | B18: 建设用地规划许可证编号 | C18: 用地项目名称 | H18: 用地位置 | S18: 用途 | V18: 用地面积 | AA18: 建设规模 | AG18: 发证日期
A19: 1 | B19: 地字第652800201400002 | C19: 商住楼 | H19: 68号小区、新城区幸福路南侧 | S19: 房地产开发企业的开发用地 | V19: 15509.2 | AA19: 14176.14 | AG19: 2014-01-02
A20: 建设工程规划许可信息
A21: 序号 | B21: 建设工程规划许可证编号 | C21: 建设项目名称 | H21: 建设位置 | S21: 建设规模 | AA21: *发证日期
A22: 1 | B22: 建字第652800201800425 | C22: 2#住宅楼 | H22: 68号小区，幸福路南侧 | S22: 4743.15 | AA22: 2018-09-07
A23: 2 | B23: 建字第652800201800426 | C23: 3#住宅楼 | H23: 68号小区，幸福路南侧 | S23: 4743.15 | AA23: 2018-09-07
A24: 3 | B24: 建字第652800201800424 | C24: 1#住宅楼 | H24: 68号小区，幸福路南侧 | S24: 4743.15 | AA24: 2018-09-07
A25: 建筑工程施工许可信息
A26: 序号 | B26: 建筑工程施工许可证编号 | C26: 工程名称 | G26: 建设地址 | H26: 建设规模 | O26: 合同价格 | S26: 施工单位名称 | X26: 合同开工日期 | AC26: 合同竣工日期 | AG26: 发证日期
A27: 1 | B27: 652801201908090201 | C27: 春和景苑建设项目1#2#3#楼 | G27: 库尔勒市幸福路 | H27: 14229.45 | O27: 18948271 | S27: 新疆正杰建筑集团有限公司 | X27: 2019-08-15 | AC27: 2021-12-10 | AG27: 2019-08-09
A28: 预售许可信息
A29: 序号 | B29: 预售许可证编号 | C29: 项目名称 | F29: 预售款专用帐户网点、帐号 | G29: 预售房屋建筑面积 | R29: 预售套数 | AG29: *发证日期
G30: 住宅 | I30: 商业用房 | J30: 办公用房 | K30: 车位车库 | M30: 其他 | P30: 合计 | R30: 住宅 | T30: 商业用房 | X30: 办公用房 | Z30: 车位车库 | AC30: 其他 | AF30: 合计
A31: 1 | B31: 新建房许字（2019）26号-库尔勒市 | C31: 春和景苑 | G31: 4075.8 | I31: 0 | J31: 0 | K31: 0 | M31: 0 | P31: 4075.8 | R31: 36 | T31: 0 | X31: 0 | Z31: 0 | AC31: 0 | AF31: 36 | AG31: 2019-11-20
A32: 2 | B32: 新建房许字（2019）27号-库尔勒市 | C32: 春和景苑 | G32: 4075.8 | I32: 0 | J32: 0 | K32: 0 | M32: 0 | P32: 4075.8 | R32: 36 | T32: 0 | X32: 0 | Z32: 0 | AC32: 0 | AF32: 36 | AG32: 2019-11-20
A33: 3 | B33: 新建房许字（2019）25号-库尔勒市 | C33: 春和景苑 | G33: 4075.8 | I33: 0 | J33: 0 | K33: 0 | M33: 0 | P33: 4075.8 | R33: 36 | T33: 0 | X33: 0 | Z33: 0 | AC33: 0 | AF33: 36 | AG33: 2019-11-20
A34: 现售备案信息
A35: 序号 | B35: 现售备案证书编号 | C35: 项目名称 | H35: 现售房屋建筑面积 | AA35: 发证日期
H36: 住宅 | M36: 商业用房 | Q36: 办公用房 | U36: 车位车库 | W36: 其他 | Y36: 合计
A37: 1
A38: 建设工程竣工验收信息
A39: 序号 | B39: 竣工的建筑工程施工许可证编号 | H39: 验收日期 | N39: *备案日期 | U39: 竣工工程造价 | AA39: 竣工面积
A40: 1 | B40: 652801201908090201 | H40: 2021-12-10 | N40: 2021-12-10 | U40: 5290300 | AA40: 4725.38

Sheet 土地增值税税源明细表
A1: T20000土地增值税税源明细表
A2: 税款所属期间： | B2: 2019年11 月20日 至2025年 8月30日
A3: 纳税人识别号(统一社会信用代码): | B3: =IF(清算项目基本情况表!C3="","",清算项目基本情况表!C3) -> 91652801576209018D
A4: 纳税人名称: | B4: =IF(清算项目基本情况表!I3="","",清算项目基本情况表!I3) -> 新疆通力房地产开发有限公司库尔勒分公司 | G4: 金额单位:人民币元(列至角分) | K4: 面积单位:平方米
A5: 项目名称 | B5: =IF(清算项目基本情况表!D6="","",清算项目基本情况表!D6) -> 春和景苑 | F5: 项目编码 | H5: =IF(清算项目基本情况表!S6="","",清算项目基本情况表!S6) -> Z65280120200013
A6: 项目地址 | B6: =清算项目基本情况表!D7 -> 库尔勒市新城辖区幸福路南侧、杜鹃河东侧、68号小区 | F6: 分配方法 | H6: 三分法
A7: 项目总可售面积 | B7: ='附表1-面积统计表'!F29 -> 12227.4 | F7: 自用和出租面积 | G7: ='附表1-面积统计表'!I29+'附表1-面积统计表'!J29 -> 0
A8: 已售面积 | B8: ='附表1-面积统计表'!G29 -> 11744.64 | C8: 其中:普通住宅已售面积 | D8: ='附表1-面积统计表'!G5 -> 11744.64 | F8: 其中:非普通住宅已售面积 | G8: ='附表1-面积统计表'!G6 -> 0 | I8: 其中:其他类型房地产已售面积 | J8: ='附表1-面积统计表'!G7 -> 0
A9: 清算后剩余可售面积 | B9: ='附表1-面积统计表'!H29 -> 482.76 | C9: 其中:普通住宅剩余可售面积 | D9: ='附表1-面积统计表'!H5 -> 482.76 | F9: 其中:非普通住宅剩余可售面积 | G9: ='附表1-面积统计表'!H6 -> 0 | I9: 其中:其他类型房地产剩余可售面积 | J9: ='附表1-面积统计表'!H7 -> 0
A10: 项目 | C10: 行次 | D10: 普通住宅 | F10: 非普通住宅 | H10: 其他类型房产 | J10: 总额
A11: 一、转让房地产收入总额 | C11: 1=2+3+4 | D11: =SUM(D12:D14) -> 40721948 | F11: =SUM(F12:F14) -> 0 | H11: =SUM(H12:H14) -> 0 | J11: =SUM(D11:I11) -> 40721948
A12: 1.货币收入 | C12: 2 | D12: ='附表2-收入统计表'!C5 -> 40721948 | F12: =IF($H$6="三分法",'附表2-收入统计表'!C6,"") -> 0 | H12: =IF($H$6="三分法",'附表2-收入统计表'!C7,SUM('附表2-收入统计表'!C6:C7)) -> 0 | J12: =SUM(D12:I12) -> 40721948
A13: 2.实物收入及其他收入 | C13: 3 | D13: ='附表2-收入统计表'!D5 -> 0 | F13: =IF($H$6="三分法",'附表2-收入统计表'!D6,"") -> 0 | H13: =IF($H$6="三分法",'附表2-收入统计表'!D7,SUM('附表2-收入统计表'!D6:D7)) -> 0 | J13: =SUM(D13:I13) -> 0
A14: 3.视同销售收入 | C14: 4 | D14: ='附表2-收入统计表'!E5 -> 0 | F14: =IF($H$6="三分法",'附表2-收入统计表'!E6,"") -> 0 | H14: =IF($H$6="三分法",'附表2-收入统计表'!E7,SUM('附表2-收入统计表'!E6:E7)) -> 0 | J14: =SUM(D14:I14) -> 0
A15: 二、扣除项目金额合计 | C15: 5=6+7+14+17+21+22 | D15: =SUM(D16)+SUM(D18)+SUM(D26)+SUM(D29)+SUM(D33)+SUM(D34) -> 38837520 | F15: =SUM(F16)+SUM(F18)+SUM(F26)+SUM(F29)+SUM(F33)+SUM(F34) -> 0 | H15: =SUM(H16)+SUM(H18)+SUM(H26)+SUM(H29)+SUM(H33)+SUM(H34) -> 0 | J15: =SUM(D15:I15) -> 38837520
A16: 1.取得土地使用权所支付的金额 | C16: 6 | D16: =SUM('附表3-扣除项目分摊表'!K7) -> 0 | F16: =IF($H$6="三分法",SUM('附表3-扣除项目分摊表'!L7),"") -> 0 | H16: =IF($H$6="三分法",SUM('附表3-扣除项目分摊表'!M7),SUM('附表3-扣除项目分摊表'!L7:M7)) -> 0 | J16: =SUM(D16:I16) -> 0
A17: 其中：不可加计扣除金额 | C17: 6-1 | D17: =SUM('附表3-扣除项目分摊表'!K8) -> 0 | F17: =IF($H$6="三分法",SUM('附表3-扣除项目分摊表'!L8),"") -> 0 | H17: =IF($H$6="三分法",SUM('附表3-扣除项目分摊表'!M8),SUM('附表3-扣除项目分摊表'!L8:M8)) -> 0 | J17: =SUM(D17:I17) -> 0
A18: 2.房地产开发成本 | C18: 7=8+9+10+11+12+13 | D18: =SUM(D19:D24) -> 29768502 | F18: =SUM(F19:F24) -> 0 | H18: =SUM(H19:H24) -> 0 | J18: =SUM(D18:I18) -> 29768502
A19: 其中：土地征用及拆迁补偿费 | C19: 8 | D19: =SUM('附表3-扣除项目分摊表'!K10) -> 0 | F19: =IF($H$6="三分法",SUM('附表3-扣除项目分摊表'!L10),"") -> 0 | H19: =IF($H$6="三分法",SUM('附表3-扣除项目分摊表'!M10),SUM('附表3-扣除项目分摊表'!L10:M10)) -> 0 | J19: =SUM(D19:I19) -> 0
A20: 前期工程费 | C20: 9 | D20: =SUM('附表3-扣除项目分摊表'!K11) -> 361656.37 | F20: =IF($H$6="三分法",SUM('附表3-扣除项目分摊表'!L11),"") -> 0 | H20: =IF($H$6="三分法",SUM('附表3-扣除项目分摊表'!M11),SUM('附表3-扣除项目分摊表'!L11:M11)) -> 0 | J20: =SUM(D20:I20) -> 361656.37
A21: 建筑安装工程费 | C21: 10 | D21: =SUM('附表3-扣除项目分摊表'!K12) -> 23752704 | F21: =IF($H$6="三分法",SUM('附表3-扣除项目分摊表'!L12),"") -> 0 | H21: =IF($H$6="三分法",SUM('附表3-扣除项目分摊表'!M12),SUM('附表3-扣除项目分摊表'!L12:M12)) -> 0 | J21: =SUM(D21:I21) -> 23752704 | P21: =D21/D8 -> 2022.4293 | Q21: =P21*1.09 -> 2204.4479
A22: 基础设施费 | C22: 11 | D22: =SUM('附表3-扣除项目分摊表'!K13) -> 5654141.7 | F22: =IF($H$6="三分法",SUM('附表3-扣除项目分摊表'!L13),"") -> 0 | H22: =IF($H$6="三分法",SUM('附表3-扣除项目分摊表'!M13),SUM('附表3-扣除项目分摊表'!L13:M13)) -> 0 | J22: =SUM(D22:I22) -> 5654141.7
A23: 公共配套设施费 | C23: 12 | D23: =SUM('附表3-扣除项目分摊表'!K14) -> 0 | F23: =IF($H$6="三分法",SUM('附表3-扣除项目分摊表'!L14),"") -> 0 | H23: =IF($H$6="三分法",SUM('附表3-扣除项目分摊表'!M14),SUM('附表3-扣除项目分摊表'!L14:M14)) -> 0 | J23: =SUM(D23:I23) -> 0
A24: 开发间接费用 | C24: 13 | D24: =SUM('附表3-扣除项目分摊表'!K15) -> 0 | F24: =IF($H$6="三分法",SUM('附表3-扣除项目分摊表'!L15),"") -> 0 | H24: =IF($H$6="三分法",SUM('附表3-扣除项目分摊表'!M15),SUM('附表3-扣除项目分摊表'!L15:M15)) -> 0 | J24: =SUM(D24:I24) -> 0
A25: 其中：不可加计扣除金额 | C25: 7-1 | D25: =SUM('附表3-扣除项目分摊表'!K16) -> 0 | F25: =IF($H$6="三分法",SUM('附表3-扣除项目分摊表'!L16),"") -> 0 | H25: =IF($H$6="三分法",SUM('附表3-扣除项目分摊表'!M16),SUM('附表3-扣除项目分摊表'!L16:M16)) -> 0 | J25: =SUM(D25:I25) -> 0
A26: 3.房地产开发费用 | C26: 14=15+16 | D26: =SUM(D27:D28) -> 2976850.2 | F26: =SUM(F27:F28) -> 0 | H26: =SUM(H27:H28) -> 0 | J26: =SUM(D26:I26) -> 2976850.2
A27: 其中：利息支出 | C27: 15 | D27: =SUM('附表3-扣除项目分摊表'!K18) -> 0 | F27: =IF($H$6="三分法",SUM('附表3-扣除项目分摊表'!L18),"") -> 0 | H27: =IF($H$6="三分法",SUM('附表3-扣除项目分摊表'!M18),SUM('附表3-扣除项目分摊表'!L18:M18)) -> 0 | J27: =SUM(D27:I27) -> 0
A28: 其他房地产开发费用 | C28: 16 | D28: =SUM('附表3-扣除项目分摊表'!K19) -> 2976850.2 | F28: =IF($H$6="三分法",SUM('附表3-扣除项目分摊表'!L19),"") -> 0 | H28: =IF($H$6="三分法",SUM('附表3-扣除项目分摊表'!M19),SUM('附表3-扣除项目分摊表'!L19:M19)) -> 0 | J28: =SUM(D28:I28) -> 2976850.2
A29: 4.与转让房地产有关的税金等 | C29: 17=18+19+20 | D29: =SUM(D30:D32) -> 138467.8 | F29: =SUM(F30:F32) -> 0 | H29: =SUM(H30:H32) -> 0 | J29: =SUM(D29:I29) -> 138467.8
A30: 其中：营业税 | C30: 18 | D30: =SUM('附表3-扣除项目分摊表'!K21) -> 0 | F30: =IF($H$6="三分法",SUM('附表3-扣除项目分摊表'!L21),"") -> 0 | H30: =IF($H$6="三分法",SUM('附表3-扣除项目分摊表'!M21),SUM('附表3-扣除项目分摊表'!L21:M21)) -> 0 | J30: =SUM(D30:I30) -> 0
A31: 城市维护建设税 | C31: 19 | D31: =SUM('附表3-扣除项目分摊表'!K22) -> 67826.7 | F31: =IF($H$6="三分法",SUM('附表3-扣除项目分摊表'!L22),"") -> 0 | H31: =IF($H$6="三分法",SUM('附表3-扣除项目分摊表'!M22),SUM('附表3-扣除项目分摊表'!L22:M22)) -> 0 | J31: =SUM(D31:I31) -> 67826.7
A32: 教育费附加 | C32: 20 | D32: =SUM('附表3-扣除项目分摊表'!K23:K25) -> 70641.1 | F32: =IF($H$6="三分法",SUM('附表3-扣除项目分摊表'!L23:L25),"") -> 0 | H32: =IF($H$6="三分法",SUM('附表3-扣除项目分摊表'!M23:M25),SUM('附表3-扣除项目分摊表'!L23:M25)) -> 0 | J32: =SUM(D32:I32) -> 70641.1
A33: 5.财政部规定的其他扣除项目 | C33: 21 | D33: =SUM('附表3-扣除项目分摊表'!K26) -> 5953700.4 | F33: =IF($H$6="三分法",SUM('附表3-扣除项目分摊表'!L26),"") -> 0 | H33: =IF($H$6="三分法",SUM('附表3-扣除项目分摊表'!M26),SUM('附表3-扣除项目分摊表'!L26:M26)) -> 0 | J33: =SUM(D33:I33) -> 5953700.4
A34: 6.代收费用 | C34: 22 | D34: =SUM('附表3-扣除项目分摊表'!K27) -> 0 | F34: =IF($H$6="三分法",SUM('附表3-扣除项目分摊表'!L27),"") -> 0 | H34: =IF($H$6="三分法",SUM('附表3-扣除项目分摊表'!M27),SUM('附表3-扣除项目分摊表'!L27:M27)) -> 0 | J34: =SUM(D34:I34) -> 0
A35: 三、增值额 | C35: 23=1-5 | D35: =D11-D15 -> 1884427.5 | F35: =F11-F15 -> 0 | H35: =H11-H15 -> 0 | J35: =SUM(D35:I35) -> 1884427.5
A36: 四、增值额与扣除项目金额之比（%） | C36: 24=23÷5 | D36: =IF(D15=0,"",ROUND(D35/D15,6)) -> 0.048521 | F36: =IF(F15=0,"",ROUND(F35/F15,6)) | H36: =IF(H15=0,"",ROUND(H35/H15,6)) | J36: =IF(J15=0,"",ROUND(J35/J15,6)) -> 0.048521
A37: 五、适用税率（%） | C37: 25 | D37: =IF(D35<0,"",IF(D36="","",IF(D36>200%,60%,IF(D36>100%,50%,IF(D36>50%,40%,30%))))) -> 0.3 | F37: =IF(F35<0,"",IF(F36="","",IF(F36>200%,60%,IF(F36>100%,50%,IF(F36>50%,40%,30%))))) | H37: =IF(H35<0,"",IF(H36="","",IF(H36>200%,60%,IF(H36>100%,50%,IF(H36>50%,40%,30%)))))
A38: 六、速算扣除系数（%） | C38: 26 | D38: =IF(D36="","",IF(D36>200%,35%,IF(D36>100%,15%,IF(D36>50%,5%,0)))) -> 0 | F38: =IF(F36="","",IF(F36>200%,35%,IF(F36>100%,15%,IF(F36>50%,5%,0)))) | H38: =IF(H36="","",IF(H36>200%,35%,IF(H36>100%,15%,IF(H36>50%,5%,0))))
A39: 七、应缴土地增值税税额 | C39: 27=23*25-5*26 | D39: =IF(D35<0,0,ROUND(SUM(D35)*SUM(D37)-SUM(D15)*SUM(D38),2)) -> 565328.25 | F39: =IF(F35<0,0,ROUND(SUM(F35)*SUM(F37)-SUM(F15)*SUM(F38),2)) -> 0 | H39: =IF(H35<0,0,ROUND(SUM(H35)*SUM(H37)-SUM(H15)*SUM(H38),2)) -> 0 | J39: =SUM(D39:I39) -> 565328.25
A40: 八、减免税额 | C40: 28=30+32+34 | D40: =D42+D44+D46 -> 565328.25 | F40: =F42+F44+F46 -> 0 | H40: =H42+H44+H46 -> 0 | J40: =SUM(D40:I40) -> 565328.25
A41: 其中：减免税（1） | B41: 减免性质代码和项目名称(1) | C41: 29 | D41: =IF(D35<0,"",IF(D36>20%,"","普通住宅增值率不超过20%的土地增值税减免")) -> 普通住宅增值率不超过20%的土地增值税减免
B42: 减免税额(1) | C42: 30 | D42: =IF(D35<0,0,IF(D36>20%,0,ROUND(D35*D37,2))) -> 565328.25 | F42: 0 | H42: 0 | J42: =SUM(D42:I42) -> 565328.25
A43: 减免税（2） | B43: 减免性质代码和项目名称(2) | C43: 31
B44: 减免税额(2) | C44: 32 | D44: 0 | F44: 0 | H44: 0 | J44: =SUM(D44:I44) -> 0
A45: 减免税（3） | B45: 减免性质代码和项目名称(3) | C45: 33
B46: 减免税额(3) | C46: 34 | D46: 0 | F46: 0 | H46: 0 | J46: =SUM(D46:I46) -> 0
A47: 九、已缴土地增值税税额 | C47: 35 | D47: 407219.47 | F47: 0 | H47: 0 | J47: =SUM(D47:I47) -> 407219.47
A48: 十、应补（退）土地增值税税额 | C48: 36=27-28-35 | D48: =SUM(D39)-SUM(D40)-SUM(D47) -> -407219.47 | F48: =SUM(F39)-SUM(F40)-SUM(F47) -> 0 | H48: =SUM(H39)-SUM(H40)-SUM(H47) -> 0 | J48: =SUM(D48:I48) -> -407219.47 | N48: 2986761.7 | O48: =J48-N48 -> -3393981.2

Sheet 附表1-面积统计表
A1: T21000附表1-面积统计表
A2: =土地增值税税源明细表!F5&"："&土地增值税税源明细表!H5&" "&土地增值税税源明细表!A5&"："&土地增值税税源明细表!B5&" "&"面积单位：㎡" -> 项目编码：Z65280120200013 项目名称：春和景苑 面积单位：㎡
A3: 面积基本信息 | B3: 房屋类型 | C3: 序号 | D3: 测绘总建筑面积 | E3: 不可销售建筑面积 | F3: 总可售建筑面积 | G3: 已售建筑面积 | H3: 剩余可售建筑面积 | I3: 自用建筑面积 | J3: 出租建筑面积 | K3: 说明
D4: 1=2+3 | E4: 2 | F4: 3 | G4: 4 | H4: 5=3-4 5≥6+7 | I4: 6 | J4: 7 | K4: 8
B5: =数据对照表!A2 -> 普通住宅 | C5: 1 | D5: =SUMIFS('附表6-收入明细采集底稿'!P:P,'附表6-收入明细采集底稿'!G:G,数据对照表!A2) -> 12227.4 | E5: =SUMIFS('附表6-收入明细采集底稿'!P:P,'附表6-收入明细采集底稿'!G:G,数据对照表!A2,'附表6-收入明细采集底稿'!H:H,"不可售") -> 0 | F5: =SUM(SUMIFS('附表6-收入明细采集底稿'!P:P,'附表6-收入明细采集底稿'!G:G,数据对照表!A2,'附表6-收入明细采集底稿'!H:H,"已售"),SUMIFS('附表6-收入明细采集底稿'!P:P,'附表6-收入明细采集底稿'!G:G,数据对照表!A2,'附表6-收入明细采集底稿'!H:H,"出租"),SUMIFS('附表6-收入明细采集底稿'!P:P,'附表6-收入明细采集底稿'!G:G,数据对照表!A2,'附表6-收入明细采集底稿'!H:H,"自用"),SUMIFS('附表6-收入明细采集底稿'!P:P,'附表6-收入明细采集底稿'!G:G,数据对照表!A2,'附表6-收入明细采集底稿'!H:H,"未售")) -> 12227.4 | G5: =SUMIFS('附表6-收入明细采集底稿'!P:P,'附表6-收入明细采集底稿'!G:G,数据对照表!A2,'附表6-收入明细采集底稿'!H:H,"已售") -> 11744.64 | H5: =F5-G5 -> 482.76 | I5: =SUMIFS('附表6-收入明细采集底稿'!P:P,'附表6-收入明细采集底稿'!G:G,数据对照表!A2,'附表6-收入明细采集底稿'!H:H,"自用") -> 0 | J5: =SUMIFS('附表6-收入明细采集底稿'!P:P,'附表6-收入明细采集底稿'!G:G,数据对照表!A2,'附表6-收入明细采集底稿'!H:H,"出租") -> 0
B6: =数据对照表!A3 -> 非普通住宅 | C6: 2 | D6: =SUMIFS('附表6-收入明细采集底稿'!P:P,'附表6-收入明细采集底稿'!G:G,数据对照表!A3) -> 0 | E6: =SUMIFS('附表6-收入明细采集底稿'!P:P,'附表6-收入明细采集底稿'!G:G,数据对照表!A3,'附表6-收入明细采集底稿'!H:H,"不可售") -> 0 | F6: =SUM(SUMIFS('附表6-收入明细采集底稿'!P:P,'附表6-收入明细采集底稿'!G:G,数据对照表!A3,'附表6-收入明细采集底稿'!H:H,"已售"),SUMIFS('附表6-收入明细采集底稿'!P:P,'附表6-收入明细采集底稿'!G:G,数据对照表!A3,'附表6-收入明细采集底稿'!H:H,"出租"),SUMIFS('附表6-收入明细采集底稿'!P:P,'附表6-收入明细采集底稿'!G:G,数据对照表!A3,'附表6-收入明细采集底稿'!H:H,"自用"),SUMIFS('附表6-收入明细采集底稿'!P:P,'附表6-收入明细采集底稿'!G:G,数据对照表!A3,'附表6-收入明细采集底稿'!H:H,"未售")) -> 0 | G6: =SUMIFS('附表6-收入明细采集底稿'!P:P,'附表6-收入明细采集底稿'!G:G,数据对照表!A3,'附表6-收入明细采集底稿'!H:H,"已售") -> 0 | H6: =F6-G6 -> 0 | I6: =SUMIFS('附表6-收入明细采集底稿'!P:P,'附表6-收入明细采集底稿'!G:G,数据对照表!A3,'附表6-收入明细采集底稿'!H:H,"自用") -> 0 | J6: =SUMIFS('附表6-收入明细采集底稿'!P:P,'附表6-收入明细采集底稿'!G:G,数据对照表!A3,'附表6-收入明细采集底稿'!H:H,"出租") -> 0 | N6: =13734913.75*1.09 -> 14971056 | Q6: =N6/D29 -> 1056.0742
B7: 其他类型房产 | C7: 3 | D7: =SUM(D8:D12) -> 1948.74 | E7: =SUM(E8:E12) -> 1948.74 | F7: =SUM(F8:F12) -> 0 | G7: =SUM(G8:G12) -> 0 | H7: =SUM(H8:H12) -> 0 | I7: =SUM(I8:I12) -> 0 | J7: =SUM(J8:J12) -> 0
B8: ="其中："&数据对照表!A4 -> 其中：商业用房 | C8: 4 | D8: =SUMIFS('附表6-收入明细采集底稿'!P:P,'附表6-收入明细采集底稿'!G:G,数据对照表!A4) -> 0 | E8: =SUMIFS('附表6-收入明细采集底稿'!P:P,'附表6-收入明细采集底稿'!G:G,数据对照表!A4,'附表6-收入明细采集底稿'!H:H,"不可售") -> 0 | F8: =SUM(SUMIFS('附表6-收入明细采集底稿'!P:P,'附表6-收入明细采集底稿'!G:G,数据对照表!A4,'附表6-收入明细采集底稿'!H:H,"已售"),SUMIFS('附表6-收入明细采集底稿'!P:P,'附表6-收入明细采集底稿'!G:G,数据对照表!A4,'附表6-收入明细采集底稿'!H:H,"出租"),SUMIFS('附表6-收入明细采集底稿'!P:P,'附表6-收入明细采集底稿'!G:G,数据对照表!A4,'附表6-收入明细采集底稿'!H:H,"自用"),SUMIFS('附表6-收入明细采集底稿'!P:P,'附表6-收入明细采集底稿'!G:G,数据对照表!A4,'附表6-收入明细采集底稿'!H:H,"未售")) -> 0 | G8: =SUMIFS('附表6-收入明细采集底稿'!P:P,'附表6-收入明细采集底稿'!G:G,数据对照表!A4,'附表6-收入明细采集底稿'!H:H,"已售") -> 0 | H8: =F8-G8 -> 0 | I8: =SUMIFS('附表6-收入明细采集底稿'!P:P,'附表6-收入明细采集底稿'!G:G,数据对照表!A4,'附表6-收入明细采集底稿'!H:H,"自用") -> 0 | J8: =SUMIFS('附表6-收入明细采集底稿'!P:P,'附表6-收入明细采集底稿'!G:G,数据对照表!A4,'附表6-收入明细采集底稿'!H:H,"出租") -> 0 | N8: 18940000 | Q8: =N8/D29 -> 1336.0478
B9: =" "&数据对照表!A5 -> 办公用房 | C9: 5 | D9: =SUMIFS('附表6-收入明细采集底稿'!P:P,'附表6-收入明细采集底稿'!G:G,数据对照表!A5) -> 0 | E9: =SUMIFS('附表6-收入明细采集底稿'!P:P,'附表6-收入明细采集底稿'!G:G,数据对照表!A5,'附表6-收入明细采集底稿'!H:H,"不可售") -> 0 | F9: =SUM(SUMIFS('附表6-收入明细采集底稿'!P:P,'附表6-收入明细采集底稿'!G:G,数据对照表!A5,'附表6-收入明细采集底稿'!H:H,"已售"),SUMIFS('附表6-收入明细采集底稿'!P:P,'附表6-收入明细采集底稿'!G:G,数据对照表!A5,'附表6-收入明细采集底稿'!H:H,"出租"),SUMIFS('附表6-收入明细采集底稿'!P:P,'附表6-收入明细采集底稿'!G:G,数据对照表!A5,'附表6-收入明细采集底稿'!H:H,"自用"),SUMIFS('附表6-收入明细采集底稿'!P:P,'附表6-收入明细采集底稿'!G:G,数据对照表!A5,'附表6-收入明细采集底稿'!H:H,"未售")) -> 0 | G9: =SUMIFS('附表6-收入明细采集底稿'!P:P,'附表6-收入明细采集底稿'!G:G,数据对照表!A5,'附表6-收入明细采集底稿'!H:H,"已售") -> 0 | H9: =F9-G9 -> 0 | I9: =SUMIFS('附表6-收入明细采集底稿'!P:P,'附表6-收入明细采集底稿'!G:G,数据对照表!A5,'附表6-收入明细采集底稿'!H:H,"自用") -> 0 | J9: =SUMIFS('附表6-收入明细采集底稿'!P:P,'附表6-收入明细采集底稿'!G:G,数据对照表!A5,'附表6-收入明细采集底稿'!H:H,"出租") -> 0
B10: =" "&数据对照表!A6 -> 车位车库 | C10: 6 | D10: =SUMIFS('附表6-收入明细采集底稿'!P:P,'附表6-收入明细采集底稿'!G:G,数据对照表!A6) -> 0 | E10: =SUMIFS('附表6-收入明细采集底稿'!P:P,'附表6-收入明细采集底稿'!G:G,数据对照表!A6,'附表6-收入明细采集底稿'!H:H,"不可售") -> 0 | F10: =SUM(SUMIFS('附表6-收入明细采集底稿'!P:P,'附表6-收入明细采集底稿'!G:G,数据对照表!A6,'附表6-收入明细采集底稿'!H:H,"已售"),SUMIFS('附表6-收入明细采集底稿'!P:P,'附表6-收入明细采集底稿'!G:G,数据对照表!A6,'附表6-收入明细采集底稿'!H:H,"出租"),SUMIFS('附表6-收入明细采集底稿'!P:P,'附表6-收入明细采集底稿'!G:G,数据对照表!A6,'附表6-收入明细采集底稿'!H:H,"自用"),SUMIFS('附表6-收入明细采集底稿'!P:P,'附表6-收入明细采集底稿'!G:G,数据对照表!A6,'附表6-收入明细采集底稿'!H:H,"未售")) -> 0 | G10: =SUMIFS('附表6-收入明细采集底稿'!P:P,'附表6-收入明细采集底稿'!G:G,数据对照表!A6,'附表6-收入明细采集底稿'!H:H,"已售") -> 0 | H10: =F10-G10 -> 0 | I10: =SUMIFS('附表6-收入明细采集底稿'!P:P,'附表6-收入明细采集底稿'!G:G,数据对照表!A6,'附表6-收入明细采集底稿'!H:H,"自用") -> 0 | J10: =SUMIFS('附表6-收入明细采集底稿'!P:P,'附表6-收入明细采集底稿'!G:G,数据对照表!A6,'附表6-收入明细采集底稿'!H:H,"出租") -> 0
B11: =" "&数据对照表!A7 -> 其他营业性房产 | C11: 7 | D11: =SUMIFS('附表6-收入明细采集底稿'!P:P,'附表6-收入明细采集底稿'!G:G,数据对照表!A7) -> 1948.74 | E11: =SUMIFS('附表6-收入明细采集底稿'!P:P,'附表6-收入明细采集底稿'!G:G,数据对照表!A7,'附表6-收入明细采集底稿'!H:H,"不可售") -> 1948.74 | F11: =SUM(SUMIFS('附表6-收入明细采集底稿'!P:P,'附表6-收入明细采集底稿'!G:G,数据对照表!A7,'附表6-收入明细采集底稿'!H:H,"已售"),SUMIFS('附表6-收入明细采集底稿'!P:P,'附表6-收入明细采集底稿'!G:G,数据对照表!A7,'附表6-收入明细采集底稿'!H:H,"出租"),SUMIFS('附表6-收入明细采集底稿'!P:P,'附表6-收入明细采集底稿'!G:G,数据对照表!A7,'附表6-收入明细采集底稿'!H:H,"自用"),SUMIFS('附表6-收入明细采集底稿'!P:P,'附表6-收入明细采集底稿'!G:G,数据对照表!A7,'附表6-收入明细采集底稿'!H:H,"未售")) -> 0 | G11: =SUMIFS('附表6-收入明细采集底稿'!P:P,'附表6-收入明细采集底稿'!G:G,数据对照表!A7,'附表6-收入明细采集底稿'!H:H,"已售") -> 0 | H11: =F11-G11 -> 0 | I11: =SUMIFS('附表6-收入明细采集底稿'!P:P,'附表6-收入明细采集底稿'!G:G,数据对照表!A7,'附表6-收入明细采集底稿'!H:H,"自用") -> 0 | J11: =SUMIFS('附表6-收入明细采集底稿'!P:P,'附表6-收入明细采集底稿'!G:G,数据对照表!A7,'附表6-收入明细采集底稿'!H:H,"出租") -> 0
B12: =" "&"非营业性房产" -> 非营业性房产 | C12: 8 | D12: =SUM(D13:D28) -> 0 | E12: =SUM(E13:E28) -> 0 | F12: =SUM(F13:F28) -> 0 | G12: =SUM(G13:G28) -> 0 | H12: =SUM(H13:H28) -> 0 | I12: =SUM(I13:I28) -> 0 | J12: =SUM(J13:J28) -> 0
B13: =" 其中："&数据对照表!A8 -> 其中：居委会用房 | C13: 9 | D13: =SUMIFS('附表6-收入明细采集底稿'!P:P,'附表6-收入明细采集底稿'!G:G,数据对照表!A8) -> 0 | E13: =SUMIFS('附表6-收入明细采集底稿'!P:P,'附表6-收入明细采集底稿'!G:G,数据对照表!A8,'附表6-收入明细采集底稿'!H:H,"不可售") -> 0 | F13: =SUM(SUMIFS('附表6-收入明细采集底稿'!P:P,'附表6-收入明细采集底稿'!G:G,数据对照表!A8,'附表6-收入明细采集底稿'!H:H,"已售"),SUMIFS('附表6-收入明细采集底稿'!P:P,'附表6-收入明细采集底稿'!G:G,数据对照表!A8,'附表6-收入明细采集底稿'!H:H,"出租"),SUMIFS('附表6-收入明细采集底稿'!P:P,'附表6-收入明细采集底稿'!G:G,数据对照表!A8,'附表6-收入明细采集底稿'!H:H,"自用"),SUMIFS('附表6-收入明细采集底稿'!P:P,'附表6-收入明细采集底稿'!G:G,数据对照表!A8,'附表6-收入明细采集底稿'!H:H,"未售")) -> 0 | G13: =SUMIFS('附表6-收入明细采集底稿'!P:P,'附表6-收入明细采集底稿'!G:G,数据对照表!A8,'附表6-收入明细采集底稿'!H:H,"已售") -> 0 | H13: =F13-G13 -> 0 | I13: =SUMIFS('附表6-收入明细采集底稿'!P:P,'附表6-收入明细采集底稿'!G:G,数据对照表!A8,'附表6-收入明细采集底稿'!H:H,"自用") -> 0 | J13: =SUMIFS('附表6-收入明细采集底稿'!P:P,'附表6-收入明细采集底稿'!G:G,数据对照表!A8,'附表6-收入明细采集底稿'!H:H,"出租") -> 0
B14: =" "&数据对照表!A9 -> 派出所用房 | C14: 10 | D14: =SUMIFS('附表6-收入明细采集底稿'!P:P,'附表6-收入明细采集底稿'!G:G,数据对照表!A9) -> 0 | E14: =SUMIFS('附表6-收入明细采集底稿'!P:P,'附表6-收入明细采集底稿'!G:G,数据对照表!A9,'附表6-收入明细采集底稿'!H:H,"不可售") -> 0 | F14: =SUM(SUMIFS('附表6-收入明细采集底稿'!P:P,'附表6-收入明细采集底稿'!G:G,数据对照表!A9,'附表6-收入明细采集底稿'!H:H,"已售"),SUMIFS('附表6-收入明细采集底稿'!P:P,'附表6-收入明细采集底稿'!G:G,数据对照表!A9,'附表6-收入明细采集底稿'!H:H,"出租"),SUMIFS('附表6-收入明细采集底稿'!P:P,'附表6-收入明细采集底稿'!G:G,数据对照表!A9,'附表6-收入明细采集底稿'!H:H,"自用"),SUMIFS('附表6-收入明细采集底稿'!P:P,'附表6-收入明细采集底稿'!G:G,数据对照表!A9,'附表6-收入明细采集底稿'!H:H,"未售")) -> 0 | G14: =SUMIFS('附表6-收入明细采集底稿'!P:P,'附表6-收入明细采集底稿'!G:G,数据对照表!A9,'附表6-收入明细采集底稿'!H:H,"已售") -> 0 | H14: =F14-G14 -> 0 | I14: =SUMIFS('附表6-收入明细采集底稿'!P:P,'附表6-收入明细采集底稿'!G:G,数据对照表!A9,'附表6-收入明细采集底稿'!H:H,"自用") -> 0 | J14: =SUMIFS('附表6-收入明细采集底稿'!P:P,'附表6-收入明细采集底稿'!G:G,数据对照表!A9,'附表6-收入明细采集底稿'!H:H,"出租") -> 0
B15: =" "&数据对照表!A10 -> 会所 | C15: 11 | D15: =SUMIFS('附表6-收入明细采集底稿'!P:P,'附表6-收入明细采集底稿'!G:G,数据对照表!A10) -> 0 | E15: =SUMIFS('附表6-收入明细采集底稿'!P:P,'附表6-收入明细采集底稿'!G:G,数据对照表!A10,'附表6-收入明细采集底稿'!H:H,"不可售") -> 0 | F15: =SUM(SUMIFS('附表6-收入明细采集底稿'!P:P,'附表6-收入明细采集底稿'!G:G,数据对照表!A10,'附表6-收入明细采集底稿'!H:H,"已售"),SUMIFS('附表6-收入明细采集底稿'!P:P,'附表6-收入明细采集底稿'!G:G,数据对照表!A10,'附表6-收入明细采集底稿'!H:H,"出租"),SUMIFS('附表6-收入明细采集底稿'!P:P,'附表6-收入明细采集底稿'!G:G,数据对照表!A10,'附表6-收入明细采集底稿'!H:H,"自用"),SUMIFS('附表6-收入明细采集底稿'!P:P,'附表6-收入明细采集底稿'!G:G,数据对照表!A10,'附表6-收入明细采集底稿'!H:H,"未售")) -> 0 | G15: =SUMIFS('附表6-收入明细采集底稿'!P:P,'附表6-收入明细采集底稿'!G:G,数据对照表!A10,'附表6-收入明细采集底稿'!H:H,"已售") -> 0 | H15: =F15-G15 -> 0 | I15: =SUMIFS('附表6-收入明细采集底稿'!P:P,'附表6-收入明细采集底稿'!G:G,数据对照表!A10,'附表6-收入明细采集底稿'!H:H,"自用") -> 0 | J15: =SUMIFS('附表6-收入明细采集底稿'!P:P,'附表6-收入明细采集底稿'!G:G,数据对照表!A10,'附表6-收入明细采集底稿'!H:H,"出租") -> 0
B16: =" "&数据对照表!A11 -> 非机动车库（场） | C16: 12 | D16: =SUMIFS('附表6-收入明细采集底稿'!P:P,'附表6-收入明细采集底稿'!G:G,数据对照表!A11) -> 0 | E16: =SUMIFS('附表6-收入明细采集底稿'!P:P,'附表6-收入明细采集底稿'!G:G,数据对照表!A11,'附表6-收入明细采集底稿'!H:H,"不可售") -> 0 | F16: =SUM(SUMIFS('附表6-收入明细采集底稿'!P:P,'附表6-收入明细采集底稿'!G:G,数据对照表!A11,'附表6-收入明细采集底稿'!H:H,"已售"),SUMIFS('附表6-收入明细采集底稿'!P:P,'附表6-收入明细采集底稿'!G:G,数据对照表!A11,'附表6-收入明细采集底稿'!H:H,"出租"),SUMIFS('附表6-收入明细采集底稿'!P:P,'附表6-收入明细采集底稿'!G:G,数据对照表!A11,'附表6-收入明细采集底稿'!H:H,"自用"),SUMIFS('附表6-收入明细采集底稿'!P:P,'附表6-收入明细采集底稿'!G:G,数据对照表!A11,'附表6-收入明细采集底稿'!H:H,"未售")) -> 0 | G16: =SUMIFS('附表6-收入明细采集底稿'!P:P,'附表6-收入明细采集底稿'!G:G,数据对照表!A11,'附表6-收入明细采集底稿'!H:H,"已售") -> 0 | H16: =F16-G16 -> 0 | I16: =SUMIFS('附表6-收入明细采集底稿'!P:P,'附表6-收入明细采集底稿'!G:G,数据对照表!A11,'附表6-收入明细采集底稿'!H:H,"自用") -> 0 | J16: =SUMIFS('附表6-收入明细采集底稿'!P:P,'附表6-收入明细采集底稿'!G:G,数据对照表!A11,'附表6-收入明细采集底稿'!H:H,"出租") -> 0
B17: =" "&数据对照表!A12 -> 地下人防设施 | C17: 13 | D17: =SUMIFS('附表6-收入明细采集底稿'!P:P,'附表6-收入明细采集底稿'!G:G,数据对照表!A12) -> 0 | E17: =SUMIFS('附表6-收入明细采集底稿'!P:P,'附表6-收入明细采集底稿'!G:G,数据对照表!A12,'附表6-收入明细采集底稿'!H:H,"不可售") -> 0 | F17: =SUM(SUMIFS('附表6-收入明细采集底稿'!P:P,'附表6-收入明细采集底稿'!G:G,数据对照表!A12,'附表6-收入明细采集底稿'!H:H,"已售"),SUMIFS('附表6-收入明细采集底稿'!P:P,'附表6-收入明细采集底稿'!G:G,数据对照表!A12,'附表6-收入明细采集底稿'!H:H,"出租"),SUMIFS('附表6-收入明细采集底稿'!P:P,'附表6-收入明细采集底稿'!G:G,数据对照表!A12,'附表6-收入明细采集底稿'!H:H,"自用"),SUMIFS('附表6-收入明细采集底稿'!P:P,'附表6-收入明细采集底稿'!G:G,数据对照表!A12,'附表6-收入明细采集底稿'!H:H,"未售")) -> 0 | G17: =SUMIFS('附表6-收入明细采集底稿'!P:P,'附表6-收入明细采集底稿'!G:G,数据对照表!A12,'附表6-收入明细采集底稿'!H:H,"已售") -> 0 | H17: =F17-G17 -> 0 | I17: =SUMIFS('附表6-收入明细采集底稿'!P:P,'附表6-收入明细采集底稿'!G:G,数据对照表!A12,'附表6-收入明细采集底稿'!H:H,"自用") -> 0 | J17: =SUMIFS('附表6-收入明细采集底稿'!P:P,'附表6-收入明细采集底稿'!G:G,数据对照表!A12,'附表6-收入明细采集底稿'!H:H,"出租") -> 0
B18: =" "&数据对照表!A13 -> 物业管理场所 | C18: 14 | D18: =SUMIFS('附表6-收入明细采集底稿'!P:P,'附表6-收入明细采集底稿'!G:G,数据对照表!A13) -> 0 | E18: =SUMIFS('附表6-收入明细采集底稿'!P:P,'附表6-收入明细采集底稿'!G:G,数据对照表!A13,'附表6-收入明细采集底稿'!H:H,"不可售") -> 0 | F18: =SUM(SUMIFS('附表6-收入明细采集底稿'!P:P,'附表6-收入明细采集底稿'!G:G,数据对照表!A13,'附表6-收入明细采集底稿'!H:H,"已售"),SUMIFS('附表6-收入明细采集底稿'!P:P,'附表6-收入明细采集底稿'!G:G,数据对照表!A13,'附表6-收入明细采集底稿'!H:H,"出租"),SUMIFS('附表6-收入明细采集底稿'!P:P,'附表6-收入明细采集底稿'!G:G,数据对照表!A13,'附表6-收入明细采集底稿'!H:H,"自用"),SUMIFS('附表6-收入明细采集底稿'!P:P,'附表6-收入明细采集底稿'!G:G,数据对照表!A13,'附表6-收入明细采集底稿'!H:H,"未售")) -> 0 | G18: =SUMIFS('附表6-收入明细采集底稿'!P:P,'附表6-收入明细采集底稿'!G:G,数据对照表!A13,'附表6-收入明细采集底稿'!H:H,"已售") -> 0 | H18: =F18-G18 -> 0 | I18: =SUMIFS('附表6-收入明细采集底稿'!P:P,'附表6-收入明细采集底稿'!G:G,数据对照表!A13,'附表6-收入明细采集底稿'!H:H,"自用") -> 0 | J18: =SUMIFS('附表6-收入明细采集底稿'!P:P,'附表6-收入明细采集底稿'!G:G,数据对照表!A13,'附表6-收入明细采集底稿'!H:H,"出租") -> 0
B19: =" "&数据对照表!A14 -> 变电站 | C19: 15 | D19: =SUMIFS('附表6-收入明细采集底稿'!P:P,'附表6-收入明细采集底稿'!G:G,数据对照表!A14) -> 0 | E19: =SUMIFS('附表6-收入明细采集底稿'!P:P,'附表6-收入明细采集底稿'!G:G,数据对照表!A14,'附表6-收入明细采集底稿'!H:H,"不可售") -> 0 | F19: =SUM(SUMIFS('附表6-收入明细采集底稿'!P:P,'附表6-收入明细采集底稿'!G:G,数据对照表!A14,'附表6-收入明细采集底稿'!H:H,"已售"),SUMIFS('附表6-收入明细采集底稿'!P:P,'附表6-收入明细采集底稿'!G:G,数据对照表!A14,'附表6-收入明细采集底稿'!H:H,"出租"),SUMIFS('附表6-收入明细采集底稿'!P:P,'附表6-收入明细采集底稿'!G:G,数据对照表!A14,'附表6-收入明细采集底稿'!H:H,"自用"),SUMIFS('附表6-收入明细采集底稿'!P:P,'附表6-收入明细采集底稿'!G:G,数据对照表!A14,'附表6-收入明细采集底稿'!H:H,"未售")) -> 0 | G19: =SUMIFS('附表6-收入明细采集底稿'!P:P,'附表6-收入明细采集底稿'!G:G,数据对照表!A14,'附表6-收入明细采集底稿'!H:H,"已售") -> 0 | H19: =F19-G19 -> 0 | I19: =SUMIFS('附表6-收入明细采集底稿'!P:P,'附表6-收入明细采集底稿'!G:G,数据对照表!A14,'附表6-收入明细采集底稿'!H:H,"自用") -> 0 | J19: =SUMIFS('附表6-收入明细采集底稿'!P:P,'附表6-收入明细采集底稿'!G:G,数据对照表!A14,'附表6-收入明细采集底稿'!H:H,"出租") -> 0
B20: =" "&数据对照表!A15 -> 热力站 | C20: 16 | D20: =SUMIFS('附表6-收入明细采集底稿'!P:P,'附表6-收入明细采集底稿'!G:G,数据对照表!A15) -> 0 | E20: =SUMIFS('附表6-收入明细采集底稿'!P:P,'附表6-收入明细采集底稿'!G:G,数据对照表!A15,'附表6-收入明细采集底稿'!H:H,"不可售") -> 0 | F20: =SUM(SUMIFS('附表6-收入明细采集底稿'!P:P,'附表6-收入明细采集底稿'!G:G,数据对照表!A15,'附表6-收入明细采集底稿'!H:H,"已售"),SUMIFS('附表6-收入明细采集底稿'!P:P,'附表6-收入明细采集底稿'!G:G,数据对照表!A15,'附表6-收入明细采集底稿'!H:H,"出租"),SUMIFS('附表6-收入明细采集底稿'!P:P,'附表6-收入明细采集底稿'!G:G,数据对照表!A15,'附表6-收入明细采集底稿'!H:H,"自用"),SUMIFS('附表6-收入明细采集底稿'!P:P,'附表6-收入明细采集底稿'!G:G,数据对照表!A15,'附表6-收入明细采集底稿'!H:H,"未售")) -> 0 | G20: =SUMIFS('附表6-收入明细采集底稿'!P:P,'附表6-收入明细采集底稿'!G:G,数据对照表!A15,'附表6-收入明细采集底稿'!H:H,"已售") -> 0 | H20: =F20-G20 -> 0 | I20: =SUMIFS('附表6-收入明细采集底稿'!P:P,'附表6-收入明细采集底稿'!G:G,数据对照表!A15,'附表6-收入明细采集底稿'!H:H,"自用") -> 0 | J20: =SUMIFS('附表6-收入明细采集底稿'!P:P,'附表6-收入明细采集底稿'!G:G,数据对照表!A15,'附表6-收入明细采集底稿'!H:H,"出租") -> 0
B21: =" "&数据对照表!A16 -> 水厂 | C21: 17 | D21: =SUMIFS('附表6-收入明细采集底稿'!P:P,'附表6-收入明细采集底稿'!G:G,数据对照表!A16) -> 0 | E21: =SUMIFS('附表6-收入明细采集底稿'!P:P,'附表6-收入明细采集底稿'!G:G,数据对照表!A16,'附表6-收入明细采集底稿'!H:H,"不可售") -> 0 | F21: =SUM(SUMIFS('附表6-收入明细采集底稿'!P:P,'附表6-收入明细采集底稿'!G:G,数据对照表!A16,'附表6-收入明细采集底稿'!H:H,"已售"),SUMIFS('附表6-收入明细采集底稿'!P:P,'附表6-收入明细采集底稿'!G:G,数据对照表!A16,'附表6-收入明细采集底稿'!H:H,"出租"),SUMIFS('附表6-收入明细采集底稿'!P:P,'附表6-收入明细采集底稿'!G:G,数据对照表!A16,'附表6-收入明细采集底稿'!H:H,"自用"),SUMIFS('附表6-收入明细采集底稿'!P:P,'附表6-收入明细采集底稿'!G:G,数据对照表!A16,'附表6-收入明细采集底稿'!H:H,"未售")) -> 0 | G21: =SUMIFS('附表6-收入明细采集底稿'!P:P,'附表6-收入明细采集底稿'!G:G,数据对照表!A16,'附表6-收入明细采集底稿'!H:H,"已售") -> 0 | H21: =F21-G21 -> 0 | I21: =SUMIFS('附表6-收入明细采集底稿'!P:P,'附表6-收入明细采集底稿'!G:G,数据对照表!A16,'附表6-收入明细采集底稿'!H:H,"自用") -> 0 | J21: =SUMIFS('附表6-收入明细采集底稿'!P:P,'附表6-收入明细采集底稿'!G:G,数据对照表!A16,'附表6-收入明细采集底稿'!H:H,"出租") -> 0
B22: =" "&数据对照表!A17 -> 文体场馆 | C22: 18 | D22: =SUMIFS('附表6-收入明细采集底稿'!P:P,'附表6-收入明细采集底稿'!G:G,数据对照表!A17) -> 0 | E22: =SUMIFS('附表6-收入明细采集底稿'!P:P,'附表6-收入明细采集底稿'!G:G,数据对照表!A17,'附表6-收入明细采集底稿'!H:H,"不可售") -> 0 | F22: =SUM(SUMIFS('附表6-收入明细采集底稿'!P:P,'附表6-收入明细采集底稿'!G:G,数据对照表!A17,'附表6-收入明细采集底稿'!H:H,"已售"),SUMIFS('附表6-收入明细采集底稿'!P:P,'附表6-收入明细采集底稿'!G:G,数据对照表!A17,'附表6-收入明细采集底稿'!H:H,"出租"),SUMIFS('附表6-收入明细采集底稿'!P:P,'附表6-收入明细采集底稿'!G:G,数据对照表!A17,'附表6-收入明细采集底稿'!H:H,"自用"),SUMIFS('附表6-收入明细采集底稿'!P:P,'附表6-收入明细采集底稿'!G:G,数据对照表!A17,'附表6-收入明细采集底稿'!H:H,"未售")) -> 0 | G22: =SUMIFS('附表6-收入明细采集底稿'!P:P,'附表6-收入明细采集底稿'!G:G,数据对照表!A17,'附表6-收入明细采集底稿'!H:H,"已售") -> 0 | H22: =F22-G22 -> 0 | I22: =SUMIFS('附表6-收入明细采集底稿'!P:P,'附表6-收入明细采集底稿'!G:G,数据对照表!A17,'附表6-收入明细采集底稿'!H:H,"自用") -> 0 | J22: =SUMIFS('附表6-收入明细采集底稿'!P:P,'附表6-收入明细采集底稿'!G:G,数据对照表!A17,'附表6-收入明细采集底稿'!H:H,"出租") -> 0
B23: =" "&数据对照表!A18 -> 学校 | C23: 19 | D23: =SUMIFS('附表6-收入明细采集底稿'!P:P,'附表6-收入明细采集底稿'!G:G,数据对照表!A18) -> 0 | E23: =SUMIFS('附表6-收入明细采集底稿'!P:P,'附表6-收入明细采集底稿'!G:G,数据对照表!A18,'附表6-收入明细采集底稿'!H:H,"不可售") -> 0 | F23: =SUM(SUMIFS('附表6-收入明细采集底稿'!P:P,'附表6-收入明细采集底稿'!G:G,数据对照表!A18,'附表6-收入明细采集底稿'!H:H,"已售"),SUMIFS('附表6-收入明细采集底稿'!P:P,'附表6-收入明细采集底稿'!G:G,数据对照表!A18,'附表6-收入明细采集底稿'!H:H,"出租"),SUMIFS('附表6-收入明细采集底稿'!P:P,'附表6-收入明细采集底稿'!G:G,数据对照表!A18,'附表6-收入明细采集底稿'!H:H,"自用"),SUMIFS('附表6-收入明细采集底稿'!P:P,'附表6-收入明细采集底稿'!G:G,数据对照表!A18,'附表6-收入明细采集底稿'!H:H,"未售")) -> 0 | G23: =SUMIFS('附表6-收入明细采集底稿'!P:P,'附表6-收入明细采集底稿'!G:G,数据对照表!A18,'附表6-收入明细采集底稿'!H:H,"已售") -> 0 | H23: =F23-G23 -> 0 | I23: =SUMIFS('附表6-收入明细采集底稿'!P:P,'附表6-收入明细采集底稿'!G:G,数据对照表!A18,'附表6-收入明细采集底稿'!H:H,"自用") -> 0 | J23: =SUMIFS('附表6-收入明细采集底稿'!P:P,'附表6-收入明细采集底稿'!G:G,数据对照表!A18,'附表6-收入明细采集底稿'!H:H,"出租") -> 0
B24: =" "&数据对照表!A19 -> 幼儿园 | C24: 20 | D24: =SUMIFS('附表6-收入明细采集底稿'!P:P,'附表6-收入明细采集底稿'!G:G,数据对照表!A19) -> 0 | E24: =SUMIFS('附表6-收入明细采集底稿'!P:P,'附表6-收入明细采集底稿'!G:G,数据对照表!A19,'附表6-收入明细采集底稿'!H:H,"不可售") -> 0 | F24: =SUM(SUMIFS('附表6-收入明细采集底稿'!P:P,'附表6-收入明细采集底稿'!G:G,数据对照表!A19,'附表6-收入明细采集底稿'!H:H,"已售"),SUMIFS('附表6-收入明细采集底稿'!P:P,'附表6-收入明细采集底稿'!G:G,数据对照表!A19,'附表6-收入明细采集底稿'!H:H,"出租"),SUMIFS('附表6-收入明细采集底稿'!P:P,'附表6-收入明细采集底稿'!G:G,数据对照表!A19,'附表6-收入明细采集底稿'!H:H,"自用"),SUMIFS('附表6-收入明细采集底稿'!P:P,'附表6-收入明细采集底稿'!G:G,数据对照表!A19,'附表6-收入明细采集底稿'!H:H,"未售")) -> 0 | G24: =SUMIFS('附表6-收入明细采集底稿'!P:P,'附表6-收入明细采集底稿'!G:G,数据对照表!A19,'附表6-收入明细采集底稿'!H:H,"已售") -> 0 | H24: =F24-G24 -> 0 | I24: =SUMIFS('附表6-收入明细采集底稿'!P:P,'附表6-收入明细采集底稿'!G:G,数据对照表!A19,'附表6-收入明细采集底稿'!H:H,"自用") -> 0 | J24: =SUMIFS('附表6-收入明细采集底稿'!P:P,'附表6-收入明细采集底稿'!G:G,数据对照表!A19,'附表6-收入明细采集底稿'!H:H,"出租") -> 0
B25: =" "&数据对照表!A20 -> 托儿所 | C25: 21 | D25: =SUMIFS('附表6-收入明细采集底稿'!P:P,'附表6-收入明细采集底稿'!G:G,数据对照表!A20) -> 0 | E25: =SUMIFS('附表6-收入明细采集底稿'!P:P,'附表6-收入明细采集底稿'!G:G,数据对照表!A20,'附表6-收入明细采集底稿'!H:H,"不可售") -> 0 | F25: =SUM(SUMIFS('附表6-收入明细采集底稿'!P:P,'附表6-收入明细采集底稿'!G:G,数据对照表!A20,'附表6-收入明细采集底稿'!H:H,"已售"),SUMIFS('附表6-收入明细采集底稿'!P:P,'附表6-收入明细采集底稿'!G:G,数据对照表!A20,'附表6-收入明细采集底稿'!H:H,"出租"),SUMIFS('附表6-收入明细采集底稿'!P:P,'附表6-收入明细采集底稿'!G:G,数据对照表!A20,'附表6-收入明细采集底稿'!H:H,"自用"),SUMIFS('附表6-收入明细采集底稿'!P:P,'附表6-收入明细采集底稿'!G:G,数据对照表!A20,'附表6-收入明细采集底稿'!H:H,"未售")) -> 0 | G25: =SUMIFS('附表6-收入明细采集底稿'!P:P,'附表6-收入明细采集底稿'!G:G,数据对照表!A20,'附表6-收入明细采集底稿'!H:H,"已售") -> 0 | H25: =F25-G25 -> 0 | I25: =SUMIFS('附表6-收入明细采集底稿'!P:P,'附表6-收入明细采集底稿'!G:G,数据对照表!A20,'附表6-收入明细采集底稿'!H:H,"自用") -> 0 | J25: =SUMIFS('附表6-收入明细采集底稿'!P:P,'附表6-收入明细采集底稿'!G:G,数据对照表!A20,'附表6-收入明细采集底稿'!H:H,"出租") -> 0
... B28: =" "&数据对照表!A23 -> 其他非营业性房产 | C28: 24 | D28: =SUMIFS('附表6-收入明细采集底稿'!P:P,'附表6-收入明细采集底稿'!G:G,数据对照表!A23) -> 0 | E28: =SUMIFS('附表6-收入明细采集底稿'!P:P,'附表6-收入明细采集底稿'!G:G,数据对照表!A23,'附表6-收入明细采集底稿'!H:H,"不可售") -> 0 | F28: =SUM(SUMIFS('附表6-收入明细采集底稿'!P:P,'附表6-收入明细采集底稿'!G:G,数据对照表!A23,'附表6-收入明细采集底稿'!H:H,"已售"),SUMIFS('附表6-收入明细采集底稿'!P:P,'附表6-收入明细采集底稿'!G:G,数据对照表!A23,'附表6-收入明细采集底稿'!H:H,"出租"),SUMIFS('附表6-收入明细采集底稿'!P:P,'附表6-收入明细采集底稿'!G:G,数据对照表!A23,'附表6-收入明细采集底稿'!H:H,"自用"),SUMIFS('附表6-收入明细采集底稿'!P:P,'附表6-收入明细采集底稿'!G:G,数据对照表!A23,'附表6-收入明细采集底稿'!H:H,"未售")) -> 0 | G28: =SUMIFS('附表6-收入明细采集底稿'!P:P,'附表6-收入明细采集底稿'!G:G,数据对照表!A23,'附表6-收入明细采集底稿'!H:H,"已售") -> 0 | H28: =F28-G28 -> 0 | I28: =SUMIFS('附表6-收入明细采集底稿'!P:P,'附表6-收入明细采集底稿'!G:G,数据对照表!A23,'附表6-收入明细采集底稿'!H:H,"自用") -> 0 | J28: =SUMIFS('附表6-收入明细采集底稿'!P:P,'附表6-收入明细采集底稿'!G:G,数据对照表!A23,'附表6-收入明细采集底稿'!H:H,"出租") -> 0
B29: 合计 | C29: 25 | D29: =SUM(D5:D7) -> 14176.14 | E29: =SUM(E5:E7) -> 1948.74 | F29: =SUM(F5:F7) -> 12227.4 | G29: =SUM(G5:G7) -> 11744.64 | H29: =SUM(H5:H7) -> 482.76 | I29: =SUM(I5:I7) -> 0 | J29: =SUM(J5:J7) -> 0
A30: 面积比例信息 | B30: 房屋类型 | C30: 序号 | D30: 可售面积 | E30: 已售面积 | F30: 销售比例 | G30: 自用比例 | H30: 出租比例 | I30: 销售、出租、自用比例 | K30: 说明
D31: 9 | E31: 10 | F31: 11=10÷9 | G31: 12 | H31: 13 | I31: 14 | K31: 15
B32: =B5 -> 普通住宅 | C32: 26 | D32: =F5 -> 12227.4 | E32: =G5 -> 11744.64 | F32: =IF(D32=0,"",ROUND(E32/D32,6)) -> 0.960518 | G32: =IF(F5=0,"",ROUND(I5/F5,6)) -> 0 | H32: =IF(F5=0,"",ROUND(J5/F5,6)) -> 0 | I32: =IF(F5=0,"",ROUND((G5+I5+J5)/F5,6)) -> 0.960518
B33: =B6 -> 非普通住宅 | C33: 27 | D33: =F6 -> 0 | E33: =G6 -> 0 | F33: =IF(D33=0,"",ROUND(E33/D33,6)) | G33: =IF(F6=0,"",ROUND(I6/F6,6)) | H33: =IF(F6=0,"",ROUND(J6/F6,6)) | I33: =IF(F6=0,"",ROUND((G6+I6+J6)/F6,6))
B34: =B7 -> 其他类型房产 | C34: 28 | D34: =F7 -> 0 | E34: =G7 -> 0 | F34: =IF(D34=0,"",ROUND(E34/D34,6)) | G34: =IF(F7=0,"",ROUND(I7/F7,6)) | H34: =IF(F7=0,"",ROUND(J7/F7,6)) | I34: =IF(F7=0,"",ROUND((G7+I7+J7)/F7,6))
B35: 合计 | C35: 29 | D35: =SUM(D32:D34) -> 12227.4 | E35: =SUM(E32:E34) -> 11744.64 | F35: =IF(D35=0,"",ROUND(E35/D35,6)) -> 0.960518 | G35: =IF(F29=0,"",ROUND(I29/F29,6)) -> 0 | H35: =IF(F29=0,"",ROUND(J29/F29,6)) -> 0 | I35: =IF(F29=0,"",ROUND((G29+I29+J29)/F29,6)) -> 0.960518

Sheet 附表2-收入统计表
A1: T22000附表2-收入统计表
A2: =土地增值税税源明细表!F5&"："&土地增值税税源明细表!H5&" "&土地增值税税源明细表!A5&"："&土地增值税税源明细表!B5&" "&"金额单位:人民币元(列至角分)" -> 项目编码：Z65280120200013 项目名称：春和景苑 金额单位:人民币元(列至角分)
A3: 清算类别 | B3: 序号 | C3: 货币收入 | D3: 实物收入及其他收入 | E3: 视同销售收入 | F3: 小计
C4: 1 | D4: 2 | E4: 3 | F4: 4=1+2+3
A5: =数据对照表!A2 -> 普通住宅 | B5: 1 | C5: =SUMIFS('附表6-收入明细采集底稿'!X:X,'附表6-收入明细采集底稿'!G:G,"普通住宅",'附表6-收入明细采集底稿'!H:H,"已售",'附表6-收入明细采集底稿'!I:I,"货币收入") -> 40721948 | D5: =SUMIFS('附表6-收入明细采集底稿'!X:X,'附表6-收入明细采集底稿'!G:G,"普通住宅",'附表6-收入明细采集底稿'!H:H,"已售",'附表6-收入明细采集底稿'!I:I,"实物及其他收入") -> 0 | E5: =SUMIFS('附表6-收入明细采集底稿'!X:X,'附表6-收入明细采集底稿'!G:G,"普通住宅",'附表6-收入明细采集底稿'!H:H,"已售",'附表6-收入明细采集底稿'!I:I,"视同销售收入") -> 0 | F5: =C5+D5+E5 -> 40721948
A6: =数据对照表!A3 -> 非普通住宅 | B6: 2 | C6: =SUMIFS('附表6-收入明细采集底稿'!X:X,'附表6-收入明细采集底稿'!G:G,"非普通住宅",'附表6-收入明细采集底稿'!H:H,"已售",'附表6-收入明细采集底稿'!I:I,"货币收入") -> 0 | D6: =SUMIFS('附表6-收入明细采集底稿'!X:X,'附表6-收入明细采集底稿'!G:G,"非普通住宅",'附表6-收入明细采集底稿'!H:H,"已售",'附表6-收入明细采集底稿'!I:I,"实物及其他收入") -> 0 | E6: =SUMIFS('附表6-收入明细采集底稿'!X:X,'附表6-收入明细采集底稿'!G:G,"非普通住宅",'附表6-收入明细采集底稿'!H:H,"已售",'附表6-收入明细采集底稿'!I:I,"视同销售收入") -> 0 | F6: =C6+D6+E6 -> 0
A7: 其他类型房产 | B7: 3 | C7: =SUM(C8:C12) -> 0 | D7: =SUM(D8:D12) -> 0 | E7: =SUM(E8:E12) -> 0 | F7: =C7+D7+E7 -> 0
A8: ="其中："&数据对照表!A4 -> 其中：商业用房 | B8: 4 | C8: =SUMIFS('附表6-收入明细采集底稿'!X:X,'附表6-收入明细采集底稿'!G:G,"商业用房",'附表6-收入明细采集底稿'!H:H,"已售",'附表6-收入明细采集底稿'!I:I,"货币收入") -> 0 | D8: =SUMIFS('附表6-收入明细采集底稿'!X:X,'附表6-收入明细采集底稿'!G:G,"商业用房",'附表6-收入明细采集底稿'!H:H,"已售",'附表6-收入明细采集底稿'!I:I,"实物及其他收入") -> 0 | E8: =SUMIFS('附表6-收入明细采集底稿'!X:X,'附表6-收入明细采集底稿'!G:G,"商业用房",'附表6-收入明细采集底稿'!H:H,"已售",'附表6-收入明细采集底稿'!I:I,"视同销售收入") -> 0 | F8: =C8+D8+E8 -> 0
A9: =" "&数据对照表!A5 -> 办公用房 | B9: 5 | C9: =SUMIFS('附表6-收入明细采集底稿'!X:X,'附表6-收入明细采集底稿'!G:G,"办公用房",'附表6-收入明细采集底稿'!H:H,"已售",'附表6-收入明细采集底稿'!I:I,"货币收入") -> 0 | D9: =SUMIFS('附表6-收入明细采集底稿'!X:X,'附表6-收入明细采集底稿'!G:G,"办公用房",'附表6-收入明细采集底稿'!H:H,"已售",'附表6-收入明细采集底稿'!I:I,"实物及其他收入") -> 0 | E9: =SUMIFS('附表6-收入明细采集底稿'!X:X,'附表6-收入明细采集底稿'!G:G,"办公用房",'附表6-收入明细采集底稿'!H:H,"已售",'附表6-收入明细采集底稿'!I:I,"视同销售收入") -> 0 | F9: =C9+D9+E9 -> 0
A10: =" "&数据对照表!A6 -> 车位车库 | B10: 6 | C10: =SUMIFS('附表6-收入明细采集底稿'!X:X,'附表6-收入明细采集底稿'!G:G,"车位车库",'附表6-收入明细采集底稿'!H:H,"已售",'附表6-收入明细采集底稿'!I:I,"货币收入") -> 0 | D10: =SUMIFS('附表6-收入明细采集底稿'!X:X,'附表6-收入明细采集底稿'!G:G,"车位车库",'附表6-收入明细采集底稿'!H:H,"已售",'附表6-收入明细采集底稿'!I:I,"实物及其他收入") -> 0 | E10: =SUMIFS('附表6-收入明细采集底稿'!X:X,'附表6-收入明细采集底稿'!G:G,"车位车库",'附表6-收入明细采集底稿'!H:H,"已售",'附表6-收入明细采集底稿'!I:I,"视同销售收入") -> 0 | F10: =C10+D10+E10 -> 0
A11: =" "&数据对照表!A7 -> 其他营业性房产 | B11: 7 | C11: =SUMIFS('附表6-收入明细采集底稿'!X:X,'附表6-收入明细采集底稿'!G:G,"其他营业性房产",'附表6-收入明细采集底稿'!H:H,"已售",'附表6-收入明细采集底稿'!I:I,"货币收入") -> 0 | D11: =SUMIFS('附表6-收入明细采集底稿'!X:X,'附表6-收入明细采集底稿'!G:G,"其他营业性房产",'附表6-收入明细采集底稿'!H:H,"已售",'附表6-收入明细采集底稿'!I:I,"实物及其他收入") -> 0 | E11: =SUMIFS('附表6-收入明细采集底稿'!X:X,'附表6-收入明细采集底稿'!G:G,"其他营业性房产",'附表6-收入明细采集底稿'!H:H,"已售",'附表6-收入明细采集底稿'!I:I,"视同销售收入") -> 0 | F11: =C11+D11+E11 -> 0
A12: =" "&"非营业性房产" -> 非营业性房产 | B12: 8 | C12: =ROUND(SUMIFS('附表6-收入明细采集底稿'!X:X,'附表6-收入明细采集底稿'!H:H,"已售",'附表6-收入明细采集底稿'!I:I,"货币收入")-C5-C6-C8-C9-C10-C11,2) -> 0 | D12: =ROUND(SUMIFS('附表6-收入明细采集底稿'!X:X,'附表6-收入明细采集底稿'!H:H,"已售",'附表6-收入明细采集底稿'!I:I,"实物及其他收入")-D5-D6-D8-D9-D10-D11,2) -> 0 | E12: =ROUND(SUMIFS('附表6-收入明细采集底稿'!X:X,'附表6-收入明细采集底稿'!H:H,"已售",'附表6-收入明细采集底稿'!I:I,"视同销售收入")-E5-E6-E8-E9-E10-E11,2) -> 0 | F12: =C12+D12+E12 -> 0
A13: 合计 | B13: 9 | C13: =C5+C6+C7 -> 40721948 | D13: =D5+D6+D7 -> 0 | E13: =E5+E6+E7 -> 0 | F13: =C13+D13+E13 -> 40721948

Sheet 附表3-扣除项目分摊表
A1: T23000附表3-扣除项目分摊表
A2: =土地增值税税源明细表!F5&"："&土地增值税税源明细表!H5&" "&土地增值税税源明细表!A5&"："&土地增值税税源明细表!B5&" "&"金额单位:人民币元(列至角分)" -> 项目编码：Z65280120200013 项目名称：春和景苑 金额单位:人民币元(列至角分)
A3: 科目名称 | B3: 序号 | C3: 总扣除金额 | G3: 本次扣除比例 | K3: 本次扣除金额
C4: 普通住宅 | D4: 非普通住宅 | E4: 其他类型房产 | F4: 小计 | G4: 分摊方法 | H4: 普通住宅 | I4: 非普通住宅 | J4: 其他类型房产 | K4: 普通住宅 | L4: 非普通住宅 | M4: 其他类型房产 | N4: 小计
C5: 1 | D5: 2 | E5: 3 | F5: 4=1+2+3 | G5: 5 | H5: 6 | I5: 7 | J5: 8 | K5: 9=1*6 | L5: 10=2*7 | M5: 11=3*8 | N5: 12=9+10+11
A6: 扣除项目金额合计 | B6: 1=2+4+12+15+21+22 | C6: ='附表5-扣除项目统计表'!E87+'附表5-扣除项目统计表'!I87 -> 40428241 | D6: ='附表5-扣除项目统计表'!F87+'附表5-扣除项目统计表'!J87 -> 0 | E6: ='附表5-扣除项目统计表'!G87+'附表5-扣除项目统计表'!K87 -> 0 | F6: =SUM(C6:E6) -> 40428241 | K6: =SUM(K7)+SUM(K9)+SUM(K17)+SUM(K20)+SUM(K26)+SUM(K27) -> 38837520 | L6: =SUM(L7)+SUM(L9)+SUM(L17)+SUM(L20)+SUM(L26)+SUM(L27) -> 0 | M6: =SUM(M7)+SUM(M9)+SUM(M17)+SUM(M20)+SUM(M26)+SUM(M27) -> 0 | N6: =SUM(K6:M6) -> 38837520
A7: 1.取得土地使用权所支付的金额 | B7: 2 | C7: ='附表5-扣除项目统计表'!E6+'附表5-扣除项目统计表'!I6 -> 0 | D7: ='附表5-扣除项目统计表'!F6+'附表5-扣除项目统计表'!J6 -> 0 | E7: ='附表5-扣除项目统计表'!G6+'附表5-扣除项目统计表'!K6 -> 0 | F7: =SUM(C7:E7) -> 0 | G7: 可售建筑面积法 | H7: =IF(OR($G7="可售建筑面积法",$G7="可售建筑面积法（二分法）"),'附表1-面积统计表'!$F$32,IF($G7="其他合理方法","请填写","请选择分摊方法")) -> 0.960518 | I7: =IF($G7="可售建筑面积法（二分法）",IF('附表1-面积统计表'!$D$33+'附表1-面积统计表'!$D$34=0,"",ROUND(('附表1-面积统计表'!$E$33+'附表1-面积统计表'!$E$34)/('附表1-面积统计表'!$D$33+'附表1-面积统计表'!$D$34),6)),IF($G7="可售建筑面积法",'附表1-面积统计表'!$F$33,IF($G7="其他合理方法","请填写","请选择分摊方法"))) | J7: =IF($G7="可售建筑面积法（二分法）",IF('附表1-面积统计表'!$D$33+'附表1-面积统计表'!$D$34=0,"",ROUND(('附表1-面积统计表'!$E$33+'附表1-面积统计表'!$E$34)/('附表1-面积统计表'!$D$33+'附表1-面积统计表'!$D$34),6)),IF($G7="可售建筑面积法",'附表1-面积统计表'!$F$34,IF($G7="其他合理方法","请填写","请选择分摊方法"))) | K7: =IF(AND(H7<=1,H7>=0),ROUND(C7*H7,2),"请准确填写扣除比例") -> 0 | L7: =IF(AND(I7<=1,I7>=0),ROUND(D7*I7,2),"请准确填写扣除比例") -> 请准确填写扣除比例 | M7: =IF(AND(J7<=1,J7>=0),ROUND(E7*J7,2),"请准确填写扣除比例") -> 请准确填写扣除比例 | N7: =SUM(K7:M7) -> 0
A8: 其中：不可加计扣除金额 | B8: 3 | C8: ='附表5-扣除项目统计表'!E10+'附表5-扣除项目统计表'!I10 -> 0 | D8: ='附表5-扣除项目统计表'!F10+'附表5-扣除项目统计表'!J10 -> 0 | E8: ='附表5-扣除项目统计表'!G10+'附表5-扣除项目统计表'!K10 -> 0 | F8: =SUM(C8:E8) -> 0 | G8: 可售建筑面积法 | H8: =IF(OR($G8="可售建筑面积法",$G8="可售建筑面积法（二分法）"),'附表1-面积统计表'!$F$32,IF($G8="其他合理方法","请填写","请选择分摊方法")) -> 0.960518 | I8: =IF($G8="可售建筑面积法（二分法）",IF('附表1-面积统计表'!$D$33+'附表1-面积统计表'!$D$34=0,"",ROUND(('附表1-面积统计表'!$E$33+'附表1-面积统计表'!$E$34)/('附表1-面积统计表'!$D$33+'附表1-面积统计表'!$D$34),6)),IF($G8="可售建筑面积法",'附表1-面积统计表'!$F$33,IF($G8="其他合理方法","请填写","请选择分摊方法"))) | J8: =IF($G8="可售建筑面积法（二分法）",IF('附表1-面积统计表'!$D$33+'附表1-面积统计表'!$D$34=0,"",ROUND(('附表1-面积统计表'!$E$33+'附表1-面积统计表'!$E$34)/('附表1-面积统计表'!$D$33+'附表1-面积统计表'!$D$34),6)),IF($G8="可售建筑面积法",'附表1-面积统计表'!$F$34,IF($G8="其他合理方法","请填写","请选择分摊方法"))) | K8: =IF(AND(H8<=1,H8>=0),ROUND(C8*H8,2),"请准确填写扣除比例") -> 0 | L8: =IF(AND(I8<=1,I8>=0),ROUND(D8*I8,2),"请准确填写扣除比例") -> 请准确填写扣除比例 | M8: =IF(AND(J8<=1,J8>=0),ROUND(E8*J8,2),"请准确填写扣除比例") -> 请准确填写扣除比例 | N8: =SUM(K8:M8) -> 0
A9: 2.房地产开发成本 | B9: 4=5+6+7+8+9+10 | C9: ='附表5-扣除项目统计表'!E11+'附表5-扣除项目统计表'!I11 -> 30992133 | D9: ='附表5-扣除项目统计表'!F11+'附表5-扣除项目统计表'!J11 -> 0 | E9: ='附表5-扣除项目统计表'!G11+'附表5-扣除项目统计表'!K11 -> 0 | F9: =SUM(C9:E9) -> 30992133 | K9: =SUM(K10:K15) -> 29768502 | L9: =SUM(L10:L15) -> 0 | M9: =SUM(M10:M15) -> 0 | N9: =SUM(K9:M9) -> 29768502
A10: 其中：土地征用及拆迁补偿费 | B10: 5 | C10: ='附表5-扣除项目统计表'!E12+'附表5-扣除项目统计表'!I12 -> 0 | D10: ='附表5-扣除项目统计表'!F12+'附表5-扣除项目统计表'!J12 -> 0 | E10: ='附表5-扣除项目统计表'!G12+'附表5-扣除项目统计表'!K12 -> 0 | F10: =SUM(C10:E10) -> 0 | G10: 可售建筑面积法 | H10: =IF(OR($G10="可售建筑面积法",$G10="可售建筑面积法（二分法）"),'附表1-面积统计表'!$F$32,IF($G10="其他合理方法","请填写","请选择分摊方法")) -> 0.960518 | I10: =IF($G10="可售建筑面积法（二分法）",IF('附表1-面积统计表'!$D$33+'附表1-面积统计表'!$D$34=0,"",ROUND(('附表1-面积统计表'!$E$33+'附表1-面积统计表'!$E$34)/('附表1-面积统计表'!$D$33+'附表1-面积统计表'!$D$34),6)),IF($G10="可售建筑面积法",'附表1-面积统计表'!$F$33,IF($G10="其他合理方法","请填写","请选择分摊方法"))) | J10: =IF($G10="可售建筑面积法（二分法）",IF('附表1-面积统计表'!$D$33+'附表1-面积统计表'!$D$34=0,"",ROUND(('附表1-面积统计表'!$E$33+'附表1-面积统计表'!$E$34)/('附表1-面积统计表'!$D$33+'附表1-面积统计表'!$D$34),6)),IF($G10="可售建筑面积法",'附表1-面积统计表'!$F$34,IF($G10="其他合理方法","请填写","请选择分摊方法"))) | K10: =IF(AND(H10<=1,H10>=0),ROUND(C10*H10,2),"请准确填写扣除比例") -> 0 | L10: =IF(AND(I10<=1,I10>=0),ROUND(D10*I10,2),"请准确填写扣除比例") -> 请准确填写扣除比例 | M10: =IF(AND(J10<=1,J10>=0),ROUND(E10*J10,2),"请准确填写扣除比例") -> 请准确填写扣除比例 | N10: =SUM(K10:M10) -> 0
A11: 前期工程费 | B11: 6 | C11: ='附表5-扣除项目统计表'!E19+'附表5-扣除项目统计表'!I19 -> 376522.22 | D11: ='附表5-扣除项目统计表'!F19+'附表5-扣除项目统计表'!J19 -> 0 | E11: ='附表5-扣除项目统计表'!G19+'附表5-扣除项目统计表'!K19 -> 0 | F11: =SUM(C11:E11) -> 376522.22 | G11: 可售建筑面积法 | H11: =IF(OR($G11="可售建筑面积法",$G11="可售建筑面积法（二分法）"),'附表1-面积统计表'!$F$32,IF($G11="其他合理方法","请填写","请选择分摊方法")) -> 0.960518 | I11: =IF($G11="可售建筑面积法（二分法）",IF('附表1-面积统计表'!$D$33+'附表1-面积统计表'!$D$34=0,"",ROUND(('附表1-面积统计表'!$E$33+'附表1-面积统计表'!$E$34)/('附表1-面积统计表'!$D$33+'附表1-面积统计表'!$D$34),6)),IF($G11="可售建筑面积法",'附表1-面积统计表'!$F$33,IF($G11="其他合理方法","请填写","请选择分摊方法"))) | J11: =IF($G11="可售建筑面积法（二分法）",IF('附表1-面积统计表'!$D$33+'附表1-面积统计表'!$D$34=0,"",ROUND(('附表1-面积统计表'!$E$33+'附表1-面积统计表'!$E$34)/('附表1-面积统计表'!$D$33+'附表1-面积统计表'!$D$34),6)),IF($G11="可售建筑面积法",'附表1-面积统计表'!$F$34,IF($G11="其他合理方法","请填写","请选择分摊方法"))) | K11: =IF(AND(H11<=1,H11>=0),ROUND(C11*H11,2),"请准确填写扣除比例") -> 361656.37 | L11: =IF(AND(I11<=1,I11>=0),ROUND(D11*I11,2),"请准确填写扣除比例") -> 请准确填写扣除比例 | M11: =IF(AND(J11<=1,J11>=0),ROUND(E11*J11,2),"请准确填写扣除比例") -> 请准确填写扣除比例 | N11: =SUM(K11:M11) -> 361656.37
A12: 建筑安装工程费 | B12: 7 | C12: ='附表5-扣除项目统计表'!E29+'附表5-扣除项目统计表'!I29 -> 24729057 | D12: ='附表5-扣除项目统计表'!F29+'附表5-扣除项目统计表'!J29 -> 0 | E12: ='附表5-扣除项目统计表'!G29+'附表5-扣除项目统计表'!K29 -> 0 | F12: =SUM(C12:E12) -> 24729057 | G12: 可售建筑面积法 | H12: =IF(OR($G12="可售建筑面积法",$G12="可售建筑面积法（二分法）"),'附表1-面积统计表'!$F$32,IF($G12="其他合理方法","请填写","请选择分摊方法")) -> 0.960518 | I12: =IF($G12="可售建筑面积法（二分法）",IF('附表1-面积统计表'!$D$33+'附表1-面积统计表'!$D$34=0,"",ROUND(('附表1-面积统计表'!$E$33+'附表1-面积统计表'!$E$34)/('附表1-面积统计表'!$D$33+'附表1-面积统计表'!$D$34),6)),IF($G12="可售建筑面积法",'附表1-面积统计表'!$F$33,IF($G12="其他合理方法","请填写","请选择分摊方法"))) | J12: =IF($G12="可售建筑面积法（二分法）",IF('附表1-面积统计表'!$D$33+'附表1-面积统计表'!$D$34=0,"",ROUND(('附表1-面积统计表'!$E$33+'附表1-面积统计表'!$E$34)/('附表1-面积统计表'!$D$33+'附表1-面积统计表'!$D$34),6)),IF($G12="可售建筑面积法",'附表1-面积统计表'!$F$34,IF($G12="其他合理方法","请填写","请选择分摊方法"))) | K12: =IF(AND(H12<=1,H12>=0),ROUND(C12*H12,2),"请准确填写扣除比例") -> 23752704 | L12: =IF(AND(I12<=1,I12>=0),ROUND(D12*I12,2),"请准确填写扣除比例") -> 请准确填写扣除比例 | M12: =IF(AND(J12<=1,J12>=0),ROUND(E12*J12,2),"请准确填写扣除比例") -> 请准确填写扣除比例 | N12: =SUM(K12:M12) -> 23752704
A13: 基础设施费 | B13: 8 | C13: ='附表5-扣除项目统计表'!E36+'附表5-扣除项目统计表'!I36 -> 5886554.6 | D13: ='附表5-扣除项目统计表'!F36+'附表5-扣除项目统计表'!J36 -> 0 | E13: ='附表5-扣除项目统计表'!G36+'附表5-扣除项目统计表'!K36 -> 0 | F13: =SUM(C13:E13) -> 5886554.6 | G13: 可售建筑面积法 | H13: =IF(OR($G13="可售建筑面积法",$G13="可售建筑面积法（二分法）"),'附表1-面积统计表'!$F$32,IF($G13="其他合理方法","请填写","请选择分摊方法")) -> 0.960518 | I13: =IF($G13="可售建筑面积法（二分法）",IF('附表1-面积统计表'!$D$33+'附表1-面积统计表'!$D$34=0,"",ROUND(('附表1-面积统计表'!$E$33+'附表1-面积统计表'!$E$34)/('附表1-面积统计表'!$D$33+'附表1-面积统计表'!$D$34),6)),IF($G13="可售建筑面积法",'附表1-面积统计表'!$F$33,IF($G13="其他合理方法","请填写","请选择分摊方法"))) | J13: =IF($G13="可售建筑面积法（二分法）",IF('附表1-面积统计表'!$D$33+'附表1-面积统计表'!$D$34=0,"",ROUND(('附表1-面积统计表'!$E$33+'附表1-面积统计表'!$E$34)/('附表1-面积统计表'!$D$33+'附表1-面积统计表'!$D$34),6)),IF($G13="可售建筑面积法",'附表1-面积统计表'!$F$34,IF($G13="其他合理方法","请填写","请选择分摊方法"))) | K13: =IF(AND(H13<=1,H13>=0),ROUND(C13*H13,2),"请准确填写扣除比例") -> 5654141.7 | L13: =IF(AND(I13<=1,I13>=0),ROUND(D13*I13,2),"请准确填写扣除比例") -> 请准确填写扣除比例 | M13: =IF(AND(J13<=1,J13>=0),ROUND(E13*J13,2),"请准确填写扣除比例") -> 请准确填写扣除比例 | N13: =SUM(K13:M13) -> 5654141.7
A14: 公共配套设施费 | B14: 9 | C14: ='附表5-扣除项目统计表'!E48+'附表5-扣除项目统计表'!I48 -> 0 | D14: ='附表5-扣除项目统计表'!F48+'附表5-扣除项目统计表'!J48 -> 0 | E14: ='附表5-扣除项目统计表'!G48+'附表5-扣除项目统计表'!K48 -> 0 | F14: =SUM(C14:E14) -> 0 | G14: 可售建筑面积法 | H14: =IF(OR($G14="可售建筑面积法",$G14="可售建筑面积法（二分法）"),'附表1-面积统计表'!$F$32,IF($G14="其他合理方法","请填写","请选择分摊方法")) -> 0.960518 | I14: =IF($G14="可售建筑面积法（二分法）",IF('附表1-面积统计表'!$D$33+'附表1-面积统计表'!$D$34=0,"",ROUND(('附表1-面积统计表'!$E$33+'附表1-面积统计表'!$E$34)/('附表1-面积统计表'!$D$33+'附表1-面积统计表'!$D$34),6)),IF($G14="可售建筑面积法",'附表1-面积统计表'!$F$33,IF($G14="其他合理方法","请填写","请选择分摊方法"))) | J14: =IF($G14="可售建筑面积法（二分法）",IF('附表1-面积统计表'!$D$33+'附表1-面积统计表'!$D$34=0,"",ROUND(('附表1-面积统计表'!$E$33+'附表1-面积统计表'!$E$34)/('附表1-面积统计表'!$D$33+'附表1-面积统计表'!$D$34),6)),IF($G14="可售建筑面积法",'附表1-面积统计表'!$F$34,IF($G14="其他合理方法","请填写","请选择分摊方法"))) | K14: =IF(AND(H14<=1,H14>=0),ROUND(C14*H14,2),"请准确填写扣除比例") -> 0 | L14: =IF(AND(I14<=1,I14>=0),ROUND(D14*I14,2),"请准确填写扣除比例") -> 请准确填写扣除比例 | M14: =IF(AND(J14<=1,J14>=0),ROUND(E14*J14,2),"请准确填写扣除比例") -> 请准确填写扣除比例 | N14: =SUM(K14:M14) -> 0
A15: 开发间接费用 | B15: 10 | C15: ='附表5-扣除项目统计表'!E65+'附表5-扣除项目统计表'!I65 -> 0 | D15: ='附表5-扣除项目统计表'!F65+'附表5-扣除项目统计表'!J65 -> 0 | E15: ='附表5-扣除项目统计表'!G65+'附表5-扣除项目统计表'!K65 -> 0 | F15: =SUM(C15:E15) -> 0 | G15: 可售建筑面积法 | H15: =IF(OR($G15="可售建筑面积法",$G15="可售建筑面积法（二分法）"),'附表1-面积统计表'!$F$32,IF($G15="其他合理方法","请填写","请选择分摊方法")) -> 0.960518 | I15: =IF($G15="可售建筑面积法（二分法）",IF('附表1-面积统计表'!$D$33+'附表1-面积统计表'!$D$34=0,"",ROUND(('附表1-面积统计表'!$E$33+'附表1-面积统计表'!$E$34)/('附表1-面积统计表'!$D$33+'附表1-面积统计表'!$D$34),6)),IF($G15="可售建筑面积法",'附表1-面积统计表'!$F$33,IF($G15="其他合理方法","请填写","请选择分摊方法"))) | J15: =IF($G15="可售建筑面积法（二分法）",IF('附表1-面积统计表'!$D$33+'附表1-面积统计表'!$D$34=0,"",ROUND(('附表1-面积统计表'!$E$33+'附表1-面积统计表'!$E$34)/('附表1-面积统计表'!$D$33+'附表1-面积统计表'!$D$34),6)),IF($G15="可售建筑面积法",'附表1-面积统计表'!$F$34,IF($G15="其他合理方法","请填写","请选择分摊方法"))) | K15: =IF(AND(H15<=1,H15>=0),ROUND(C15*H15,2),"请准确填写扣除比例") -> 0 | L15: =IF(AND(I15<=1,I15>=0),ROUND(D15*I15,2),"请准确填写扣除比例") -> 请准确填写扣除比例 | M15: =IF(AND(J15<=1,J15>=0),ROUND(E15*J15,2),"请准确填写扣除比例") -> 请准确填写扣除比例 | N15: =SUM(K15:M15) -> 0
A16: 其中：不可加计扣除金额 | B16: 11 | C16: ='附表5-扣除项目统计表'!E75+'附表5-扣除项目统计表'!I75 -> 0 | D16: ='附表5-扣除项目统计表'!F75+'附表5-扣除项目统计表'!J75 -> 0 | E16: ='附表5-扣除项目统计表'!G75+'附表5-扣除项目统计表'!K75 -> 0 | F16: =SUM(C16:E16) -> 0 | G16: 可售建筑面积法 | H16: =IF(OR($G16="可售建筑面积法",$G16="可售建筑面积法（二分法）"),'附表1-面积统计表'!$F$32,IF($G16="其他合理方法","请填写","请选择分摊方法")) -> 0.960518 | I16: =IF($G16="可售建筑面积法（二分法）",IF('附表1-面积统计表'!$D$33+'附表1-面积统计表'!$D$34=0,"",ROUND(('附表1-面积统计表'!$E$33+'附表1-面积统计表'!$E$34)/('附表1-面积统计表'!$D$33+'附表1-面积统计表'!$D$34),6)),IF($G16="可售建筑面积法",'附表1-面积统计表'!$F$33,IF($G16="其他合理方法","请填写","请选择分摊方法"))) | J16: =IF($G16="可售建筑面积法（二分法）",IF('附表1-面积统计表'!$D$33+'附表1-面积统计表'!$D$34=0,"",ROUND(('附表1-面积统计表'!$E$33+'附表1-面积统计表'!$E$34)/('附表1-面积统计表'!$D$33+'附表1-面积统计表'!$D$34),6)),IF($G16="可售建筑面积法",'附表1-面积统计表'!$F$34,IF($G16="其他合理方法","请填写","请选择分摊方法"))) | K16: =IF(AND(H16<=1,H16>=0),ROUND(C16*H16,2),"请准确填写扣除比例") -> 0 | L16: =IF(AND(I16<=1,I16>=0),ROUND(D16*I16,2),"请准确填写扣除比例") -> 请准确填写扣除比例 | M16: =IF(AND(J16<=1,J16>=0),ROUND(E16*J16,2),"请准确填写扣除比例") -> 请准确填写扣除比例 | N16: =SUM(K16:M16) -> 0
A17: 3.房地产开发费用 | B17: 12=13+14 | C17: ='附表5-扣除项目统计表'!E76+'附表5-扣除项目统计表'!I76 -> 3099213.3 | D17: ='附表5-扣除项目统计表'!F76+'附表5-扣除项目统计表'!J76 -> 0 | E17: ='附表5-扣除项目统计表'!G76+'附表5-扣除项目统计表'!K76 -> 0 | F17: =SUM(C17:E17) -> 3099213.3 | K17: =SUM(K18:K19) -> 2976850.2 | L17: =SUM(L18:L19) -> 0 | M17: =SUM(M18:M19) -> 0 | N17: =SUM(K17:M17) -> 2976850.2
A18: 其中：利息支出 | B18: 13 | C18: ='附表5-扣除项目统计表'!E77+'附表5-扣除项目统计表'!I77 -> 0 | D18: ='附表5-扣除项目统计表'!F77+'附表5-扣除项目统计表'!J77 -> 0 | E18: ='附表5-扣除项目统计表'!G77+'附表5-扣除项目统计表'!K77 -> 0 | F18: =SUM(C18:E18) -> 0 | G18: 可售建筑面积法 | H18: =IF(OR($G18="可售建筑面积法",$G18="可售建筑面积法（二分法）"),'附表1-面积统计表'!$F$32,IF($G18="其他合理方法","请填写","请选择分摊方法")) -> 0.960518 | I18: =IF($G18="可售建筑面积法（二分法）",IF('附表1-面积统计表'!$D$33+'附表1-面积统计表'!$D$34=0,"",ROUND(('附表1-面积统计表'!$E$33+'附表1-面积统计表'!$E$34)/('附表1-面积统计表'!$D$33+'附表1-面积统计表'!$D$34),6)),IF($G18="可售建筑面积法",'附表1-面积统计表'!$F$33,IF($G18="其他合理方法","请填写","请选择分摊方法"))) | J18: =IF($G18="可售建筑面积法（二分法）",IF('附表1-面积统计表'!$D$33+'附表1-面积统计表'!$D$34=0,"",ROUND(('附表1-面积统计表'!$E$33+'附表1-面积统计表'!$E$34)/('附表1-面积统计表'!$D$33+'附表1-面积统计表'!$D$34),6)),IF($G18="可售建筑面积法",'附表1-面积统计表'!$F$34,IF($G18="其他合理方法","请填写","请选择分摊方法"))) | K18: =IF('附表5-扣除项目统计表'!$D$77="据实扣除",IF(AND(H18<=1,H18>=0),ROUND(C18*H18,2),"请准确填写扣除比例"),0) -> 0 | L18: =IF('附表5-扣除项目统计表'!$D$77="据实扣除",IF(AND(I18<=1,I18>=0),ROUND(D18*I18,2),"请准确填写扣除比例"),0) -> 0 | M18: =IF('附表5-扣除项目统计表'!$D$77="据实扣除",IF(AND(J18<=1,J18>=0),ROUND(E18*J18,2),"请准确填写扣除比例"),0) -> 0 | N18: =SUM(K18:M18) -> 0
A19: 其他房地产开发费用 | B19: 14 | C19: ='附表5-扣除项目统计表'!E78+'附表5-扣除项目统计表'!I78 -> 3099213.3 | D19: ='附表5-扣除项目统计表'!F78+'附表5-扣除项目统计表'!J78 -> 0 | E19: ='附表5-扣除项目统计表'!G78+'附表5-扣除项目统计表'!K78 -> 0 | F19: =SUM(C19:E19) -> 3099213.3 | G19: 与加计扣除一致 | K19: =IF(G19="与加计扣除一致",ROUND(IF('附表5-扣除项目统计表'!$D$77="计算扣除",((SUM(K7)-SUM(K8))+(SUM(K9)-SUM(K16)))*10%,((SUM(K7)-SUM(K8))+(SUM(K9)-SUM(K16)))*5%),2),"请准确填写普通住宅扣除金额。") -> 2976850.2 | L19: =IF(G19="与加计扣除一致",ROUND(IF('附表5-扣除项目统计表'!$D$77="计算扣除",((SUM(L7)-SUM(L8))+(SUM(L9)-SUM(L16)))*10%,((SUM(L7)-SUM(L8))+(SUM(L9)-SUM(L16)))*5%),2),"请准确填写非普通住宅扣除金额。") -> 0 | M19: =IF(G19="与加计扣除一致",ROUND(IF('附表5-扣除项目统计表'!$D$77="计算扣除",((SUM(M7)-SUM(M8))+(SUM(M9)-SUM(M16)))*10%,((SUM(M7)-SUM(M8))+(SUM(M9)-SUM(M16)))*5%),2),"请准确填写其他类型房地产扣除金额。") -> 0 | N19: =SUM(K19:M19) -> 2976850.2
A20: 4.与转让房地产有关的税金等 | B20: 15=16+17+18+19+20 | K20: =SUM(K21:K25) -> 138467.8 | L20: =SUM(L21:L25) -> 0 | M20: =SUM(M21:M25) -> 0 | N20: =SUM(K20:M20) -> 138467.8
A21: 其中：营业税 | B21: 16 | K21: =ROUND(SUM('附表5-扣除项目统计表'!E80),2) -> 0 | L21: =ROUND(SUM('附表5-扣除项目统计表'!F80),2) -> 0 | M21: =ROUND(SUM('附表5-扣除项目统计表'!G80),2) -> 0 | N21: =SUM(K21:M21) -> 0
A22: 城市维护建设税 | B22: 17 | K22: =ROUND(SUM('附表5-扣除项目统计表'!E81),2) -> 67826.7 | L22: =ROUND(SUM('附表5-扣除项目统计表'!F81),2) -> 0 | M22: =ROUND(SUM('附表5-扣除项目统计表'!G81),2) -> 0 | N22: =SUM(K22:M22) -> 67826.7
A23: 教育费附加 | B23: 18 | K23: =ROUND(SUM('附表5-扣除项目统计表'!E82),2) -> 29068.58 | L23: =ROUND(SUM('附表5-扣除项目统计表'!F82),2) -> 0 | M23: =ROUND(SUM('附表5-扣除项目统计表'!G82),2) -> 0 | N23: =SUM(K23:M23) -> 29068.58
A24: 地方教育附加 | B24: 19 | K24: =ROUND(SUM('附表5-扣除项目统计表'!E83),2) -> 19379.05 | L24: =ROUND(SUM('附表5-扣除项目统计表'!F83),2) -> 0 | M24: =ROUND(SUM('附表5-扣除项目统计表'!G83),2) -> 0 | N24: =SUM(K24:M24) -> 19379.05
A25: 其他税（费） | B25: 20 | K25: =ROUND(SUM('附表5-扣除项目统计表'!E84),2) -> 22193.47 | L25: =ROUND(SUM('附表5-扣除项目统计表'!F84),2) -> 0 | M25: =ROUND(SUM('附表5-扣除项目统计表'!G84),2) -> 0 | N25: =SUM(K25:M25) -> 22193.47
A26: 5.财政部规定的其他扣除项目 | B26: 21=[(2-3)+(4-11)]*20% | C26: ='附表5-扣除项目统计表'!E85+'附表5-扣除项目统计表'!I85 -> 6198426.7 | D26: ='附表5-扣除项目统计表'!F85+'附表5-扣除项目统计表'!J85 -> 0 | E26: ='附表5-扣除项目统计表'!G85+'附表5-扣除项目统计表'!K85 -> 0 | F26: =SUM(C26:E26) -> 6198426.7 | K26: =ROUND((SUM(K7)-SUM(K8)+SUM(K9)-SUM(K16))*20%,2) -> 5953700.4 | L26: =ROUND((SUM(L7)-SUM(L8)+SUM(L9)-SUM(L16))*20%,2) -> 0 | M26: =ROUND((SUM(M7)-SUM(M8)+SUM(M9)-SUM(M16))*20%,2) -> 0 | N26: =SUM(K26:M26) -> 5953700.4
A27: 6.代收费用 | B27: 22 | C27: =SUM('附表5-扣除项目统计表'!E86)+SUM('附表5-扣除项目统计表'!I86) -> 0 | D27: =SUM('附表5-扣除项目统计表'!F86)+SUM('附表5-扣除项目统计表'!J86) -> 0 | E27: =SUM('附表5-扣除项目统计表'!G86)+SUM('附表5-扣除项目统计表'!K86) -> 0 | F27: =SUM(C27:E27) -> 0 | G27: 可售建筑面积法 | H27: =IF(OR($G27="可售建筑面积法",$G27="可售建筑面积法（二分法）"),'附表1-面积统计表'!$F$32,IF($G27="其他合理方法","请填写","请选择分摊方法")) -> 0.960518 | I27: =IF($G27="可售建筑面积法（二分法）",IF('附表1-面积统计表'!$D$33+'附表1-面积统计表'!$D$34=0,"",ROUND(('附表1-面积统计表'!$E$33+'附表1-面积统计表'!$E$34)/('附表1-面积统计表'!$D$33+'附表1-面积统计表'!$D$34),6)),IF($G27="可售建筑面积法",'附表1-面积统计表'!$F$33,IF($G27="其他合理方法","请填写","请选择分摊方法"))) | J27: =IF($G27="可售建筑面积法（二分法）",IF('附表1-面积统计表'!$D$33+'附表1-面积统计表'!$D$34=0,"",ROUND(('附表1-面积统计表'!$E$33+'附表1-面积统计表'!$E$34)/('附表1-面积统计表'!$D$33+'附表1-面积统计表'!$D$34),6)),IF($G27="可售建筑面积法",'附表1-面积统计表'!$F$34,IF($G27="其他合理方法","请填写","请选择分摊方法"))) | K27: =IF(AND(H27<=1,H27>=0),ROUND(C27*H27,2),"请准确填写扣除比例") -> 0 | L27: =IF(AND(I27<=1,I27>=0),ROUND(D27*I27,2),"请准确填写扣除比例") -> 请准确填写扣除比例 | M27: =IF(AND(J27<=1,J27>=0),ROUND(E27*J27,2),"请准确填写扣除比例") -> 请准确填写扣除比例 | N27: =SUM(K27:M27) -> 0

Sheet 附表4-项目间分摊信息采集表
A1: 附表4-项目间分摊信息采集表
A2: =土地增值税税源明细表!F5&"："&土地增值税税源明细表!H5&" "&土地增值税税源明细表!A5&"："&土地增值税税源明细表!B5&" "&"金额单位:人民币元(列至角分)" -> 项目编码：Z65280120200013 项目名称：春和景苑 金额单位:人民币元(列至角分)
A3: 序号 | B3: *项目名称 | C3: *是否已办理项目报告 | D3: *项目编码 | E3: 开发土地总面积 | F3: 测绘总建筑面积 | G3: 总可售建筑面积 | H3: 其他分摊方法数额 | I3: 备注
B4: 1 | C4: 2 | D4: 3 | E4: 4 | F4: 5 | G4: 6 | H4: 7 | I4: 8
A5: 1 | B5: 春和景苑 | C5: 否 | D5: =IF(清算项目基本情况表!S6="","",清算项目基本情况表!S6) -> Z65280120200013 | E5: =IF(清算项目基本情况表!D9="","",清算项目基本情况表!D9) -> 16456.05 | F5: =IF(SUM('附表1-面积统计表'!D29)=0,"",'附表1-面积统计表'!D29) -> 14176.14 | G5: =IF(SUM('附表1-面积统计表'!F29)=0,"",'附表1-面积统计表'!F29) -> 12227.4 | H5: 11953.02 | I5: 本次清算项目
A6: 2 | B6: 春和景苑二期 | C6: 否 | H6: 4512.42
A7: 3
A8: 4
A9: 5
A10: 6
A11: 7
A12: 8
A13: 9
A14: 10

Sheet 附表5-扣除项目统计表
A1: T23200附表5-扣除项目统计表
A2: =土地增值税税源明细表!F5&"："&土地增值税税源明细表!H5&" "&土地增值税税源明细表!A5&"："&土地增值税税源明细表!B5&" "&"金额单位:人民币元(列至角分)" -> 项目编码：Z65280120200013 项目名称：春和景苑 金额单位:人民币元(列至角分)
A3: 序号 | B3: 科目名称 | E3: 直接归集成本费用 | I3: 共同成本费用 | M3: 合计
E4: 普通住宅 | F4: 非普通住宅 | G4: 其他类型房产 | H4: 小计 | I4: 普通住宅 | J4: 非普通住宅 | K4: 其他类型房产 | L4: 小计
E5: 1 | F5: 2 | G5: 3 | H5: 4=1+2+3 | I5: 5 | J5: 6 | K5: 7 | L5: 8=5+6+7 | M5: 9=4+8
A6: 1 | B6: =数据对照表!B1 -> 取得土地使用权所支付的金额 | E6: =SUMIFS('附表7-扣除项目明细采集底稿'!W:W,'附表7-扣除项目明细采集底稿'!D:D,数据对照表!B1,'附表7-扣除项目明细采集底稿'!V:V,"直接归集成本费用") -> 0 | F6: =SUMIFS('附表7-扣除项目明细采集底稿'!X:X,'附表7-扣除项目明细采集底稿'!D:D,数据对照表!B1,'附表7-扣除项目明细采集底稿'!V:V,"直接归集成本费用") -> 0 | G6: =SUMIFS('附表7-扣除项目明细采集底稿'!Y:Y,'附表7-扣除项目明细采集底稿'!D:D,数据对照表!B1,'附表7-扣除项目明细采集底稿'!V:V,"直接归集成本费用") -> 0 | H6: =SUM(E6:G6) -> 0 | I6: =SUMIFS('附表7-扣除项目明细采集底稿'!W:W,'附表7-扣除项目明细采集底稿'!D:D,数据对照表!B1,'附表7-扣除项目明细采集底稿'!V:V,"共同成本费用") -> 0 | J6: =SUMIFS('附表7-扣除项目明细采集底稿'!X:X,'附表7-扣除项目明细采集底稿'!D:D,数据对照表!B1,'附表7-扣除项目明细采集底稿'!V:V,"共同成本费用") -> 0 | K6: =SUMIFS('附表7-扣除项目明细采集底稿'!Y:Y,'附表7-扣除项目明细采集底稿'!D:D,数据对照表!B1,'附表7-扣除项目明细采集底稿'!V:V,"共同成本费用") -> 0 | L6: =SUM(I6:K6) -> 0 | M6: =H6+L6 -> 0
A7: 2 | B7: 其中 | C7: =数据对照表!B2 -> 支付的土地出让金额 | E7: =SUMIFS('附表7-扣除项目明细采集底稿'!W:W,'附表7-扣除项目明细采集底稿'!E:E,数据对照表!B2,'附表7-扣除项目明细采集底稿'!V:V,"直接归集成本费用") -> 0 | F7: =SUMIFS('附表7-扣除项目明细采集底稿'!X:X,'附表7-扣除项目明细采集底稿'!E:E,数据对照表!B2,'附表7-扣除项目明细采集底稿'!V:V,"直接归集成本费用") -> 0 | G7: =SUMIFS('附表7-扣除项目明细采集底稿'!Y:Y,'附表7-扣除项目明细采集底稿'!E:E,数据对照表!B2,'附表7-扣除项目明细采集底稿'!V:V,"直接归集成本费用") -> 0 | H7: =SUM(E7:G7) -> 0 | I7: =SUMIFS('附表7-扣除项目明细采集底稿'!W:W,'附表7-扣除项目明细采集底稿'!E:E,数据对照表!B2,'附表7-扣除项目明细采集底稿'!V:V,"共同成本费用") -> 0 | J7: =SUMIFS('附表7-扣除项目明细采集底稿'!X:X,'附表7-扣除项目明细采集底稿'!E:E,数据对照表!B2,'附表7-扣除项目明细采集底稿'!V:V,"共同成本费用") -> 0 | K7: =SUMIFS('附表7-扣除项目明细采集底稿'!Y:Y,'附表7-扣除项目明细采集底稿'!E:E,数据对照表!B2,'附表7-扣除项目明细采集底稿'!V:V,"共同成本费用") -> 0 | L7: =SUM(I7:K7) -> 0 | M7: =H7+L7 -> 0
A8: 3 | C8: =数据对照表!B3 -> 支付的地价款金额 | E8: =SUMIFS('附表7-扣除项目明细采集底稿'!W:W,'附表7-扣除项目明细采集底稿'!E:E,数据对照表!B3,'附表7-扣除项目明细采集底稿'!V:V,"直接归集成本费用") -> 0 | F8: =SUMIFS('附表7-扣除项目明细采集底稿'!X:X,'附表7-扣除项目明细采集底稿'!E:E,数据对照表!B3,'附表7-扣除项目明细采集底稿'!V:V,"直接归集成本费用") -> 0 | G8: =SUMIFS('附表7-扣除项目明细采集底稿'!Y:Y,'附表7-扣除项目明细采集底稿'!E:E,数据对照表!B3,'附表7-扣除项目明细采集底稿'!V:V,"直接归集成本费用") -> 0 | H8: =SUM(E8:G8) -> 0 | I8: =SUMIFS('附表7-扣除项目明细采集底稿'!W:W,'附表7-扣除项目明细采集底稿'!E:E,数据对照表!B3,'附表7-扣除项目明细采集底稿'!V:V,"共同成本费用") -> 0 | J8: =SUMIFS('附表7-扣除项目明细采集底稿'!X:X,'附表7-扣除项目明细采集底稿'!E:E,数据对照表!B3,'附表7-扣除项目明细采集底稿'!V:V,"共同成本费用") -> 0 | K8: =SUMIFS('附表7-扣除项目明细采集底稿'!Y:Y,'附表7-扣除项目明细采集底稿'!E:E,数据对照表!B3,'附表7-扣除项目明细采集底稿'!V:V,"共同成本费用") -> 0 | L8: =SUM(I8:K8) -> 0 | M8: =H8+L8 -> 0
A9: 4 | C9: =数据对照表!B4 -> 交纳的有关税费 | E9: =SUMIFS('附表7-扣除项目明细采集底稿'!W:W,'附表7-扣除项目明细采集底稿'!E:E,数据对照表!B4,'附表7-扣除项目明细采集底稿'!V:V,"直接归集成本费用") -> 0 | F9: =SUMIFS('附表7-扣除项目明细采集底稿'!X:X,'附表7-扣除项目明细采集底稿'!E:E,数据对照表!B4,'附表7-扣除项目明细采集底稿'!V:V,"直接归集成本费用") -> 0 | G9: =SUMIFS('附表7-扣除项目明细采集底稿'!Y:Y,'附表7-扣除项目明细采集底稿'!E:E,数据对照表!B4,'附表7-扣除项目明细采集底稿'!V:V,"直接归集成本费用") -> 0 | H9: =SUM(E9:G9) -> 0 | I9: =SUMIFS('附表7-扣除项目明细采集底稿'!W:W,'附表7-扣除项目明细采集底稿'!E:E,数据对照表!B4,'附表7-扣除项目明细采集底稿'!V:V,"共同成本费用") -> 0 | J9: =SUMIFS('附表7-扣除项目明细采集底稿'!X:X,'附表7-扣除项目明细采集底稿'!E:E,数据对照表!B4,'附表7-扣除项目明细采集底稿'!V:V,"共同成本费用") -> 0 | K9: =SUMIFS('附表7-扣除项目明细采集底稿'!Y:Y,'附表7-扣除项目明细采集底稿'!E:E,数据对照表!B4,'附表7-扣除项目明细采集底稿'!V:V,"共同成本费用") -> 0 | L9: =SUM(I9:K9) -> 0 | M9: =H9+L9 -> 0
A10: 5 | B10: 其中：不可加计扣除金额 | E10: =SUMIFS('附表7-扣除项目明细采集底稿'!W:W,'附表7-扣除项目明细采集底稿'!D:D,数据对照表!B1,'附表7-扣除项目明细采集底稿'!V:V,"直接归集成本费用",'附表7-扣除项目明细采集底稿'!AB:AB,"不可加计") -> 0 | F10: =SUMIFS('附表7-扣除项目明细采集底稿'!X:X,'附表7-扣除项目明细采集底稿'!D:D,数据对照表!B1,'附表7-扣除项目明细采集底稿'!V:V,"直接归集成本费用",'附表7-扣除项目明细采集底稿'!AB:AB,"不可加计") -> 0 | G10: =SUMIFS('附表7-扣除项目明细采集底稿'!Y:Y,'附表7-扣除项目明细采集底稿'!D:D,数据对照表!B1,'附表7-扣除项目明细采集底稿'!V:V,"直接归集成本费用",'附表7-扣除项目明细采集底稿'!AB:AB,"不可加计") -> 0 | H10: =SUM(E10:G10) -> 0 | I10: =SUMIFS('附表7-扣除项目明细采集底稿'!W:W,'附表7-扣除项目明细采集底稿'!D:D,数据对照表!B1,'附表7-扣除项目明细采集底稿'!V:V,"共同成本费用",'附表7-扣除项目明细采集底稿'!AB:AB,"不可加计") -> 0 | J10: =SUMIFS('附表7-扣除项目明细采集底稿'!X:X,'附表7-扣除项目明细采集底稿'!D:D,数据对照表!B1,'附表7-扣除项目明细采集底稿'!V:V,"共同成本费用",'附表7-扣除项目明细采集底稿'!AB:AB,"不可加计") -> 0 | K10: =SUMIFS('附表7-扣除项目明细采集底稿'!Y:Y,'附表7-扣除项目明细采集底稿'!D:D,数据对照表!B1,'附表7-扣除项目明细采集底稿'!V:V,"共同成本费用",'附表7-扣除项目明细采集底稿'!AB:AB,"不可加计") -> 0 | L10: =SUM(I10:K10) -> 0 | M10: =H10+L10 -> 0
A11: 6 | B11: 房地产开发成本 | E11: =SUM(SUMIFS('附表7-扣除项目明细采集底稿'!W:W,'附表7-扣除项目明细采集底稿'!D:D,"土地征用及拆迁补偿费",'附表7-扣除项目明细采集底稿'!V:V,"直接归集成本费用"),SUMIFS('附表7-扣除项目明细采集底稿'!W:W,'附表7-扣除项目明细采集底稿'!D:D,"前期工程费",'附表7-扣除项目明细采集底稿'!V:V,"直接归集成本费用"),SUMIFS('附表7-扣除项目明细采集底稿'!W:W,'附表7-扣除项目明细采集底稿'!D:D,"建筑安装工程费",'附表7-扣除项目明细采集底稿'!V:V,"直接归集成本费用"),SUMIFS('附表7-扣除项目明细采集底稿'!W:W,'附表7-扣除项目明细采集底稿'!D:D,"基础设施费",'附表7-扣除项目明细采集底稿'!V:V,"直接归集成本费用"),SUMIFS('附表7-扣除项目明细采集底稿'!W:W,'附表7-扣除项目明细采集底稿'!D:D,"公共配套设施费",'附表7-扣除项目明细采集底稿'!V:V,"直接归集成本费用"),SUMIFS('附表7-扣除项目明细采集底稿'!W:W,'附表7-扣除项目明细采集底稿'!D:D,"开发间接费用",'附表7-扣除项目明细采集底稿'!V:V,"直接归集成本费用")) -> 0 | F11: =SUM(SUMIFS('附表7-扣除项目明细采集底稿'!X:X,'附表7-扣除项目明细采集底稿'!D:D,"土地征用及拆迁补偿费",'附表7-扣除项目明细采集底稿'!V:V,"直接归集成本费用"),SUMIFS('附表7-扣除项目明细采集底稿'!X:X,'附表7-扣除项目明细采集底稿'!D:D,"前期工程费",'附表7-扣除项目明细采集底稿'!V:V,"直接归集成本费用"),SUMIFS('附表7-扣除项目明细采集底稿'!X:X,'附表7-扣除项目明细采集底稿'!D:D,"建筑安装工程费",'附表7-扣除项目明细采集底稿'!V:V,"直接归集成本费用"),SUMIFS('附表7-扣除项目明细采集底稿'!X:X,'附表7-扣除项目明细采集底稿'!D:D,"基础设施费",'附表7-扣除项目明细采集底稿'!V:V,"直接归集成本费用"),SUMIFS('附表7-扣除项目明细采集底稿'!X:X,'附表7-扣除项目明细采集底稿'!D:D,"公共配套设施费",'附表7-扣除项目明细采集底稿'!V:V,"直接归集成本费用"),SUMIFS('附表7-扣除项目明细采集底稿'!X:X,'附表7-扣除项目明细采集底稿'!D:D,"开发间接费用",'附表7-扣除项目明细采集底稿'!V:V,"直接归集成本费用")) -> 0 | G11: =SUM(SUMIFS('附表7-扣除项目明细采集底稿'!Y:Y,'附表7-扣除项目明细采集底稿'!D:D,"土地征用及拆迁补偿费",'附表7-扣除项目明细采集底稿'!V:V,"直接归集成本费用"),SUMIFS('附表7-扣除项目明细采集底稿'!Y:Y,'附表7-扣除项目明细采集底稿'!D:D,"前期工程费",'附表7-扣除项目明细采集底稿'!V:V,"直接归集成本费用"),SUMIFS('附表7-扣除项目明细采集底稿'!Y:Y,'附表7-扣除项目明细采集底稿'!D:D,"建筑安装工程费",'附表7-扣除项目明细采集底稿'!V:V,"直接归集成本费用"),SUMIFS('附表7-扣除项目明细采集底稿'!Y:Y,'附表7-扣除项目明细采集底稿'!D:D,"基础设施费",'附表7-扣除项目明细采集底稿'!V:V,"直接归集成本费用"),SUMIFS('附表7-扣除项目明细采集底稿'!Y:Y,'附表7-扣除项目明细采集底稿'!D:D,"公共配套设施费",'附表7-扣除项目明细采集底稿'!V:V,"直接归集成本费用"),SUMIFS('附表7-扣除项目明细采集底稿'!Y:Y,'附表7-扣除项目明细采集底稿'!D:D,"开发间接费用",'附表7-扣除项目明细采集底稿'!V:V,"直接归集成本费用")) -> 0 | H11: =SUM(E11:G11) -> 0 | I11: =SUM(SUMIFS('附表7-扣除项目明细采集底稿'!W:W,'附表7-扣除项目明细采集底稿'!D:D,"土地征用及拆迁补偿费",'附表7-扣除项目明细采集底稿'!V:V,"共同成本费用"),SUMIFS('附表7-扣除项目明细采集底稿'!W:W,'附表7-扣除项目明细采集底稿'!D:D,"前期工程费",'附表7-扣除项目明细采集底稿'!V:V,"共同成本费用"),SUMIFS('附表7-扣除项目明细采集底稿'!W:W,'附表7-扣除项目明细采集底稿'!D:D,"建筑安装工程费",'附表7-扣除项目明细采集底稿'!V:V,"共同成本费用"),SUMIFS('附表7-扣除项目明细采集底稿'!W:W,'附表7-扣除项目明细采集底稿'!D:D,"基础设施费",'附表7-扣除项目明细采集底稿'!V:V,"共同成本费用"),SUMIFS('附表7-扣除项目明细采集底稿'!W:W,'附表7-扣除项目明细采集底稿'!D:D,"公共配套设施费",'附表7-扣除项目明细采集底稿'!V:V,"共同成本费用"),SUMIFS('附表7-扣除项目明细采集底稿'!W:W,'附表7-扣除项目明细采集底稿'!D:D,"开发间接费用",'附表7-扣除项目明细采集底稿'!V:V,"共同成本费用")) -> 30992133 | J11: =SUM(SUMIFS('附表7-扣除项目明细采集底稿'!X:X,'附表7-扣除项目明细采集底稿'!D:D,"土地征用及拆迁补偿费",'附表7-扣除项目明细采集底稿'!V:V,"共同成本费用"),SUMIFS('附表7-扣除项目明细采集底稿'!X:X,'附表7-扣除项目明细采集底稿'!D:D,"前期工程费",'附表7-扣除项目明细采集底稿'!V:V,"共同成本费用"),SUMIFS('附表7-扣除项目明细采集底稿'!X:X,'附表7-扣除项目明细采集底稿'!D:D,"建筑安装工程费",'附表7-扣除项目明细采集底稿'!V:V,"共同成本费用"),SUMIFS('附表7-扣除项目明细采集底稿'!X:X,'附表7-扣除项目明细采集底稿'!D:D,"基础设施费",'附表7-扣除项目明细采集底稿'!V:V,"共同成本费用"),SUMIFS('附表7-扣除项目明细采集底稿'!X:X,'附表7-扣除项目明细采集底稿'!D:D,"公共配套设施费",'附表7-扣除项目明细采集底稿'!V:V,"共同成本费用"),SUMIFS('附表7-扣除项目明细采集底稿'!X:X,'附表7-扣除项目明细采集底稿'!D:D,"开发间接费用",'附表7-扣除项目明细采集底稿'!V:V,"共同成本费用")) -> 0 | K11: =SUM(SUMIFS('附表7-扣除项目明细采集底稿'!Y:Y,'附表7-扣除项目明细采集底稿'!D:D,"土地征用及拆迁补偿费",'附表7-扣除项目明细采集底稿'!V:V,"共同成本费用"),SUMIFS('附表7-扣除项目明细采集底稿'!Y:Y,'附表7-扣除项目明细采集底稿'!D:D,"前期工程费",'附表7-扣除项目明细采集底稿'!V:V,"共同成本费用"),SUMIFS('附表7-扣除项目明细采集底稿'!Y:Y,'附表7-扣除项目明细采集底稿'!D:D,"建筑安装工程费",'附表7-扣除项目明细采集底稿'!V:V,"共同成本费用"),SUMIFS('附表7-扣除项目明细采集底稿'!Y:Y,'附表7-扣除项目明细采集底稿'!D:D,"基础设施费",'附表7-扣除项目明细采集底稿'!V:V,"共同成本费用"),SUMIFS('附表7-扣除项目明细采集底稿'!Y:Y,'附表7-扣除项目明细采集底稿'!D:D,"公共配套设施费",'附表7-扣除项目明细采集底稿'!V:V,"共同成本费用"),SUMIFS('附表7-扣除项目明细采集底稿'!Y:Y,'附表7-扣除项目明细采集底稿'!D:D,"开发间接费用",'附表7-扣除项目明细采集底稿'!V:V,"共同成本费用")) -> 0 | L11: =SUM(I11:K11) -> 30992133 | M11: =H11+L11 -> 30992133
A12: 7 | B12: 其中 | C12: =数据对照表!C1 -> 土地征用及拆迁补偿费 | E12: =SUMIFS('附表7-扣除项目明细采集底稿'!W:W,'附表7-扣除项目明细采集底稿'!D:D,数据对照表!C1,'附表7-扣除项目明细采集底稿'!V:V,"直接归集成本费用") -> 0 | F12: =SUMIFS('附表7-扣除项目明细采集底稿'!X:X,'附表7-扣除项目明细采集底稿'!D:D,数据对照表!C1,'附表7-扣除项目明细采集底稿'!V:V,"直接归集成本费用") -> 0 | G12: =SUMIFS('附表7-扣除项目明细采集底稿'!Y:Y,'附表7-扣除项目明细采集底稿'!D:D,数据对照表!C1,'附表7-扣除项目明细采集底稿'!V:V,"直接归集成本费用") -> 0 | H12: =SUM(E12:G12) -> 0 | I12: =SUMIFS('附表7-扣除项目明细采集底稿'!W:W,'附表7-扣除项目明细采集底稿'!D:D,数据对照表!C1,'附表7-扣除项目明细采集底稿'!V:V,"共同成本费用") -> 0 | J12: =SUMIFS('附表7-扣除项目明细采集底稿'!X:X,'附表7-扣除项目明细采集底稿'!D:D,数据对照表!C1,'附表7-扣除项目明细采集底稿'!V:V,"共同成本费用") -> 0 | K12: =SUMIFS('附表7-扣除项目明细采集底稿'!Y:Y,'附表7-扣除项目明细采集底稿'!D:D,数据对照表!C1,'附表7-扣除项目明细采集底稿'!V:V,"共同成本费用") -> 0 | L12: =SUM(I12:K12) -> 0 | M12: =H12+L12 -> 0
A13: 8 | C13: 其中 | D13: =数据对照表!C2 -> 土地征用费用 | E13: =SUMIFS('附表7-扣除项目明细采集底稿'!W:W,'附表7-扣除项目明细采集底稿'!E:E,数据对照表!C2,'附表7-扣除项目明细采集底稿'!V:V,"直接归集成本费用") -> 0 | F13: =SUMIFS('附表7-扣除项目明细采集底稿'!X:X,'附表7-扣除项目明细采集底稿'!E:E,数据对照表!C2,'附表7-扣除项目明细采集底稿'!V:V,"直接归集成本费用") -> 0 | G13: =SUMIFS('附表7-扣除项目明细采集底稿'!Y:Y,'附表7-扣除项目明细采集底稿'!E:E,数据对照表!C2,'附表7-扣除项目明细采集底稿'!V:V,"直接归集成本费用") -> 0 | H13: =SUM(E13:G13) -> 0 | I13: =SUMIFS('附表7-扣除项目明细采集底稿'!W:W,'附表7-扣除项目明细采集底稿'!E:E,数据对照表!C2,'附表7-扣除项目明细采集底稿'!V:V,"共同成本费用") -> 0 | J13: =SUMIFS('附表7-扣除项目明细采集底稿'!X:X,'附表7-扣除项目明细采集底稿'!E:E,数据对照表!C2,'附表7-扣除项目明细采集底稿'!V:V,"共同成本费用") -> 0 | K13: =SUMIFS('附表7-扣除项目明细采集底稿'!Y:Y,'附表7-扣除项目明细采集底稿'!E:E,数据对照表!C2,'附表7-扣除项目明细采集底稿'!V:V,"共同成本费用") -> 0 | L13: =SUM(I13:K13) -> 0 | M13: =H13+L13 -> 0
A14: 9 | D14: =数据对照表!C3 -> 耕地占用税 | E14: =SUMIFS('附表7-扣除项目明细采集底稿'!W:W,'附表7-扣除项目明细采集底稿'!E:E,数据对照表!C3,'附表7-扣除项目明细采集底稿'!V:V,"直接归集成本费用") -> 0 | F14: =SUMIFS('附表7-扣除项目明细采集底稿'!X:X,'附表7-扣除项目明细采集底稿'!E:E,数据对照表!C3,'附表7-扣除项目明细采集底稿'!V:V,"直接归集成本费用") -> 0 | G14: =SUMIFS('附表7-扣除项目明细采集底稿'!Y:Y,'附表7-扣除项目明细采集底稿'!E:E,数据对照表!C3,'附表7-扣除项目明细采集底稿'!V:V,"直接归集成本费用") -> 0 | H14: =SUM(E14:G14) -> 0 | I14: =SUMIFS('附表7-扣除项目明细采集底稿'!W:W,'附表7-扣除项目明细采集底稿'!E:E,数据对照表!C3,'附表7-扣除项目明细采集底稿'!V:V,"共同成本费用") -> 0 | J14: =SUMIFS('附表7-扣除项目明细采集底稿'!X:X,'附表7-扣除项目明细采集底稿'!E:E,数据对照表!C3,'附表7-扣除项目明细采集底稿'!V:V,"共同成本费用") -> 0 | K14: =SUMIFS('附表7-扣除项目明细采集底稿'!Y:Y,'附表7-扣除项目明细采集底稿'!E:E,数据对照表!C3,'附表7-扣除项目明细采集底稿'!V:V,"共同成本费用") -> 0 | L14: =SUM(I14:K14) -> 0 | M14: =H14+L14 -> 0
A15: 10 | D15: =数据对照表!C4 -> 劳动力安置费 | E15: =SUMIFS('附表7-扣除项目明细采集底稿'!W:W,'附表7-扣除项目明细采集底稿'!E:E,数据对照表!C4,'附表7-扣除项目明细采集底稿'!V:V,"直接归集成本费用") -> 0 | F15: =SUMIFS('附表7-扣除项目明细采集底稿'!X:X,'附表7-扣除项目明细采集底稿'!E:E,数据对照表!C4,'附表7-扣除项目明细采集底稿'!V:V,"直接归集成本费用") -> 0 | G15: =SUMIFS('附表7-扣除项目明细采集底稿'!Y:Y,'附表7-扣除项目明细采集底稿'!E:E,数据对照表!C4,'附表7-扣除项目明细采集底稿'!V:V,"直接归集成本费用") -> 0 | H15: =SUM(E15:G15) -> 0 | I15: =SUMIFS('附表7-扣除项目明细采集底稿'!W:W,'附表7-扣除项目明细采集底稿'!E:E,数据对照表!C4,'附表7-扣除项目明细采集底稿'!V:V,"共同成本费用") -> 0 | J15: =SUMIFS('附表7-扣除项目明细采集底稿'!X:X,'附表7-扣除项目明细采集底稿'!E:E,数据对照表!C4,'附表7-扣除项目明细采集底稿'!V:V,"共同成本费用") -> 0 | K15: =SUMIFS('附表7-扣除项目明细采集底稿'!Y:Y,'附表7-扣除项目明细采集底稿'!E:E,数据对照表!C4,'附表7-扣除项目明细采集底稿'!V:V,"共同成本费用") -> 0 | L15: =SUM(I15:K15) -> 0 | M15: =H15+L15 -> 0
A16: 11 | D16: =数据对照表!C5 -> 安置动迁用房支出 | E16: =SUMIFS('附表7-扣除项目明细采集底稿'!W:W,'附表7-扣除项目明细采集底稿'!E:E,数据对照表!C5,'附表7-扣除项目明细采集底稿'!V:V,"直接归集成本费用") -> 0 | F16: =SUMIFS('附表7-扣除项目明细采集底稿'!X:X,'附表7-扣除项目明细采集底稿'!E:E,数据对照表!C5,'附表7-扣除项目明细采集底稿'!V:V,"直接归集成本费用") -> 0 | G16: =SUMIFS('附表7-扣除项目明细采集底稿'!Y:Y,'附表7-扣除项目明细采集底稿'!E:E,数据对照表!C5,'附表7-扣除项目明细采集底稿'!V:V,"直接归集成本费用") -> 0 | H16: =SUM(E16:G16) -> 0 | I16: =SUMIFS('附表7-扣除项目明细采集底稿'!W:W,'附表7-扣除项目明细采集底稿'!E:E,数据对照表!C5,'附表7-扣除项目明细采集底稿'!V:V,"共同成本费用") -> 0 | J16: =SUMIFS('附表7-扣除项目明细采集底稿'!X:X,'附表7-扣除项目明细采集底稿'!E:E,数据对照表!C5,'附表7-扣除项目明细采集底稿'!V:V,"共同成本费用") -> 0 | K16: =SUMIFS('附表7-扣除项目明细采集底稿'!Y:Y,'附表7-扣除项目明细采集底稿'!E:E,数据对照表!C5,'附表7-扣除项目明细采集底稿'!V:V,"共同成本费用") -> 0 | L16: =SUM(I16:K16) -> 0 | M16: =H16+L16 -> 0
A17: 12 | D17: =数据对照表!C6 -> 拆迁补偿费 | E17: =SUMIFS('附表7-扣除项目明细采集底稿'!W:W,'附表7-扣除项目明细采集底稿'!E:E,数据对照表!C6,'附表7-扣除项目明细采集底稿'!V:V,"直接归集成本费用") -> 0 | F17: =SUMIFS('附表7-扣除项目明细采集底稿'!X:X,'附表7-扣除项目明细采集底稿'!E:E,数据对照表!C6,'附表7-扣除项目明细采集底稿'!V:V,"直接归集成本费用") -> 0 | G17: =SUMIFS('附表7-扣除项目明细采集底稿'!Y:Y,'附表7-扣除项目明细采集底稿'!E:E,数据对照表!C6,'附表7-扣除项目明细采集底稿'!V:V,"直接归集成本费用") -> 0 | H17: =SUM(E17:G17) -> 0 | I17: =SUMIFS('附表7-扣除项目明细采集底稿'!W:W,'附表7-扣除项目明细采集底稿'!E:E,数据对照表!C6,'附表7-扣除项目明细采集底稿'!V:V,"共同成本费用") -> 0 | J17: =SUMIFS('附表7-扣除项目明细采集底稿'!X:X,'附表7-扣除项目明细采集底稿'!E:E,数据对照表!C6,'附表7-扣除项目明细采集底稿'!V:V,"共同成本费用") -> 0 | K17: =SUMIFS('附表7-扣除项目明细采集底稿'!Y:Y,'附表7-扣除项目明细采集底稿'!E:E,数据对照表!C6,'附表7-扣除项目明细采集底稿'!V:V,"共同成本费用") -> 0 | L17: =SUM(I17:K17) -> 0 | M17: =H17+L17 -> 0
A18: 13 | D18: =数据对照表!C7 -> 其他土地征用及拆迁补偿费 | E18: =SUMIFS('附表7-扣除项目明细采集底稿'!W:W,'附表7-扣除项目明细采集底稿'!E:E,数据对照表!C7,'附表7-扣除项目明细采集底稿'!V:V,"直接归集成本费用") -> 0 | F18: =SUMIFS('附表7-扣除项目明细采集底稿'!X:X,'附表7-扣除项目明细采集底稿'!E:E,数据对照表!C7,'附表7-扣除项目明细采集底稿'!V:V,"直接归集成本费用") -> 0 | G18: =SUMIFS('附表7-扣除项目明细采集底稿'!Y:Y,'附表7-扣除项目明细采集底稿'!E:E,数据对照表!C7,'附表7-扣除项目明细采集底稿'!V:V,"直接归集成本费用") -> 0 | H18: =SUM(E18:G18) -> 0 | I18: =SUMIFS('附表7-扣除项目明细采集底稿'!W:W,'附表7-扣除项目明细采集底稿'!E:E,数据对照表!C7,'附表7-扣除项目明细采集底稿'!V:V,"共同成本费用") -> 0 | J18: =SUMIFS('附表7-扣除项目明细采集底稿'!X:X,'附表7-扣除项目明细采集底稿'!E:E,数据对照表!C7,'附表7-扣除项目明细采集底稿'!V:V,"共同成本费用") -> 0 | K18: =SUMIFS('附表7-扣除项目明细采集底稿'!Y:Y,'附表7-扣除项目明细采集底稿'!E:E,数据对照表!C7,'附表7-扣除项目明细采集底稿'!V:V,"共同成本费用") -> 0 | L18: =SUM(I18:K18) -> 0 | M18: =H18+L18 -> 0
A19: 14 | C19: =数据对照表!D1 -> 前期工程费 | E19: =SUMIFS('附表7-扣除项目明细采集底稿'!W:W,'附表7-扣除项目明细采集底稿'!D:D,数据对照表!D1,'附表7-扣除项目明细采集底稿'!V:V,"直接归集成本费用") -> 0 | F19: =SUMIFS('附表7-扣除项目明细采集底稿'!X:X,'附表7-扣除项目明细采集底稿'!D:D,数据对照表!D1,'附表7-扣除项目明细采集底稿'!V:V,"直接归集成本费用") -> 0 | G19: =SUMIFS('附表7-扣除项目明细采集底稿'!Y:Y,'附表7-扣除项目明细采集底稿'!D:D,数据对照表!D1,'附表7-扣除项目明细采集底稿'!V:V,"直接归集成本费用") -> 0 | H19: =SUM(E19:G19) -> 0 | I19: =SUMIFS('附表7-扣除项目明细采集底稿'!W:W,'附表7-扣除项目明细采集底稿'!D:D,数据对照表!D1,'附表7-扣除项目明细采集底稿'!V:V,"共同成本费用") -> 376522.22 | J19: =SUMIFS('附表7-扣除项目明细采集底稿'!X:X,'附表7-扣除项目明细采集底稿'!D:D,数据对照表!D1,'附表7-扣除项目明细采集底稿'!V:V,"共同成本费用") -> 0 | K19: =SUMIFS('附表7-扣除项目明细采集底稿'!Y:Y,'附表7-扣除项目明细采集底稿'!D:D,数据对照表!D1,'附表7-扣除项目明细采集底稿'!V:V,"共同成本费用") -> 0 | L19: =SUM(I19:K19) -> 376522.22 | M19: =H19+L19 -> 376522.22
A20: 15 | C20: 其中 | D20: =数据对照表!D2 -> 规划费用 | E20: =SUMIFS('附表7-扣除项目明细采集底稿'!W:W,'附表7-扣除项目明细采集底稿'!E:E,数据对照表!D2,'附表7-扣除项目明细采集底稿'!V:V,"直接归集成本费用") -> 0 | F20: =SUMIFS('附表7-扣除项目明细采集底稿'!X:X,'附表7-扣除项目明细采集底稿'!E:E,数据对照表!D2,'附表7-扣除项目明细采集底稿'!V:V,"直接归集成本费用") -> 0 | G20: =SUMIFS('附表7-扣除项目明细采集底稿'!Y:Y,'附表7-扣除项目明细采集底稿'!E:E,数据对照表!D2,'附表7-扣除项目明细采集底稿'!V:V,"直接归集成本费用") -> 0 | H20: =SUM(E20:G20) -> 0 | I20: =SUMIFS('附表7-扣除项目明细采集底稿'!W:W,'附表7-扣除项目明细采集底稿'!E:E,数据对照表!D2,'附表7-扣除项目明细采集底稿'!V:V,"共同成本费用") -> 0 | J20: =SUMIFS('附表7-扣除项目明细采集底稿'!X:X,'附表7-扣除项目明细采集底稿'!E:E,数据对照表!D2,'附表7-扣除项目明细采集底稿'!V:V,"共同成本费用") -> 0 | K20: =SUMIFS('附表7-扣除项目明细采集底稿'!Y:Y,'附表7-扣除项目明细采集底稿'!E:E,数据对照表!D2,'附表7-扣除项目明细采集底稿'!V:V,"共同成本费用") -> 0 | L20: =SUM(I20:K20) -> 0 | M20: =H20+L20 -> 0
A21: 16 | D21: =数据对照表!D3 -> 设计费用 | E21: =SUMIFS('附表7-扣除项目明细采集底稿'!W:W,'附表7-扣除项目明细采集底稿'!E:E,数据对照表!D3,'附表7-扣除项目明细采集底稿'!V:V,"直接归集成本费用") -> 0 | F21: =SUMIFS('附表7-扣除项目明细采集底稿'!X:X,'附表7-扣除项目明细采集底稿'!E:E,数据对照表!D3,'附表7-扣除项目明细采集底稿'!V:V,"直接归集成本费用") -> 0 | G21: =SUMIFS('附表7-扣除项目明细采集底稿'!Y:Y,'附表7-扣除项目明细采集底稿'!E:E,数据对照表!D3,'附表7-扣除项目明细采集底稿'!V:V,"直接归集成本费用") -> 0 | H21: =SUM(E21:G21) -> 0 | I21: =SUMIFS('附表7-扣除项目明细采集底稿'!W:W,'附表7-扣除项目明细采集底稿'!E:E,数据对照表!D3,'附表7-扣除项目明细采集底稿'!V:V,"共同成本费用") -> 123329.54 | J21: =SUMIFS('附表7-扣除项目明细采集底稿'!X:X,'附表7-扣除项目明细采集底稿'!E:E,数据对照表!D3,'附表7-扣除项目明细采集底稿'!V:V,"共同成本费用") -> 0 | K21: =SUMIFS('附表7-扣除项目明细采集底稿'!Y:Y,'附表7-扣除项目明细采集底稿'!E:E,数据对照表!D3,'附表7-扣除项目明细采集底稿'!V:V,"共同成本费用") -> 0 | L21: =SUM(I21:K21) -> 123329.54 | M21: =H21+L21 -> 123329.54
A22: 17 | D22: =数据对照表!D4 -> 项目可行性研究费用 | E22: =SUMIFS('附表7-扣除项目明细采集底稿'!W:W,'附表7-扣除项目明细采集底稿'!E:E,数据对照表!D4,'附表7-扣除项目明细采集底稿'!V:V,"直接归集成本费用") -> 0 | F22: =SUMIFS('附表7-扣除项目明细采集底稿'!X:X,'附表7-扣除项目明细采集底稿'!E:E,数据对照表!D4,'附表7-扣除项目明细采集底稿'!V:V,"直接归集成本费用") -> 0 | G22: =SUMIFS('附表7-扣除项目明细采集底稿'!Y:Y,'附表7-扣除项目明细采集底稿'!E:E,数据对照表!D4,'附表7-扣除项目明细采集底稿'!V:V,"直接归集成本费用") -> 0 | H22: =SUM(E22:G22) -> 0 | I22: =SUMIFS('附表7-扣除项目明细采集底稿'!W:W,'附表7-扣除项目明细采集底稿'!E:E,数据对照表!D4,'附表7-扣除项目明细采集底稿'!V:V,"共同成本费用") -> 0 | J22: =SUMIFS('附表7-扣除项目明细采集底稿'!X:X,'附表7-扣除项目明细采集底稿'!E:E,数据对照表!D4,'附表7-扣除项目明细采集底稿'!V:V,"共同成本费用") -> 0 | K22: =SUMIFS('附表7-扣除项目明细采集底稿'!Y:Y,'附表7-扣除项目明细采集底稿'!E:E,数据对照表!D4,'附表7-扣除项目明细采集底稿'!V:V,"共同成本费用") -> 0 | L22: =SUM(I22:K22) -> 0 | M22: =H22+L22 -> 0
A23: 18 | D23: =数据对照表!D5 -> 水文费用 | E23: =SUMIFS('附表7-扣除项目明细采集底稿'!W:W,'附表7-扣除项目明细采集底稿'!E:E,数据对照表!D5,'附表7-扣除项目明细采集底稿'!V:V,"直接归集成本费用") -> 0 | F23: =SUMIFS('附表7-扣除项目明细采集底稿'!X:X,'附表7-扣除项目明细采集底稿'!E:E,数据对照表!D5,'附表7-扣除项目明细采集底稿'!V:V,"直接归集成本费用") -> 0 | G23: =SUMIFS('附表7-扣除项目明细采集底稿'!Y:Y,'附表7-扣除项目明细采集底稿'!E:E,数据对照表!D5,'附表7-扣除项目明细采集底稿'!V:V,"直接归集成本费用") -> 0 | H23: =SUM(E23:G23) -> 0 | I23: =SUMIFS('附表7-扣除项目明细采集底稿'!W:W,'附表7-扣除项目明细采集底稿'!E:E,数据对照表!D5,'附表7-扣除项目明细采集底稿'!V:V,"共同成本费用") -> 0 | J23: =SUMIFS('附表7-扣除项目明细采集底稿'!X:X,'附表7-扣除项目明细采集底稿'!E:E,数据对照表!D5,'附表7-扣除项目明细采集底稿'!V:V,"共同成本费用") -> 0 | K23: =SUMIFS('附表7-扣除项目明细采集底稿'!Y:Y,'附表7-扣除项目明细采集底稿'!E:E,数据对照表!D5,'附表7-扣除项目明细采集底稿'!V:V,"共同成本费用") -> 0 | L23: =SUM(I23:K23) -> 0 | M23: =H23+L23 -> 0
A24: 19 | D24: =数据对照表!D6 -> 地质费用 | E24: =SUMIFS('附表7-扣除项目明细采集底稿'!W:W,'附表7-扣除项目明细采集底稿'!E:E,数据对照表!D6,'附表7-扣除项目明细采集底稿'!V:V,"直接归集成本费用") -> 0 | F24: =SUMIFS('附表7-扣除项目明细采集底稿'!X:X,'附表7-扣除项目明细采集底稿'!E:E,数据对照表!D6,'附表7-扣除项目明细采集底稿'!V:V,"直接归集成本费用") -> 0 | G24: =SUMIFS('附表7-扣除项目明细采集底稿'!Y:Y,'附表7-扣除项目明细采集底稿'!E:E,数据对照表!D6,'附表7-扣除项目明细采集底稿'!V:V,"直接归集成本费用") -> 0 | H24: =SUM(E24:G24) -> 0 | I24: =SUMIFS('附表7-扣除项目明细采集底稿'!W:W,'附表7-扣除项目明细采集底稿'!E:E,数据对照表!D6,'附表7-扣除项目明细采集底稿'!V:V,"共同成本费用") -> 0 | J24: =SUMIFS('附表7-扣除项目明细采集底稿'!X:X,'附表7-扣除项目明细采集底稿'!E:E,数据对照表!D6,'附表7-扣除项目明细采集底稿'!V:V,"共同成本费用") -> 0 | K24: =SUMIFS('附表7-扣除项目明细采集底稿'!Y:Y,'附表7-扣除项目明细采集底稿'!E:E,数据对照表!D6,'附表7-扣除项目明细采集底稿'!V:V,"共同成本费用") -> 0 | L24: =SUM(I24:K24) -> 0 | M24: =H24+L24 -> 0
A25: 20 | D25: =数据对照表!D7 -> 勘探费用 | E25: =SUMIFS('附表7-扣除项目明细采集底稿'!W:W,'附表7-扣除项目明细采集底稿'!E:E,数据对照表!D7,'附表7-扣除项目明细采集底稿'!V:V,"直接归集成本费用") -> 0 | F25: =SUMIFS('附表7-扣除项目明细采集底稿'!X:X,'附表7-扣除项目明细采集底稿'!E:E,数据对照表!D7,'附表7-扣除项目明细采集底稿'!V:V,"直接归集成本费用") -> 0 | G25: =SUMIFS('附表7-扣除项目明细采集底稿'!Y:Y,'附表7-扣除项目明细采集底稿'!E:E,数据对照表!D7,'附表7-扣除项目明细采集底稿'!V:V,"直接归集成本费用") -> 0 | H25: =SUM(E25:G25) -> 0 | I25: =SUMIFS('附表7-扣除项目明细采集底稿'!W:W,'附表7-扣除项目明细采集底稿'!E:E,数据对照表!D7,'附表7-扣除项目明细采集底稿'!V:V,"共同成本费用") -> 20384.83 | J25: =SUMIFS('附表7-扣除项目明细采集底稿'!X:X,'附表7-扣除项目明细采集底稿'!E:E,数据对照表!D7,'附表7-扣除项目明细采集底稿'!V:V,"共同成本费用") -> 0 | K25: =SUMIFS('附表7-扣除项目明细采集底稿'!Y:Y,'附表7-扣除项目明细采集底稿'!E:E,数据对照表!D7,'附表7-扣除项目明细采集底稿'!V:V,"共同成本费用") -> 0 | L25: =SUM(I25:K25) -> 20384.83 | M25: =H25+L25 -> 20384.83
A26: 21 | D26: =数据对照表!D8 -> 测绘费用 | E26: =SUMIFS('附表7-扣除项目明细采集底稿'!W:W,'附表7-扣除项目明细采集底稿'!E:E,数据对照表!D8,'附表7-扣除项目明细采集底稿'!V:V,"直接归集成本费用") -> 0 | F26: =SUMIFS('附表7-扣除项目明细采集底稿'!X:X,'附表7-扣除项目明细采集底稿'!E:E,数据对照表!D8,'附表7-扣除项目明细采集底稿'!V:V,"直接归集成本费用") -> 0 | G26: =SUMIFS('附表7-扣除项目明细采集底稿'!Y:Y,'附表7-扣除项目明细采集底稿'!E:E,数据对照表!D8,'附表7-扣除项目明细采集底稿'!V:V,"直接归集成本费用") -> 0 | H26: =SUM(E26:G26) -> 0 | I26: =SUMIFS('附表7-扣除项目明细采集底稿'!W:W,'附表7-扣除项目明细采集底稿'!E:E,数据对照表!D8,'附表7-扣除项目明细采集底稿'!V:V,"共同成本费用") -> 29867.75 | J26: =SUMIFS('附表7-扣除项目明细采集底稿'!X:X,'附表7-扣除项目明细采集底稿'!E:E,数据对照表!D8,'附表7-扣除项目明细采集底稿'!V:V,"共同成本费用") -> 0 | K26: =SUMIFS('附表7-扣除项目明细采集底稿'!Y:Y,'附表7-扣除项目明细采集底稿'!E:E,数据对照表!D8,'附表7-扣除项目明细采集底稿'!V:V,"共同成本费用") -> 0 | L26: =SUM(I26:K26) -> 29867.75 | M26: =H26+L26 -> 29867.75
A27: 22 | D27: =数据对照表!D9 -> 七通一平支出 | E27: =SUMIFS('附表7-扣除项目明细采集底稿'!W:W,'附表7-扣除项目明细采集底稿'!E:E,数据对照表!D9,'附表7-扣除项目明细采集底稿'!V:V,"直接归集成本费用") -> 0 | F27: =SUMIFS('附表7-扣除项目明细采集底稿'!X:X,'附表7-扣除项目明细采集底稿'!E:E,数据对照表!D9,'附表7-扣除项目明细采集底稿'!V:V,"直接归集成本费用") -> 0 | G27: =SUMIFS('附表7-扣除项目明细采集底稿'!Y:Y,'附表7-扣除项目明细采集底稿'!E:E,数据对照表!D9,'附表7-扣除项目明细采集底稿'!V:V,"直接归集成本费用") -> 0 | H27: =SUM(E27:G27) -> 0 | I27: =SUMIFS('附表7-扣除项目明细采集底稿'!W:W,'附表7-扣除项目明细采集底稿'!E:E,数据对照表!D9,'附表7-扣除项目明细采集底稿'!V:V,"共同成本费用") -> 0 | J27: =SUMIFS('附表7-扣除项目明细采集底稿'!X:X,'附表7-扣除项目明细采集底稿'!E:E,数据对照表!D9,'附表7-扣除项目明细采集底稿'!V:V,"共同成本费用") -> 0 | K27: =SUMIFS('附表7-扣除项目明细采集底稿'!Y:Y,'附表7-扣除项目明细采集底稿'!E:E,数据对照表!D9,'附表7-扣除项目明细采集底稿'!V:V,"共同成本费用") -> 0 | L27: =SUM(I27:K27) -> 0 | M27: =H27+L27 -> 0
A28: 23 | D28: =数据对照表!D10 -> 其他前期工程费 | E28: =SUMIFS('附表7-扣除项目明细采集底稿'!W:W,'附表7-扣除项目明细采集底稿'!E:E,数据对照表!D10,'附表7-扣除项目明细采集底稿'!V:V,"直接归集成本费用") -> 0 | F28: =SUMIFS('附表7-扣除项目明细采集底稿'!X:X,'附表7-扣除项目明细采集底稿'!E:E,数据对照表!D10,'附表7-扣除项目明细采集底稿'!V:V,"直接归集成本费用") -> 0 | G28: =SUMIFS('附表7-扣除项目明细采集底稿'!Y:Y,'附表7-扣除项目明细采集底稿'!E:E,数据对照表!D10,'附表7-扣除项目明细采集底稿'!V:V,"直接归集成本费用") -> 0 | H28: =SUM(E28:G28) -> 0 | I28: =SUMIFS('附表7-扣除项目明细采集底稿'!W:W,'附表7-扣除项目明细采集底稿'!E:E,数据对照表!D10,'附表7-扣除项目明细采集底稿'!V:V,"共同成本费用") -> 202940.1 | J28: =SUMIFS('附表7-扣除项目明细采集底稿'!X:X,'附表7-扣除项目明细采集底稿'!E:E,数据对照表!D10,'附表7-扣除项目明细采集底稿'!V:V,"共同成本费用") -> 0 | K28: =SUMIFS('附表7-扣除项目明细采集底稿'!Y:Y,'附表7-扣除项目明细采集底稿'!E:E,数据对照表!D10,'附表7-扣除项目明细采集底稿'!V:V,"共同成本费用") -> 0 | L28: =SUM(I28:K28) -> 202940.1 | M28: =H28+L28 -> 202940.1
A29: 24 | C29: =数据对照表!E1 -> 建筑安装工程费 | E29: =SUMIFS('附表7-扣除项目明细采集底稿'!W:W,'附表7-扣除项目明细采集底稿'!D:D,数据对照表!E1,'附表7-扣除项目明细采集底稿'!V:V,"直接归集成本费用") -> 0 | F29: =SUMIFS('附表7-扣除项目明细采集底稿'!X:X,'附表7-扣除项目明细采集底稿'!D:D,数据对照表!E1,'附表7-扣除项目明细采集底稿'!V:V,"直接归集成本费用") -> 0 | G29: =SUMIFS('附表7-扣除项目明细采集底稿'!Y:Y,'附表7-扣除项目明细采集底稿'!D:D,数据对照表!E1,'附表7-扣除项目明细采集底稿'!V:V,"直接归集成本费用") -> 0 | H29: =SUM(E29:G29) -> 0 | I29: =SUMIFS('附表7-扣除项目明细采集底稿'!W:W,'附表7-扣除项目明细采集底稿'!D:D,数据对照表!E1,'附表7-扣除项目明细采集底稿'!V:V,"共同成本费用") -> 24729057 | J29: =SUMIFS('附表7-扣除项目明细采集底稿'!X:X,'附表7-扣除项目明细采集底稿'!D:D,数据对照表!E1,'附表7-扣除项目明细采集底稿'!V:V,"共同成本费用") -> 0 | K29: =SUMIFS('附表7-扣除项目明细采集底稿'!Y:Y,'附表7-扣除项目明细采集底稿'!D:D,数据对照表!E1,'附表7-扣除项目明细采集底稿'!V:V,"共同成本费用") -> 0 | L29: =SUM(I29:K29) -> 24729057 | M29: =H29+L29 -> 24729057
A30: 25 | C30: 其中 | D30: =数据对照表!E2 -> 桩基础工程费用 | E30: =SUMIFS('附表7-扣除项目明细采集底稿'!W:W,'附表7-扣除项目明细采集底稿'!E:E,数据对照表!E2,'附表7-扣除项目明细采集底稿'!V:V,"直接归集成本费用") -> 0 | F30: =SUMIFS('附表7-扣除项目明细采集底稿'!X:X,'附表7-扣除项目明细采集底稿'!E:E,数据对照表!E2,'附表7-扣除项目明细采集底稿'!V:V,"直接归集成本费用") -> 0 | G30: =SUMIFS('附表7-扣除项目明细采集底稿'!Y:Y,'附表7-扣除项目明细采集底稿'!E:E,数据对照表!E2,'附表7-扣除项目明细采集底稿'!V:V,"直接归集成本费用") -> 0 | H30: =SUM(E30:G30) -> 0 | I30: =SUMIFS('附表7-扣除项目明细采集底稿'!W:W,'附表7-扣除项目明细采集底稿'!E:E,数据对照表!E2,'附表7-扣除项目明细采集底稿'!V:V,"共同成本费用") -> 0 | J30: =SUMIFS('附表7-扣除项目明细采集底稿'!X:X,'附表7-扣除项目明细采集底稿'!E:E,数据对照表!E2,'附表7-扣除项目明细采集底稿'!V:V,"共同成本费用") -> 0 | K30: =SUMIFS('附表7-扣除项目明细采集底稿'!Y:Y,'附表7-扣除项目明细采集底稿'!E:E,数据对照表!E2,'附表7-扣除项目明细采集底稿'!V:V,"共同成本费用") -> 0 | L30: =SUM(I30:K30) -> 0 | M30: =H30+L30 -> 0
A31: 26 | D31: =数据对照表!E3 -> 地下室工程费用 | E31: =SUMIFS('附表7-扣除项目明细采集底稿'!W:W,'附表7-扣除项目明细采集底稿'!E:E,数据对照表!E3,'附表7-扣除项目明细采集底稿'!V:V,"直接归集成本费用") -> 0 | F31: =SUMIFS('附表7-扣除项目明细采集底稿'!X:X,'附表7-扣除项目明细采集底稿'!E:E,数据对照表!E3,'附表7-扣除项目明细采集底稿'!V:V,"直接归集成本费用") -> 0 | G31: =SUMIFS('附表7-扣除项目明细采集底稿'!Y:Y,'附表7-扣除项目明细采集底稿'!E:E,数据对照表!E3,'附表7-扣除项目明细采集底稿'!V:V,"直接归集成本费用") -> 0 | H31: =SUM(E31:G31) -> 0 | I31: =SUMIFS('附表7-扣除项目明细采集底稿'!W:W,'附表7-扣除项目明细采集底稿'!E:E,数据对照表!E3,'附表7-扣除项目明细采集底稿'!V:V,"共同成本费用") -> 0 | J31: =SUMIFS('附表7-扣除项目明细采集底稿'!X:X,'附表7-扣除项目明细采集底稿'!E:E,数据对照表!E3,'附表7-扣除项目明细采集底稿'!V:V,"共同成本费用") -> 0 | K31: =SUMIFS('附表7-扣除项目明细采集底稿'!Y:Y,'附表7-扣除项目明细采集底稿'!E:E,数据对照表!E3,'附表7-扣除项目明细采集底稿'!V:V,"共同成本费用") -> 0 | L31: =SUM(I31:K31) -> 0 | M31: =H31+L31 -> 0
A32: 27 | D32: =数据对照表!E4 -> 地上建筑工程费用 | E32: =SUMIFS('附表7-扣除项目明细采集底稿'!W:W,'附表7-扣除项目明细采集底稿'!E:E,数据对照表!E4,'附表7-扣除项目明细采集底稿'!V:V,"直接归集成本费用") -> 0 | F32: =SUMIFS('附表7-扣除项目明细采集底稿'!X:X,'附表7-扣除项目明细采集底稿'!E:E,数据对照表!E4,'附表7-扣除项目明细采集底稿'!V:V,"直接归集成本费用") -> 0 | G32: =SUMIFS('附表7-扣除项目明细采集底稿'!Y:Y,'附表7-扣除项目明细采集底稿'!E:E,数据对照表!E4,'附表7-扣除项目明细采集底稿'!V:V,"直接归集成本费用") -> 0 | H32: =SUM(E32:G32) -> 0 | I32: =SUMIFS('附表7-扣除项目明细采集底稿'!W:W,'附表7-扣除项目明细采集底稿'!E:E,数据对照表!E4,'附表7-扣除项目明细采集底稿'!V:V,"共同成本费用") -> 19790140 | J32: =SUMIFS('附表7-扣除项目明细采集底稿'!X:X,'附表7-扣除项目明细采集底稿'!E:E,数据对照表!E4,'附表7-扣除项目明细采集底稿'!V:V,"共同成本费用") -> 0 | K32: =SUMIFS('附表7-扣除项目明细采集底稿'!Y:Y,'附表7-扣除项目明细采集底稿'!E:E,数据对照表!E4,'附表7-扣除项目明细采集底稿'!V:V,"共同成本费用") -> 0 | L32: =SUM(I32:K32) -> 19790140 | M32: =H32+L32 -> 19790140
A33: 28 | D33: =数据对照表!E5 -> 户内装修费用 | E33: =SUMIFS('附表7-扣除项目明细采集底稿'!W:W,'附表7-扣除项目明细采集底稿'!E:E,数据对照表!E5,'附表7-扣除项目明细采集底稿'!V:V,"直接归集成本费用") -> 0 | F33: =SUMIFS('附表7-扣除项目明细采集底稿'!X:X,'附表7-扣除项目明细采集底稿'!E:E,数据对照表!E5,'附表7-扣除项目明细采集底稿'!V:V,"直接归集成本费用") -> 0 | G33: =SUMIFS('附表7-扣除项目明细采集底稿'!Y:Y,'附表7-扣除项目明细采集底稿'!E:E,数据对照表!E5,'附表7-扣除项目明细采集底稿'!V:V,"直接归集成本费用") -> 0 | H33: =SUM(E33:G33) -> 0 | I33: =SUMIFS('附表7-扣除项目明细采集底稿'!W:W,'附表7-扣除项目明细采集底稿'!E:E,数据对照表!E5,'附表7-扣除项目明细采集底稿'!V:V,"共同成本费用") -> 303834.44 | J33: =SUMIFS('附表7-扣除项目明细采集底稿'!X:X,'附表7-扣除项目明细采集底稿'!E:E,数据对照表!E5,'附表7-扣除项目明细采集底稿'!V:V,"共同成本费用") -> 0 | K33: =SUMIFS('附表7-扣除项目明细采集底稿'!Y:Y,'附表7-扣除项目明细采集底稿'!E:E,数据对照表!E5,'附表7-扣除项目明细采集底稿'!V:V,"共同成本费用") -> 0 | L33: =SUM(I33:K33) -> 303834.44 | M33: =H33+L33 -> 303834.44
A34: 29 | D34: =数据对照表!E6 -> 高档外立面工程费用 | E34: =SUMIFS('附表7-扣除项目明细采集底稿'!W:W,'附表7-扣除项目明细采集底稿'!E:E,数据对照表!E6,'附表7-扣除项目明细采集底稿'!V:V,"直接归集成本费用") -> 0 | F34: =SUMIFS('附表7-扣除项目明细采集底稿'!X:X,'附表7-扣除项目明细采集底稿'!E:E,数据对照表!E6,'附表7-扣除项目明细采集底稿'!V:V,"直接归集成本费用") -> 0 | G34: =SUMIFS('附表7-扣除项目明细采集底稿'!Y:Y,'附表7-扣除项目明细采集底稿'!E:E,数据对照表!E6,'附表7-扣除项目明细采集底稿'!V:V,"直接归集成本费用") -> 0 | H34: =SUM(E34:G34) -> 0 | I34: =SUMIFS('附表7-扣除项目明细采集底稿'!W:W,'附表7-扣除项目明细采集底稿'!E:E,数据对照表!E6,'附表7-扣除项目明细采集底稿'!V:V,"共同成本费用") -> 0 | J34: =SUMIFS('附表7-扣除项目明细采集底稿'!X:X,'附表7-扣除项目明细采集底稿'!E:E,数据对照表!E6,'附表7-扣除项目明细采集底稿'!V:V,"共同成本费用") -> 0 | K34: =SUMIFS('附表7-扣除项目明细采集底稿'!Y:Y,'附表7-扣除项目明细采集底稿'!E:E,数据对照表!E6,'附表7-扣除项目明细采集底稿'!V:V,"共同成本费用") -> 0 | L34: =SUM(I34:K34) -> 0 | M34: =H34+L34 -> 0
A35: 30 | D35: =数据对照表!E7 -> 其他建筑安装工程费 | E35: =SUMIFS('附表7-扣除项目明细采集底稿'!W:W,'附表7-扣除项目明细采集底稿'!E:E,数据对照表!E7,'附表7-扣除项目明细采集底稿'!V:V,"直接归集成本费用") -> 0 | F35: =SUMIFS('附表7-扣除项目明细采集底稿'!X:X,'附表7-扣除项目明细采集底稿'!E:E,数据对照表!E7,'附表7-扣除项目明细采集底稿'!V:V,"直接归集成本费用") -> 0 | G35: =SUMIFS('附表7-扣除项目明细采集底稿'!Y:Y,'附表7-扣除项目明细采集底稿'!E:E,数据对照表!E7,'附表7-扣除项目明细采集底稿'!V:V,"直接归集成本费用") -> 0 | H35: =SUM(E35:G35) -> 0 | I35: =SUMIFS('附表7-扣除项目明细采集底稿'!W:W,'附表7-扣除项目明细采集底稿'!E:E,数据对照表!E7,'附表7-扣除项目明细采集底稿'!V:V,"共同成本费用") -> 533932.36 | J35: =SUMIFS('附表7-扣除项目明细采集底稿'!X:X,'附表7-扣除项目明细采集底稿'!E:E,数据对照表!E7,'附表7-扣除项目明细采集底稿'!V:V,"共同成本费用") -> 0 | K35: =SUMIFS('附表7-扣除项目明细采集底稿'!Y:Y,'附表7-扣除项目明细采集底稿'!E:E,数据对照表!E7,'附表7-扣除项目明细采集底稿'!V:V,"共同成本费用") -> 0 | L35: =SUM(I35:K35) -> 533932.36 | M35: =H35+L35 -> 533932.36
A36: 31 | C36: =数据对照表!F1 -> 基础设施费 | E36: =SUMIFS('附表7-扣除项目明细采集底稿'!W:W,'附表7-扣除项目明细采集底稿'!D:D,数据对照表!F1,'附表7-扣除项目明细采集底稿'!V:V,"直接归集成本费用") -> 0 | F36: =SUMIFS('附表7-扣除项目明细采集底稿'!X:X,'附表7-扣除项目明细采集底稿'!D:D,数据对照表!F1,'附表7-扣除项目明细采集底稿'!V:V,"直接归集成本费用") -> 0 | G36: =SUMIFS('附表7-扣除项目明细采集底稿'!Y:Y,'附表7-扣除项目明细采集底稿'!D:D,数据对照表!F1,'附表7-扣除项目明细采集底稿'!V:V,"直接归集成本费用") -> 0 | H36: =SUM(E36:G36) -> 0 | I36: =SUMIFS('附表7-扣除项目明细采集底稿'!W:W,'附表7-扣除项目明细采集底稿'!D:D,数据对照表!F1,'附表7-扣除项目明细采集底稿'!V:V,"共同成本费用") -> 5886554.6 | J36: =SUMIFS('附表7-扣除项目明细采集底稿'!X:X,'附表7-扣除项目明细采集底稿'!D:D,数据对照表!F1,'附表7-扣除项目明细采集底稿'!V:V,"共同成本费用") -> 0 | K36: =SUMIFS('附表7-扣除项目明细采集底稿'!Y:Y,'附表7-扣除项目明细采集底稿'!D:D,数据对照表!F1,'附表7-扣除项目明细采集底稿'!V:V,"共同成本费用") -> 0 | L36: =SUM(I36:K36) -> 5886554.6 | M36: =H36+L36 -> 5886554.6
A37: 32 | C37: 其中 | D37: =数据对照表!F2 -> 开发小区内道路工程支出 | E37: =SUMIFS('附表7-扣除项目明细采集底稿'!W:W,'附表7-扣除项目明细采集底稿'!E:E,数据对照表!F2,'附表7-扣除项目明细采集底稿'!V:V,"直接归集成本费用") -> 0 | F37: =SUMIFS('附表7-扣除项目明细采集底稿'!X:X,'附表7-扣除项目明细采集底稿'!E:E,数据对照表!F2,'附表7-扣除项目明细采集底稿'!V:V,"直接归集成本费用") -> 0 | G37: =SUMIFS('附表7-扣除项目明细采集底稿'!Y:Y,'附表7-扣除项目明细采集底稿'!E:E,数据对照表!F2,'附表7-扣除项目明细采集底稿'!V:V,"直接归集成本费用") -> 0 | H37: =SUM(E37:G37) -> 0 | I37: =SUMIFS('附表7-扣除项目明细采集底稿'!W:W,'附表7-扣除项目明细采集底稿'!E:E,数据对照表!F2,'附表7-扣除项目明细采集底稿'!V:V,"共同成本费用") -> 0 | J37: =SUMIFS('附表7-扣除项目明细采集底稿'!X:X,'附表7-扣除项目明细采集底稿'!E:E,数据对照表!F2,'附表7-扣除项目明细采集底稿'!V:V,"共同成本费用") -> 0 | K37: =SUMIFS('附表7-扣除项目明细采集底稿'!Y:Y,'附表7-扣除项目明细采集底稿'!E:E,数据对照表!F2,'附表7-扣除项目明细采集底稿'!V:V,"共同成本费用") -> 0 | L37: =SUM(I37:K37) -> 0 | M37: =H37+L37 -> 0
A38: 33 | D38: =数据对照表!F3 -> 供水工程支出 | E38: =SUMIFS('附表7-扣除项目明细采集底稿'!W:W,'附表7-扣除项目明细采集底稿'!E:E,数据对照表!F3,'附表7-扣除项目明细采集底稿'!V:V,"直接归集成本费用") -> 0 | F38: =SUMIFS('附表7-扣除项目明细采集底稿'!X:X,'附表7-扣除项目明细采集底稿'!E:E,数据对照表!F3,'附表7-扣除项目明细采集底稿'!V:V,"直接归集成本费用") -> 0 | G38: =SUMIFS('附表7-扣除项目明细采集底稿'!Y:Y,'附表7-扣除项目明细采集底稿'!E:E,数据对照表!F3,'附表7-扣除项目明细采集底稿'!V:V,"直接归集成本费用") -> 0 | H38: =SUM(E38:G38) -> 0 | I38: =SUMIFS('附表7-扣除项目明细采集底稿'!W:W,'附表7-扣除项目明细采集底稿'!E:E,数据对照表!F3,'附表7-扣除项目明细采集底稿'!V:V,"共同成本费用") -> 66052.31 | J38: =SUMIFS('附表7-扣除项目明细采集底稿'!X:X,'附表7-扣除项目明细采集底稿'!E:E,数据对照表!F3,'附表7-扣除项目明细采集底稿'!V:V,"共同成本费用") -> 0 | K38: =SUMIFS('附表7-扣除项目明细采集底稿'!Y:Y,'附表7-扣除项目明细采集底稿'!E:E,数据对照表!F3,'附表7-扣除项目明细采集底稿'!V:V,"共同成本费用") -> 0 | L38: =SUM(I38:K38) -> 66052.31 | M38: =H38+L38 -> 66052.31
A39: 34 | D39: =数据对照表!F4 -> 供电工程支出 | E39: =SUMIFS('附表7-扣除项目明细采集底稿'!W:W,'附表7-扣除项目明细采集底稿'!E:E,数据对照表!F4,'附表7-扣除项目明细采集底稿'!V:V,"直接归集成本费用") -> 0 | F39: =SUMIFS('附表7-扣除项目明细采集底稿'!X:X,'附表7-扣除项目明细采集底稿'!E:E,数据对照表!F4,'附表7-扣除项目明细采集底稿'!V:V,"直接归集成本费用") -> 0 | G39: =SUMIFS('附表7-扣除项目明细采集底稿'!Y:Y,'附表7-扣除项目明细采集底稿'!E:E,数据对照表!F4,'附表7-扣除项目明细采集底稿'!V:V,"直接归集成本费用") -> 0 | H39: =SUM(E39:G39) -> 0 | I39: =SUMIFS('附表7-扣除项目明细采集底稿'!W:W,'附表7-扣除项目明细采集底稿'!E:E,数据对照表!F4,'附表7-扣除项目明细采集底稿'!V:V,"共同成本费用") -> 1508240 | J39: =SUMIFS('附表7-扣除项目明细采集底稿'!X:X,'附表7-扣除项目明细采集底稿'!E:E,数据对照表!F4,'附表7-扣除项目明细采集底稿'!V:V,"共同成本费用") -> 0 | K39: =SUMIFS('附表7-扣除项目明细采集底稿'!Y:Y,'附表7-扣除项目明细采集底稿'!E:E,数据对照表!F4,'附表7-扣除项目明细采集底稿'!V:V,"共同成本费用") -> 0 | L39: =SUM(I39:K39) -> 1508240 | M39: =H39+L39 -> 1508240
A40: 35 | D40: =数据对照表!F5 -> 供气工程支出 | E40: =SUMIFS('附表7-扣除项目明细采集底稿'!W:W,'附表7-扣除项目明细采集底稿'!E:E,数据对照表!F5,'附表7-扣除项目明细采集底稿'!V:V,"直接归集成本费用") -> 0 | F40: =SUMIFS('附表7-扣除项目明细采集底稿'!X:X,'附表7-扣除项目明细采集底稿'!E:E,数据对照表!F5,'附表7-扣除项目明细采集底稿'!V:V,"直接归集成本费用") -> 0 | G40: =SUMIFS('附表7-扣除项目明细采集底稿'!Y:Y,'附表7-扣除项目明细采集底稿'!E:E,数据对照表!F5,'附表7-扣除项目明细采集底稿'!V:V,"直接归集成本费用") -> 0 | H40: =SUM(E40:G40) -> 0 | I40: =SUMIFS('附表7-扣除项目明细采集底稿'!W:W,'附表7-扣除项目明细采集底稿'!E:E,数据对照表!F5,'附表7-扣除项目明细采集底稿'!V:V,"共同成本费用") -> 326857.47 | J40: =SUMIFS('附表7-扣除项目明细采集底稿'!X:X,'附表7-扣除项目明细采集底稿'!E:E,数据对照表!F5,'附表7-扣除项目明细采集底稿'!V:V,"共同成本费用") -> 0 | K40: =SUMIFS('附表7-扣除项目明细采集底稿'!Y:Y,'附表7-扣除项目明细采集底稿'!E:E,数据对照表!F5,'附表7-扣除项目明细采集底稿'!V:V,"共同成本费用") -> 0 | L40: =SUM(I40:K40) -> 326857.47 | M40: =H40+L40 -> 326857.47
A41: 36 | D41: =数据对照表!F6 -> 排污工程支出 | E41: =SUMIFS('附表7-扣除项目明细采集底稿'!W:W,'附表7-扣除项目明细采集底稿'!E:E,数据对照表!F6,'附表7-扣除项目明细采集底稿'!V:V,"直接归集成本费用") -> 0 | F41: =SUMIFS('附表7-扣除项目明细采集底稿'!X:X,'附表7-扣除项目明细采集底稿'!E:E,数据对照表!F6,'附表7-扣除项目明细采集底稿'!V:V,"直接归集成本费用") -> 0 | G41: =SUMIFS('附表7-扣除项目明细采集底稿'!Y:Y,'附表7-扣除项目明细采集底稿'!E:E,数据对照表!F6,'附表7-扣除项目明细采集底稿'!V:V,"直接归集成本费用") -> 0 | H41: =SUM(E41:G41) -> 0 | I41: =SUMIFS('附表7-扣除项目明细采集底稿'!W:W,'附表7-扣除项目明细采集底稿'!E:E,数据对照表!F6,'附表7-扣除项目明细采集底稿'!V:V,"共同成本费用") -> 205136.25 | J41: =SUMIFS('附表7-扣除项目明细采集底稿'!X:X,'附表7-扣除项目明细采集底稿'!E:E,数据对照表!F6,'附表7-扣除项目明细采集底稿'!V:V,"共同成本费用") -> 0 | K41: =SUMIFS('附表7-扣除项目明细采集底稿'!Y:Y,'附表7-扣除项目明细采集底稿'!E:E,数据对照表!F6,'附表7-扣除项目明细采集底稿'!V:V,"共同成本费用") -> 0 | L41: =SUM(I41:K41) -> 205136.25 | M41: =H41+L41 -> 205136.25
A42: 37 | D42: =数据对照表!F7 -> 排洪工程支出 | E42: =SUMIFS('附表7-扣除项目明细采集底稿'!W:W,'附表7-扣除项目明细采集底稿'!E:E,数据对照表!F7,'附表7-扣除项目明细采集底稿'!V:V,"直接归集成本费用") -> 0 | F42: =SUMIFS('附表7-扣除项目明细采集底稿'!X:X,'附表7-扣除项目明细采集底稿'!E:E,数据对照表!F7,'附表7-扣除项目明细采集底稿'!V:V,"直接归集成本费用") -> 0 | G42: =SUMIFS('附表7-扣除项目明细采集底稿'!Y:Y,'附表7-扣除项目明细采集底稿'!E:E,数据对照表!F7,'附表7-扣除项目明细采集底稿'!V:V,"直接归集成本费用") -> 0 | H42: =SUM(E42:G42) -> 0 | I42: =SUMIFS('附表7-扣除项目明细采集底稿'!W:W,'附表7-扣除项目明细采集底稿'!E:E,数据对照表!F7,'附表7-扣除项目明细采集底稿'!V:V,"共同成本费用") -> 0 | J42: =SUMIFS('附表7-扣除项目明细采集底稿'!X:X,'附表7-扣除项目明细采集底稿'!E:E,数据对照表!F7,'附表7-扣除项目明细采集底稿'!V:V,"共同成本费用") -> 0 | K42: =SUMIFS('附表7-扣除项目明细采集底稿'!Y:Y,'附表7-扣除项目明细采集底稿'!E:E,数据对照表!F7,'附表7-扣除项目明细采集底稿'!V:V,"共同成本费用") -> 0 | L42: =SUM(I42:K42) -> 0 | M42: =H42+L42 -> 0
A43: 38 | D43: =数据对照表!F8 -> 通讯工程支出 | E43: =SUMIFS('附表7-扣除项目明细采集底稿'!W:W,'附表7-扣除项目明细采集底稿'!E:E,数据对照表!F8,'附表7-扣除项目明细采集底稿'!V:V,"直接归集成本费用") -> 0 | F43: =SUMIFS('附表7-扣除项目明细采集底稿'!X:X,'附表7-扣除项目明细采集底稿'!E:E,数据对照表!F8,'附表7-扣除项目明细采集底稿'!V:V,"直接归集成本费用") -> 0 | G43: =SUMIFS('附表7-扣除项目明细采集底稿'!Y:Y,'附表7-扣除项目明细采集底稿'!E:E,数据对照表!F8,'附表7-扣除项目明细采集底稿'!V:V,"直接归集成本费用") -> 0 | H43: =SUM(E43:G43) -> 0 | I43: =SUMIFS('附表7-扣除项目明细采集底稿'!W:W,'附表7-扣除项目明细采集底稿'!E:E,数据对照表!F8,'附表7-扣除项目明细采集底稿'!V:V,"共同成本费用") -> 249668.91 | J43: =SUMIFS('附表7-扣除项目明细采集底稿'!X:X,'附表7-扣除项目明细采集底稿'!E:E,数据对照表!F8,'附表7-扣除项目明细采集底稿'!V:V,"共同成本费用") -> 0 | K43: =SUMIFS('附表7-扣除项目明细采集底稿'!Y:Y,'附表7-扣除项目明细采集底稿'!E:E,数据对照表!F8,'附表7-扣除项目明细采集底稿'!V:V,"共同成本费用") -> 0 | L43: =SUM(I43:K43) -> 249668.91 | M43: =H43+L43 -> 249668.91
A44: 39 | D44: =数据对照表!F9 -> 照明工程支出 | E44: =SUMIFS('附表7-扣除项目明细采集底稿'!W:W,'附表7-扣除项目明细采集底稿'!E:E,数据对照表!F9,'附表7-扣除项目明细采集底稿'!V:V,"直接归集成本费用") -> 0 | F44: =SUMIFS('附表7-扣除项目明细采集底稿'!X:X,'附表7-扣除项目明细采集底稿'!E:E,数据对照表!F9,'附表7-扣除项目明细采集底稿'!V:V,"直接归集成本费用") -> 0 | G44: =SUMIFS('附表7-扣除项目明细采集底稿'!Y:Y,'附表7-扣除项目明细采集底稿'!E:E,数据对照表!F9,'附表7-扣除项目明细采集底稿'!V:V,"直接归集成本费用") -> 0 | H44: =SUM(E44:G44) -> 0 | I44: =SUMIFS('附表7-扣除项目明细采集底稿'!W:W,'附表7-扣除项目明细采集底稿'!E:E,数据对照表!F9,'附表7-扣除项目明细采集底稿'!V:V,"共同成本费用") -> 198019.8 | J44: =SUMIFS('附表7-扣除项目明细采集底稿'!X:X,'附表7-扣除项目明细采集底稿'!E:E,数据对照表!F9,'附表7-扣除项目明细采集底稿'!V:V,"共同成本费用") -> 0 | K44: =SUMIFS('附表7-扣除项目明细采集底稿'!Y:Y,'附表7-扣除项目明细采集底稿'!E:E,数据对照表!F9,'附表7-扣除项目明细采集底稿'!V:V,"共同成本费用") -> 0 | L44: =SUM(I44:K44) -> 198019.8 | M44: =H44+L44 -> 198019.8
A45: 40 | D45: =数据对照表!F10 -> 环卫工程支出 | E45: =SUMIFS('附表7-扣除项目明细采集底稿'!W:W,'附表7-扣除项目明细采集底稿'!E:E,数据对照表!F10,'附表7-扣除项目明细采集底稿'!V:V,"直接归集成本费用") -> 0 | F45: =SUMIFS('附表7-扣除项目明细采集底稿'!X:X,'附表7-扣除项目明细采集底稿'!E:E,数据对照表!F10,'附表7-扣除项目明细采集底稿'!V:V,"直接归集成本费用") -> 0 | G45: =SUMIFS('附表7-扣除项目明细采集底稿'!Y:Y,'附表7-扣除项目明细采集底稿'!E:E,数据对照表!F10,'附表7-扣除项目明细采集底稿'!V:V,"直接归集成本费用") -> 0 | H45: =SUM(E45:G45) -> 0 | I45: =SUMIFS('附表7-扣除项目明细采集底稿'!W:W,'附表7-扣除项目明细采集底稿'!E:E,数据对照表!F10,'附表7-扣除项目明细采集底稿'!V:V,"共同成本费用") -> 0 | J45: =SUMIFS('附表7-扣除项目明细采集底稿'!X:X,'附表7-扣除项目明细采集底稿'!E:E,数据对照表!F10,'附表7-扣除项目明细采集底稿'!V:V,"共同成本费用") -> 0 | K45: =SUMIFS('附表7-扣除项目明细采集底稿'!Y:Y,'附表7-扣除项目明细采集底稿'!E:E,数据对照表!F10,'附表7-扣除项目明细采集底稿'!V:V,"共同成本费用") -> 0 | L45: =SUM(I45:K45) -> 0 | M45: =H45+L45 -> 0
A46: 41 | D46: =数据对照表!F11 -> 绿化费用 | E46: =SUMIFS('附表7-扣除项目明细采集底稿'!W:W,'附表7-扣除项目明细采集底稿'!E:E,数据对照表!F11,'附表7-扣除项目明细采集底稿'!V:V,"直接归集成本费用") -> 0 | F46: =SUMIFS('附表7-扣除项目明细采集底稿'!X:X,'附表7-扣除项目明细采集底稿'!E:E,数据对照表!F11,'附表7-扣除项目明细采集底稿'!V:V,"直接归集成本费用") -> 0 | G46: =SUMIFS('附表7-扣除项目明细采集底稿'!Y:Y,'附表7-扣除项目明细采集底稿'!E:E,数据对照表!F11,'附表7-扣除项目明细采集底稿'!V:V,"直接归集成本费用") -> 0 | H46: =SUM(E46:G46) -> 0 | I46: =SUMIFS('附表7-扣除项目明细采集底稿'!W:W,'附表7-扣除项目明细采集底稿'!E:E,数据对照表!F11,'附表7-扣除项目明细采集底稿'!V:V,"共同成本费用") -> 2111750.9 | J46: =SUMIFS('附表7-扣除项目明细采集底稿'!X:X,'附表7-扣除项目明细采集底稿'!E:E,数据对照表!F11,'附表7-扣除项目明细采集底稿'!V:V,"共同成本费用") -> 0 | K46: =SUMIFS('附表7-扣除项目明细采集底稿'!Y:Y,'附表7-扣除项目明细采集底稿'!E:E,数据对照表!F11,'附表7-扣除项目明细采集底稿'!V:V,"共同成本费用") -> 0 | L46: =SUM(I46:K46) -> 2111750.9 | M46: =H46+L46 -> 2111750.9
A47: 42 | D47: =数据对照表!F12 -> 其他设施工程发生的支出 | E47: =SUMIFS('附表7-扣除项目明细采集底稿'!W:W,'附表7-扣除项目明细采集底稿'!E:E,数据对照表!F12,'附表7-扣除项目明细采集底稿'!V:V,"直接归集成本费用") -> 0 | F47: =SUMIFS('附表7-扣除项目明细采集底稿'!X:X,'附表7-扣除项目明细采集底稿'!E:E,数据对照表!F12,'附表7-扣除项目明细采集底稿'!V:V,"直接归集成本费用") -> 0 | G47: =SUMIFS('附表7-扣除项目明细采集底稿'!Y:Y,'附表7-扣除项目明细采集底稿'!E:E,数据对照表!F12,'附表7-扣除项目明细采集底稿'!V:V,"直接归集成本费用") -> 0 | H47: =SUM(E47:G47) -> 0 | I47: =SUMIFS('附表7-扣除项目明细采集底稿'!W:W,'附表7-扣除项目明细采集底稿'!E:E,数据对照表!F12,'附表7-扣除项目明细采集底稿'!V:V,"共同成本费用") -> 5321978.5 | J47: =SUMIFS('附表7-扣除项目明细采集底稿'!X:X,'附表7-扣除项目明细采集底稿'!E:E,数据对照表!F12,'附表7-扣除项目明细采集底稿'!V:V,"共同成本费用") -> 0 | K47: =SUMIFS('附表7-扣除项目明细采集底稿'!Y:Y,'附表7-扣除项目明细采集底稿'!E:E,数据对照表!F12,'附表7-扣除项目明细采集底稿'!V:V,"共同成本费用") -> 0 | L47: =SUM(I47:K47) -> 5321978.5 | M47: =H47+L47 -> 5321978.5
A48: 43 | C48: =数据对照表!G1 -> 公共配套设施费 | E48: =SUMIFS('附表7-扣除项目明细采集底稿'!W:W,'附表7-扣除项目明细采集底稿'!D:D,数据对照表!G1,'附表7-扣除项目明细采集底稿'!V:V,"直接归集成本费用") -> 0 | F48: =SUMIFS('附表7-扣除项目明细采集底稿'!X:X,'附表7-扣除项目明细采集底稿'!D:D,数据对照表!G1,'附表7-扣除项目明细采集底稿'!V:V,"直接归集成本费用") -> 0 | G48: =SUMIFS('附表7-扣除项目明细采集底稿'!Y:Y,'附表7-扣除项目明细采集底稿'!D:D,数据对照表!G1,'附表7-扣除项目明细采集底稿'!V:V,"直接归集成本费用") -> 0 | H48: =SUM(E48:G48) -> 0 | I48: =SUMIFS('附表7-扣除项目明细采集底稿'!W:W,'附表7-扣除项目明细采集底稿'!D:D,数据对照表!G1,'附表7-扣除项目明细采集底稿'!V:V,"共同成本费用") -> 0 | J48: =SUMIFS('附表7-扣除项目明细采集底稿'!X:X,'附表7-扣除项目明细采集底稿'!D:D,数据对照表!G1,'附表7-扣除项目明细采集底稿'!V:V,"共同成本费用") -> 0 | K48: =SUMIFS('附表7-扣除项目明细采集底稿'!Y:Y,'附表7-扣除项目明细采集底稿'!D:D,数据对照表!G1,'附表7-扣除项目明细采集底稿'!V:V,"共同成本费用") -> 0 | L48: =SUM(I48:K48) -> 0 | M48: =H48+L48 -> 0
A49: 44 | C49: 其中 | D49: =数据对照表!G2 -> 居委会用房费用 | E49: =SUMIFS('附表7-扣除项目明细采集底稿'!W:W,'附表7-扣除项目明细采集底稿'!E:E,数据对照表!G2,'附表7-扣除项目明细采集底稿'!V:V,"直接归集成本费用") -> 0 | F49: =SUMIFS('附表7-扣除项目明细采集底稿'!X:X,'附表7-扣除项目明细采集底稿'!E:E,数据对照表!G2,'附表7-扣除项目明细采集底稿'!V:V,"直接归集成本费用") -> 0 | G49: =SUMIFS('附表7-扣除项目明细采集底稿'!Y:Y,'附表7-扣除项目明细采集底稿'!E:E,数据对照表!G2,'附表7-扣除项目明细采集底稿'!V:V,"直接归集成本费用") -> 0 | H49: =SUM(E49:G49) -> 0 | I49: =SUMIFS('附表7-扣除项目明细采集底稿'!W:W,'附表7-扣除项目明细采集底稿'!E:E,数据对照表!G2,'附表7-扣除项目明细采集底稿'!V:V,"共同成本费用") -> 0 | J49: =SUMIFS('附表7-扣除项目明细采集底稿'!X:X,'附表7-扣除项目明细采集底稿'!E:E,数据对照表!G2,'附表7-扣除项目明细采集底稿'!V:V,"共同成本费用") -> 0 | K49: =SUMIFS('附表7-扣除项目明细采集底稿'!Y:Y,'附表7-扣除项目明细采集底稿'!E:E,数据对照表!G2,'附表7-扣除项目明细采集底稿'!V:V,"共同成本费用") -> 0 | L49: =SUM(I49:K49) -> 0 | M49: =H49+L49 -> 0
A50: 45 | D50: =数据对照表!G3 -> 派出所用房费用 | E50: =SUMIFS('附表7-扣除项目明细采集底稿'!W:W,'附表7-扣除项目明细采集底稿'!E:E,数据对照表!G3,'附表7-扣除项目明细采集底稿'!V:V,"直接归集成本费用") -> 0 | F50: =SUMIFS('附表7-扣除项目明细采集底稿'!X:X,'附表7-扣除项目明细采集底稿'!E:E,数据对照表!G3,'附表7-扣除项目明细采集底稿'!V:V,"直接归集成本费用") -> 0 | G50: =SUMIFS('附表7-扣除项目明细采集底稿'!Y:Y,'附表7-扣除项目明细采集底稿'!E:E,数据对照表!G3,'附表7-扣除项目明细采集底稿'!V:V,"直接归集成本费用") -> 0 | H50: =SUM(E50:G50) -> 0 | I50: =SUMIFS('附表7-扣除项目明细采集底稿'!W:W,'附表7-扣除项目明细采集底稿'!E:E,数据对照表!G3,'附表7-扣除项目明细采集底稿'!V:V,"共同成本费用") -> 0 | J50: =SUMIFS('附表7-扣除项目明细采集底稿'!X:X,'附表7-扣除项目明细采集底稿'!E:E,数据对照表!G3,'附表7-扣除项目明细采集底稿'!V:V,"共同成本费用") -> 0 | K50: =SUMIFS('附表7-扣除项目明细采集底稿'!Y:Y,'附表7-扣除项目明细采集底稿'!E:E,数据对照表!G3,'附表7-扣除项目明细采集底稿'!V:V,"共同成本费用") -> 0 | L50: =SUM(I50:K50) -> 0 | M50: =H50+L50 -> 0
A51: 46 | D51: =数据对照表!G4 -> 会所费用 | E51: =SUMIFS('附表7-扣除项目明细采集底稿'!W:W,'附表7-扣除项目明细采集底稿'!E:E,数据对照表!G4,'附表7-扣除项目明细采集底稿'!V:V,"直接归集成本费用") -> 0 | F51: =SUMIFS('附表7-扣除项目明细采集底稿'!X:X,'附表7-扣除项目明细采集底稿'!E:E,数据对照表!G4,'附表7-扣除项目明细采集底稿'!V:V,"直接归集成本费用") -> 0 | G51: =SUMIFS('附表7-扣除项目明细采集底稿'!Y:Y,'附表7-扣除项目明细采集底稿'!E:E,数据对照表!G4,'附表7-扣除项目明细采集底稿'!V:V,"直接归集成本费用") -> 0 | H51: =SUM(E51:G51) -> 0 | I51: =SUMIFS('附表7-扣除项目明细采集底稿'!W:W,'附表7-扣除项目明细采集底稿'!E:E,数据对照表!G4,'附表7-扣除项目明细采集底稿'!V:V,"共同成本费用") -> 0 | J51: =SUMIFS('附表7-扣除项目明细采集底稿'!X:X,'附表7-扣除项目明细采集底稿'!E:E,数据对照表!G4,'附表7-扣除项目明细采集底稿'!V:V,"共同成本费用") -> 0 | K51: =SUMIFS('附表7-扣除项目明细采集底稿'!Y:Y,'附表7-扣除项目明细采集底稿'!E:E,数据对照表!G4,'附表7-扣除项目明细采集底稿'!V:V,"共同成本费用") -> 0 | L51: =SUM(I51:K51) -> 0 | M51: =H51+L51 -> 0
A52: 47 | D52: =数据对照表!G5 -> 非机动车库（场）费用 | E52: =SUMIFS('附表7-扣除项目明细采集底稿'!W:W,'附表7-扣除项目明细采集底稿'!E:E,数据对照表!G5,'附表7-扣除项目明细采集底稿'!V:V,"直接归集成本费用") -> 0 | F52: =SUMIFS('附表7-扣除项目明细采集底稿'!X:X,'附表7-扣除项目明细采集底稿'!E:E,数据对照表!G5,'附表7-扣除项目明细采集底稿'!V:V,"直接归集成本费用") -> 0 | G52: =SUMIFS('附表7-扣除项目明细采集底稿'!Y:Y,'附表7-扣除项目明细采集底稿'!E:E,数据对照表!G5,'附表7-扣除项目明细采集底稿'!V:V,"直接归集成本费用") -> 0 | H52: =SUM(E52:G52) -> 0 | I52: =SUMIFS('附表7-扣除项目明细采集底稿'!W:W,'附表7-扣除项目明细采集底稿'!E:E,数据对照表!G5,'附表7-扣除项目明细采集底稿'!V:V,"共同成本费用") -> 0 | J52: =SUMIFS('附表7-扣除项目明细采集底稿'!X:X,'附表7-扣除项目明细采集底稿'!E:E,数据对照表!G5,'附表7-扣除项目明细采集底稿'!V:V,"共同成本费用") -> 0 | K52: =SUMIFS('附表7-扣除项目明细采集底稿'!Y:Y,'附表7-扣除项目明细采集底稿'!E:E,数据对照表!G5,'附表7-扣除项目明细采集底稿'!V:V,"共同成本费用") -> 0 | L52: =SUM(I52:K52) -> 0 | M52: =H52+L52 -> 0
A53: 48 | D53: =数据对照表!G6 -> 地下人防设施费用 | E53: =SUMIFS('附表7-扣除项目明细采集底稿'!W:W,'附表7-扣除项目明细采集底稿'!E:E,数据对照表!G6,'附表7-扣除项目明细采集底稿'!V:V,"直接归集成本费用") -> 0 | F53: =SUMIFS('附表7-扣除项目明细采集底稿'!X:X,'附表7-扣除项目明细采集底稿'!E:E,数据对照表!G6,'附表7-扣除项目明细采集底稿'!V:V,"直接归集成本费用") -> 0 | G53: =SUMIFS('附表7-扣除项目明细采集底稿'!Y:Y,'附表7-扣除项目明细采集底稿'!E:E,数据对照表!G6,'附表7-扣除项目明细采集底稿'!V:V,"直接归集成本费用") -> 0 | H53: =SUM(E53:G53) -> 0 | I53: =SUMIFS('附表7-扣除项目明细采集底稿'!W:W,'附表7-扣除项目明细采集底稿'!E:E,数据对照表!G6,'附表7-扣除项目明细采集底稿'!V:V,"共同成本费用") -> 0 | J53: =SUMIFS('附表7-扣除项目明细采集底稿'!X:X,'附表7-扣除项目明细采集底稿'!E:E,数据对照表!G6,'附表7-扣除项目明细采集底稿'!V:V,"共同成本费用") -> 0 | K53: =SUMIFS('附表7-扣除项目明细采集底稿'!Y:Y,'附表7-扣除项目明细采集底稿'!E:E,数据对照表!G6,'附表7-扣除项目明细采集底稿'!V:V,"共同成本费用") -> 0 | L53: =SUM(I53:K53) -> 0 | M53: =H53+L53 -> 0
A54: 49 | D54: =数据对照表!G7 -> 物业管理场所费用 | E54: =SUMIFS('附表7-扣除项目明细采集底稿'!W:W,'附表7-扣除项目明细采集底稿'!E:E,数据对照表!G7,'附表7-扣除项目明细采集底稿'!V:V,"直接归集成本费用") -> 0 | F54: =SUMIFS('附表7-扣除项目明细采集底稿'!X:X,'附表7-扣除项目明细采集底稿'!E:E,数据对照表!G7,'附表7-扣除项目明细采集底稿'!V:V,"直接归集成本费用") -> 0 | G54: =SUMIFS('附表7-扣除项目明细采集底稿'!Y:Y,'附表7-扣除项目明细采集底稿'!E:E,数据对照表!G7,'附表7-扣除项目明细采集底稿'!V:V,"直接归集成本费用") -> 0 | H54: =SUM(E54:G54) -> 0 | I54: =SUMIFS('附表7-扣除项目明细采集底稿'!W:W,'附表7-扣除项目明细采集底稿'!E:E,数据对照表!G7,'附表7-扣除项目明细采集底稿'!V:V,"共同成本费用") -> 0 | J54: =SUMIFS('附表7-扣除项目明细采集底稿'!X:X,'附表7-扣除项目明细采集底稿'!E:E,数据对照表!G7,'附表7-扣除项目明细采集底稿'!V:V,"共同成本费用") -> 0 | K54: =SUMIFS('附表7-扣除项目明细采集底稿'!Y:Y,'附表7-扣除项目明细采集底稿'!E:E,数据对照表!G7,'附表7-扣除项目明细采集底稿'!V:V,"共同成本费用") -> 0 | L54: =SUM(I54:K54) -> 0 | M54: =H54+L54 -> 0
A55: 50 | D55: =数据对照表!G8 -> 变电站费用 | E55: =SUMIFS('附表7-扣除项目明细采集底稿'!W:W,'附表7-扣除项目明细采集底稿'!E:E,数据对照表!G8,'附表7-扣除项目明细采集底稿'!V:V,"直接归集成本费用") -> 0 | F55: =SUMIFS('附表7-扣除项目明细采集底稿'!X:X,'附表7-扣除项目明细采集底稿'!E:E,数据对照表!G8,'附表7-扣除项目明细采集底稿'!V:V,"直接归集成本费用") -> 0 | G55: =SUMIFS('附表7-扣除项目明细采集底稿'!Y:Y,'附表7-扣除项目明细采集底稿'!E:E,数据对照表!G8,'附表7-扣除项目明细采集底稿'!V:V,"直接归集成本费用") -> 0 | H55: =SUM(E55:G55) -> 0 | I55: =SUMIFS('附表7-扣除项目明细采集底稿'!W:W,'附表7-扣除项目明细采集底稿'!E:E,数据对照表!G8,'附表7-扣除项目明细采集底稿'!V:V,"共同成本费用") -> 0 | J55: =SUMIFS('附表7-扣除项目明细采集底稿'!X:X,'附表7-扣除项目明细采集底稿'!E:E,数据对照表!G8,'附表7-扣除项目明细采集底稿'!V:V,"共同成本费用") -> 0 | K55: =SUMIFS('附表7-扣除项目明细采集底稿'!Y:Y,'附表7-扣除项目明细采集底稿'!E:E,数据对照表!G8,'附表7-扣除项目明细采集底稿'!V:V,"共同成本费用") -> 0 | L55: =SUM(I55:K55) -> 0 | M55: =H55+L55 -> 0
A56: 51 | D56: =数据对照表!G9 -> 热力站费用 | E56: =SUMIFS('附表7-扣除项目明细采集底稿'!W:W,'附表7-扣除项目明细采集底稿'!E:E,数据对照表!G9,'附表7-扣除项目明细采集底稿'!V:V,"直接归集成本费用") -> 0 | F56: =SUMIFS('附表7-扣除项目明细采集底稿'!X:X,'附表7-扣除项目明细采集底稿'!E:E,数据对照表!G9,'附表7-扣除项目明细采集底稿'!V:V,"直接归集成本费用") -> 0 | G56: =SUMIFS('附表7-扣除项目明细采集底稿'!Y:Y,'附表7-扣除项目明细采集底稿'!E:E,数据对照表!G9,'附表7-扣除项目明细采集底稿'!V:V,"直接归集成本费用") -> 0 | H56: =SUM(E56:G56) -> 0 | I56: =SUMIFS('附表7-扣除项目明细采集底稿'!W:W,'附表7-扣除项目明细采集底稿'!E:E,数据对照表!G9,'附表7-扣除项目明细采集底稿'!V:V,"共同成本费用") -> 0 | J56: =SUMIFS('附表7-扣除项目明细采集底稿'!X:X,'附表7-扣除项目明细采集底稿'!E:E,数据对照表!G9,'附表7-扣除项目明细采集底稿'!V:V,"共同成本费用") -> 0 | K56: =SUMIFS('附表7-扣除项目明细采集底稿'!Y:Y,'附表7-扣除项目明细采集底稿'!E:E,数据对照表!G9,'附表7-扣除项目明细采集底稿'!V:V,"共同成本费用") -> 0 | L56: =SUM(I56:K56) -> 0 | M56: =H56+L56 -> 0
A57: 52 | D57: =数据对照表!G10 -> 水厂费用 | E57: =SUMIFS('附表7-扣除项目明细采集底稿'!W:W,'附表7-扣除项目明细采集底稿'!E:E,数据对照表!G10,'附表7-扣除项目明细采集底稿'!V:V,"直接归集成本费用") -> 0 | F57: =SUMIFS('附表7-扣除项目明细采集底稿'!X:X,'附表7-扣除项目明细采集底稿'!E:E,数据对照表!G10,'附表7-扣除项目明细采集底稿'!V:V,"直接归集成本费用") -> 0 | G57: =SUMIFS('附表7-扣除项目明细采集底稿'!Y:Y,'附表7-扣除项目明细采集底稿'!E:E,数据对照表!G10,'附表7-扣除项目明细采集底稿'!V:V,"直接归集成本费用") -> 0 | H57: =SUM(E57:G57) -> 0 | I57: =SUMIFS('附表7-扣除项目明细采集底稿'!W:W,'附表7-扣除项目明细采集底稿'!E:E,数据对照表!G10,'附表7-扣除项目明细采集底稿'!V:V,"共同成本费用") -> 0 | J57: =SUMIFS('附表7-扣除项目明细采集底稿'!X:X,'附表7-扣除项目明细采集底稿'!E:E,数据对照表!G10,'附表7-扣除项目明细采集底稿'!V:V,"共同成本费用") -> 0 | K57: =SUMIFS('附表7-扣除项目明细采集底稿'!Y:Y,'附表7-扣除项目明细采集底稿'!E:E,数据对照表!G10,'附表7-扣除项目明细采集底稿'!V:V,"共同成本费用") -> 0 | L57: =SUM(I57:K57) -> 0 | M57: =H57+L57 -> 0
A58: 53 | D58: =数据对照表!G11 -> 文体场馆费用 | E58: =SUMIFS('附表7-扣除项目明细采集底稿'!W:W,'附表7-扣除项目明细采集底稿'!E:E,数据对照表!G11,'附表7-扣除项目明细采集底稿'!V:V,"直接归集成本费用") -> 0 | F58: =SUMIFS('附表7-扣除项目明细采集底稿'!X:X,'附表7-扣除项目明细采集底稿'!E:E,数据对照表!G11,'附表7-扣除项目明细采集底稿'!V:V,"直接归集成本费用") -> 0 | G58: =SUMIFS('附表7-扣除项目明细采集底稿'!Y:Y,'附表7-扣除项目明细采集底稿'!E:E,数据对照表!G11,'附表7-扣除项目明细采集底稿'!V:V,"直接归集成本费用") -> 0 | H58: =SUM(E58:G58) -> 0 | I58: =SUMIFS('附表7-扣除项目明细采集底稿'!W:W,'附表7-扣除项目明细采集底稿'!E:E,数据对照表!G11,'附表7-扣除项目明细采集底稿'!V:V,"共同成本费用") -> 0 | J58: =SUMIFS('附表7-扣除项目明细采集底稿'!X:X,'附表7-扣除项目明细采集底稿'!E:E,数据对照表!G11,'附表7-扣除项目明细采集底稿'!V:V,"共同成本费用") -> 0 | K58: =SUMIFS('附表7-扣除项目明细采集底稿'!Y:Y,'附表7-扣除项目明细采集底稿'!E:E,数据对照表!G11,'附表7-扣除项目明细采集底稿'!V:V,"共同成本费用") -> 0 | L58: =SUM(I58:K58) -> 0 | M58: =H58+L58 -> 0
A59: 54 | D59: =数据对照表!G12 -> 学校费用 | E59: =SUMIFS('附表7-扣除项目明细采集底稿'!W:W,'附表7-扣除项目明细采集底稿'!E:E,数据对照表!G12,'附表7-扣除项目明细采集底稿'!V:V,"直接归集成本费用") -> 0 | F59: =SUMIFS('附表7-扣除项目明细采集底稿'!X:X,'附表7-扣除项目明细采集底稿'!E:E,数据对照表!G12,'附表7-扣除项目明细采集底稿'!V:V,"直接归集成本费用") -> 0 | G59: =SUMIFS('附表7-扣除项目明细采集底稿'!Y:Y,'附表7-扣除项目明细采集底稿'!E:E,数据对照表!G12,'附表7-扣除项目明细采集底稿'!V:V,"直接归集成本费用") -> 0 | H59: =SUM(E59:G59) -> 0 | I59: =SUMIFS('附表7-扣除项目明细采集底稿'!W:W,'附表7-扣除项目明细采集底稿'!E:E,数据对照表!G12,'附表7-扣除项目明细采集底稿'!V:V,"共同成本费用") -> 0 | J59: =SUMIFS('附表7-扣除项目明细采集底稿'!X:X,'附表7-扣除项目明细采集底稿'!E:E,数据对照表!G12,'附表7-扣除项目明细采集底稿'!V:V,"共同成本费用") -> 0 | K59: =SUMIFS('附表7-扣除项目明细采集底稿'!Y:Y,'附表7-扣除项目明细采集底稿'!E:E,数据对照表!G12,'附表7-扣除项目明细采集底稿'!V:V,"共同成本费用") -> 0 | L59: =SUM(I59:K59) -> 0 | M59: =H59+L59 -> 0
A60: 55 | D60: =数据对照表!G13 -> 幼儿园费用 | E60: =SUMIFS('附表7-扣除项目明细采集底稿'!W:W,'附表7-扣除项目明细采集底稿'!E:E,数据对照表!G13,'附表7-扣除项目明细采集底稿'!V:V,"直接归集成本费用") -> 0 | F60: =SUMIFS('附表7-扣除项目明细采集底稿'!X:X,'附表7-扣除项目明细采集底稿'!E:E,数据对照表!G13,'附表7-扣除项目明细采集底稿'!V:V,"直接归集成本费用") -> 0 | G60: =SUMIFS('附表7-扣除项目明细采集底稿'!Y:Y,'附表7-扣除项目明细采集底稿'!E:E,数据对照表!G13,'附表7-扣除项目明细采集底稿'!V:V,"直接归集成本费用") -> 0 | H60: =SUM(E60:G60) -> 0 | I60: =SUMIFS('附表7-扣除项目明细采集底稿'!W:W,'附表7-扣除项目明细采集底稿'!E:E,数据对照表!G13,'附表7-扣除项目明细采集底稿'!V:V,"共同成本费用") -> 0 | J60: =SUMIFS('附表7-扣除项目明细采集底稿'!X:X,'附表7-扣除项目明细采集底稿'!E:E,数据对照表!G13,'附表7-扣除项目明细采集底稿'!V:V,"共同成本费用") -> 0 | K60: =SUMIFS('附表7-扣除项目明细采集底稿'!Y:Y,'附表7-扣除项目明细采集底稿'!E:E,数据对照表!G13,'附表7-扣除项目明细采集底稿'!V:V,"共同成本费用") -> 0 | L60: =SUM(I60:K60) -> 0 | M60: =H60+L60 -> 0
A61: 56 | D61: =数据对照表!G14 -> 托儿所费用 | E61: =SUMIFS('附表7-扣除项目明细采集底稿'!W:W,'附表7-扣除项目明细采集底稿'!E:E,数据对照表!G14,'附表7-扣除项目明细采集底稿'!V:V,"直接归集成本费用") -> 0 | F61: =SUMIFS('附表7-扣除项目明细采集底稿'!X:X,'附表7-扣除项目明细采集底稿'!E:E,数据对照表!G14,'附表7-扣除项目明细采集底稿'!V:V,"直接归集成本费用") -> 0 | G61: =SUMIFS('附表7-扣除项目明细采集底稿'!Y:Y,'附表7-扣除项目明细采集底稿'!E:E,数据对照表!G14,'附表7-扣除项目明细采集底稿'!V:V,"直接归集成本费用") -> 0 | H61: =SUM(E61:G61) -> 0 | I61: =SUMIFS('附表7-扣除项目明细采集底稿'!W:W,'附表7-扣除项目明细采集底稿'!E:E,数据对照表!G14,'附表7-扣除项目明细采集底稿'!V:V,"共同成本费用") -> 0 | J61: =SUMIFS('附表7-扣除项目明细采集底稿'!X:X,'附表7-扣除项目明细采集底稿'!E:E,数据对照表!G14,'附表7-扣除项目明细采集底稿'!V:V,"共同成本费用") -> 0 | K61: =SUMIFS('附表7-扣除项目明细采集底稿'!Y:Y,'附表7-扣除项目明细采集底稿'!E:E,数据对照表!G14,'附表7-扣除项目明细采集底稿'!V:V,"共同成本费用") -> 0 | L61: =SUM(I61:K61) -> 0 | M61: =H61+L61 -> 0
... A64: 59 | D64: =数据对照表!G17 -> 其他非营业性房产费用 | E64: =SUMIFS('附表7-扣除项目明细采集底稿'!W:W,'附表7-扣除项目明细采集底稿'!E:E,数据对照表!G17,'附表7-扣除项目明细采集底稿'!V:V,"直接归集成本费用") -> 0 | F64: =SUMIFS('附表7-扣除项目明细采集底稿'!X:X,'附表7-扣除项目明细采集底稿'!E:E,数据对照表!G17,'附表7-扣除项目明细采集底稿'!V:V,"直接归集成本费用") -> 0 | G64: =SUMIFS('附表7-扣除项目明细采集底稿'!Y:Y,'附表7-扣除项目明细采集底稿'!E:E,数据对照表!G17,'附表7-扣除项目明细采集底稿'!V:V,"直接归集成本费用") -> 0 | H64: =SUM(E64:G64) -> 0 | I64: =SUMIFS('附表7-扣除项目明细采集底稿'!W:W,'附表7-扣除项目明细采集底稿'!E:E,数据对照表!G17,'附表7-扣除项目明细采集底稿'!V:V,"共同成本费用") -> 0 | J64: =SUMIFS('附表7-扣除项目明细采集底稿'!X:X,'附表7-扣除项目明细采集底稿'!E:E,数据对照表!G17,'附表7-扣除项目明细采集底稿'!V:V,"共同成本费用") -> 0 | K64: =SUMIFS('附表7-扣除项目明细采集底稿'!Y:Y,'附表7-扣除项目明细采集底稿'!E:E,数据对照表!G17,'附表7-扣除项目明细采集底稿'!V:V,"共同成本费用") -> 0 | L64: =SUM(I64:K64) -> 0 | M64: =H64+L64 -> 0
A65: 60 | C65: =数据对照表!H1 -> 开发间接费用 | E65: =SUMIFS('附表7-扣除项目明细采集底稿'!W:W,'附表7-扣除项目明细采集底稿'!D:D,数据对照表!H1,'附表7-扣除项目明细采集底稿'!V:V,"直接归集成本费用") -> 0 | F65: =SUMIFS('附表7-扣除项目明细采集底稿'!X:X,'附表7-扣除项目明细采集底稿'!D:D,数据对照表!H1,'附表7-扣除项目明细采集底稿'!V:V,"直接归集成本费用") -> 0 | G65: =SUMIFS('附表7-扣除项目明细采集底稿'!Y:Y,'附表7-扣除项目明细采集底稿'!D:D,数据对照表!H1,'附表7-扣除项目明细采集底稿'!V:V,"直接归集成本费用") -> 0 | H65: =SUM(E65:G65) -> 0 | I65: =SUMIFS('附表7-扣除项目明细采集底稿'!W:W,'附表7-扣除项目明细采集底稿'!D:D,数据对照表!H1,'附表7-扣除项目明细采集底稿'!V:V,"共同成本费用") -> 0 | J65: =SUMIFS('附表7-扣除项目明细采集底稿'!X:X,'附表7-扣除项目明细采集底稿'!D:D,数据对照表!H1,'附表7-扣除项目明细采集底稿'!V:V,"共同成本费用") -> 0 | K65: =SUMIFS('附表7-扣除项目明细采集底稿'!Y:Y,'附表7-扣除项目明细采集底稿'!D:D,数据对照表!H1,'附表7-扣除项目明细采集底稿'!V:V,"共同成本费用") -> 0 | L65: =SUM(I65:K65) -> 0 | M65: =H65+L65 -> 0
A66: 61 | C66: 其中 | D66: =数据对照表!H2 -> 管理人员工资 | E66: =SUMIFS('附表7-扣除项目明细采集底稿'!W:W,'附表7-扣除项目明细采集底稿'!E:E,数据对照表!H2,'附表7-扣除项目明细采集底稿'!V:V,"直接归集成本费用") -> 0 | F66: =SUMIFS('附表7-扣除项目明细采集底稿'!X:X,'附表7-扣除项目明细采集底稿'!E:E,数据对照表!H2,'附表7-扣除项目明细采集底稿'!V:V,"直接归集成本费用") -> 0 | G66: =SUMIFS('附表7-扣除项目明细采集底稿'!Y:Y,'附表7-扣除项目明细采集底稿'!E:E,数据对照表!H2,'附表7-扣除项目明细采集底稿'!V:V,"直接归集成本费用") -> 0 | H66: =SUM(E66:G66) -> 0 | I66: =SUMIFS('附表7-扣除项目明细采集底稿'!W:W,'附表7-扣除项目明细采集底稿'!E:E,数据对照表!H2,'附表7-扣除项目明细采集底稿'!V:V,"共同成本费用") -> 0 | J66: =SUMIFS('附表7-扣除项目明细采集底稿'!X:X,'附表7-扣除项目明细采集底稿'!E:E,数据对照表!H2,'附表7-扣除项目明细采集底稿'!V:V,"共同成本费用") -> 0 | K66: =SUMIFS('附表7-扣除项目明细采集底稿'!Y:Y,'附表7-扣除项目明细采集底稿'!E:E,数据对照表!H2,'附表7-扣除项目明细采集底稿'!V:V,"共同成本费用") -> 0 | L66: =SUM(I66:K66) -> 0 | M66: =H66+L66 -> 0
A67: 62 | D67: =数据对照表!H3 -> 职工福利费 | E67: =SUMIFS('附表7-扣除项目明细采集底稿'!W:W,'附表7-扣除项目明细采集底稿'!E:E,数据对照表!H3,'附表7-扣除项目明细采集底稿'!V:V,"直接归集成本费用") -> 0 | F67: =SUMIFS('附表7-扣除项目明细采集底稿'!X:X,'附表7-扣除项目明细采集底稿'!E:E,数据对照表!H3,'附表7-扣除项目明细采集底稿'!V:V,"直接归集成本费用") -> 0 | G67: =SUMIFS('附表7-扣除项目明细采集底稿'!Y:Y,'附表7-扣除项目明细采集底稿'!E:E,数据对照表!H3,'附表7-扣除项目明细采集底稿'!V:V,"直接归集成本费用") -> 0 | H67: =SUM(E67:G67) -> 0 | I67: =SUMIFS('附表7-扣除项目明细采集底稿'!W:W,'附表7-扣除项目明细采集底稿'!E:E,数据对照表!H3,'附表7-扣除项目明细采集底稿'!V:V,"共同成本费用") -> 0 | J67: =SUMIFS('附表7-扣除项目明细采集底稿'!X:X,'附表7-扣除项目明细采集底稿'!E:E,数据对照表!H3,'附表7-扣除项目明细采集底稿'!V:V,"共同成本费用") -> 0 | K67: =SUMIFS('附表7-扣除项目明细采集底稿'!Y:Y,'附表7-扣除项目明细采集底稿'!E:E,数据对照表!H3,'附表7-扣除项目明细采集底稿'!V:V,"共同成本费用") -> 0 | L67: =SUM(I67:K67) -> 0 | M67: =H67+L67 -> 0
A68: 63 | D68: =数据对照表!H4 -> 折旧费 | E68: =SUMIFS('附表7-扣除项目明细采集底稿'!W:W,'附表7-扣除项目明细采集底稿'!E:E,数据对照表!H4,'附表7-扣除项目明细采集底稿'!V:V,"直接归集成本费用") -> 0 | F68: =SUMIFS('附表7-扣除项目明细采集底稿'!X:X,'附表7-扣除项目明细采集底稿'!E:E,数据对照表!H4,'附表7-扣除项目明细采集底稿'!V:V,"直接归集成本费用") -> 0 | G68: =SUMIFS('附表7-扣除项目明细采集底稿'!Y:Y,'附表7-扣除项目明细采集底稿'!E:E,数据对照表!H4,'附表7-扣除项目明细采集底稿'!V:V,"直接归集成本费用") -> 0 | H68: =SUM(E68:G68) -> 0 | I68: =SUMIFS('附表7-扣除项目明细采集底稿'!W:W,'附表7-扣除项目明细采集底稿'!E:E,数据对照表!H4,'附表7-扣除项目明细采集底稿'!V:V,"共同成本费用") -> 0 | J68: =SUMIFS('附表7-扣除项目明细采集底稿'!X:X,'附表7-扣除项目明细采集底稿'!E:E,数据对照表!H4,'附表7-扣除项目明细采集底稿'!V:V,"共同成本费用") -> 0 | K68: =SUMIFS('附表7-扣除项目明细采集底稿'!Y:Y,'附表7-扣除项目明细采集底稿'!E:E,数据对照表!H4,'附表7-扣除项目明细采集底稿'!V:V,"共同成本费用") -> 0 | L68: =SUM(I68:K68) -> 0 | M68: =H68+L68 -> 0
A69: 64 | D69: =数据对照表!H5 -> 修理费 | E69: =SUMIFS('附表7-扣除项目明细采集底稿'!W:W,'附表7-扣除项目明细采集底稿'!E:E,数据对照表!H5,'附表7-扣除项目明细采集底稿'!V:V,"直接归集成本费用") -> 0 | F69: =SUMIFS('附表7-扣除项目明细采集底稿'!X:X,'附表7-扣除项目明细采集底稿'!E:E,数据对照表!H5,'附表7-扣除项目明细采集底稿'!V:V,"直接归集成本费用") -> 0 | G69: =SUMIFS('附表7-扣除项目明细采集底稿'!Y:Y,'附表7-扣除项目明细采集底稿'!E:E,数据对照表!H5,'附表7-扣除项目明细采集底稿'!V:V,"直接归集成本费用") -> 0 | H69: =SUM(E69:G69) -> 0 | I69: =SUMIFS('附表7-扣除项目明细采集底稿'!W:W,'附表7-扣除项目明细采集底稿'!E:E,数据对照表!H5,'附表7-扣除项目明细采集底稿'!V:V,"共同成本费用") -> 0 | J69: =SUMIFS('附表7-扣除项目明细采集底稿'!X:X,'附表7-扣除项目明细采集底稿'!E:E,数据对照表!H5,'附表7-扣除项目明细采集底稿'!V:V,"共同成本费用") -> 0 | K69: =SUMIFS('附表7-扣除项目明细采集底稿'!Y:Y,'附表7-扣除项目明细采集底稿'!E:E,数据对照表!H5,'附表7-扣除项目明细采集底稿'!V:V,"共同成本费用") -> 0 | L69: =SUM(I69:K69) -> 0 | M69: =H69+L69 -> 0
A70: 65 | D70: =数据对照表!H6 -> 办公费 | E70: =SUMIFS('附表7-扣除项目明细采集底稿'!W:W,'附表7-扣除项目明细采集底稿'!E:E,数据对照表!H6,'附表7-扣除项目明细采集底稿'!V:V,"直接归集成本费用") -> 0 | F70: =SUMIFS('附表7-扣除项目明细采集底稿'!X:X,'附表7-扣除项目明细采集底稿'!E:E,数据对照表!H6,'附表7-扣除项目明细采集底稿'!V:V,"直接归集成本费用") -> 0 | G70: =SUMIFS('附表7-扣除项目明细采集底稿'!Y:Y,'附表7-扣除项目明细采集底稿'!E:E,数据对照表!H6,'附表7-扣除项目明细采集底稿'!V:V,"直接归集成本费用") -> 0 | H70: =SUM(E70:G70) -> 0 | I70: =SUMIFS('附表7-扣除项目明细采集底稿'!W:W,'附表7-扣除项目明细采集底稿'!E:E,数据对照表!H6,'附表7-扣除项目明细采集底稿'!V:V,"共同成本费用") -> 0 | J70: =SUMIFS('附表7-扣除项目明细采集底稿'!X:X,'附表7-扣除项目明细采集底稿'!E:E,数据对照表!H6,'附表7-扣除项目明细采集底稿'!V:V,"共同成本费用") -> 0 | K70: =SUMIFS('附表7-扣除项目明细采集底稿'!Y:Y,'附表7-扣除项目明细采集底稿'!E:E,数据对照表!H6,'附表7-扣除项目明细采集底稿'!V:V,"共同成本费用") -> 0 | L70: =SUM(I70:K70) -> 0 | M70: =H70+L70 -> 0
A71: 66 | D71: =数据对照表!H7 -> 水电费 | E71: =SUMIFS('附表7-扣除项目明细采集底稿'!W:W,'附表7-扣除项目明细采集底稿'!E:E,数据对照表!H7,'附表7-扣除项目明细采集底稿'!V:V,"直接归集成本费用") -> 0 | F71: =SUMIFS('附表7-扣除项目明细采集底稿'!X:X,'附表7-扣除项目明细采集底稿'!E:E,数据对照表!H7,'附表7-扣除项目明细采集底稿'!V:V,"直接归集成本费用") -> 0 | G71: =SUMIFS('附表7-扣除项目明细采集底稿'!Y:Y,'附表7-扣除项目明细采集底稿'!E:E,数据对照表!H7,'附表7-扣除项目明细采集底稿'!V:V,"直接归集成本费用") -> 0 | H71: =SUM(E71:G71) -> 0 | I71: =SUMIFS('附表7-扣除项目明细采集底稿'!W:W,'附表7-扣除项目明细采集底稿'!E:E,数据对照表!H7,'附表7-扣除项目明细采集底稿'!V:V,"共同成本费用") -> 0 | J71: =SUMIFS('附表7-扣除项目明细采集底稿'!X:X,'附表7-扣除项目明细采集底稿'!E:E,数据对照表!H7,'附表7-扣除项目明细采集底稿'!V:V,"共同成本费用") -> 0 | K71: =SUMIFS('附表7-扣除项目明细采集底稿'!Y:Y,'附表7-扣除项目明细采集底稿'!E:E,数据对照表!H7,'附表7-扣除项目明细采集底稿'!V:V,"共同成本费用") -> 0 | L71: =SUM(I71:K71) -> 0 | M71: =H71+L71 -> 0
A72: 67 | D72: =数据对照表!H8 -> 劳动保护费 | E72: =SUMIFS('附表7-扣除项目明细采集底稿'!W:W,'附表7-扣除项目明细采集底稿'!E:E,数据对照表!H8,'附表7-扣除项目明细采集底稿'!V:V,"直接归集成本费用") -> 0 | F72: =SUMIFS('附表7-扣除项目明细采集底稿'!X:X,'附表7-扣除项目明细采集底稿'!E:E,数据对照表!H8,'附表7-扣除项目明细采集底稿'!V:V,"直接归集成本费用") -> 0 | G72: =SUMIFS('附表7-扣除项目明细采集底稿'!Y:Y,'附表7-扣除项目明细采集底稿'!E:E,数据对照表!H8,'附表7-扣除项目明细采集底稿'!V:V,"直接归集成本费用") -> 0 | H72: =SUM(E72:G72) -> 0 | I72: =SUMIFS('附表7-扣除项目明细采集底稿'!W:W,'附表7-扣除项目明细采集底稿'!E:E,数据对照表!H8,'附表7-扣除项目明细采集底稿'!V:V,"共同成本费用") -> 0 | J72: =SUMIFS('附表7-扣除项目明细采集底稿'!X:X,'附表7-扣除项目明细采集底稿'!E:E,数据对照表!H8,'附表7-扣除项目明细采集底稿'!V:V,"共同成本费用") -> 0 | K72: =SUMIFS('附表7-扣除项目明细采集底稿'!Y:Y,'附表7-扣除项目明细采集底稿'!E:E,数据对照表!H8,'附表7-扣除项目明细采集底稿'!V:V,"共同成本费用") -> 0 | L72: =SUM(I72:K72) -> 0 | M72: =H72+L72 -> 0
A73: 68 | D73: =数据对照表!H9 -> 周转房摊销费 | E73: =SUMIFS('附表7-扣除项目明细采集底稿'!W:W,'附表7-扣除项目明细采集底稿'!E:E,数据对照表!H9,'附表7-扣除项目明细采集底稿'!V:V,"直接归集成本费用") -> 0 | F73: =SUMIFS('附表7-扣除项目明细采集底稿'!X:X,'附表7-扣除项目明细采集底稿'!E:E,数据对照表!H9,'附表7-扣除项目明细采集底稿'!V:V,"直接归集成本费用") -> 0 | G73: =SUMIFS('附表7-扣除项目明细采集底稿'!Y:Y,'附表7-扣除项目明细采集底稿'!E:E,数据对照表!H9,'附表7-扣除项目明细采集底稿'!V:V,"直接归集成本费用") -> 0 | H73: =SUM(E73:G73) -> 0 | I73: =SUMIFS('附表7-扣除项目明细采集底稿'!W:W,'附表7-扣除项目明细采集底稿'!E:E,数据对照表!H9,'附表7-扣除项目明细采集底稿'!V:V,"共同成本费用") -> 0 | J73: =SUMIFS('附表7-扣除项目明细采集底稿'!X:X,'附表7-扣除项目明细采集底稿'!E:E,数据对照表!H9,'附表7-扣除项目明细采集底稿'!V:V,"共同成本费用") -> 0 | K73: =SUMIFS('附表7-扣除项目明细采集底稿'!Y:Y,'附表7-扣除项目明细采集底稿'!E:E,数据对照表!H9,'附表7-扣除项目明细采集底稿'!V:V,"共同成本费用") -> 0 | L73: =SUM(I73:K73) -> 0 | M73: =H73+L73 -> 0
A74: 69 | D74: =数据对照表!H10 -> 其他发生的间接费用 | E74: =SUMIFS('附表7-扣除项目明细采集底稿'!W:W,'附表7-扣除项目明细采集底稿'!E:E,数据对照表!H10,'附表7-扣除项目明细采集底稿'!V:V,"直接归集成本费用") -> 0 | F74: =SUMIFS('附表7-扣除项目明细采集底稿'!X:X,'附表7-扣除项目明细采集底稿'!E:E,数据对照表!H10,'附表7-扣除项目明细采集底稿'!V:V,"直接归集成本费用") -> 0 | G74: =SUMIFS('附表7-扣除项目明细采集底稿'!Y:Y,'附表7-扣除项目明细采集底稿'!E:E,数据对照表!H10,'附表7-扣除项目明细采集底稿'!V:V,"直接归集成本费用") -> 0 | H74: =SUM(E74:G74) -> 0 | I74: =SUMIFS('附表7-扣除项目明细采集底稿'!W:W,'附表7-扣除项目明细采集底稿'!E:E,数据对照表!H10,'附表7-扣除项目明细采集底稿'!V:V,"共同成本费用") -> 0 | J74: =SUMIFS('附表7-扣除项目明细采集底稿'!X:X,'附表7-扣除项目明细采集底稿'!E:E,数据对照表!H10,'附表7-扣除项目明细采集底稿'!V:V,"共同成本费用") -> 0 | K74: =SUMIFS('附表7-扣除项目明细采集底稿'!Y:Y,'附表7-扣除项目明细采集底稿'!E:E,数据对照表!H10,'附表7-扣除项目明细采集底稿'!V:V,"共同成本费用") -> 0 | L74: =SUM(I74:K74) -> 0 | M74: =H74+L74 -> 0
A75: 70 | B75: 其中：不可加计扣除金额 | E75: =SUM(SUMIFS('附表7-扣除项目明细采集底稿'!W:W,'附表7-扣除项目明细采集底稿'!D:D,"土地征用及拆迁补偿费",'附表7-扣除项目明细采集底稿'!V:V,"直接归集成本费用",'附表7-扣除项目明细采集底稿'!AB:AB,"不可加计"),SUMIFS('附表7-扣除项目明细采集底稿'!W:W,'附表7-扣除项目明细采集底稿'!D:D,"前期工程费",'附表7-扣除项目明细采集底稿'!V:V,"直接归集成本费用",'附表7-扣除项目明细采集底稿'!AB:AB,"不可加计"),SUMIFS('附表7-扣除项目明细采集底稿'!W:W,'附表7-扣除项目明细采集底稿'!D:D,"建筑安装工程费",'附表7-扣除项目明细采集底稿'!V:V,"直接归集成本费用",'附表7-扣除项目明细采集底稿'!AB:AB,"不可加计"),SUMIFS('附表7-扣除项目明细采集底稿'!W:W,'附表7-扣除项目明细采集底稿'!D:D,"基础设施费",'附表7-扣除项目明细采集底稿'!V:V,"直接归集成本费用",'附表7-扣除项目明细采集底稿'!AB:AB,"不可加计"),SUMIFS('附表7-扣除项目明细采集底稿'!W:W,'附表7-扣除项目明细采集底稿'!D:D,"公共配套设施费",'附表7-扣除项目明细采集底稿'!V:V,"直接归集成本费用",'附表7-扣除项目明细采集底稿'!AB:AB,"不可加计"),SUMIFS('附表7-扣除项目明细采集底稿'!W:W,'附表7-扣除项目明细采集底稿'!D:D,"开发间接费用",'附表7-扣除项目明细采集底稿'!V:V,"直接归集成本费用",'附表7-扣除项目明细采集底稿'!AB:AB,"不可加计")) -> 0 | F75: =SUM(SUMIFS('附表7-扣除项目明细采集底稿'!X:X,'附表7-扣除项目明细采集底稿'!D:D,"土地征用及拆迁补偿费",'附表7-扣除项目明细采集底稿'!V:V,"直接归集成本费用",'附表7-扣除项目明细采集底稿'!AB:AB,"不可加计"),SUMIFS('附表7-扣除项目明细采集底稿'!X:X,'附表7-扣除项目明细采集底稿'!D:D,"前期工程费",'附表7-扣除项目明细采集底稿'!V:V,"直接归集成本费用",'附表7-扣除项目明细采集底稿'!AB:AB,"不可加计"),SUMIFS('附表7-扣除项目明细采集底稿'!X:X,'附表7-扣除项目明细采集底稿'!D:D,"建筑安装工程费",'附表7-扣除项目明细采集底稿'!V:V,"直接归集成本费用",'附表7-扣除项目明细采集底稿'!AB:AB,"不可加计"),SUMIFS('附表7-扣除项目明细采集底稿'!X:X,'附表7-扣除项目明细采集底稿'!D:D,"基础设施费",'附表7-扣除项目明细采集底稿'!V:V,"直接归集成本费用",'附表7-扣除项目明细采集底稿'!AB:AB,"不可加计"),SUMIFS('附表7-扣除项目明细采集底稿'!X:X,'附表7-扣除项目明细采集底稿'!D:D,"公共配套设施费",'附表7-扣除项目明细采集底稿'!V:V,"直接归集成本费用",'附表7-扣除项目明细采集底稿'!AB:AB,"不可加计"),SUMIFS('附表7-扣除项目明细采集底稿'!X:X,'附表7-扣除项目明细采集底稿'!D:D,"开发间接费用",'附表7-扣除项目明细采集底稿'!V:V,"直接归集成本费用",'附表7-扣除项目明细采集底稿'!AB:AB,"不可加计")) -> 0 | G75: =SUM(SUMIFS('附表7-扣除项目明细采集底稿'!Y:Y,'附表7-扣除项目明细采集底稿'!D:D,"土地征用及拆迁补偿费",'附表7-扣除项目明细采集底稿'!V:V,"直接归集成本费用",'附表7-扣除项目明细采集底稿'!AB:AB,"不可加计"),SUMIFS('附表7-扣除项目明细采集底稿'!Y:Y,'附表7-扣除项目明细采集底稿'!D:D,"前期工程费",'附表7-扣除项目明细采集底稿'!V:V,"直接归集成本费用",'附表7-扣除项目明细采集底稿'!AB:AB,"不可加计"),SUMIFS('附表7-扣除项目明细采集底稿'!Y:Y,'附表7-扣除项目明细采集底稿'!D:D,"建筑安装工程费",'附表7-扣除项目明细采集底稿'!V:V,"直接归集成本费用",'附表7-扣除项目明细采集底稿'!AB:AB,"不可加计"),SUMIFS('附表7-扣除项目明细采集底稿'!Y:Y,'附表7-扣除项目明细采集底稿'!D:D,"基础设施费",'附表7-扣除项目明细采集底稿'!V:V,"直接归集成本费用",'附表7-扣除项目明细采集底稿'!AB:AB,"不可加计"),SUMIFS('附表7-扣除项目明细采集底稿'!Y:Y,'附表7-扣除项目明细采集底稿'!D:D,"公共配套设施费",'附表7-扣除项目明细采集底稿'!V:V,"直接归集成本费用",'附表7-扣除项目明细采集底稿'!AB:AB,"不可加计"),SUMIFS('附表7-扣除项目明细采集底稿'!Y:Y,'附表7-扣除项目明细采集底稿'!D:D,"开发间接费用",'附表7-扣除项目明细采集底稿'!V:V,"直接归集成本费用",'附表7-扣除项目明细采集底稿'!AB:AB,"不可加计")) -> 0 | H75: =SUM(E75:G75) -> 0 | I75: =SUM(SUMIFS('附表7-扣除项目明细采集底稿'!W:W,'附表7-扣除项目明细采集底稿'!D:D,"土地征用及拆迁补偿费",'附表7-扣除项目明细采集底稿'!V:V,"共同成本费用",'附表7-扣除项目明细采集底稿'!AB:AB,"不可加计"),SUMIFS('附表7-扣除项目明细采集底稿'!W:W,'附表7-扣除项目明细采集底稿'!D:D,"前期工程费",'附表7-扣除项目明细采集底稿'!V:V,"共同成本费用",'附表7-扣除项目明细采集底稿'!AB:AB,"不可加计"),SUMIFS('附表7-扣除项目明细采集底稿'!W:W,'附表7-扣除项目明细采集底稿'!D:D,"建筑安装工程费",'附表7-扣除项目明细采集底稿'!V:V,"共同成本费用",'附表7-扣除项目明细采集底稿'!AB:AB,"不可加计"),SUMIFS('附表7-扣除项目明细采集底稿'!W:W,'附表7-扣除项目明细采集底稿'!D:D,"基础设施费",'附表7-扣除项目明细采集底稿'!V:V,"共同成本费用",'附表7-扣除项目明细采集底稿'!AB:AB,"不可加计"),SUMIFS('附表7-扣除项目明细采集底稿'!W:W,'附表7-扣除项目明细采集底稿'!D:D,"公共配套设施费",'附表7-扣除项目明细采集底稿'!V:V,"共同成本费用",'附表7-扣除项目明细采集底稿'!AB:AB,"不可加计"),SUMIFS('附表7-扣除项目明细采集底稿'!W:W,'附表7-扣除项目明细采集底稿'!D:D,"开发间接费用",'附表7-扣除项目明细采集底稿'!V:V,"共同成本费用",'附表7-扣除项目明细采集底稿'!AB:AB,"不可加计")) -> 0 | J75: =SUM(SUMIFS('附表7-扣除项目明细采集底稿'!X:X,'附表7-扣除项目明细采集底稿'!D:D,"土地征用及拆迁补偿费",'附表7-扣除项目明细采集底稿'!V:V,"共同成本费用",'附表7-扣除项目明细采集底稿'!AB:AB,"不可加计"),SUMIFS('附表7-扣除项目明细采集底稿'!X:X,'附表7-扣除项目明细采集底稿'!D:D,"前期工程费",'附表7-扣除项目明细采集底稿'!V:V,"共同成本费用",'附表7-扣除项目明细采集底稿'!AB:AB,"不可加计"),SUMIFS('附表7-扣除项目明细采集底稿'!X:X,'附表7-扣除项目明细采集底稿'!D:D,"建筑安装工程费",'附表7-扣除项目明细采集底稿'!V:V,"共同成本费用",'附表7-扣除项目明细采集底稿'!AB:AB,"不可加计"),SUMIFS('附表7-扣除项目明细采集底稿'!X:X,'附表7-扣除项目明细采集底稿'!D:D,"基础设施费",'附表7-扣除项目明细采集底稿'!V:V,"共同成本费用",'附表7-扣除项目明细采集底稿'!AB:AB,"不可加计"),SUMIFS('附表7-扣除项目明细采集底稿'!X:X,'附表7-扣除项目明细采集底稿'!D:D,"公共配套设施费",'附表7-扣除项目明细采集底稿'!V:V,"共同成本费用",'附表7-扣除项目明细采集底稿'!AB:AB,"不可加计"),SUMIFS('附表7-扣除项目明细采集底稿'!X:X,'附表7-扣除项目明细采集底稿'!D:D,"开发间接费用",'附表7-扣除项目明细采集底稿'!V:V,"共同成本费用",'附表7-扣除项目明细采集底稿'!AB:AB,"不可加计")) -> 0 | K75: =SUM(SUMIFS('附表7-扣除项目明细采集底稿'!Y:Y,'附表7-扣除项目明细采集底稿'!D:D,"土地征用及拆迁补偿费",'附表7-扣除项目明细采集底稿'!V:V,"共同成本费用",'附表7-扣除项目明细采集底稿'!AB:AB,"不可加计"),SUMIFS('附表7-扣除项目明细采集底稿'!Y:Y,'附表7-扣除项目明细采集底稿'!D:D,"前期工程费",'附表7-扣除项目明细采集底稿'!V:V,"共同成本费用",'附表7-扣除项目明细采集底稿'!AB:AB,"不可加计"),SUMIFS('附表7-扣除项目明细采集底稿'!Y:Y,'附表7-扣除项目明细采集底稿'!D:D,"建筑安装工程费",'附表7-扣除项目明细采集底稿'!V:V,"共同成本费用",'附表7-扣除项目明细采集底稿'!AB:AB,"不可加计"),SUMIFS('附表7-扣除项目明细采集底稿'!Y:Y,'附表7-扣除项目明细采集底稿'!D:D,"基础设施费",'附表7-扣除项目明细采集底稿'!V:V,"共同成本费用",'附表7-扣除项目明细采集底稿'!AB:AB,"不可加计"),SUMIFS('附表7-扣除项目明细采集底稿'!Y:Y,'附表7-扣除项目明细采集底稿'!D:D,"公共配套设施费",'附表7-扣除项目明细采集底稿'!V:V,"共同成本费用",'附表7-扣除项目明细采集底稿'!AB:AB,"不可加计"),SUMIFS('附表7-扣除项目明细采集底稿'!Y:Y,'附表7-扣除项目明细采集底稿'!D:D,"开发间接费用",'附表7-扣除项目明细采集底稿'!V:V,"共同成本费用",'附表7-扣除项目明细采集底稿'!AB:AB,"不可加计")) -> 0 | L75: =SUM(I75:K75) -> 0 | M75: =H75+L75 -> 0
A76: 71 | B76: =数据对照表!I1 -> 房地产开发费用 | E76: =SUM(E77:E78) -> 0 | F76: =SUM(F77:F78) -> 0 | G76: =SUM(G77:G78) -> 0 | H76: =SUM(E76:G76) -> 0 | I76: =SUM(I77:I78) -> 3099213.3 | J76: =SUM(J77:J78) -> 0 | K76: =SUM(K77:K78) -> 0 | L76: =SUM(I76:K76) -> 3099213.3 | M76: =H76+L76 -> 3099213.3
A77: 72 | B77: 其中 | C77: =数据对照表!I2 -> 利息支出 | D77: 计算扣除 | E77: =IF(D77="计算扣除",0,SUMIFS('附表7-扣除项目明细采集底稿'!W:W,'附表7-扣除项目明细采集底稿'!E:E,数据对照表!I2,'附表7-扣除项目明细采集底稿'!V:V,"直接归集成本费用")) -> 0 | F77: =IF(D77="计算扣除",0,SUMIFS('附表7-扣除项目明细采集底稿'!X:X,'附表7-扣除项目明细采集底稿'!E:E,数据对照表!I2,'附表7-扣除项目明细采集底稿'!V:V,"直接归集成本费用")) -> 0 | G77: =IF(D77="计算扣除",0,SUMIFS('附表7-扣除项目明细采集底稿'!Y:Y,'附表7-扣除项目明细采集底稿'!E:E,数据对照表!I2,'附表7-扣除项目明细采集底稿'!V:V,"直接归集成本费用")) -> 0 | H77: =SUM(E77:G77) -> 0 | I77: =IF(D77="计算扣除",0,SUMIFS('附表7-扣除项目明细采集底稿'!W:W,'附表7-扣除项目明细采集底稿'!E:E,数据对照表!I2,'附表7-扣除项目明细采集底稿'!V:V,"共同成本费用")) -> 0 | J77: =IF(D77="计算扣除",0,SUMIFS('附表7-扣除项目明细采集底稿'!X:X,'附表7-扣除项目明细采集底稿'!E:E,数据对照表!I2,'附表7-扣除项目明细采集底稿'!V:V,"共同成本费用")) -> 0 | K77: =IF(D77="计算扣除",0,SUMIFS('附表7-扣除项目明细采集底稿'!Y:Y,'附表7-扣除项目明细采集底稿'!E:E,数据对照表!I2,'附表7-扣除项目明细采集底稿'!V:V,"共同成本费用")) -> 0 | L77: =SUM(I77:K77) -> 0 | M77: =H77+L77 -> 0
A78: 73 | C78: 其它房地产开发费用 | E78: =IF($D$77="计算扣除",((E6-E10)+(E11-E75))*10%,((E6-E10)+(E11-E75))*5%) -> 0 | F78: =IF($D$77="计算扣除",((F6-F10)+(F11-F75))*10%,((F6-F10)+(F11-F75))*5%) -> 0 | G78: =IF($D$77="计算扣除",((G6-G10)+(G11-G75))*10%,((G6-G10)+(G11-G75))*5%) -> 0 | H78: =SUM(E78:G78) -> 0 | I78: =IF($D$77="计算扣除",((I6-I10)+(I11-I75))*10%,((I6-I10)+(I11-I75))*5%) -> 3099213.3 | J78: =IF($D$77="计算扣除",((J6-J10)+(J11-J75))*10%,((J6-J10)+(J11-J75))*5%) -> 0 | K78: =IF($D$77="计算扣除",((K6-K10)+(K11-K75))*10%,((K6-K10)+(K11-K75))*5%) -> 0 | L78: =SUM(I78:K78) -> 3099213.3 | M78: =H78+L78 -> 3099213.3
A79: 74 | B79: 与转让房地产有关的税金 | E79: =SUM(E80:E84) -> 138467.8 | F79: =SUM(F80:F84) -> 0 | G79: =SUM(G80:G84) -> 0 | H79: =SUM(E79:G79) -> 138467.8 | M79: =H79+L79 -> 138467.8
A80: 75 | B80: 其中 | C80: 营业税 | E80: 0 | F80: 0 | G80: 0 | H80: =SUM(E80:G80) -> 0 | M80: =H80+L80 -> 0
A81: 76 | C81: 城市维护建设税 | E81: 67826.697 | F81: 0 | G81: 0 | H81: =SUM(E81:G81) -> 67826.697 | M81: =H81+L81 -> 67826.697
A82: 77 | C82: 教育费附加 | E82: 29068.576 | F82: 0 | G82: 0 | H82: =SUM(E82:G82) -> 29068.576 | M82: =H82+L82 -> 29068.576
A83: 78 | C83: 地方教育费附加 | E83: 19379.05 | F83: 0 | G83: 0 | H83: =SUM(E83:G83) -> 19379.05 | M83: =H83+L83 -> 19379.05
A84: 79 | C84: 其他税（费） | E84: 22193.473 | F84: 0 | G84: 0 | H84: =SUM(E84:G84) -> 22193.473 | M84: =H84+L84 -> 22193.473
A85: 80 | B85: 财政部规定的其他扣除项目 | E85: =((E6-E10)+(E11-E75))*20% -> 0 | F85: =((F6-F10)+(F11-F75))*20% -> 0 | G85: =((G6-G10)+(G11-G75))*20% -> 0 | H85: =SUM(E85:G85) -> 0 | I85: =((I6-I10)+(I11-I75))*20% -> 6198426.7 | J85: =((J6-J10)+(J11-J75))*20% -> 0 | K85: =((K6-K10)+(K11-K75))*20% -> 0 | L85: =SUM(I85:K85) -> 6198426.7 | M85: =H85+L85 -> 6198426.7
A86: 81 | B86: 代收费用 | E86: 0 | F86: 0 | G86: 0 | H86: =SUM(E86:G86) -> 0 | I86: 0 | J86: 0 | K86: 0 | L86: =SUM(I86:K86) -> 0 | M86: =H86+L86 -> 0
A87: 82 | B87: 合计 | E87: =E6+E11+E76+E79+E85+SUM(E86) -> 138467.8 | F87: =F6+F11+F76+F79+F85+SUM(F86) -> 0 | G87: =G6+G11+G76+G79+G85+SUM(G86) -> 0 | H87: =SUM(E87:G87) -> 138467.8 | I87: =I6+I11+I76+I79+I85+SUM(I86) -> 40289773 | J87: =J6+J11+J76+J79+J85+SUM(J86) -> 0 | K87: =K6+K11+K76+K79+K85+SUM(K86) -> 0 | L87: =SUM(I87:K87) -> 40289773 | M87: =H87+L87 -> 40428241

Sheet 附表6-收入明细采集底稿
A1: T22100附表6-收入明细采集底稿
A2: =土地增值税税源明细表!F5&"："&土地增值税税源明细表!H5&" "&土地增值税税源明细表!A5&"："&土地增值税税源明细表!B5&" "&"金额单位:人民币元(列至角分)" -> 项目编码：Z65280120200013 项目名称：春和景苑 金额单位:人民币元(列至角分)
A3: 序号 | B3: 幢号 | C3: 单元号 | D3: *楼层 | E3: *房号 | F3: 不动产单元号 | G3: *房屋类型 | H3: *房屋状态 | I3: *收入类型 | J3: （网签）合同编号 | K3: *合同签订时间 | L3: 合同金额 | M3: 购房人姓名 | N3: 合同建筑面积（㎡） | O3: 合同套内面积（㎡） | P3: *实测建筑面积（㎡） | Q3: 实测套内面积（㎡） | R3: 朝向 | S3: 发票代码 | T3: 发票号码 | U3: 发票金额 | V3: 发票税额 | W3: 发票价税合计 | X3: *土地增值税应税收入 | Y3: 土地增值税应税单价 | Z3: 情况说明
A4: 总计 | B4: * | C4: * | D4: * | E4: * | F4: * | G4: * | H4: * | I4: * | J4: * | K4: * | L4: =SUM(L$7:L$1048576) -> 44342824 | M4: * | N4: =SUM(N$7:N$1048576) -> 14176.14 | O4: =SUM(O$7:O$1048576) -> 0 | P4: =SUM(P$7:P$1048576) -> 14176.14 | Q4: =SUM(Q$7:Q$1048576) -> 0 | R4: * | S4: * | T4: * | U4: =SUM(U$7:U$1048576) -> 40721948 | V4: =SUM(V$7:V$1048576) -> 3664975.4 | W4: =SUM(W$7:W$1048576) -> 44386923 | X4: =SUM(X$7:X$1048576) -> 40721948 | Y4: =IF(SUMIFS(X$7:X$1048576,H$7:H$1048576,"已售")=0,"*",ROUND(SUMIFS(X$7:X$1048576,H$7:H$1048576,"已售")/SUMIFS(P$7:P$1048576,H$7:H$1048576,"已售"),2)) -> 3467.28 | Z4: *
A5: 筛选小计 | B5: * | C5: * | D5: * | E5: * | F5: * | G5: * | H5: * | I5: * | J5: * | K5: * | L5: =SUBTOTAL(9,L$7:L$1048576) -> 44342824 | M5: * | N5: =SUBTOTAL(9,N$7:N$1048576) -> 14176.14 | O5: =SUBTOTAL(9,O$7:O$1048576) -> 0 | P5: =SUBTOTAL(9,P$7:P$1048576) -> 14176.14 | Q5: =SUBTOTAL(9,Q$7:Q$1048576) -> 0 | R5: * | S5: * | T5: * | U5: =SUBTOTAL(9,U$7:U$1048576) -> 40721948 | V5: =SUBTOTAL(9,V$7:V$1048576) -> 3664975.4 | W5: =SUBTOTAL(9,W$7:W$1048576) -> 44386923 | X5: =SUBTOTAL(9,X$7:X$1048576) -> 40721948 | Y5: =IF(AND(SUBTOTAL(3,K$7:K$1048576)=SUBTOTAL(3,P$7:P$1048576),SUBTOTAL(9,P$7:P$1048576)<>0),ROUND(SUBTOTAL(9,X$7:X$1048576)/SUBTOTAL(9,P$7:P$1048576),2),"*") -> 2872.57 | Z5: *
A6: 列次 | B6: 1 | C6: 2 | D6: 3 | E6: 4 | F6: 5 | G6: 6 | H6: 7 | I6: 8 | J6: 9 | K6: 10 | L6: 11 | M6: 12 | N6: 13≥14 | O6: 14 | P6: 15≥16 | Q6: 16 | R6: 17 | S6: 18 | T6: 19 | U6: 20 | V6: 21 | W6: 22=20+21 | X6: 23 | Y6: 24=23÷15 | Z6: 25
A7: 1 | B7: 1 | C7: 1 | D7: 1 | E7: 101 | G7: 普通住宅 | H7: 未售 | N7: 120.69 | P7: 120.69 | W7: =ROUND(V7*0.09,2) -> 0 | X7: =SUM(V7)+SUM(W7) -> 0 | Z7: =IF(SUM(Q7)=0,"",ROUND(SUM(Y7)/SUM(Q7),2))
A8: 2 | B8: 1 | C8: 1 | D8: 1 | E8: 102 | G8: 普通住宅 | H8: 已售 | I8: 货币收入 | J8: 20200009952 | K8: 2020-10-22 | L8: 509082 | M8: 吴凯 | N8: 109.48 | P8: 109.48 | S8: 065001900105 | T8: 01913696 | U8: 467047.71 | V8: =ROUND(U8*0.09,2) -> 42034.29 | W8: =SUM(U8)+SUM(V8) -> 509082 | X8: =U8 -> 467047.71 | Y8: =IF(SUM(P8)=0,"",ROUND(SUM(X8)/SUM(P8),2)) -> 4266.06
A9: 3 | B9: 1 | C9: 1 | D9: 2 | E9: 201 | G9: 普通住宅 | H9: 已售 | I9: 货币收入 | J9: 20210000298 | K9: 2021-01-07 | L9: 402743 | M9: 王义平、魏先琴 | N9: 120.69 | P9: 120.69 | S9: 065001900105 | T9: 01913685 | U9: 369488.99 | V9: =ROUND(U9*0.09,2) -> 33254.01 | W9: =SUM(U9)+SUM(V9) -> 402743 | X9: =U9 -> 369488.99 | Y9: =IF(SUM(P9)=0,"",ROUND(SUM(X9)/SUM(P9),2)) -> 3061.47
A10: 4 | B10: 1 | C10: 1 | D10: 2 | E10: 202 | G10: 普通住宅 | H10: 已售 | I10: 货币收入 | J10: 20210000265 | K10: 2021-01-07 | L10: 383180 | M10: 周洪全、王海霞 | N10: 109.48 | P10: 109.48 | S10: 065001800105 | T10: 09204148 | U10: 351541.28 | V10: =ROUND(U10*0.09,2) -> 31638.72 | W10: =SUM(U10)+SUM(V10) -> 383180 | X10: =U10 -> 351541.28 | Y10: =IF(SUM(P10)=0,"",ROUND(SUM(X10)/SUM(P10),2)) -> 3211.01
A11: 5 | B11: 1 | C11: 1 | D11: 3 | E11: 301 | G11: 普通住宅 | H11: 已售 | I11: 货币收入 | J11: 20200012337 | K11: 2020-12-15 | L11: 393174 | M11: 洪先锋 | N11: 120.69 | P11: 120.69 | S11: 065001800105 | T11: 09204185 | U11: 360710.09 | V11: =ROUND(U11*0.09,2) -> 32463.91 | W11: =SUM(U11)+SUM(V11) -> 393174 | X11: =U11 -> 360710.09 | Y11: =IF(SUM(P11)=0,"",ROUND(SUM(X11)/SUM(P11),2)) -> 2988.73
A12: 6 | B12: 1 | C12: 1 | D12: 3 | E12: 302 | G12: 普通住宅 | H12: 已售 | I12: 货币收入 | J12: 20200004260 | K12: 2020-06-04 | L12: 394128 | M12: 张凤 | N12: 109.48 | P12: 109.48 | S12: 065001800105 | T12: 09204212 | U12: 361585.32 | V12: =ROUND(U12*0.09,2) -> 32542.68 | W12: =SUM(U12)+SUM(V12) -> 394128 | X12: =U12 -> 361585.32 | Y12: =IF(SUM(P12)=0,"",ROUND(SUM(X12)/SUM(P12),2)) -> 3302.75
A13: 7 | B13: 1 | C13: 1 | D13: 4 | E13: 401 | G13: 普通住宅 | H13: 已售 | I13: 货币收入 | J13: 20210000304 | K13: 2021-01-08 | L13: 417587 | M13: 屈信福、王玉华 | N13: 120.69 | P13: 120.69 | S13: 065001800105 | T13: 09204206 | U13: 383107.34 | V13: =ROUND(U13*0.09,2) -> 34479.66 | W13: =SUM(U13)+SUM(V13) -> 417587 | X13: =U13 -> 383107.34 | Y13: =IF(SUM(P13)=0,"",ROUND(SUM(X13)/SUM(P13),2)) -> 3174.31
A14: 8 | B14: 1 | C14: 1 | D14: 4 | E14: 402 | G14: 普通住宅 | H14: 已售 | I14: 货币收入 | J14: 20200006986 | K14: 2020-07-16 | L14: 394128 | M14: 张奎祖 | N14: 109.48 | P14: 109.48 | S14: 065001800105 | T14: 09204171 | U14: 361585.32 | V14: =ROUND(U14*0.09,2) -> 32542.68 | W14: =SUM(U14)+SUM(V14) -> 394128 | X14: =U14 -> 361585.32 | Y14: =IF(SUM(P14)=0,"",ROUND(SUM(X14)/SUM(P14),2)) -> 3302.75
A15: 9 | B15: 1 | C15: 1 | D15: 5 | E15: 501 | G15: 普通住宅 | H15: 已售 | I15: 货币收入 | J15: 20210002758 | K15: 2021-03-23 | L15: 398277 | M15: 邓琪琦 | N15: 120.69 | P15: 120.69 | S15: 065001800105 | T15: 09204239 | U15: 365391.74 | V15: =ROUND(U15*0.09,2) -> 32885.26 | W15: =SUM(U15)+SUM(V15) -> 398277 | X15: =U15 -> 365391.74 | Y15: =IF(SUM(P15)=0,"",ROUND(SUM(X15)/SUM(P15),2)) -> 3027.52
A16: 10 | B16: 1 | C16: 1 | D16: 5 | E16: 502 | G16: 普通住宅 | H16: 已售 | I16: 货币收入 | J16: 20200009940 | K16: 2020-10-22 | L16: 361284 | M16: 苏毅 | N16: 109.48 | P16: 109.48 | S16: 065001900105 | T16: 01913689 | U16: 331453.21 | V16: =ROUND(U16*0.09,2) -> 29830.79 | W16: =SUM(U16)+SUM(V16) -> 361284 | X16: =U16 -> 331453.21 | Y16: =IF(SUM(P16)=0,"",ROUND(SUM(X16)/SUM(P16),2)) -> 3027.52
A17: 11 | B17: 1 | C17: 1 | D17: 6 | E17: 601 | G17: 普通住宅 | H17: 已售 | I17: 货币收入 | J17: 20250003112 | K17: 2025-06-16 | L17: 581364 | M17: 范忠绪 | N17: 120.69 | P17: 120.69 | T17: 25652000000034959572 | U17: 533361.47 | V17: =ROUND(U17*0.09,2) -> 48002.53 | W17: =SUM(U17)+SUM(V17) -> 581364 | X17: =L17/1.09 -> 533361.47 | Y17: =IF(SUM(P17)=0,"",ROUND(SUM(X17)/SUM(P17),2)) -> 4419.27
A18: 12 | B18: 1 | C18: 1 | D18: 6 | E18: 602 | G18: 普通住宅 | H18: 已售 | I18: 货币收入 | J18: 20210000272 | K18: 2021-01-07 | L18: 372232 | M18: 王金东、李秋艳 | N18: 109.48 | P18: 109.48 | S18: 065001800105 | T18: 09204179 | U18: 341497.25 | V18: =ROUND(U18*0.09,2) -> 30734.75 | W18: =SUM(U18)+SUM(V18) -> 372232 | X18: =U18 -> 341497.25 | Y18: =IF(SUM(P18)=0,"",ROUND(SUM(X18)/SUM(P18),2)) -> 3119.27
A19: 13 | B19: 1 | C19: 2 | D19: 1 | E19: 101 | G19: 普通住宅 | H19: 已售 | I19: 货币收入 | J19: 20210003390 | K19: 2021-04-15 | L19: 437920 | M19: 杨丹 | N19: 109.48 | P19: 109.48 | S19: 065001900105 | T19: 01913686 | U19: 401761.47 | V19: =ROUND(U19*0.09,2) -> 36158.53 | W19: =SUM(U19)+SUM(V19) -> 437920 | X19: =U19 -> 401761.47 | Y19: =IF(SUM(P19)=0,"",ROUND(SUM(X19)/SUM(P19),2)) -> 3669.72
A20: 14 | B20: 1 | C20: 2 | D20: 1 | E20: 102 | G20: 普通住宅 | H20: 已售 | I20: 货币收入 | J20: 20210012653 | K20: 2021-12-07 | L20: 437920 | M20: 梁国松 | N20: 109.48 | P20: 109.48 | S20: 065001900105 | T20: 01913624 | U20: 401761.47 | V20: =ROUND(U20*0.09,2) -> 36158.53 | W20: =SUM(U20)+SUM(V20) -> 437920 | X20: =U20 -> 401761.47 | Y20: =IF(SUM(P20)=0,"",ROUND(SUM(X20)/SUM(P20),2)) -> 3669.72
A21: 15 | B21: 1 | C21: 2 | D21: 2 | E21: 201 | G21: 普通住宅 | H21: 已售 | I21: 货币收入 | J21: 20200012600 | K21: 2020-12-22 | L21: 372232 | M21: 阿依妮萨·热合曼 | N21: 109.48 | P21: 109.48 | S21: 065001800105 | T21: 09204269 | U21: 341497.25 | V21: =ROUND(U21*0.09,2) -> 30734.75 | W21: =SUM(U21)+SUM(V21) -> 372232 | X21: =U21 -> 341497.25 | Y21: =IF(SUM(P21)=0,"",ROUND(SUM(X21)/SUM(P21),2)) -> 3119.27
A22: 16 | B22: 1 | C22: 2 | D22: 2 | E22: 202 | G22: 普通住宅 | H22: 已售 | I22: 货币收入 | J22: 20210000936 | K22: 2021-01-24 | L22: 361284 | M22: 丁辉 | N22: 109.48 | P22: 109.48 | S22: 065001900105 | T22: 01913688 | U22: 331453.21 | V22: =ROUND(U22*0.09,2) -> 29830.79 | W22: =SUM(U22)+SUM(V22) -> 361284 | X22: =U22 -> 331453.21 | Y22: =IF(SUM(P22)=0,"",ROUND(SUM(X22)/SUM(P22),2)) -> 3027.52
A23: 17 | B23: 1 | C23: 2 | D23: 3 | E23: 301 | G23: 普通住宅 | H23: 已售 | I23: 货币收入 | J23: 20200012293 | K23: 2020-12-14 | L23: 361284 | M23: 欧阳志成 | N23: 109.48 | P23: 109.48 | S23: 065001900105 | T23: 01913646 | U23: 331453.21 | V23: =ROUND(U23*0.09,2) -> 29830.79 | W23: =SUM(U23)+SUM(V23) -> 361284 | X23: =U23 -> 331453.21 | Y23: =IF(SUM(P23)=0,"",ROUND(SUM(X23)/SUM(P23),2)) -> 3027.52
A24: 18 | B24: 1 | C24: 2 | D24: 3 | E24: 302 | G24: 普通住宅 | H24: 已售 | I24: 货币收入 | J24: 20200001383 | K24: 2020-03-20 | L24: 399602 | M24: 李玉红 | N24: 109.48 | P24: 109.48 | S24: 065001900105 | T24: 01913691 | U24: 366607.34 | V24: =ROUND(U24*0.09,2) -> 32994.66 | W24: =SUM(U24)+SUM(V24) -> 399602 | X24: =U24 -> 366607.34 | Y24: =IF(SUM(P24)=0,"",ROUND(SUM(X24)/SUM(P24),2)) -> 3348.62
A25: 19 | B25: 1 | C25: 2 | D25: 4 | E25: 401 | G25: 普通住宅 | H25: 已售 | I25: 货币收入 | J25: 20210000634 | K25: 2021-01-15 | L25: 383180 | M25: 马海龙 | N25: 109.48 | P25: 109.48 | S25: 065001800105 | T25: 09204205 | U25: 351541.28 | V25: =ROUND(U25*0.09,2) -> 31638.72 | W25: =SUM(U25)+SUM(V25) -> 383180 | X25: =U25 -> 351541.28 | Y25: =IF(SUM(P25)=0,"",ROUND(SUM(X25)/SUM(P25),2)) -> 3211.01
A26: 20 | B26: 1 | C26: 2 | D26: 4 | E26: 402 | G26: 普通住宅 | H26: 已售 | I26: 货币收入 | J26: 20210000539 | K26: 2021-01-13 | L26: 361284 | M26: 彭家龙、郭秀娟 | N26: 109.48 | P26: 109.48 | S26: 065001800105 | T26: 09204207 | U26: 331453.21 | V26: =ROUND(U26*0.09,2) -> 29830.79 | W26: =SUM(U26)+SUM(V26) -> 361284 | X26: =U26 -> 331453.21 | Y26: =IF(SUM(P26)=0,"",ROUND(SUM(X26)/SUM(P26),2)) -> 3027.52
A27: 21 | B27: 1 | C27: 2 | D27: 5 | E27: 501 | G27: 普通住宅 | H27: 已售 | I27: 货币收入 | J27: 20210001483 | K27: 2021-02-08 | L27: 360284 | M27: 刘燕、张民 | N27: 109.48 | P27: 109.48 | S27: 065001900105 | T27: 01913690 | U27: 330535.78 | V27: =ROUND(U27*0.09,2) -> 29748.22 | W27: =SUM(U27)+SUM(V27) -> 360284 | X27: =U27 -> 330535.78 | Y27: =IF(SUM(P27)=0,"",ROUND(SUM(X27)/SUM(P27),2)) -> 3019.14
A28: 22 | B28: 1 | C28: 2 | D28: 5 | E28: 502 | G28: 普通住宅 | H28: 已售 | I28: 货币收入 | J28: 20210000403 | K28: 2021-01-10 | L28: 370043 | M28: 白天华、任六碧 | N28: 109.48 | P28: 109.48 | S28: 065001800105 | T28: 09204290 | U28: 339488.99 | V28: =ROUND(U28*0.09,2) -> 30554.01 | W28: =SUM(U28)+SUM(V28) -> 370043 | X28: =U28 -> 339488.99 | Y28: =IF(SUM(P28)=0,"",ROUND(SUM(X28)/SUM(P28),2)) -> 3100.92
A29: 23 | B29: 1 | C29: 2 | D29: 6 | E29: 601 | G29: 普通住宅 | H29: 已售 | I29: 货币收入 | J29: 20210009419 | K29: 2021-09-29 | L29: 361284 | M29: 王万霞 | N29: 109.48 | P29: 109.48 | S29: 065001800105 | T29: 09204245 | U29: 331453.21 | V29: =ROUND(U29*0.09,2) -> 29830.79 | W29: =SUM(U29)+SUM(V29) -> 361284 | X29: =U29 -> 331453.21 | Y29: =IF(SUM(P29)=0,"",ROUND(SUM(X29)/SUM(P29),2)) -> 3027.52
... A42: 36 | B42: 1 | C42: 3 | D42: 6 | E42: 602 | G42: 普通住宅 | H42: 已售 | I42: 货币收入 | J42: 20210002499 | K42: 2021-03-17 | L42: 434484 | M42: 巴图道尔吉、明拜来克 | N42: 120.69 | P42: 120.69 | S42: 065001900105 | T42: 01913661 | U42: 398609.17 | V42: =ROUND(U42*0.09,2) -> 35874.83 | W42: =SUM(U42)+SUM(V42) -> 434484 | X42: =U42 -> 398609.17 | Y42: =IF(SUM(P42)=0,"",ROUND(SUM(X42)/SUM(P42),2)) -> 3302.75
A43: 37 | B43: 1 | C43: 1 | D43: -1 | E43: -101 | G43: 其他营业性房产 | H43: 不可售 | N43: 26.87 | P43: 26.87 | V43: =SUM(T43)+SUM(U43) -> 0 | X43: =IF(SUM(O43)=0,"",ROUND(SUM(W43)/SUM(O43),2))
A44: 38 | B44: 1 | C44: 1 | D44: -1 | E44: -102 | G44: 其他营业性房产 | H44: 不可售 | N44: 22.77 | P44: 22.77 | V44: =SUM(T44)+SUM(U44) -> 0 | X44: =IF(SUM(O44)=0,"",ROUND(SUM(W44)/SUM(O44),2))
A45: 39 | B45: 1 | C45: 1 | D45: -1 | E45: -103 | G45: 其他营业性房产 | H45: 不可售 | N45: 19.38 | P45: 19.38 | V45: =SUM(T45)+SUM(U45) -> 0 | X45: =IF(SUM(O45)=0,"",ROUND(SUM(W45)/SUM(O45),2))
A46: 40 | B46: 1 | C46: 1 | D46: -1 | E46: -104 | G46: 其他营业性房产 | H46: 不可售 | N46: 11.78 | P46: 11.78 | V46: =SUM(T46)+SUM(U46) -> 0 | X46: =IF(SUM(O46)=0,"",ROUND(SUM(W46)/SUM(O46),2))
A47: 41 | B47: 1 | C47: 1 | D47: -1 | E47: -105 | G47: 其他营业性房产 | H47: 不可售 | N47: 16.6 | P47: 16.6 | V47: =SUM(T47)+SUM(U47) -> 0 | X47: =IF(SUM(O47)=0,"",ROUND(SUM(W47)/SUM(O47),2))
A48: 42 | B48: 1 | C48: 1 | D48: -1 | E48: -106 | G48: 其他营业性房产 | H48: 不可售 | N48: 19.63 | P48: 19.63 | V48: =SUM(T48)+SUM(U48) -> 0 | X48: =IF(SUM(O48)=0,"",ROUND(SUM(W48)/SUM(O48),2))
A49: 43 | B49: 1 | C49: 1 | D49: -1 | E49: -107 | G49: 其他营业性房产 | H49: 不可售 | N49: 19.63 | P49: 19.63 | V49: =SUM(T49)+SUM(U49) -> 0 | X49: =IF(SUM(O49)=0,"",ROUND(SUM(W49)/SUM(O49),2))
A50: 44 | B50: 1 | C50: 1 | D50: -1 | E50: -108 | G50: 其他营业性房产 | H50: 不可售 | N50: 19.63 | P50: 19.63 | V50: =SUM(T50)+SUM(U50) -> 0 | X50: =IF(SUM(O50)=0,"",ROUND(SUM(W50)/SUM(O50),2))
A51: 45 | B51: 1 | C51: 1 | D51: -1 | E51: -109 | G51: 其他营业性房产 | H51: 不可售 | N51: 16.89 | P51: 16.89 | V51: =SUM(T51)+SUM(U51) -> 0 | X51: =IF(SUM(O51)=0,"",ROUND(SUM(W51)/SUM(O51),2))
A52: 46 | B52: 1 | C52: 1 | D52: -1 | E52: -110 | G52: 其他营业性房产 | H52: 不可售 | N52: 22.38 | P52: 22.38 | V52: =SUM(T52)+SUM(U52) -> 0 | X52: =IF(SUM(O52)=0,"",ROUND(SUM(W52)/SUM(O52),2))
A53: 47 | B53: 1 | C53: 1 | D53: -1 | E53: -111 | G53: 其他营业性房产 | H53: 不可售 | N53: 12.47 | P53: 12.47 | V53: =SUM(T53)+SUM(U53) -> 0 | X53: =IF(SUM(O53)=0,"",ROUND(SUM(W53)/SUM(O53),2))
A54: 48 | B54: 1 | C54: 1 | D54: -1 | E54: -112 | G54: 其他营业性房产 | H54: 不可售 | N54: 12.47 | P54: 12.47 | V54: =SUM(T54)+SUM(U54) -> 0 | X54: =IF(SUM(O54)=0,"",ROUND(SUM(W54)/SUM(O54),2))
... A78: 72 | B78: 1 | C78: 1 | D78: -1 | E78: -136 | G78: 其他营业性房产 | H78: 不可售 | N78: 26.87 | P78: 26.87 | V78: =SUM(T78)+SUM(U78) -> 0 | X78: =IF(SUM(O78)=0,"",ROUND(SUM(W78)/SUM(O78),2))
A79: 73 | B79: 2 | C79: 1 | D79: 1 | E79: 101 | G79: 普通住宅 | H79: 已售 | I79: 货币收入 | J79: 20210000956 | K79: 2021-01-25 | L79: 494825 | M79: 王军强 | N79: 120.69 | P79: 120.69 | T79: 24652000000047576763 | U79: 453971.56 | V79: =ROUND(U79*0.09,2) -> 40857.44 | W79: =SUM(U79)+SUM(V79) -> 494829 | X79: =U79 -> 453971.56 | Y79: =IF(SUM(P79)=0,"",ROUND(SUM(X79)/SUM(P79),2)) -> 3761.47
A80: 74 | B80: 2 | C80: 1 | D80: 1 | E80: 102 | G80: 普通住宅 | H80: 已售 | I80: 货币收入 | J80: 20200004538 | K80: 2020-06-09 | L80: 570000 | M80: 卢辉、韩岩岩 | N80: 109.48 | P80: 109.48 | S80: 065001800105 | T80: 09204195 | U80: 522935.78 | V80: =ROUND(U80*0.09,2) -> 47064.22 | W80: =SUM(U80)+SUM(V80) -> 570000 | X80: =U80 -> 522935.78 | Y80: =IF(SUM(P80)=0,"",ROUND(SUM(X80)/SUM(P80),2)) -> 4776.54
A81: 75 | B81: 2 | C81: 1 | D81: 2 | E81: 201 | G81: 普通住宅 | H81: 已售 | I81: 货币收入 | J81: 20210004358 | K81: 2021-05-18 | L81: 398277 | M81: 李柯磊 | N81: 120.69 | P81: 120.69 | S81: 065001800105 | T81: 09204187 | U81: 365391.74 | V81: =ROUND(U81*0.09,2) -> 32885.26 | W81: =SUM(U81)+SUM(V81) -> 398277 | X81: =U81 -> 365391.74 | Y81: =IF(SUM(P81)=0,"",ROUND(SUM(X81)/SUM(P81),2)) -> 3027.52
A82: 76 | B82: 2 | C82: 1 | D82: 2 | E82: 202 | G82: 普通住宅 | H82: 已售 | I82: 货币收入 | J82: 20200007011 | K82: 2020-07-16 | L82: 352000 | M82: 马庆军 | N82: 109.48 | P82: 109.48 | S82: 065001800105 | T82: 09204164 | U82: 322935.78 | V82: =ROUND(U82*0.09,2) -> 29064.22 | W82: =SUM(U82)+SUM(V82) -> 352000 | X82: =U82 -> 322935.78 | Y82: =IF(SUM(P82)=0,"",ROUND(SUM(X82)/SUM(P82),2)) -> 2949.72
A83: 77 | B83: 2 | C83: 1 | D83: 3 | E83: 301 | G83: 普通住宅 | H83: 已售 | I83: 货币收入 | J83: 20210000952 | K83: 2021-01-25 | L83: 398277 | M83: 田河龙、马芙蓉 | N83: 120.69 | P83: 120.69 | S83: 065002100105 | T83: 01496820 | U83: 365391.74 | V83: =ROUND(U83*0.09,2) -> 32885.26 | W83: =SUM(U83)+SUM(V83) -> 398277 | X83: =U83 -> 365391.74 | Y83: =IF(SUM(P83)=0,"",ROUND(SUM(X83)/SUM(P83),2)) -> 3027.52
A84: 78 | B84: 2 | C84: 1 | D84: 3 | E84: 302 | G84: 普通住宅 | H84: 已售 | I84: 货币收入 | J84: 20200004748 | K84: 2020-06-11 | L84: 412000 | M84: 王万东、李红果 | N84: 109.48 | P84: 109.48 | S84: 065001900105 | T84: 01913660 | U84: 377981.65 | V84: =ROUND(U84*0.09,2) -> 34018.35 | W84: =SUM(U84)+SUM(V84) -> 412000 | X84: =U84 -> 377981.65 | Y84: =IF(SUM(P84)=0,"",ROUND(SUM(X84)/SUM(P84),2)) -> 3452.52
A85: 79 | B85: 2 | C85: 1 | D85: 4 | E85: 401 | G85: 普通住宅 | H85: 已售 | I85: 货币收入 | J85: 20210000484 | K85: 2020-01-12 | L85: 398277 | M85: 任金伟、敬双秋 | N85: 120.69 | P85: 120.69 | S85: 065001900105 | T85: 01913639 | U85: 365391.74 | V85: =ROUND(U85*0.09,2) -> 32885.26 | W85: =SUM(U85)+SUM(V85) -> 398277 | X85: =U85 -> 365391.74 | Y85: =IF(SUM(P85)=0,"",ROUND(SUM(X85)/SUM(P85),2)) -> 3027.52
A86: 80 | B86: 2 | C86: 1 | D86: 4 | E86: 402 | G86: 普通住宅 | H86: 已售 | I86: 货币收入 | J86: 20200009754 | K86: 2020-10-19 | L86: 406475 | M86: 范福郎 | N86: 109.48 | P86: 109.48 | S86: 065001800105 | T86: 09204232 | U86: 372912.84 | V86: =ROUND(U86*0.09,2) -> 33562.16 | W86: =SUM(U86)+SUM(V86) -> 406475 | X86: =U86 -> 372912.84 | Y86: =IF(SUM(P86)=0,"",ROUND(SUM(X86)/SUM(P86),2)) -> 3406.22
A87: 81 | B87: 2 | C87: 1 | D87: 5 | E87: 501 | G87: 普通住宅 | H87: 已售 | I87: 货币收入 | J87: 20200008465 | K87: 2020-09-19 | L87: 454096 | M87: 戴文腾 | N87: 120.69 | P87: 120.69 | S87: 065001900105 | T87: 01913716 | U87: 416601.83 | V87: =ROUND(U87*0.09,2) -> 37494.16 | W87: =SUM(U87)+SUM(V87) -> 454095.99 | X87: =U87 -> 416601.83 | Y87: =IF(SUM(P87)=0,"",ROUND(SUM(X87)/SUM(P87),2)) -> 3451.83
A88: 82 | B88: 2 | C88: 1 | D88: 5 | E88: 502 | G88: 普通住宅 | H88: 已售 | I88: 货币收入 | J88: 20200007261 | K88: 2020-07-23 | L88: 410000 | M88: 王亚丽 | N88: 109.48 | P88: 109.48 | S88: 065001900105 | T88: 01913651 | U88: 376146.79 | V88: =ROUND(U88*0.09,2) -> 33853.21 | W88: =SUM(U88)+SUM(V88) -> 410000 | X88: =U88 -> 376146.79 | Y88: =IF(SUM(P88)=0,"",ROUND(SUM(X88)/SUM(P88),2)) -> 3435.76
A89: 83 | B89: 2 | C89: 1 | D89: 6 | E89: 601 | G89: 普通住宅 | H89: 已售 | I89: 货币收入 | J89: 20210000273 | K89: 2021-01-07 | L89: 434484 | M89: 李军、许福荣 | N89: 120.69 | P89: 120.69 | S89: 065001900105 | T89: 01913700 | U89: 398609.17 | V89: =ROUND(U89*0.09,2) -> 35874.83 | W89: =SUM(U89)+SUM(V89) -> 434484 | X89: =U89 -> 398609.17 | Y89: =IF(SUM(P89)=0,"",ROUND(SUM(X89)/SUM(P89),2)) -> 3302.75
A90: 84 | B90: 2 | C90: 1 | D90: 6 | E90: 602 | G90: 普通住宅 | H90: 已售 | I90: 货币收入 | J90: 20210000080 | K90: 2021-01-04 | L90: 361284 | M90: 熊悦 | N90: 109.48 | P90: 109.48 | S90: 065001800105 | T90: 09204178 | U90: 331453.21 | V90: =ROUND(U90*0.09,2) -> 29830.79 | W90: =SUM(U90)+SUM(V90) -> 361284 | X90: =U90 -> 331453.21 | Y90: =IF(SUM(P90)=0,"",ROUND(SUM(X90)/SUM(P90),2)) -> 3027.52
A91: 85 | B91: 2 | C91: 2 | D91: 1 | E91: 101 | G91: 普通住宅 | H91: 已售 | I91: 货币收入 | J91: 20200006371 | K91: 2020-07-06 | L91: 600000 | M91: 史福存 | N91: 109.48 | P91: 109.48 | S91: 065001900105 | T91: 01913717 | U91: 550458.72 | V91: =ROUND(U91*0.09,2) -> 49541.28 | W91: =SUM(U91)+SUM(V91) -> 600000 | X91: =U91 -> 550458.72 | Y91: =IF(SUM(P91)=0,"",ROUND(SUM(X91)/SUM(P91),2)) -> 5027.94
... A102: 96 | B102: 2 | C102: 2 | D102: 6 | E102: 602 | G102: 普通住宅 | H102: 已售 | I102: 货币收入 | J102: 20230003690 | K102: 2023-04-26 | L102: 523314.4 | M102: 亚森江·艾木提 | N102: 109.48 | P102: 109.48 | S102: 065002100105 | T102: 01537138 | U102: 480104.95 | V102: =ROUND(U102*0.09,2) -> 43209.45 | W102: =SUM(U102)+SUM(V102) -> 523314.4 | X102: =U102 -> 480104.95 | Y102: =IF(SUM(P102)=0,"",ROUND(SUM(X102)/SUM(P102),2)) -> 4385.32
A103: 97 | B103: 2 | C103: 3 | D103: 1 | E103: 101 | G103: 普通住宅 | H103: 已售 | I103: 货币收入 | J103: 20240005331 | K103: 2024-09-20 | L103: 734672 | M103: 李童 | N103: 109.48 | P103: 109.48 | T103: 24652000000054053875 | U103: 674011.01 | V103: =ROUND(U103*0.09,2) -> 60660.99 | W103: =SUM(U103)+SUM(V103) -> 734672 | X103: =U103 -> 674011.01 | Y103: =IF(SUM(P103)=0,"",ROUND(SUM(X103)/SUM(P103),2)) -> 6156.48
A104: 98 | B104: 2 | C104: 3 | D104: 1 | E104: 102 | G104: 普通住宅 | H104: 未售 | N104: 120.69 | P104: 120.69 | V104: =ROUND(U104*0.09,2) -> 0 | W104: =SUM(U104)+SUM(V104) -> 0 | Y104: =IF(SUM(P104)=0,"",ROUND(SUM(X104)/SUM(P104),2)) -> 0
A105: 99 | B105: 2 | C105: 3 | D105: 2 | E105: 201 | G105: 普通住宅 | H105: 已售 | I105: 货币收入 | J105: 20230001449 | K105: 44973 | L105: 489947.71 | M105: 安尼瓦·艾买提 | N105: 109.48 | P105: 109.48 | S105: 065002200105 | T105: 03022265 | U105: 489947.71 | V105: =ROUND(U105*0.09,2) -> 44095.29 | W105: =SUM(U105)+SUM(V105) -> 534043 | X105: =U105 -> 489947.71 | Y105: =IF(SUM(P105)=0,"",ROUND(SUM(X105)/SUM(P105),2)) -> 4475.23
A106: 100 | B106: 2 | C106: 3 | D106: 2 | E106: 202 | G106: 普通住宅 | H106: 未售 | N106: 120.69 | P106: 120.69 | V106: =ROUND(U106*0.09,2) -> 0 | W106: =SUM(U106)+SUM(V106) -> 0 | Y106: =IF(SUM(P106)=0,"",ROUND(SUM(X106)/SUM(P106),2)) -> 0
A107: 101 | B107: 2 | C107: 3 | D107: 3 | E107: 301 | G107: 普通住宅 | H107: 已售 | I107: 货币收入 | J107: 20220000721 | K107: 2022-01-27 | L107: 506666 | M107: 张彩旗 | N107: 109.48 | P107: 109.48 | S107: 065001900105 | T107: 01928481 | U107: 464831.19 | V107: =ROUND(U107*0.09,2) -> 41834.81 | W107: =SUM(U107)+SUM(V107) -> 506666 | X107: =U107 -> 464831.19 | Y107: =IF(SUM(P107)=0,"",ROUND(SUM(X107)/SUM(P107),2)) -> 4245.81
A108: 102 | B108: 2 | C108: 3 | D108: 3 | E108: 302 | G108: 普通住宅 | H108: 未售 | N108: 120.69 | P108: 120.69 | V108: =ROUND(U108*0.09,2) -> 0 | W108: =SUM(U108)+SUM(V108) -> 0 | Y108: =IF(SUM(P108)=0,"",ROUND(SUM(X108)/SUM(P108),2)) -> 0
A109: 103 | B109: 2 | C109: 3 | D109: 4 | E109: 401 | G109: 普通住宅 | H109: 已售 | I109: 货币收入 | J109: 20220005737 | K109: 2022-07-20 | L109: 512366 | M109: 王新升 | N109: 109.48 | P109: 109.48 | S109: 065002100105 | T109: 01500511 | U109: 470060.55 | V109: =ROUND(U109*0.09,2) -> 42305.45 | W109: =SUM(U109)+SUM(V109) -> 512366 | X109: =U109 -> 470060.55 | Y109: =IF(SUM(P109)=0,"",ROUND(SUM(X109)/SUM(P109),2)) -> 4293.57
A110: 104 | B110: 2 | C110: 3 | D110: 4 | E110: 402 | G110: 普通住宅 | H110: 已售 | I110: 货币收入 | J110: 20210011503 | K110: 2021-11-09 | L110: 565071 | M110: 康志城 | N110: 120.69 | P110: 120.69 | S110: 065001900105 | T110: 01913623 | U110: 518413.76 | V110: =ROUND(U110*0.09,2) -> 46657.24 | W110: =SUM(U110)+SUM(V110) -> 565071 | X110: =U110 -> 518413.76 | Y110: =IF(SUM(P110)=0,"",ROUND(SUM(X110)/SUM(P110),2)) -> 4295.42
A111: 105 | B111: 2 | C111: 3 | D111: 5 | E111: 501 | G111: 普通住宅 | H111: 已售 | I111: 货币收入 | J111: 20220000671 | K111: 2022-01-25 | L111: 517840 | M111: 刘军 | N111: 109.48 | P111: 109.48 | S111: 065001900105 | T111: 01913746 | U111: 475082.57 | V111: =ROUND(U111*0.09,2) -> 42757.43 | W111: =SUM(U111)+SUM(V111) -> 517840 | X111: =U111 -> 475082.57 | Y111: =IF(SUM(P111)=0,"",ROUND(SUM(X111)/SUM(P111),2)) -> 4339.45
A112: 106 | B112: 2 | C112: 3 | D112: 5 | E112: 502 | G112: 普通住宅 | H112: 已售 | I112: 货币收入 | J112: 20210010336 | K112: 2021-10-08 | L112: 428588 | M112: 刘静 | N112: 120.69 | P112: 120.69 | S112: 065001900105 | T112: 01913694 | U112: 393200 | V112: =ROUND(U112*0.09,2) -> 35388 | W112: =SUM(U112)+SUM(V112) -> 428588 | X112: =U112 -> 393200 | Y112: =IF(SUM(P112)=0,"",ROUND(SUM(X112)/SUM(P112),2)) -> 3257.93
A113: 107 | B113: 2 | C113: 3 | D113: 6 | E113: 601 | G113: 普通住宅 | H113: 已售 | I113: 货币收入 | J113: 20230005873 | K113: 2023-07-13 | L113: 533387 | M113: 阿布力孜·阿布来提 | N113: 109.48 | P113: 109.48 | S113: 065002100105 | T113: 01537171 | U113: 489345.87 | V113: =ROUND(U113*0.09,2) -> 44041.13 | W113: =SUM(U113)+SUM(V113) -> 533387 | X113: =U113 -> 489345.87 | Y113: =IF(SUM(P113)=0,"",ROUND(SUM(X113)/SUM(P113),2)) -> 4469.73
A114: 108 | B114: 2 | C114: 3 | D114: 6 | E114: 602 | G114: 普通住宅 | H114: 已售 | I114: 货币收入 | J114: 20230000729 | K114: 2023-02-06 | L114: 398277 | M114: 荆彦忠 | N114: 120.69 | P114: 120.69 | S114: 065001900105 | T114: 01500544 | U114: 365391.74 | V114: =ROUND(U114*0.09,2) -> 32885.26 | W114: =SUM(U114)+SUM(V114) -> 398277 | X114: =U114 -> 365391.74 | Y114: =IF(SUM(P114)=0,"",ROUND(SUM(X114)/SUM(P114),2)) -> 3027.52
A115: 109 | B115: 2 | C115: 1 | D115: -1 | E115: -101 | G115: 其他营业性房产 | H115: 不可售 | N115: 26.87 | P115: 26.87 | V115: =SUM(T115)+SUM(U115) -> 0 | X115: =IF(SUM(O115)=0,"",ROUND(SUM(W115)/SUM(O115),2))
A116: 110 | B116: 2 | C116: 1 | D116: -1 | E116: -102 | G116: 其他营业性房产 | H116: 不可售 | N116: 22.77 | P116: 22.77 | V116: =SUM(T116)+SUM(U116) -> 0 | X116: =IF(SUM(O116)=0,"",ROUND(SUM(W116)/SUM(O116),2))
A117: 111 | B117: 2 | C117: 1 | D117: -1 | E117: -103 | G117: 其他营业性房产 | H117: 不可售 | N117: 19.38 | P117: 19.38 | V117: =SUM(T117)+SUM(U117) -> 0 | X117: =IF(SUM(O117)=0,"",ROUND(SUM(W117)/SUM(O117),2))
A118: 112 | B118: 2 | C118: 1 | D118: -1 | E118: -104 | G118: 其他营业性房产 | H118: 不可售 | N118: 11.78 | P118: 11.78 | V118: =SUM(T118)+SUM(U118) -> 0 | X118: =IF(SUM(O118)=0,"",ROUND(SUM(W118)/SUM(O118),2))
A119: 113 | B119: 2 | C119: 1 | D119: -1 | E119: -105 | G119: 其他营业性房产 | H119: 不可售 | N119: 16.6 | P119: 16.6 | V119: =SUM(T119)+SUM(U119) -> 0 | X119: =IF(SUM(O119)=0,"",ROUND(SUM(W119)/SUM(O119),2))
A120: 114 | B120: 2 | C120: 1 | D120: -1 | E120: -106 | G120: 其他营业性房产 | H120: 不可售 | N120: 19.63 | P120: 19.63 | V120: =SUM(T120)+SUM(U120) -> 0 | X120: =IF(SUM(O120)=0,"",ROUND(SUM(W120)/SUM(O120),2))
A121: 115 | B121: 2 | C121: 1 | D121: -1 | E121: -107 | G121: 其他营业性房产 | H121: 不可售 | N121: 19.63 | P121: 19.63 | V121: =SUM(T121)+SUM(U121) -> 0 | X121: =IF(SUM(O121)=0,"",ROUND(SUM(W121)/SUM(O121),2))
A122: 116 | B122: 2 | C122: 1 | D122: -1 | E122: -108 | G122: 其他营业性房产 | H122: 不可售 | N122: 19.63 | P122: 19.63 | V122: =SUM(T122)+SUM(U122) -> 0 | X122: =IF(SUM(O122)=0,"",ROUND(SUM(W122)/SUM(O122),2))
A123: 117 | B123: 2 | C123: 1 | D123: -1 | E123: -109 | G123: 其他营业性房产 | H123: 不可售 | N123: 16.89 | P123: 16.89 | V123: =SUM(T123)+SUM(U123) -> 0 | X123: =IF(SUM(O123)=0,"",ROUND(SUM(W123)/SUM(O123),2))
A124: 118 | B124: 2 | C124: 1 | D124: -1 | E124: -110 | G124: 其他营业性房产 | H124: 不可售 | N124: 22.38 | P124: 22.38 | V124: =SUM(T124)+SUM(U124) -> 0 | X124: =IF(SUM(O124)=0,"",ROUND(SUM(W124)/SUM(O124),2))
A125: 119 | B125: 2 | C125: 1 | D125: -1 | E125: -111 | G125: 其他营业性房产 | H125: 不可售 | N125: 12.47 | P125: 12.47 | V125: =SUM(T125)+SUM(U125) -> 0 | X125: =IF(SUM(O125)=0,"",ROUND(SUM(W125)/SUM(O125),2))
A126: 120 | B126: 2 | C126: 1 | D126: -1 | E126: -112 | G126: 其他营业性房产 | H126: 不可售 | N126: 12.47 | P126: 12.47 | V126: =SUM(T126)+SUM(U126) -> 0 | X126: =IF(SUM(O126)=0,"",ROUND(SUM(W126)/SUM(O126),2))
... A150: 144 | B150: 2 | C150: 1 | D150: -1 | E150: -136 | G150: 其他营业性房产 | H150: 不可售 | N150: 26.87 | P150: 26.87 | V150: =SUM(T150)+SUM(U150) -> 0 | X150: =IF(SUM(O150)=0,"",ROUND(SUM(W150)/SUM(O150),2))
A151: 145 | B151: 3 | C151: 1 | D151: 1 | E151: 101 | G151: 普通住宅 | H151: 已售 | I151: 货币收入 | J151: 20210001812 | K151: 2021-02-26 | L151: 482760 | M151: 马沛宁 | N151: 120.69 | P151: 120.69 | S151: 065001900105 | T151: 01913713 | U151: 442899.08 | V151: =ROUND(U151*0.09,2) -> 39860.92 | W151: =SUM(U151)+SUM(V151) -> 482760 | X151: =U151 -> 442899.08 | Y151: =IF(SUM(P151)=0,"",ROUND(SUM(X151)/SUM(P151),2)) -> 3669.72
A152: 146 | B152: 3 | C152: 1 | D152: 1 | E152: 102 | G152: 普通住宅 | H152: 已售 | I152: 货币收入 | J152: 20220002614 | K152: 2022-04-06 | L152: 492660 | M152: 秦亚红 | N152: 109.48 | P152: 109.48 | S152: 065001900105 | T152: 01928532 | U152: 451981.65 | V152: =ROUND(U152*0.09,2) -> 40678.35 | W152: =SUM(U152)+SUM(V152) -> 492660 | X152: =U152 -> 451981.65 | Y152: =IF(SUM(P152)=0,"",ROUND(SUM(X152)/SUM(P152),2)) -> 4128.44
A153: 147 | B153: 3 | C153: 1 | D153: 2 | E153: 201 | G153: 普通住宅 | H153: 已售 | I153: 货币收入 | J153: 20210001821 | K153: 2021-02-26 | L153: 398277 | M153: 吴运建 | N153: 120.69 | P153: 120.69 | S153: 05001800105 | T153: 09204199 | U153: 365391.74 | V153: =ROUND(U153*0.09,2) -> 32885.26 | W153: =SUM(U153)+SUM(V153) -> 398277 | X153: =U153 -> 365391.74 | Y153: =IF(SUM(P153)=0,"",ROUND(SUM(X153)/SUM(P153),2)) -> 3027.52
A154: 148 | B154: 3 | C154: 1 | D154: 2 | E154: 202 | G154: 普通住宅 | H154: 已售 | I154: 货币收入 | J154: 20200011434 | K154: 2020-11-25 | L154: 361284 | M154: 邓义、王世娟 | N154: 109.48 | P154: 109.48 | S154: 065001900105 | T154: 01913642 | U154: 331453.21 | V154: =ROUND(U154*0.09,2) -> 29830.79 | W154: =SUM(U154)+SUM(V154) -> 361284 | X154: =U154 -> 331453.21 | Y154: =IF(SUM(P154)=0,"",ROUND(SUM(X154)/SUM(P154),2)) -> 3027.52
A155: 149 | B155: 3 | C155: 1 | D155: 3 | E155: 301 | G155: 普通住宅 | H155: 已售 | I155: 货币收入 | J155: 20210007323 | K155: 2021-08-06 | L155: 398277 | M155: 文雪纲、王锡梅 | N155: 120.69 | P155: 120.69 | S155: 05001800105 | T155: 09204186 | U155: 365391.74 | V155: =ROUND(U155*0.09,2) -> 32885.26 | W155: =SUM(U155)+SUM(V155) -> 398277 | X155: =U155 -> 365391.74 | Y155: =IF(SUM(P155)=0,"",ROUND(SUM(X155)/SUM(P155),2)) -> 3027.52
A156: 150 | B156: 3 | C156: 1 | D156: 3 | E156: 302 | G156: 普通住宅 | H156: 已售 | I156: 货币收入 | J156: 20200001382 | K156: 2020-03-20 | L156: 399602 | M156: 王燕锋 | N156: 109.48 | P156: 109.48 | S156: 065001900105 | T156: 01913711 | U156: 366607.34 | V156: =ROUND(U156*0.09,2) -> 32994.66 | W156: =SUM(U156)+SUM(V156) -> 399602 | X156: =U156 -> 366607.34 | Y156: =IF(SUM(P156)=0,"",ROUND(SUM(X156)/SUM(P156),2)) -> 3348.62
A157: 151 | B157: 3 | C157: 1 | D157: 4 | E157: 401 | G157: 普通住宅 | H157: 已售 | I157: 货币收入 | J157: 20200010933 | K157: 2020-11-12 | L157: 398277 | M157: 卢彤 | N157: 120.69 | P157: 120.69 | S157: 065001900105 | T157: 01913594 | U157: 365391.74 | V157: =ROUND(U157*0.09,2) -> 32885.26 | W157: =SUM(U157)+SUM(V157) -> 398277 | X157: =U157 -> 365391.74 | Y157: =IF(SUM(P157)=0,"",ROUND(SUM(X157)/SUM(P157),2)) -> 3027.52
A158: 152 | B158: 3 | C158: 1 | D158: 4 | E158: 402 | G158: 普通住宅 | H158: 已售 | I158: 货币收入 | J158: 20200006951 | K158: 2020-07-15 | L158: 416024 | M158: 张卫龙 | N158: 109.48 | P158: 109.48 | S158: 065001900105 | T158: 01913641 | U158: 381673.39 | V158: =ROUND(U158*0.09,2) -> 34350.61 | W158: =SUM(U158)+SUM(V158) -> 416024 | X158: =U158 -> 381673.39 | Y158: =IF(SUM(P158)=0,"",ROUND(SUM(X158)/SUM(P158),2)) -> 3486.24
A159: 153 | B159: 3 | C159: 1 | D159: 5 | E159: 501 | G159: 普通住宅 | H159: 已售 | I159: 货币收入 | J159: 20200008614 | K159: 2020-09-22 | L159: 457669 | M159: 丁亭亭 | N159: 120.69 | P159: 120.69 | S159: 065001900105 | T159: 01913704 | U159: 419879.82 | V159: =ROUND(U159*0.09,2) -> 37789.18 | W159: =SUM(U159)+SUM(V159) -> 457669 | X159: =U159 -> 419879.82 | Y159: =IF(SUM(P159)=0,"",ROUND(SUM(X159)/SUM(P159),2)) -> 3478.99
A160: 154 | B160: 3 | C160: 1 | D160: 5 | E160: 502 | G160: 普通住宅 | H160: 已售 | I160: 货币收入 | J160: 20200010938 | K160: 2020-11-12 | L160: 361284 | M160: 卢素珍 | N160: 109.48 | P160: 109.48 | S160: 065001900105 | T160: 01913589 | U160: 331453.21 | V160: =ROUND(U160*0.09,2) -> 29830.79 | W160: =SUM(U160)+SUM(V160) -> 361284 | X160: =U160 -> 331453.21 | Y160: =IF(SUM(P160)=0,"",ROUND(SUM(X160)/SUM(P160),2)) -> 3027.52
A161: 155 | B161: 3 | C161: 1 | D161: 6 | E161: 601 | G161: 普通住宅 | H161: 已售 | I161: 货币收入 | J161: 20210000987 | K161: 2021-01-25 | L161: 398277 | M161: 李祥旺 | N161: 120.69 | P161: 120.69 | S161: 065001900105 | T161: 01913644 | U161: 365391.74 | V161: =ROUND(U161*0.09,2) -> 32885.26 | W161: =SUM(U161)+SUM(V161) -> 398277 | X161: =U161 -> 365391.74 | Y161: =IF(SUM(P161)=0,"",ROUND(SUM(X161)/SUM(P161),2)) -> 3027.52
A162: 156 | B162: 3 | C162: 1 | D162: 6 | E162: 602 | G162: 普通住宅 | H162: 已售 | I162: 货币收入 | J162: 20200012027 | K162: 2020-12-07 | L162: 361284 | M162: 欧惠玲、吴晓军 | N162: 109.48 | P162: 109.48 | S162: 05001800105 | T162: 09204203 | U162: 331453.21 | V162: =ROUND(U162*0.09,2) -> 29830.79 | W162: =SUM(U162)+SUM(V162) -> 361284 | X162: =U162 -> 331453.21 | Y162: =IF(SUM(P162)=0,"",ROUND(SUM(X162)/SUM(P162),2)) -> 3027.52
... A186: 180 | B186: 3 | C186: 3 | D186: 6 | E186: 602 | G186: 普通住宅 | H186: 已售 | I186: 货币收入 | J186: 20210008457 | K186: 2021-08-31 | L186: 398277 | M186: 戴江、邓海燕 | N186: 120.69 | P186: 120.69 | S186: 05001800105 | T186: 09204221 | U186: 365391.74 | V186: =ROUND(U186*0.09,2) -> 32885.26 | W186: =SUM(U186)+SUM(V186) -> 398277 | X186: =U186 -> 365391.74 | Y186: =IF(SUM(P186)=0,"",ROUND(SUM(X186)/SUM(P186),2)) -> 3027.52
A187: 181 | B187: 3 | C187: 1 | D187: -1 | E187: -101 | G187: 其他营业性房产 | H187: 不可售 | N187: 26.87 | P187: 26.87 | V187: =SUM(T187)+SUM(U187) -> 0 | X187: =IF(SUM(O187)=0,"",ROUND(SUM(W187)/SUM(O187),2))
A188: 182 | B188: 3 | C188: 1 | D188: -1 | E188: -102 | G188: 其他营业性房产 | H188: 不可售 | N188: 22.77 | P188: 22.77 | V188: =SUM(T188)+SUM(U188) -> 0 | X188: =IF(SUM(O188)=0,"",ROUND(SUM(W188)/SUM(O188),2))
A189: 183 | B189: 3 | C189: 1 | D189: -1 | E189: -103 | G189: 其他营业性房产 | H189: 不可售 | N189: 19.38 | P189: 19.38 | V189: =SUM(T189)+SUM(U189) -> 0 | X189: =IF(SUM(O189)=0,"",ROUND(SUM(W189)/SUM(O189),2))
A190: 184 | B190: 3 | C190: 1 | D190: -1 | E190: -104 | G190: 其他营业性房产 | H190: 不可售 | N190: 11.78 | P190: 11.78 | V190: =SUM(T190)+SUM(U190) -> 0 | X190: =IF(SUM(O190)=0,"",ROUND(SUM(W190)/SUM(O190),2))
A191: 185 | B191: 3 | C191: 1 | D191: -1 | E191: -105 | G191: 其他营业性房产 | H191: 不可售 | N191: 16.6 | P191: 16.6 | V191: =SUM(T191)+SUM(U191) -> 0 | X191: =IF(SUM(O191)=0,"",ROUND(SUM(W191)/SUM(O191),2))
...

Sheet 附表7-扣除项目明细采集底稿
A1: T23210附表7-扣除项目明细采集底稿
A2: =土地增值税税源明细表!F5&"："&土地增值税税源明细表!H5&" "&土地增值税税源明细表!A5&"："&土地增值税税源明细表!B5&" "&"金额单位:人民币元(列至角分)" -> 项目编码：Z65280120200013 项目名称：春和景苑 金额单位:人民币元(列至角分)
A3: 序号 | B3: *记账日期 | C3: *记账凭证号码 | D3: *科目名称 | E3: *二级科目名称 | F3: 内容摘要 | G3: 合同编号 | H3: 合同名称 | I3: 合同类别 | J3: 收款单位 | K3: *凭据类型 | L3: 发票(凭据)代码 | M3: 发票(凭据)号码 | N3: *发票(凭据)金额 | O3: *付款金额 | P3: *记账金额 | Q3: 申报调整金额 | R3: *申报扣除的记账金额 | S3: 分摊至本项目比例 | T3: *本项目扣除金额 | U3: 情况说明 | V3: *成本对象类型 | W3: *普通住宅分摊金额 | X3: *非普通住宅分摊金额 | Y3: *其他类型房产分摊金额 | Z3: *分摊方法 | AA3: 分摊方法说明 | AB3: *是否可加计扣除
A4: 总计 | B4: * | C4: * | D4: * | E4: * | F4: * | G4: * | H4: * | I4: * | J4: * | K4: * | L4: * | M4: * | N4: =SUM(N$7:N$1048482) -> 34534695 | O4: =SUM(O$7:O$1048482) -> 43854522 | P4: =SUM(P$7:P$1048482) -> 39234106 | Q4: =SUM(Q$7:Q$1048482) -> -7204194.5 | R4: =SUM(R$7:R$1048482) -> 31621471 | S4: =IF(R5=0,"",ROUND(T5/R5,6)) -> 0.980098 | T4: =SUM(T$7:T$1048482) -> 30992133 | U4: * | V4: * | W4: =SUM(W$7:W$1048482) -> 30992133 | X4: =SUM(X$7:X$1048482) -> 0 | Y4: =SUM(Y$7:Y$1048482) -> 0 | Z4: * | AA4: * | AB4: *
A5: 筛选小计 | B5: * | C5: * | D5: * | E5: * | F5: * | G5: * | H5: * | I5: * | J5: * | K5: * | L5: * | M5: * | N5: =SUBTOTAL(9,N$7:N$1048482) -> 34534695 | O5: =SUBTOTAL(9,O$7:O$1048482) -> 43854522 | P5: =SUBTOTAL(9,P$7:P$1048482) -> 39234106 | Q5: =SUBTOTAL(9,Q$7:Q$1048482) -> -7204194.5 | R5: =SUBTOTAL(9,R$7:R$1048482) -> 31621471 | S5: =IF(SUM(R6)=0,"",ROUND(SUM(T6)/SUM(R6),6)) | T5: =SUBTOTAL(9,T$7:T$1048482) -> 30992133 | U5: * | V5: * | W5: =SUBTOTAL(9,W$7:W$1048482) -> 30992133 | X5: =SUBTOTAL(9,X$7:X$1048482) -> 0 | Y5: =SUBTOTAL(9,Y$7:Y$1048482) -> 0 | Z5: * | AA5: * | AB5: *
A6: 列次 | B6: 1 | C6: 2 | D6: 3 | E6: 4 | F6: 5 | G6: 6 | H6: 7 | I6: 8 | J6: 9 | K6: 10 | L6: 11 | M6: 12 | N6: 13 | O6: 14 | P6: 15 | Q6: 16 | R6: 17=15+16 | S6: 18 | T6: 19=17*18 | U6: 20 | V6: 21 | W6: 22 | X6: 23=19-22-24 | Y6: 24 | Z6: 25 | AA6: 26 | AB6: 27
A7: 1 | B7: 43341 | C7: 0078 | D7: 前期工程费 | E7: 设计费用 | F7: 春和景苑项目设计费 | G7: 春和景苑1# | H7: =IF(G7="","",VLOOKUP(G7,'附表8-合同明细采集底稿'!B:I,2,0)) -> 建设工程设计合同（民用建设工程设计合同） | I7: =IF(G7="","",VLOOKUP(G7,'附表8-合同明细采集底稿'!B:I,3,0)) -> 技术合同 | J7: =IF(G7="","",VLOOKUP(G7,'附表8-合同明细采集底稿'!B:I,4,0)) -> 库尔勒开拓规划设计研究院 | K7: 增值税专用发票 | L7: 6500181130 | M7: 01862931 | N7: 26792.45 | O7: 28400 | P7: 26792.45 | R7: =P7+Q7 -> 26792.45 | S7: =IFERROR(VLOOKUP(G7,'附表8-合同明细采集底稿'!B:M,12,0),100%) -> 1 | T7: =ROUND(SUM(R7)*SUM(S7),2) -> 26792.45 | V7: 共同成本费用 | W7: =IF('附表1-面积统计表'!$D$29=0,"",IF(AND(V7="共同成本费用",Z7="总建筑面积法"),ROUND(T7/'附表1-面积统计表'!$D$29*'附表1-面积统计表'!$D$5,2),IF(AND(V7="共同成本费用",Z7="可售建筑面积法"),ROUND(T7/'附表1-面积统计表'!$F$29*'附表1-面积统计表'!$F$5,2),"请手工填写"))) -> 26792.45 | X7: =IF(SUM('附表1-面积统计表'!$D$6)=0,"",SUM(T7)-SUM(W7)-SUM(Y7)) | Y7: =IF(SUM('附表1-面积统计表'!$D$6)=0,SUM(T7)-SUM(W7),IF('附表1-面积统计表'!$D$29=0,"",IF(AND(V7="共同成本费用",Z7="总建筑面积法"),ROUND(T7/'附表1-面积统计表'!$D$29*'附表1-面积统计表'!$D$7,2),IF(AND(V7="共同成本费用",Z7="可售建筑面积法"),ROUND(T7/'附表1-面积统计表'!$F$29*'附表1-面积统计表'!$F$7,2),"请手工填写")))) -> 0 | Z7: 可售建筑面积法 | AB7: 可加计 | AE7: 仅认可1-3#住宅楼的含税设计费126360，/1.06=119207.55 | AF7: 21422.17 | AG7: =T7-AF7 -> 5370.28
A8: 2 | B8: 43353 | C8: 0010 | D8: 前期工程费 | E8: 设计费用 | F8: 春和景苑红蓝线测绘费 | H8: =IF(G8="","",VLOOKUP(G8,'附表8-合同明细采集底稿'!B:I,2,0)) | I8: =IF(G8="","",VLOOKUP(G8,'附表8-合同明细采集底稿'!B:I,3,0)) | J8: 库尔勒天拓勘察测绘院 | K8: 增值税专用发票 | L8: 6500181130 | M8: 01933325 | N8: 2600 | O8: 2756 | P8: 2600 | R8: =P8+Q8 -> 2600 | S8: ='附表8-合同明细采集底稿'!$M$7 -> 0.72594598 | T8: =ROUND(SUM(R8)*SUM(S8),2) -> 1887.46 | V8: 共同成本费用 | W8: =IF('附表1-面积统计表'!$D$29=0,"",IF(AND(V8="共同成本费用",Z8="总建筑面积法"),ROUND(T8/'附表1-面积统计表'!$D$29*'附表1-面积统计表'!$D$5,2),IF(AND(V8="共同成本费用",Z8="可售建筑面积法"),ROUND(T8/'附表1-面积统计表'!$F$29*'附表1-面积统计表'!$F$5,2),"请手工填写"))) -> 1887.46 | X8: =IF(SUM('附表1-面积统计表'!$D$6)=0,"",SUM(T8)-SUM(W8)-SUM(Y8)) | Y8: =IF(SUM('附表1-面积统计表'!$D$6)=0,SUM(T8)-SUM(W8),IF('附表1-面积统计表'!$D$29=0,"",IF(AND(V8="共同成本费用",Z8="总建筑面积法"),ROUND(T8/'附表1-面积统计表'!$D$29*'附表1-面积统计表'!$D$7,2),IF(AND(V8="共同成本费用",Z8="可售建筑面积法"),ROUND(T8/'附表1-面积统计表'!$F$29*'附表1-面积统计表'!$F$7,2),"请手工填写")))) -> 0 | Z8: 可售建筑面积法 | AB8: 可加计 | AC8: 1总规 | AF8: 2600 | AG8: =T8-AF8 -> -712.54
A9: 3 | B9: 43353 | C9: 0016 | D9: 前期工程费 | E9: 其他前期工程费 | F9: 春和景苑公示费 | H9: =IF(G9="","",VLOOKUP(G9,'附表8-合同明细采集底稿'!B:I,2,0)) | I9: =IF(G9="","",VLOOKUP(G9,'附表8-合同明细采集底稿'!B:I,3,0)) | J9: 库尔勒天拓规划设计研究院 | K9: 增值税专用发票 | L9: 6500174130 | M9: 02900013 | N9: 943.4 | O9: 1000 | P9: 1000 | Q9: =P9/1.06-P9 -> -56.603774 | R9: =P9+Q9 -> 943.39623 | S9: ='附表8-合同明细采集底稿'!$M$7 -> 0.72594598 | T9: =ROUND(SUM(R9)*SUM(S9),2) -> 684.85 | V9: 共同成本费用 | W9: =IF('附表1-面积统计表'!$D$29=0,"",IF(AND(V9="共同成本费用",Z9="总建筑面积法"),ROUND(T9/'附表1-面积统计表'!$D$29*'附表1-面积统计表'!$D$5,2),IF(AND(V9="共同成本费用",Z9="可售建筑面积法"),ROUND(T9/'附表1-面积统计表'!$F$29*'附表1-面积统计表'!$F$5,2),"请手工填写"))) -> 684.85 | X9: =IF(SUM('附表1-面积统计表'!$D$6)=0,"",SUM(T9)-SUM(W9)-SUM(Y9)) | Y9: =IF(SUM('附表1-面积统计表'!$D$6)=0,SUM(T9)-SUM(W9),IF('附表1-面积统计表'!$D$29=0,"",IF(AND(V9="共同成本费用",Z9="总建筑面积法"),ROUND(T9/'附表1-面积统计表'!$D$29*'附表1-面积统计表'!$D$7,2),IF(AND(V9="共同成本费用",Z9="可售建筑面积法"),ROUND(T9/'附表1-面积统计表'!$F$29*'附表1-面积统计表'!$F$7,2),"请手工填写")))) -> 0 | Z9: 可售建筑面积法 | AB9: 可加计 | AC9: 1总规 | AD9: 补未抵扣 | AE9: 公示什么？专票943.4 | AF9: 1000 | AG9: =T9-AF9 -> -315.15
A10: 4 | B10: 43361 | C10: 0038 | D10: 前期工程费 | E10: 设计费用 | F10: 春和景苑设计费 | G10: 春和景苑1# | H10: =IF(G10="","",VLOOKUP(G10,'附表8-合同明细采集底稿'!B:I,2,0)) -> 建设工程设计合同（民用建设工程设计合同） | I10: =IF(G10="","",VLOOKUP(G10,'附表8-合同明细采集底稿'!B:I,3,0)) -> 技术合同 | J10: =IF(G10="","",VLOOKUP(G10,'附表8-合同明细采集底稿'!B:I,4,0)) -> 库尔勒开拓规划设计研究院 | K10: 增值税专用发票 | L10: 6500181130 | M10: 01942404 | N10: 30566.04 | O10: 32400 | P10: 30566.04 | R10: =P10+Q10 -> 30566.04 | S10: =IFERROR(VLOOKUP(G10,'附表8-合同明细采集底稿'!B:M,12,0),100%) -> 1 | T10: =ROUND(SUM(R10)*SUM(S10),2) -> 30566.04 | V10: 共同成本费用 | W10: =IF('附表1-面积统计表'!$D$29=0,"",IF(AND(V10="共同成本费用",Z10="总建筑面积法"),ROUND(T10/'附表1-面积统计表'!$D$29*'附表1-面积统计表'!$D$5,2),IF(AND(V10="共同成本费用",Z10="可售建筑面积法"),ROUND(T10/'附表1-面积统计表'!$F$29*'附表1-面积统计表'!$F$5,2),"请手工填写"))) -> 30566.04 | X10: =IF(SUM('附表1-面积统计表'!$D$6)=0,"",SUM(T10)-SUM(W10)-SUM(Y10)) | Y10: =IF(SUM('附表1-面积统计表'!$D$6)=0,SUM(T10)-SUM(W10),IF('附表1-面积统计表'!$D$29=0,"",IF(AND(V10="共同成本费用",Z10="总建筑面积法"),ROUND(T10/'附表1-面积统计表'!$D$29*'附表1-面积统计表'!$D$7,2),IF(AND(V10="共同成本费用",Z10="可售建筑面积法"),ROUND(T10/'附表1-面积统计表'!$F$29*'附表1-面积统计表'!$F$7,2),"请手工填写")))) -> 0 | Z10: 可售建筑面积法 | AB10: 可加计 | AF10: 30566.04 | AG10: =T10-AF10 -> 0
A11: 5 | B11: 43373 | C11: 0066 | D11: 前期工程费 | E11: 其他前期工程费 | F11: 春和景苑施工图审查费 | G11: 春和33# | H11: =IF(G11="","",VLOOKUP(G11,'附表8-合同明细采集底稿'!B:I,2,0)) -> 巴州建筑工程施工图设计文件审查中心 | I11: =IF(G11="","",VLOOKUP(G11,'附表8-合同明细采集底稿'!B:I,3,0)) -> 建设工程合同 | J11: =IF(G11="","",VLOOKUP(G11,'附表8-合同明细采集底稿'!B:I,4,0)) -> 巴州建筑工程施工图设计文件审查中心 | K11: 增值税专用发票 | L11: 6500181130 | M11: 01854910 | N11: 13310.38 | O11: 14109 | P11: 13310.38 | R11: =P11+Q11 -> 13310.38 | S11: =IFERROR(VLOOKUP(G11,'附表8-合同明细采集底稿'!B:M,12,0),100%) -> 1 | T11: =ROUND(SUM(R11)*SUM(S11),2) -> 13310.38 | V11: 共同成本费用 | W11: =IF('附表1-面积统计表'!$D$29=0,"",IF(AND(V11="共同成本费用",Z11="总建筑面积法"),ROUND(T11/'附表1-面积统计表'!$D$29*'附表1-面积统计表'!$D$5,2),IF(AND(V11="共同成本费用",Z11="可售建筑面积法"),ROUND(T11/'附表1-面积统计表'!$F$29*'附表1-面积统计表'!$F$5,2),"请手工填写"))) -> 13310.38 | X11: =IF(SUM('附表1-面积统计表'!$D$6)=0,"",SUM(T11)-SUM(W11)-SUM(Y11)) | Y11: =IF(SUM('附表1-面积统计表'!$D$6)=0,SUM(T11)-SUM(W11),IF('附表1-面积统计表'!$D$29=0,"",IF(AND(V11="共同成本费用",Z11="总建筑面积法"),ROUND(T11/'附表1-面积统计表'!$D$29*'附表1-面积统计表'!$D$7,2),IF(AND(V11="共同成本费用",Z11="可售建筑面积法"),ROUND(T11/'附表1-面积统计表'!$F$29*'附表1-面积统计表'!$F$7,2),"请手工填写")))) -> 0 | Z11: 可售建筑面积法 | AB11: 可加计 | AF11: 13310.38 | AG11: =T11-AF11 -> 0
A12: 6 | B12: 43381 | C12: 0007 | D12: 前期工程费 | E12: 其他前期工程费 | F12: 春和景苑公示牌制作费及红线图扫描费 | H12: =IF(G12="","",VLOOKUP(G12,'附表8-合同明细采集底稿'!B:I,2,0)) | I12: =IF(G12="","",VLOOKUP(G12,'附表8-合同明细采集底稿'!B:I,3,0)) | J12: 库尔勒春磊广告制作中心 | K12: 增值税普通发票 | L12: 065001800111 | M12: 01985124 | N12: 615 | O12: 615 | P12: 615 | R12: =P12+Q12 -> 615 | S12: ='附表8-合同明细采集底稿'!$M$7 -> 0.72594598 | T12: =ROUND(SUM(R12)*SUM(S12),2) -> 446.46 | V12: 共同成本费用 | W12: =IF('附表1-面积统计表'!$D$29=0,"",IF(AND(V12="共同成本费用",Z12="总建筑面积法"),ROUND(T12/'附表1-面积统计表'!$D$29*'附表1-面积统计表'!$D$5,2),IF(AND(V12="共同成本费用",Z12="可售建筑面积法"),ROUND(T12/'附表1-面积统计表'!$F$29*'附表1-面积统计表'!$F$5,2),"请手工填写"))) -> 446.46 | X12: =IF(SUM('附表1-面积统计表'!$D$6)=0,"",SUM(T12)-SUM(W12)-SUM(Y12)) | Y12: =IF(SUM('附表1-面积统计表'!$D$6)=0,SUM(T12)-SUM(W12),IF('附表1-面积统计表'!$D$29=0,"",IF(AND(V12="共同成本费用",Z12="总建筑面积法"),ROUND(T12/'附表1-面积统计表'!$D$29*'附表1-面积统计表'!$D$7,2),IF(AND(V12="共同成本费用",Z12="可售建筑面积法"),ROUND(T12/'附表1-面积统计表'!$F$29*'附表1-面积统计表'!$F$7,2),"请手工填写")))) -> 0 | Z12: 可售建筑面积法 | AB12: 可加计 | AC12: 1总规 | AF12: 615 | AG12: =T12-AF12 -> -168.54
A13: 7 | B13: 43439 | C13: 0023 | D13: 前期工程费 | E13: 设计费用 | F13: 预付设计费 | G13: 春和景苑1# | H13: =IF(G13="","",VLOOKUP(G13,'附表8-合同明细采集底稿'!B:I,2,0)) -> 建设工程设计合同（民用建设工程设计合同） | I13: =IF(G13="","",VLOOKUP(G13,'附表8-合同明细采集底稿'!B:I,3,0)) -> 技术合同 | J13: =IF(G13="","",VLOOKUP(G13,'附表8-合同明细采集底稿'!B:I,4,0)) -> 库尔勒开拓规划设计研究院 | K13: 增值税专用发票 | L13: 6500174130 | M13: 02900087 | N13: 19251.89 | O13: 20407 | P13: 20407 | Q13: =-P13 -> -20407 | R13: =P13+Q13 -> 0 | S13: =IFERROR(VLOOKUP(G13,'附表8-合同明细采集底稿'!B:M,12,0),100%) -> 1 | T13: =ROUND(SUM(R13)*SUM(S13),2) -> 0 | U13: 未抵扣进项，二期全额扣除 | V13: 共同成本费用 | W13: =IF('附表1-面积统计表'!$D$29=0,"",IF(AND(V13="共同成本费用",Z13="总建筑面积法"),ROUND(T13/'附表1-面积统计表'!$D$29*'附表1-面积统计表'!$D$5,2),IF(AND(V13="共同成本费用",Z13="可售建筑面积法"),ROUND(T13/'附表1-面积统计表'!$F$29*'附表1-面积统计表'!$F$5,2),"请手工填写"))) -> 0 | X13: =IF(SUM('附表1-面积统计表'!$D$6)=0,"",SUM(T13)-SUM(W13)-SUM(Y13)) | Y13: =IF(SUM('附表1-面积统计表'!$D$6)=0,SUM(T13)-SUM(W13),IF('附表1-面积统计表'!$D$29=0,"",IF(AND(V13="共同成本费用",Z13="总建筑面积法"),ROUND(T13/'附表1-面积统计表'!$D$29*'附表1-面积统计表'!$D$7,2),IF(AND(V13="共同成本费用",Z13="可售建筑面积法"),ROUND(T13/'附表1-面积统计表'!$F$29*'附表1-面积统计表'!$F$7,2),"请手工填写")))) -> 0 | Z13: 可售建筑面积法 | AB13: 可加计 | AC13: 未抵扣进项 | AF13: 0 | AG13: =T13-AF13 -> 0
A14: 8 | B14: 43593 | C14: 0011 | D14: 前期工程费 | E14: 其他前期工程费 | F14: 春和景苑造价咨询费 | G14: 春和景苑3# | H14: =IF(G14="","",VLOOKUP(G14,'附表8-合同明细采集底稿'!B:I,2,0)) -> 建设工程造价咨询合同 | I14: =IF(G14="","",VLOOKUP(G14,'附表8-合同明细采集底稿'!B:I,3,0)) -> 技术合同 | J14: =IF(G14="","",VLOOKUP(G14,'附表8-合同明细采集底稿'!B:I,4,0)) -> 新疆华域建设工程项目管理咨询有限公司 | K14: 增值税专用发票 | L14: 6500162160 | M14: 00835695 | N14: 11650.49 | O14: 12000 | P14: 11650.49 | Q14: =-P14 -> -11650.49 | R14: =P14+Q14 -> 0 | S14: =IFERROR(VLOOKUP(G14,'附表8-合同明细采集底稿'!B:M,12,0),100%) -> 1 | T14: =ROUND(SUM(R14)*SUM(S14),2) -> 0 | V14: 共同成本费用 | W14: =IF('附表1-面积统计表'!$D$29=0,"",IF(AND(V14="共同成本费用",Z14="总建筑面积法"),ROUND(T14/'附表1-面积统计表'!$D$29*'附表1-面积统计表'!$D$5,2),IF(AND(V14="共同成本费用",Z14="可售建筑面积法"),ROUND(T14/'附表1-面积统计表'!$F$29*'附表1-面积统计表'!$F$5,2),"请手工填写"))) -> 0 | X14: =IF(SUM('附表1-面积统计表'!$D$6)=0,"",SUM(T14)-SUM(W14)-SUM(Y14)) | Y14: =IF(SUM('附表1-面积统计表'!$D$6)=0,SUM(T14)-SUM(W14),IF('附表1-面积统计表'!$D$29=0,"",IF(AND(V14="共同成本费用",Z14="总建筑面积法"),ROUND(T14/'附表1-面积统计表'!$D$29*'附表1-面积统计表'!$D$7,2),IF(AND(V14="共同成本费用",Z14="可售建筑面积法"),ROUND(T14/'附表1-面积统计表'!$F$29*'附表1-面积统计表'!$F$7,2),"请手工填写")))) -> 0 | Z14: 可售建筑面积法 | AB14: 可加计 | AC14: 期间费用 | AE14: 属于开发费用 | AF14: 0 | AG14: =T14-AF14 -> 0
A15: 9 | B15: 43627 | C15: 0007 | D15: 基础设施费 | E15: 供水工程支出 | F15: 春和景苑供水管道安装工程 | G15: 春和13# | H15: =IF(G15="","",VLOOKUP(G15,'附表8-合同明细采集底稿'!B:I,2,0)) -> 供水管道安装 | I15: =IF(G15="","",VLOOKUP(G15,'附表8-合同明细采集底稿'!B:I,3,0)) -> 建设工程合同 | J15: =IF(G15="","",VLOOKUP(G15,'附表8-合同明细采集底稿'!B:I,4,0)) -> 新疆昌源水务集团库尔勒银泉供水有限公司工程分公司 | K15: 增值税专用发票 | L15: 6500191130 | M15: 01532013 | N15: 33666.21 | O15: 36696.17 | P15: 33666.21 | R15: =P15+Q15 -> 33666.21 | S15: =IFERROR(VLOOKUP(G15,'附表8-合同明细采集底稿'!B:M,12,0),100%) -> 1 | T15: =ROUND(SUM(R15)*SUM(S15),2) -> 33666.21 | V15: 共同成本费用 | W15: =IF('附表1-面积统计表'!$D$29=0,"",IF(AND(V15="共同成本费用",Z15="总建筑面积法"),ROUND(T15/'附表1-面积统计表'!$D$29*'附表1-面积统计表'!$D$5,2),IF(AND(V15="共同成本费用",Z15="可售建筑面积法"),ROUND(T15/'附表1-面积统计表'!$F$29*'附表1-面积统计表'!$F$5,2),"请手工填写"))) -> 33666.21 | X15: =IF(SUM('附表1-面积统计表'!$D$6)=0,"",SUM(T15)-SUM(W15)-SUM(Y15)) | Y15: =IF(SUM('附表1-面积统计表'!$D$6)=0,SUM(T15)-SUM(W15),IF('附表1-面积统计表'!$D$29=0,"",IF(AND(V15="共同成本费用",Z15="总建筑面积法"),ROUND(T15/'附表1-面积统计表'!$D$29*'附表1-面积统计表'!$D$7,2),IF(AND(V15="共同成本费用",Z15="可售建筑面积法"),ROUND(T15/'附表1-面积统计表'!$F$29*'附表1-面积统计表'!$F$7,2),"请手工填写")))) -> 0 | Z15: 可售建筑面积法 | AB15: 可加计 | AC15: 1总规 | AE15: 无合同，发票金额含36696.17，支付为36696.17，按照合同金额计入35300.85/1.09=32386.1，其余调减 | AF15: 0 | AG15: =T15-AF15 -> 33666.21
A16: 10 | B16: 43642 | C16: 0062 | D16: 前期工程费 | E16: 其他前期工程费 | F16: 春和景苑放线费 | H16: =IF(G16="","",VLOOKUP(G16,'附表8-合同明细采集底稿'!B:I,2,0)) | I16: =IF(G16="","",VLOOKUP(G16,'附表8-合同明细采集底稿'!B:I,3,0)) | J16: 库尔勒天拓勘察测绘院 | K16: 增值税专用发票 | L16: 6500191130 | M16: 01501304 | N16: 6132.08 | O16: 6500 | P16: 6132.08 | R16: =P16+Q16 -> 6132.08 | S16: ='附表8-合同明细采集底稿'!$M$7 -> 0.72594598 | T16: =ROUND(SUM(R16)*SUM(S16),2) -> 4451.56 | V16: 共同成本费用 | W16: =IF('附表1-面积统计表'!$D$29=0,"",IF(AND(V16="共同成本费用",Z16="总建筑面积法"),ROUND(T16/'附表1-面积统计表'!$D$29*'附表1-面积统计表'!$D$5,2),IF(AND(V16="共同成本费用",Z16="可售建筑面积法"),ROUND(T16/'附表1-面积统计表'!$F$29*'附表1-面积统计表'!$F$5,2),"请手工填写"))) -> 4451.56 | X16: =IF(SUM('附表1-面积统计表'!$D$6)=0,"",SUM(T16)-SUM(W16)-SUM(Y16)) | Y16: =IF(SUM('附表1-面积统计表'!$D$6)=0,SUM(T16)-SUM(W16),IF('附表1-面积统计表'!$D$29=0,"",IF(AND(V16="共同成本费用",Z16="总建筑面积法"),ROUND(T16/'附表1-面积统计表'!$D$29*'附表1-面积统计表'!$D$7,2),IF(AND(V16="共同成本费用",Z16="可售建筑面积法"),ROUND(T16/'附表1-面积统计表'!$F$29*'附表1-面积统计表'!$F$7,2),"请手工填写")))) -> 0 | Z16: 可售建筑面积法 | AB16: 可加计 | AC16: 1总规 | AF16: 6132.08 | AG16: =T16-AF16 -> -1680.52
A17: 11 | B17: 43684 | C17: 0015 | D17: 前期工程费 | E17: 其他前期工程费 | F17: 春和景苑人防费 | H17: =IF(G17="","",VLOOKUP(G17,'附表8-合同明细采集底稿'!B:I,2,0)) | I17: =IF(G17="","",VLOOKUP(G17,'附表8-合同明细采集底稿'!B:I,3,0)) | J17: 库尔勒市财政局 | K17: 其他凭据 | M17: 6013920832 | N17: 184046.85 | O17: 184046.85 | P17: 184046.85 | R17: =P17+Q17 -> 184046.85 | S17: =IFERROR(VLOOKUP(G17,'附表8-合同明细采集底稿'!B:M,12,0),100%) -> 1 | T17: =ROUND(SUM(R17)*SUM(S17),2) -> 184046.85 | V17: 共同成本费用 | W17: =IF('附表1-面积统计表'!$D$29=0,"",IF(AND(V17="共同成本费用",Z17="总建筑面积法"),ROUND(T17/'附表1-面积统计表'!$D$29*'附表1-面积统计表'!$D$5,2),IF(AND(V17="共同成本费用",Z17="可售建筑面积法"),ROUND(T17/'附表1-面积统计表'!$F$29*'附表1-面积统计表'!$F$5,2),"请手工填写"))) -> 184046.85 | X17: =IF(SUM('附表1-面积统计表'!$D$6)=0,"",SUM(T17)-SUM(W17)-SUM(Y17)) | Y17: =IF(SUM('附表1-面积统计表'!$D$6)=0,SUM(T17)-SUM(W17),IF('附表1-面积统计表'!$D$29=0,"",IF(AND(V17="共同成本费用",Z17="总建筑面积法"),ROUND(T17/'附表1-面积统计表'!$D$29*'附表1-面积统计表'!$D$7,2),IF(AND(V17="共同成本费用",Z17="可售建筑面积法"),ROUND(T17/'附表1-面积统计表'!$F$29*'附表1-面积统计表'!$F$7,2),"请手工填写")))) -> 0 | Z17: 可售建筑面积法 | AB17: 可加计 | AF17: 184046.85 | AG17: =T17-AF17 -> 0
A18: 12 | B18: 43704 | C18: 0085 | D18: 前期工程费 | E18: 测绘费用 | F18: 春和景苑测绘费 | H18: =IF(G18="","",VLOOKUP(G18,'附表8-合同明细采集底稿'!B:I,2,0)) | I18: =IF(G18="","",VLOOKUP(G18,'附表8-合同明细采集底稿'!B:I,3,0)) | J18: 巴州新矿测绘中心 | K18: 增值税专用发票 | L18: 6500182130 | M18: 05206566 | N18: 9433.96 | O18: 10000 | P18: 9433.96 | R18: =P18+Q18 -> 9433.96 | S18: ='附表8-合同明细采集底稿'!$M$7 -> 0.72594598 | T18: =ROUND(SUM(R18)*SUM(S18),2) -> 6848.55 | V18: 共同成本费用 | W18: =IF('附表1-面积统计表'!$D$29=0,"",IF(AND(V18="共同成本费用",Z18="总建筑面积法"),ROUND(T18/'附表1-面积统计表'!$D$29*'附表1-面积统计表'!$D$5,2),IF(AND(V18="共同成本费用",Z18="可售建筑面积法"),ROUND(T18/'附表1-面积统计表'!$F$29*'附表1-面积统计表'!$F$5,2),"请手工填写"))) -> 6848.55 | X18: =IF(SUM('附表1-面积统计表'!$D$6)=0,"",SUM(T18)-SUM(W18)-SUM(Y18)) | Y18: =IF(SUM('附表1-面积统计表'!$D$6)=0,SUM(T18)-SUM(W18),IF('附表1-面积统计表'!$D$29=0,"",IF(AND(V18="共同成本费用",Z18="总建筑面积法"),ROUND(T18/'附表1-面积统计表'!$D$29*'附表1-面积统计表'!$D$7,2),IF(AND(V18="共同成本费用",Z18="可售建筑面积法"),ROUND(T18/'附表1-面积统计表'!$F$29*'附表1-面积统计表'!$F$7,2),"请手工填写")))) -> 0 | Z18: 可售建筑面积法 | AB18: 可加计 | AC18: 1总规 | AF18: 9433.96 | AG18: =T18-AF18 -> -2585.41
A19: 13 | B19: 43718 | C19: 0030 | D19: 建筑安装工程费 | E19: 其他建筑安装工程费 | F19: 春和景苑监理费 | G19: 春和景苑4# | H19: =IF(G19="","",VLOOKUP(G19,'附表8-合同明细采集底稿'!B:I,2,0)) -> 监理合同补充协议 | I19: =IF(G19="","",VLOOKUP(G19,'附表8-合同明细采集底稿'!B:I,3,0)) -> 技术合同 | J19: 库尔勒天拓勘察测绘院 | K19: 增值税专用发票 | L19: 6500182160 | M19: 00008554 | N19: 19059.22 | O19: 19631 | P19: 19059.22 | R19: =P19+Q19 -> 19059.22 | S19: =IFERROR(VLOOKUP(G19,'附表8-合同明细采集底稿'!B:M,12,0),100%) -> 1 | T19: =ROUND(SUM(R19)*SUM(S19),2) -> 19059.22 | V19: 共同成本费用 | W19: =IF('附表1-面积统计表'!$D$29=0,"",IF(AND(V19="共同成本费用",Z19="总建筑面积法"),ROUND(T19/'附表1-面积统计表'!$D$29*'附表1-面积统计表'!$D$5,2),IF(AND(V19="共同成本费用",Z19="可售建筑面积法"),ROUND(T19/'附表1-面积统计表'!$F$29*'附表1-面积统计表'!$F$5,2),"请手工填写"))) -> 19059.22 | X19: =IF(SUM('附表1-面积统计表'!$D$6)=0,"",SUM(T19)-SUM(W19)-SUM(Y19)) | Y19: =IF(SUM('附表1-面积统计表'!$D$6)=0,SUM(T19)-SUM(W19),IF('附表1-面积统计表'!$D$29=0,"",IF(AND(V19="共同成本费用",Z19="总建筑面积法"),ROUND(T19/'附表1-面积统计表'!$D$29*'附表1-面积统计表'!$D$7,2),IF(AND(V19="共同成本费用",Z19="可售建筑面积法"),ROUND(T19/'附表1-面积统计表'!$F$29*'附表1-面积统计表'!$F$7,2),"请手工填写")))) -> 0 | Z19: 可售建筑面积法 | AB19: 可加计 | AE19: 合同金额147237.48，发票不含111914，无支付 | AF19: 19059.22 | AG19: =T19-AF19 -> 0
A20: 14 | B20: 43727 | C20: 0088 | D20: 前期工程费 | E20: 设计费用 | F20: 春和景苑设计费 | G20: 春和景苑1# | H20: =IF(G20="","",VLOOKUP(G20,'附表8-合同明细采集底稿'!B:I,2,0)) -> 建设工程设计合同（民用建设工程设计合同） | I20: =IF(G20="","",VLOOKUP(G20,'附表8-合同明细采集底稿'!B:I,3,0)) -> 技术合同 | J20: =IF(G20="","",VLOOKUP(G20,'附表8-合同明细采集底稿'!B:I,4,0)) -> 库尔勒开拓规划设计研究院 | K20: 增值税专用发票 | L20: 6500181130 | M20: 01942404 | N20: 67219.34 | O20: 71252.5 | P20: 67219.34 | Q20: -5370.28 | R20: =P20+Q20 -> 61849.06 | S20: =IFERROR(VLOOKUP(G20,'附表8-合同明细采集底稿'!B:M,12,0),100%) -> 1 | T20: =ROUND(SUM(R20)*SUM(S20),2) -> 61849.06 | V20: 共同成本费用 | W20: =IF('附表1-面积统计表'!$D$29=0,"",IF(AND(V20="共同成本费用",Z20="总建筑面积法"),ROUND(T20/'附表1-面积统计表'!$D$29*'附表1-面积统计表'!$D$5,2),IF(AND(V20="共同成本费用",Z20="可售建筑面积法"),ROUND(T20/'附表1-面积统计表'!$F$29*'附表1-面积统计表'!$F$5,2),"请手工填写"))) -> 61849.06 | X20: =IF(SUM('附表1-面积统计表'!$D$6)=0,"",SUM(T20)-SUM(W20)-SUM(Y20)) | Y20: =IF(SUM('附表1-面积统计表'!$D$6)=0,SUM(T20)-SUM(W20),IF('附表1-面积统计表'!$D$29=0,"",IF(AND(V20="共同成本费用",Z20="总建筑面积法"),ROUND(T20/'附表1-面积统计表'!$D$29*'附表1-面积统计表'!$D$7,2),IF(AND(V20="共同成本费用",Z20="可售建筑面积法"),ROUND(T20/'附表1-面积统计表'!$F$29*'附表1-面积统计表'!$F$7,2),"请手工填写")))) -> 0 | Z20: 可售建筑面积法 | AB20: 可加计 | AF20: 67219.34 | AG20: =T20-AF20 -> -5370.28
A21: 15 | B21: 43757 | C21: 0073 | D21: 前期工程费 | E21: 勘探费用 | F21: 沁春锦苑、春和景苑工程勘察费 | G21: 春和景苑2# | H21: =IF(G21="","",VLOOKUP(G21,'附表8-合同明细采集底稿'!B:I,2,0)) -> 建设工程勘察合同（春和1#-3#） | I21: =IF(G21="","",VLOOKUP(G21,'附表8-合同明细采集底稿'!B:I,3,0)) -> 技术合同 | J21: =IF(G21="","",VLOOKUP(G21,'附表8-合同明细采集底稿'!B:I,4,0)) -> 巴州基安岩土工程勘察设计有限责任公司 | K21: 增值税普通发票 | L21: 6500191130 | M21: 01757264 | N21: 18867.92 | O21: 50000 | P21: 18867.92 | R21: =P21+Q21 -> 18867.92 | S21: =IFERROR(VLOOKUP(G21,'附表8-合同明细采集底稿'!B:M,12,0),100%) -> 0.72594598 | T21: =ROUND(SUM(R21)*SUM(S21),2) -> 13697.09 | V21: 共同成本费用 | W21: =IF('附表1-面积统计表'!$D$29=0,"",IF(AND(V21="共同成本费用",Z21="总建筑面积法"),ROUND(T21/'附表1-面积统计表'!$D$29*'附表1-面积统计表'!$D$5,2),IF(AND(V21="共同成本费用",Z21="可售建筑面积法"),ROUND(T21/'附表1-面积统计表'!$F$29*'附表1-面积统计表'!$F$5,2),"请手工填写"))) -> 13697.09 | X21: =IF(SUM('附表1-面积统计表'!$D$6)=0,"",SUM(T21)-SUM(W21)-SUM(Y21)) | Y21: =IF(SUM('附表1-面积统计表'!$D$6)=0,SUM(T21)-SUM(W21),IF('附表1-面积统计表'!$D$29=0,"",IF(AND(V21="共同成本费用",Z21="总建筑面积法"),ROUND(T21/'附表1-面积统计表'!$D$29*'附表1-面积统计表'!$D$7,2),IF(AND(V21="共同成本费用",Z21="可售建筑面积法"),ROUND(T21/'附表1-面积统计表'!$F$29*'附表1-面积统计表'!$F$7,2),"请手工填写")))) -> 0 | Z21: 可售建筑面积法 | AB21: 可加计 | AC21: 1总规 | AE21: 1-3#住宅楼及商业用房，便民超市、警卫室建设项目 | AF21: 18867.92 | AG21: =T21-AF21 -> -5170.83
A22: 16 | B22: 43778 | C22: 0078 | D22: 建筑安装工程费 | E22: 地上建筑工程费用 | F22: 春和景苑工程款 | G22: 春和景苑5# | H22: =IF(G22="","",VLOOKUP(G22,'附表8-合同明细采集底稿'!B:I,2,0)) -> 春和景苑1、2、3#住宅楼施工协议 | I22: =IF(G22="","",VLOOKUP(G22,'附表8-合同明细采集底稿'!B:I,3,0)) -> 建设工程合同 | J22: =IF(G22="","",VLOOKUP(G22,'附表8-合同明细采集底稿'!B:I,4,0)) -> 新疆正杰建筑集团有限公司（许兴德） | K22: 增值税专用发票 | L22: 6500191130 | M22: 01603167； 01603166 | N22: 1834862.4 | O22: =ROUND(N22*1.09,2)+0.01 -> 2000000 | P22: 1834862.4 | R22: =P22+Q22 -> 1834862.4 | S22: =IFERROR(VLOOKUP(G22,'附表8-合同明细采集底稿'!B:M,12,0),100%) -> 1 | T22: =ROUND(SUM(R22)*SUM(S22),2) -> 1834862.4 | V22: 共同成本费用 | W22: =IF('附表1-面积统计表'!$D$29=0,"",IF(AND(V22="共同成本费用",Z22="总建筑面积法"),ROUND(T22/'附表1-面积统计表'!$D$29*'附表1-面积统计表'!$D$5,2),IF(AND(V22="共同成本费用",Z22="可售建筑面积法"),ROUND(T22/'附表1-面积统计表'!$F$29*'附表1-面积统计表'!$F$5,2),"请手工填写"))) -> 1834862.4 | X22: =IF(SUM('附表1-面积统计表'!$D$6)=0,"",SUM(T22)-SUM(W22)-SUM(Y22)) | Y22: =IF(SUM('附表1-面积统计表'!$D$6)=0,SUM(T22)-SUM(W22),IF('附表1-面积统计表'!$D$29=0,"",IF(AND(V22="共同成本费用",Z22="总建筑面积法"),ROUND(T22/'附表1-面积统计表'!$D$29*'附表1-面积统计表'!$D$7,2),IF(AND(V22="共同成本费用",Z22="可售建筑面积法"),ROUND(T22/'附表1-面积统计表'!$F$29*'附表1-面积统计表'!$F$7,2),"请手工填写")))) -> 0 | Z22: 可售建筑面积法 | AB22: 可加计 | AE22: 正杰全部支付13558027为有效支付，/1.09=12438556.88，调减1967733.02 | AF22: 1834862.4 | AG22: =T22-AF22 -> 0
A23: 17 | B23: 43804 | C23: 0008 | D23: 建筑安装工程费 | E23: 地上建筑工程费用 | F23: 春和景苑工程款 | G23: 春和景苑5# | H23: =IF(G23="","",VLOOKUP(G23,'附表8-合同明细采集底稿'!B:I,2,0)) -> 春和景苑1、2、3#住宅楼施工协议 | I23: =IF(G23="","",VLOOKUP(G23,'附表8-合同明细采集底稿'!B:I,3,0)) -> 建设工程合同 | J23: =IF(G23="","",VLOOKUP(G23,'附表8-合同明细采集底稿'!B:I,4,0)) -> 新疆正杰建筑集团有限公司（许兴德） | K23: 非税收入票据 | L23: 6500191130 | M23: 01603167； 01603166 | N23: 3394495.4 | O23: =ROUND(N23*1.09,2)+0.01 -> 3700000 | P23: 3394495.4 | R23: =P23+Q23 -> 3394495.4 | S23: =IFERROR(VLOOKUP(G23,'附表8-合同明细采集底稿'!B:M,12,0),100%) -> 1 | T23: =ROUND(SUM(R23)*SUM(S23),2) -> 3394495.4 | V23: 共同成本费用 | W23: =IF('附表1-面积统计表'!$D$29=0,"",IF(AND(V23="共同成本费用",Z23="总建筑面积法"),ROUND(T23/'附表1-面积统计表'!$D$29*'附表1-面积统计表'!$D$5,2),IF(AND(V23="共同成本费用",Z23="可售建筑面积法"),ROUND(T23/'附表1-面积统计表'!$F$29*'附表1-面积统计表'!$F$5,2),"请手工填写"))) -> 3394495.4 | X23: =IF(SUM('附表1-面积统计表'!$D$6)=0,"",SUM(T23)-SUM(W23)-SUM(Y23)) | Y23: =IF(SUM('附表1-面积统计表'!$D$6)=0,SUM(T23)-SUM(W23),IF('附表1-面积统计表'!$D$29=0,"",IF(AND(V23="共同成本费用",Z23="总建筑面积法"),ROUND(T23/'附表1-面积统计表'!$D$29*'附表1-面积统计表'!$D$7,2),IF(AND(V23="共同成本费用",Z23="可售建筑面积法"),ROUND(T23/'附表1-面积统计表'!$F$29*'附表1-面积统计表'!$F$7,2),"请手工填写")))) -> 0 | Z23: 可售建筑面积法 | AB23: 可加计 | AF23: 1426762.4 | AG23: =T23-AF23 -> 1967733
A24: 18 | B24: 2020-05-31 | C24: 记 - 148 | D24: 建筑安装工程费 | E24: 其他建筑安装工程费 | F24: 5-8巴州智诚春和景苑监理费发票到 | G24: 春和景苑4# | H24: =IF(G24="","",VLOOKUP(G24,'附表8-合同明细采集底稿'!B:I,2,0)) -> 监理合同补充协议 | I24: =IF(G24="","",VLOOKUP(G24,'附表8-合同明细采集底稿'!B:I,3,0)) -> 技术合同 | J24: 巴州新矿测绘中心 | K24: 增值税专用发票 | L24: 6500193160 | M24: 00186956 | N24: 29155.45 | O24: 29447 | P24: 29155.45 | R24: =P24+Q24 -> 29155.45 | S24: =IFERROR(VLOOKUP(G24,'附表8-合同明细采集底稿'!B:M,12,0),100%) -> 1 | T24: =ROUND(SUM(R24)*SUM(S24),2) -> 29155.45 | V24: 共同成本费用 | W24: =IF('附表1-面积统计表'!$D$29=0,"",IF(AND(V24="共同成本费用",Z24="总建筑面积法"),ROUND(T24/'附表1-面积统计表'!$D$29*'附表1-面积统计表'!$D$5,2),IF(AND(V24="共同成本费用",Z24="可售建筑面积法"),ROUND(T24/'附表1-面积统计表'!$F$29*'附表1-面积统计表'!$F$5,2),"请手工填写"))) -> 29155.45 | X24: =IF(SUM('附表1-面积统计表'!$D$6)=0,"",SUM(T24)-SUM(W24)-SUM(Y24)) | Y24: =IF(SUM('附表1-面积统计表'!$D$6)=0,SUM(T24)-SUM(W24),IF('附表1-面积统计表'!$D$29=0,"",IF(AND(V24="共同成本费用",Z24="总建筑面积法"),ROUND(T24/'附表1-面积统计表'!$D$29*'附表1-面积统计表'!$D$7,2),IF(AND(V24="共同成本费用",Z24="可售建筑面积法"),ROUND(T24/'附表1-面积统计表'!$F$29*'附表1-面积统计表'!$F$7,2),"请手工填写")))) -> 0 | Z24: 可售建筑面积法 | AB24: 可加计 | AE24: 总公司签合同，三分公司和铁门关分公司开票和支付，合同金额147237.48，发票不含111914，支付混乱 | AF24: 29155.45 | AG24: =T24-AF24 -> 0
A25: 19 | B25: 2020-07-23 | C25: 记 - 119 | D25: 建筑安装工程费 | E25: 地上建筑工程费用 | F25: 7-23支付正杰春和景苑工程款（许） | G25: 春和景苑5# | H25: =IF(G25="","",VLOOKUP(G25,'附表8-合同明细采集底稿'!B:I,2,0)) -> 春和景苑1、2、3#住宅楼施工协议 | I25: =IF(G25="","",VLOOKUP(G25,'附表8-合同明细采集底稿'!B:I,3,0)) -> 建设工程合同 | J25: =IF(G25="","",VLOOKUP(G25,'附表8-合同明细采集底稿'!B:I,4,0)) -> 新疆正杰建筑集团有限公司（许兴德） | K25: 增值税专用发票 | L25: 6500193130 | M25: 03893037 | N25: 671376.15 | O25: 568800 | P25: 671376.15 | R25: =P25+Q25 -> 671376.15 | S25: =IFERROR(VLOOKUP(G25,'附表8-合同明细采集底稿'!B:M,12,0),100%) -> 1 | T25: =ROUND(SUM(R25)*SUM(S25),2) -> 671376.15 | V25: 共同成本费用 | W25: =IF('附表1-面积统计表'!$D$29=0,"",IF(AND(V25="共同成本费用",Z25="总建筑面积法"),ROUND(T25/'附表1-面积统计表'!$D$29*'附表1-面积统计表'!$D$5,2),IF(AND(V25="共同成本费用",Z25="可售建筑面积法"),ROUND(T25/'附表1-面积统计表'!$F$29*'附表1-面积统计表'!$F$5,2),"请手工填写"))) -> 671376.15 | X25: =IF(SUM('附表1-面积统计表'!$D$6)=0,"",SUM(T25)-SUM(W25)-SUM(Y25)) | Y25: =IF(SUM('附表1-面积统计表'!$D$6)=0,SUM(T25)-SUM(W25),IF('附表1-面积统计表'!$D$29=0,"",IF(AND(V25="共同成本费用",Z25="总建筑面积法"),ROUND(T25/'附表1-面积统计表'!$D$29*'附表1-面积统计表'!$D$7,2),IF(AND(V25="共同成本费用",Z25="可售建筑面积法"),ROUND(T25/'附表1-面积统计表'!$F$29*'附表1-面积统计表'!$F$7,2),"请手工填写")))) -> 0 | Z25: 可售建筑面积法 | AB25: 可加计 | AF25: 671376.15 | AG25: =T25-AF25 -> 0
A26: 20 | B26: 2020-10-14 | C26: 记 - 50 | D26: 建筑安装工程费 | E26: 地上建筑工程费用 | F26: 10-13付新疆华汇春和景苑电梯款 | G26: 春和景苑7# | H26: =IF(G26="","",VLOOKUP(G26,'附表8-合同明细采集底稿'!B:I,2,0)) -> 春和电梯销售安装合同 | I26: =IF(G26="","",VLOOKUP(G26,'附表8-合同明细采集底稿'!B:I,3,0)) -> 建设工程合同 | J26: =IF(G26="","",VLOOKUP(G26,'附表8-合同明细采集底稿'!B:I,4,0)) -> 新疆华汇建安机械设备有限公司（许林） | K26: 增值税专用发票 | L26: 6500193130 | M26: 03750621 | N26: 661061.95 | O26: 731800 | P26: 661061.95 | R26: =P26+Q26 -> 661061.95 | S26: =IFERROR(VLOOKUP(G26,'附表8-合同明细采集底稿'!B:M,12,0),100%) -> 1 | T26: =ROUND(SUM(R26)*SUM(S26),2) -> 661061.95 | V26: 共同成本费用 | W26: =IF('附表1-面积统计表'!$D$29=0,"",IF(AND(V26="共同成本费用",Z26="总建筑面积法"),ROUND(T26/'附表1-面积统计表'!$D$29*'附表1-面积统计表'!$D$5,2),IF(AND(V26="共同成本费用",Z26="可售建筑面积法"),ROUND(T26/'附表1-面积统计表'!$F$29*'附表1-面积统计表'!$F$5,2),"请手工填写"))) -> 661061.95 | X26: =IF(SUM('附表1-面积统计表'!$D$6)=0,"",SUM(T26)-SUM(W26)-SUM(Y26)) | Y26: =IF(SUM('附表1-面积统计表'!$D$6)=0,SUM(T26)-SUM(W26),IF('附表1-面积统计表'!$D$29=0,"",IF(AND(V26="共同成本费用",Z26="总建筑面积法"),ROUND(T26/'附表1-面积统计表'!$D$29*'附表1-面积统计表'!$D$7,2),IF(AND(V26="共同成本费用",Z26="可售建筑面积法"),ROUND(T26/'附表1-面积统计表'!$F$29*'附表1-面积统计表'!$F$7,2),"请手工填写")))) -> 0 | Z26: 可售建筑面积法 | AB26: 可加计 | AE26: 有效支付1136776,还有716413为分不清哪个项目的支付 | AF26: 661061.95 | AG26: =T26-AF26 -> 0
A27: 21 | B27: 2020-10-15 | C27: 记 - 71 | D27: 建筑安装工程费 | E27: 地上建筑工程费用 | F27: 10-14付正杰春和景苑工程款（许） | G27: 春和景苑5# | H27: =IF(G27="","",VLOOKUP(G27,'附表8-合同明细采集底稿'!B:I,2,0)) -> 春和景苑1、2、3#住宅楼施工协议 | I27: =IF(G27="","",VLOOKUP(G27,'附表8-合同明细采集底稿'!B:I,3,0)) -> 建设工程合同 | J27: =IF(G27="","",VLOOKUP(G27,'附表8-合同明细采集底稿'!B:I,4,0)) -> 新疆正杰建筑集团有限公司（许兴德） | K27: 增值税专用发票 | L27: 6500193130 | M27: 03771809 | N27: 933761.47 | O27: =ROUND(N27*1.09,2) -> 1017800 | P27: 933761.47 | R27: =P27+Q27 -> 933761.47 | S27: =IFERROR(VLOOKUP(G27,'附表8-合同明细采集底稿'!B:M,12,0),100%) -> 1 | T27: =ROUND(SUM(R27)*SUM(S27),2) -> 933761.47 | V27: 共同成本费用 | W27: =IF('附表1-面积统计表'!$D$29=0,"",IF(AND(V27="共同成本费用",Z27="总建筑面积法"),ROUND(T27/'附表1-面积统计表'!$D$29*'附表1-面积统计表'!$D$5,2),IF(AND(V27="共同成本费用",Z27="可售建筑面积法"),ROUND(T27/'附表1-面积统计表'!$F$29*'附表1-面积统计表'!$F$5,2),"请手工填写"))) -> 933761.47 | X27: =IF(SUM('附表1-面积统计表'!$D$6)=0,"",SUM(T27)-SUM(W27)-SUM(Y27)) | Y27: =IF(SUM('附表1-面积统计表'!$D$6)=0,SUM(T27)-SUM(W27),IF('附表1-面积统计表'!$D$29=0,"",IF(AND(V27="共同成本费用",Z27="总建筑面积法"),ROUND(T27/'附表1-面积统计表'!$D$29*'附表1-面积统计表'!$D$7,2),IF(AND(V27="共同成本费用",Z27="可售建筑面积法"),ROUND(T27/'附表1-面积统计表'!$F$29*'附表1-面积统计表'!$F$7,2),"请手工填写")))) -> 0 | Z27: 可售建筑面积法 | AB27: 可加计 | AF27: 933761.47 | AG27: =T27-AF27 -> 0
A28: 22 | B28: 2020-10-31 | C28: 记 - 240 | D28: 建筑安装工程费 | E28: 地上建筑工程费用 | F28: 10-26华汇建安春和景苑电梯安装费发票到 | G28: 春和景苑7# | H28: =IF(G28="","",VLOOKUP(G28,'附表8-合同明细采集底稿'!B:I,2,0)) -> 春和电梯销售安装合同 | I28: =IF(G28="","",VLOOKUP(G28,'附表8-合同明细采集底稿'!B:I,3,0)) -> 建设工程合同 | J28: =IF(G28="","",VLOOKUP(G28,'附表8-合同明细采集底稿'!B:I,4,0)) -> 新疆华汇建安机械设备有限公司（许林） | K28: 增值税专用发票 | L28: 6500193130 | M28: 04040606 | N28: 419417.48 | O28: 432000 | P28: 419417.48 | R28: =P28+Q28 -> 419417.48 | S28: =IFERROR(VLOOKUP(G28,'附表8-合同明细采集底稿'!B:M,12,0),100%) -> 1 | T28: =ROUND(SUM(R28)*SUM(S28),2) -> 419417.48 | V28: 共同成本费用 | W28: =IF('附表1-面积统计表'!$D$29=0,"",IF(AND(V28="共同成本费用",Z28="总建筑面积法"),ROUND(T28/'附表1-面积统计表'!$D$29*'附表1-面积统计表'!$D$5,2),IF(AND(V28="共同成本费用",Z28="可售建筑面积法"),ROUND(T28/'附表1-面积统计表'!$F$29*'附表1-面积统计表'!$F$5,2),"请手工填写"))) -> 419417.48 | X28: =IF(SUM('附表1-面积统计表'!$D$6)=0,"",SUM(T28)-SUM(W28)-SUM(Y28)) | Y28: =IF(SUM('附表1-面积统计表'!$D$6)=0,SUM(T28)-SUM(W28),IF('附表1-面积统计表'!$D$29=0,"",IF(AND(V28="共同成本费用",Z28="总建筑面积法"),ROUND(T28/'附表1-面积统计表'!$D$29*'附表1-面积统计表'!$D$7,2),IF(AND(V28="共同成本费用",Z28="可售建筑面积法"),ROUND(T28/'附表1-面积统计表'!$F$29*'附表1-面积统计表'!$F$7,2),"请手工填写")))) -> 0 | Z28: 可售建筑面积法 | AB28: 可加计 | AF28: 419417.48 | AG28: =T28-AF28 -> 0
A29: 23 | B29: 2020-11-05 | C29: 记 - 23 | D29: 前期工程费 | E29: 测绘费用 | F29: 11-03付天拓空间春和景苑测绘费（红线图） | H29: =IF(G29="","",VLOOKUP(G29,'附表8-合同明细采集底稿'!B:I,2,0)) | I29: =IF(G29="","",VLOOKUP(G29,'附表8-合同明细采集底稿'!B:I,3,0)) | J29: 新疆天拓空间信息测绘院有限公司 | K29: 增值税普通发票 | L29: 6500193130 | M29: 09511694 | N29: 1300 | O29: 1300 | P29: 1300 | R29: =P29+Q29 -> 1300 | S29: ='附表8-合同明细采集底稿'!$M$7 -> 0.72594598 | T29: =ROUND(SUM(R29)*SUM(S29),2) -> 943.73 | V29: 共同成本费用 | W29: =IF('附表1-面积统计表'!$D$29=0,"",IF(AND(V29="共同成本费用",Z29="总建筑面积法"),ROUND(T29/'附表1-面积统计表'!$D$29*'附表1-面积统计表'!$D$5,2),IF(AND(V29="共同成本费用",Z29="可售建筑面积法"),ROUND(T29/'附表1-面积统计表'!$F$29*'附表1-面积统计表'!$F$5,2),"请手工填写"))) -> 943.73 | X29: =IF(SUM('附表1-面积统计表'!$D$6)=0,"",SUM(T29)-SUM(W29)-SUM(Y29)) | Y29: =IF(SUM('附表1-面积统计表'!$D$6)=0,SUM(T29)-SUM(W29),IF('附表1-面积统计表'!$D$29=0,"",IF(AND(V29="共同成本费用",Z29="总建筑面积法"),ROUND(T29/'附表1-面积统计表'!$D$29*'附表1-面积统计表'!$D$7,2),IF(AND(V29="共同成本费用",Z29="可售建筑面积法"),ROUND(T29/'附表1-面积统计表'!$F$29*'附表1-面积统计表'!$F$7,2),"请手工填写")))) -> 0 | Z29: 可售建筑面积法 | AB29: 可加计 | AC29: 1总规 | AE29: 无支付 | AF29: 0 | AG29: =T29-AF29 -> 943.73
A30: 24 | B30: 2020-11-18 | C30: 记 - 97 | D30: 基础设施费 | E30: 通讯工程支出 | F30: 11-12付巴州昱人数字门牌信息费 | H30: =IF(G30="","",VLOOKUP(G30,'附表8-合同明细采集底稿'!B:I,2,0)) | I30: =IF(G30="","",VLOOKUP(G30,'附表8-合同明细采集底稿'!B:I,3,0)) | K30: 增值税专用发票 | L30: 6500193130 | M30: 03904464 | N30: 10824.75 | O30: 29779 | P30: 10824.75 | Q30: =-P30 -> -10824.75 | R30: =P30+Q30 -> 0 | S30: =IFERROR(VLOOKUP(G30,'附表8-合同明细采集底稿'!B:M,12,0),100%) -> 1 | T30: =ROUND(SUM(R30)*SUM(S30),2) -> 0 | V30: 共同成本费用 | W30: =IF('附表1-面积统计表'!$D$29=0,"",IF(AND(V30="共同成本费用",Z30="总建筑面积法"),ROUND(T30/'附表1-面积统计表'!$D$29*'附表1-面积统计表'!$D$5,2),IF(AND(V30="共同成本费用",Z30="可售建筑面积法"),ROUND(T30/'附表1-面积统计表'!$F$29*'附表1-面积统计表'!$F$5,2),"请手工填写"))) -> 0 | X30: =IF(SUM('附表1-面积统计表'!$D$6)=0,"",SUM(T30)-SUM(W30)-SUM(Y30)) | Y30: =IF(SUM('附表1-面积统计表'!$D$6)=0,SUM(T30)-SUM(W30),IF('附表1-面积统计表'!$D$29=0,"",IF(AND(V30="共同成本费用",Z30="总建筑面积法"),ROUND(T30/'附表1-面积统计表'!$D$29*'附表1-面积统计表'!$D$7,2),IF(AND(V30="共同成本费用",Z30="可售建筑面积法"),ROUND(T30/'附表1-面积统计表'!$F$29*'附表1-面积统计表'!$F$7,2),"请手工填写")))) -> 0 | Z30: 可售建筑面积法 | AB30: 可加计 | AE30: 属于开发费用 | AF30: 0 | AG30: =T30-AF30 -> 0
A31: 25 | B31: 2020-11-18 | C31: 记 - 112 | D31: 建筑安装工程费 | E31: 地上建筑工程费用 | F31: 11-13华汇春和景苑电梯安装发票到 | G31: 春和景苑7# | H31: =IF(G31="","",VLOOKUP(G31,'附表8-合同明细采集底稿'!B:I,2,0)) -> 春和电梯销售安装合同 | I31: =IF(G31="","",VLOOKUP(G31,'附表8-合同明细采集底稿'!B:I,3,0)) -> 建设工程合同 | J31: =IF(G31="","",VLOOKUP(G31,'附表8-合同明细采集底稿'!B:I,4,0)) -> 新疆华汇建安机械设备有限公司（许林） | K31: 增值税专用发票 | L31: 6500193130 | M31: 09543583 | N31: 444582.52 | O31: 457920 | P31: 444582.52 | R31: =P31+Q31 -> 444582.52 | S31: =IFERROR(VLOOKUP(G31,'附表8-合同明细采集底稿'!B:M,12,0),100%) -> 1 | T31: =ROUND(SUM(R31)*SUM(S31),2) -> 444582.52 | V31: 共同成本费用 | W31: =IF('附表1-面积统计表'!$D$29=0,"",IF(AND(V31="共同成本费用",Z31="总建筑面积法"),ROUND(T31/'附表1-面积统计表'!$D$29*'附表1-面积统计表'!$D$5,2),IF(AND(V31="共同成本费用",Z31="可售建筑面积法"),ROUND(T31/'附表1-面积统计表'!$F$29*'附表1-面积统计表'!$F$5,2),"请手工填写"))) -> 444582.52 | X31: =IF(SUM('附表1-面积统计表'!$D$6)=0,"",SUM(T31)-SUM(W31)-SUM(Y31)) | Y31: =IF(SUM('附表1-面积统计表'!$D$6)=0,SUM(T31)-SUM(W31),IF('附表1-面积统计表'!$D$29=0,"",IF(AND(V31="共同成本费用",Z31="总建筑面积法"),ROUND(T31/'附表1-面积统计表'!$D$29*'附表1-面积统计表'!$D$7,2),IF(AND(V31="共同成本费用",Z31="可售建筑面积法"),ROUND(T31/'附表1-面积统计表'!$F$29*'附表1-面积统计表'!$F$7,2),"请手工填写")))) -> 0 | Z31: 可售建筑面积法 | AB31: 可加计 | AF31: 444582.52 | AG31: =T31-AF31 -> 0
A32: 26 | B32: 2020-11-19 | C32: 记 - 131 | D32: 建筑安装工程费 | E32: 地上建筑工程费用 | F32: 11-19支付正杰春和景苑工程款 | G32: 春和景苑5# | H32: =IF(G32="","",VLOOKUP(G32,'附表8-合同明细采集底稿'!B:I,2,0)) -> 春和景苑1、2、3#住宅楼施工协议 | I32: =IF(G32="","",VLOOKUP(G32,'附表8-合同明细采集底稿'!B:I,3,0)) -> 建设工程合同 | J32: =IF(G32="","",VLOOKUP(G32,'附表8-合同明细采集底稿'!B:I,4,0)) -> 新疆正杰建筑集团有限公司（许兴德） | K32: 增值税专用发票 | L32: 6500193130 | M32: 09553609 | N32: 701834.86 | O32: =ROUND(N32*1.09,2) -> 765000 | P32: 701834.86 | R32: =P32+Q32 -> 701834.86 | S32: =IFERROR(VLOOKUP(G32,'附表8-合同明细采集底稿'!B:M,12,0),100%) -> 1 | T32: =ROUND(SUM(R32)*SUM(S32),2) -> 701834.86 | V32: 共同成本费用 | W32: =IF('附表1-面积统计表'!$D$29=0,"",IF(AND(V32="共同成本费用",Z32="总建筑面积法"),ROUND(T32/'附表1-面积统计表'!$D$29*'附表1-面积统计表'!$D$5,2),IF(AND(V32="共同成本费用",Z32="可售建筑面积法"),ROUND(T32/'附表1-面积统计表'!$F$29*'附表1-面积统计表'!$F$5,2),"请手工填写"))) -> 701834.86 | X32: =IF(SUM('附表1-面积统计表'!$D$6)=0,"",SUM(T32)-SUM(W32)-SUM(Y32)) | Y32: =IF(SUM('附表1-面积统计表'!$D$6)=0,SUM(T32)-SUM(W32),IF('附表1-面积统计表'!$D$29=0,"",IF(AND(V32="共同成本费用",Z32="总建筑面积法"),ROUND(T32/'附表1-面积统计表'!$D$29*'附表1-面积统计表'!$D$7,2),IF(AND(V32="共同成本费用",Z32="可售建筑面积法"),ROUND(T32/'附表1-面积统计表'!$F$29*'附表1-面积统计表'!$F$7,2),"请手工填写")))) -> 0 | Z32: 可售建筑面积法 | AB32: 可加计 | AF32: 701834.86 | AG32: =T32-AF32 -> 0
A33: 27 | B33: 2020-12-25 | C33: 记 - 255 | D33: 建筑安装工程费 | E33: 地上建筑工程费用 | F33: 12-25支付正杰春和景苑工程款 | G33: 春和景苑5# | H33: =IF(G33="","",VLOOKUP(G33,'附表8-合同明细采集底稿'!B:I,2,0)) -> 春和景苑1、2、3#住宅楼施工协议 | I33: =IF(G33="","",VLOOKUP(G33,'附表8-合同明细采集底稿'!B:I,3,0)) -> 建设工程合同 | J33: =IF(G33="","",VLOOKUP(G33,'附表8-合同明细采集底稿'!B:I,4,0)) -> 新疆正杰建筑集团有限公司（许兴德） | K33: 增值税专用发票 | L33: 6500193130 | M33: 09553715； 09553714 | N33: 1146789 | O33: =ROUND(N33*1.09,2) -> 1250000 | P33: 1146789 | R33: =P33+Q33 -> 1146789 | S33: =IFERROR(VLOOKUP(G33,'附表8-合同明细采集底稿'!B:M,12,0),100%) -> 1 | T33: =ROUND(SUM(R33)*SUM(S33),2) -> 1146789 | V33: 共同成本费用 | W33: =IF('附表1-面积统计表'!$D$29=0,"",IF(AND(V33="共同成本费用",Z33="总建筑面积法"),ROUND(T33/'附表1-面积统计表'!$D$29*'附表1-面积统计表'!$D$5,2),IF(AND(V33="共同成本费用",Z33="可售建筑面积法"),ROUND(T33/'附表1-面积统计表'!$F$29*'附表1-面积统计表'!$F$5,2),"请手工填写"))) -> 1146789 | X33: =IF(SUM('附表1-面积统计表'!$D$6)=0,"",SUM(T33)-SUM(W33)-SUM(Y33)) | Y33: =IF(SUM('附表1-面积统计表'!$D$6)=0,SUM(T33)-SUM(W33),IF('附表1-面积统计表'!$D$29=0,"",IF(AND(V33="共同成本费用",Z33="总建筑面积法"),ROUND(T33/'附表1-面积统计表'!$D$29*'附表1-面积统计表'!$D$7,2),IF(AND(V33="共同成本费用",Z33="可售建筑面积法"),ROUND(T33/'附表1-面积统计表'!$F$29*'附表1-面积统计表'!$F$7,2),"请手工填写")))) -> 0 | Z33: 可售建筑面积法 | AB33: 可加计 | AF33: 1146789 | AG33: =T33-AF33 -> 0
A34: 28 | B34: 2021-01-16 | C34: 记 - 87 | D34: 建筑安装工程费 | E34: 地上建筑工程费用 | F34: 1-15支付正杰春和景苑工程款（许） | G34: 春和景苑5# | H34: =IF(G34="","",VLOOKUP(G34,'附表8-合同明细采集底稿'!B:I,2,0)) -> 春和景苑1、2、3#住宅楼施工协议 | I34: =IF(G34="","",VLOOKUP(G34,'附表8-合同明细采集底稿'!B:I,3,0)) -> 建设工程合同 | J34: =IF(G34="","",VLOOKUP(G34,'附表8-合同明细采集底稿'!B:I,4,0)) -> 新疆正杰建筑集团有限公司（许兴德） | K34: 增值税专用发票 | L34: 6500193130 | M34: 09553733 | N34: 298307.34 | O34: =ROUND(N34*1.09,2) -> 325155 | P34: 298307.34 | R34: =P34+Q34 -> 298307.34 | S34: =IFERROR(VLOOKUP(G34,'附表8-合同明细采集底稿'!B:M,12,0),100%) -> 1 | T34: =ROUND(SUM(R34)*SUM(S34),2) -> 298307.34 | V34: 共同成本费用 | W34: =IF('附表1-面积统计表'!$D$29=0,"",IF(AND(V34="共同成本费用",Z34="总建筑面积法"),ROUND(T34/'附表1-面积统计表'!$D$29*'附表1-面积统计表'!$D$5,2),IF(AND(V34="共同成本费用",Z34="可售建筑面积法"),ROUND(T34/'附表1-面积统计表'!$F$29*'附表1-面积统计表'!$F$5,2),"请手工填写"))) -> 298307.34 | X34: =IF(SUM('附表1-面积统计表'!$D$6)=0,"",SUM(T34)-SUM(W34)-SUM(Y34)) | Y34: =IF(SUM('附表1-面积统计表'!$D$6)=0,SUM(T34)-SUM(W34),IF('附表1-面积统计表'!$D$29=0,"",IF(AND(V34="共同成本费用",Z34="总建筑面积法"),ROUND(T34/'附表1-面积统计表'!$D$29*'附表1-面积统计表'!$D$7,2),IF(AND(V34="共同成本费用",Z34="可售建筑面积法"),ROUND(T34/'附表1-面积统计表'!$F$29*'附表1-面积统计表'!$F$7,2),"请手工填写")))) -> 0 | Z34: 可售建筑面积法 | AB34: 可加计 | AF34: 298307.34 | AG34: =T34-AF34 -> 0
A35: 29 | B35: 2021-01-29 | C35: 记 - 193 | D35: 建筑安装工程费 | E35: 地上建筑工程费用 | F35: 1-28支付新疆正杰春和景苑工程款 | G35: 春和景苑5# | H35: =IF(G35="","",VLOOKUP(G35,'附表8-合同明细采集底稿'!B:I,2,0)) -> 春和景苑1、2、3#住宅楼施工协议 | I35: =IF(G35="","",VLOOKUP(G35,'附表8-合同明细采集底稿'!B:I,3,0)) -> 建设工程合同 | J35: =IF(G35="","",VLOOKUP(G35,'附表8-合同明细采集底稿'!B:I,4,0)) -> 新疆正杰建筑集团有限公司（许兴德） | K35: 增值税专用发票 | L35: 6500193130 | M35: 09553746 | N35: 328852.29 | O35: =ROUND(N35*1.09,2) -> 358449 | P35: 328852.29 | R35: =P35+Q35 -> 328852.29 | S35: =IFERROR(VLOOKUP(G35,'附表8-合同明细采集底稿'!B:M,12,0),100%) -> 1 | T35: =ROUND(SUM(R35)*SUM(S35),2) -> 328852.29 | V35: 共同成本费用 | W35: =IF('附表1-面积统计表'!$D$29=0,"",IF(AND(V35="共同成本费用",Z35="总建筑面积法"),ROUND(T35/'附表1-面积统计表'!$D$29*'附表1-面积统计表'!$D$5,2),IF(AND(V35="共同成本费用",Z35="可售建筑面积法"),ROUND(T35/'附表1-面积统计表'!$F$29*'附表1-面积统计表'!$F$5,2),"请手工填写"))) -> 328852.29 | X35: =IF(SUM('附表1-面积统计表'!$D$6)=0,"",SUM(T35)-SUM(W35)-SUM(Y35)) | Y35: =IF(SUM('附表1-面积统计表'!$D$6)=0,SUM(T35)-SUM(W35),IF('附表1-面积统计表'!$D$29=0,"",IF(AND(V35="共同成本费用",Z35="总建筑面积法"),ROUND(T35/'附表1-面积统计表'!$D$29*'附表1-面积统计表'!$D$7,2),IF(AND(V35="共同成本费用",Z35="可售建筑面积法"),ROUND(T35/'附表1-面积统计表'!$F$29*'附表1-面积统计表'!$F$7,2),"请手工填写")))) -> 0 | Z35: 可售建筑面积法 | AB35: 可加计 | AF35: 328852.29 | AG35: =T35-AF35 -> 0
A36: 30 | B36: 2021-04-09 | C36: 记 - 49 | D36: 基础设施费 | E36: 供水工程支出 | F36: 4-9付昌源水务春和供水管道安装 | G36: 春和13# | H36: =IF(G36="","",VLOOKUP(G36,'附表8-合同明细采集底稿'!B:I,2,0)) -> 供水管道安装 | I36: =IF(G36="","",VLOOKUP(G36,'附表8-合同明细采集底稿'!B:I,3,0)) -> 建设工程合同 | J36: =IF(G36="","",VLOOKUP(G36,'附表8-合同明细采集底稿'!B:I,4,0)) -> 新疆昌源水务集团库尔勒银泉供水有限公司工程分公司 | K36: 增值税专用发票 | L36: 6500193130 | M36: 09803267 | N36: 32386.1 | O36: 35300.85 | P36: 32386.1 | R36: =P36+Q36 -> 32386.1 | S36: =IFERROR(VLOOKUP(G36,'附表8-合同明细采集底稿'!B:M,12,0),100%) -> 1 | T36: =ROUND(SUM(R36)*SUM(S36),2) -> 32386.1 | V36: 共同成本费用 | W36: =IF('附表1-面积统计表'!$D$29=0,"",IF(AND(V36="共同成本费用",Z36="总建筑面积法"),ROUND(T36/'附表1-面积统计表'!$D$29*'附表1-面积统计表'!$D$5,2),IF(AND(V36="共同成本费用",Z36="可售建筑面积法"),ROUND(T36/'附表1-面积统计表'!$F$29*'附表1-面积统计表'!$F$5,2),"请手工填写"))) -> 32386.1 | X36: =IF(SUM('附表1-面积统计表'!$D$6)=0,"",SUM(T36)-SUM(W36)-SUM(Y36)) | Y36: =IF(SUM('附表1-面积统计表'!$D$6)=0,SUM(T36)-SUM(W36),IF('附表1-面积统计表'!$D$29=0,"",IF(AND(V36="共同成本费用",Z36="总建筑面积法"),ROUND(T36/'附表1-面积统计表'!$D$29*'附表1-面积统计表'!$D$7,2),IF(AND(V36="共同成本费用",Z36="可售建筑面积法"),ROUND(T36/'附表1-面积统计表'!$F$29*'附表1-面积统计表'!$F$7,2),"请手工填写")))) -> 0 | Z36: 可售建筑面积法 | AB36: 可加计 | AC36: 1总规 | AE36: 合同发票支付 | AF36: 32386.1 | AG36: =T36-AF36 -> 0
A37: 31 | B37: 2021-04-13 | C37: 记 - 72 | D37: 建筑安装工程费 | E37: 地上建筑工程费用 | F37: 4-12正杰春和景苑工程款发票到（许） | G37: 春和景苑5# | H37: =IF(G37="","",VLOOKUP(G37,'附表8-合同明细采集底稿'!B:I,2,0)) -> 春和景苑1、2、3#住宅楼施工协议 | I37: =IF(G37="","",VLOOKUP(G37,'附表8-合同明细采集底稿'!B:I,3,0)) -> 建设工程合同 | J37: =IF(G37="","",VLOOKUP(G37,'附表8-合同明细采集底稿'!B:I,4,0)) -> 新疆正杰建筑集团有限公司（许兴德） | K37: 增值税专用发票 | L37: 6500193130 | M37: 09649378 | N37: 77968.81 | O37: =ROUND(N37*1.09,2) -> 84986 | P37: 77968.81 | R37: =P37+Q37 -> 77968.81 | S37: =IFERROR(VLOOKUP(G37,'附表8-合同明细采集底稿'!B:M,12,0),100%) -> 1 | T37: =ROUND(SUM(R37)*SUM(S37),2) -> 77968.81 | V37: 共同成本费用 | W37: =IF('附表1-面积统计表'!$D$29=0,"",IF(AND(V37="共同成本费用",Z37="总建筑面积法"),ROUND(T37/'附表1-面积统计表'!$D$29*'附表1-面积统计表'!$D$5,2),IF(AND(V37="共同成本费用",Z37="可售建筑面积法"),ROUND(T37/'附表1-面积统计表'!$F$29*'附表1-面积统计表'!$F$5,2),"请手工填写"))) -> 77968.81 | X37: =IF(SUM('附表1-面积统计表'!$D$6)=0,"",SUM(T37)-SUM(W37)-SUM(Y37)) | Y37: =IF(SUM('附表1-面积统计表'!$D$6)=0,SUM(T37)-SUM(W37),IF('附表1-面积统计表'!$D$29=0,"",IF(AND(V37="共同成本费用",Z37="总建筑面积法"),ROUND(T37/'附表1-面积统计表'!$D$29*'附表1-面积统计表'!$D$7,2),IF(AND(V37="共同成本费用",Z37="可售建筑面积法"),ROUND(T37/'附表1-面积统计表'!$F$29*'附表1-面积统计表'!$F$7,2),"请手工填写")))) -> 0 | Z37: 可售建筑面积法 | AB37: 可加计 | AF37: 77968.81 | AG37: =T37-AF37 -> 0
A38: 32 | B38: 2021-04-14 | C38: 记 - 90 | D38: 基础设施费 | E38: 供电工程支出 | F38: 4-13预付鑫磊机电春和景苑箱变款 | G38: 春和景苑10# | H38: =IF(G38="","",VLOOKUP(G38,'附表8-合同明细采集底稿'!B:I,2,0)) -> 电气外网供货安装合同春和 | I38: =IF(G38="","",VLOOKUP(G38,'附表8-合同明细采集底稿'!B:I,3,0)) -> 建设工程合同 | J38: =IF(G38="","",VLOOKUP(G38,'附表8-合同明细采集底稿'!B:I,4,0)) -> 巴州鑫磊机电设备开关有限责任公司 | K38: 增值税专用发票 | L38: 6500201130 | M38: 06428180；06428181 | N38: 149738.94 | O38: 169205 | P38: 149738.94 | R38: =P38+Q38 -> 149738.94 | S38: =IFERROR(VLOOKUP(G38,'附表8-合同明细采集底稿'!B:M,12,0),100%) -> 1 | T38: =ROUND(SUM(R38)*SUM(S38),2) -> 149738.94 | V38: 共同成本费用 | W38: =IF('附表1-面积统计表'!$D$29=0,"",IF(AND(V38="共同成本费用",Z38="总建筑面积法"),ROUND(T38/'附表1-面积统计表'!$D$29*'附表1-面积统计表'!$D$5,2),IF(AND(V38="共同成本费用",Z38="可售建筑面积法"),ROUND(T38/'附表1-面积统计表'!$F$29*'附表1-面积统计表'!$F$5,2),"请手工填写"))) -> 149738.94 | X38: =IF(SUM('附表1-面积统计表'!$D$6)=0,"",SUM(T38)-SUM(W38)-SUM(Y38)) | Y38: =IF(SUM('附表1-面积统计表'!$D$6)=0,SUM(T38)-SUM(W38),IF('附表1-面积统计表'!$D$29=0,"",IF(AND(V38="共同成本费用",Z38="总建筑面积法"),ROUND(T38/'附表1-面积统计表'!$D$29*'附表1-面积统计表'!$D$7,2),IF(AND(V38="共同成本费用",Z38="可售建筑面积法"),ROUND(T38/'附表1-面积统计表'!$F$29*'附表1-面积统计表'!$F$7,2),"请手工填写")))) -> 0 | Z38: 可售建筑面积法 | AB38: 可加计 | AC38: 1总规 | AE38: 支付了101410,/1.13为89743.36，调减59995.58 | AF38: 89743.36 | AG38: =T38-AF38 -> 59995.58
A39: 33 | B39: 2021-04-23 | C39: 记 - 201 | D39: 基础设施费 | E39: 供电工程支出 | F39: 4-23支付拓宇春和电力外网设备安装款 | G39: 春和景苑11# | H39: =IF(G39="","",VLOOKUP(G39,'附表8-合同明细采集底稿'!B:I,2,0)) -> 电气外网供货安装合同 | I39: =IF(G39="","",VLOOKUP(G39,'附表8-合同明细采集底稿'!B:I,3,0)) -> 建设工程合同 | J39: =IF(G39="","",VLOOKUP(G39,'附表8-合同明细采集底稿'!B:I,4,0)) -> 新疆拓宇电力建设工程有限公司何永权 | K39: 增值税专用发票 | L39: 6500193130 | M39: 09734797 | N39: 77730.28 | O39: 84726 | P39: 77730.28 | R39: =P39+Q39 -> 77730.28 | S39: =IFERROR(VLOOKUP(G39,'附表8-合同明细采集底稿'!B:M,12,0),100%) -> 1 | T39: =ROUND(SUM(R39)*SUM(S39),2) -> 77730.28 | V39: 共同成本费用 | W39: =IF('附表1-面积统计表'!$D$29=0,"",IF(AND(V39="共同成本费用",Z39="总建筑面积法"),ROUND(T39/'附表1-面积统计表'!$D$29*'附表1-面积统计表'!$D$5,2),IF(AND(V39="共同成本费用",Z39="可售建筑面积法"),ROUND(T39/'附表1-面积统计表'!$F$29*'附表1-面积统计表'!$F$5,2),"请手工填写"))) -> 77730.28 | X39: =IF(SUM('附表1-面积统计表'!$D$6)=0,"",SUM(T39)-SUM(W39)-SUM(Y39)) | Y39: =IF(SUM('附表1-面积统计表'!$D$6)=0,SUM(T39)-SUM(W39),IF('附表1-面积统计表'!$D$29=0,"",IF(AND(V39="共同成本费用",Z39="总建筑面积法"),ROUND(T39/'附表1-面积统计表'!$D$29*'附表1-面积统计表'!$D$7,2),IF(AND(V39="共同成本费用",Z39="可售建筑面积法"),ROUND(T39/'附表1-面积统计表'!$F$29*'附表1-面积统计表'!$F$7,2),"请手工填写")))) -> 0 | Z39: 可售建筑面积法 | AB39: 可加计 | AC39: 1总规 | AE39: 合同金额211815，支付84726，2021.8.10支付39800，共支付124526，换算成/1.09=114244.04，调减96683.31 | AF39: -18953.03 | AG39: =T39-AF39 -> 96683.31
A40: 34 | B40: 2021-04-29 | C40: 记 - 247 | D40: 基础设施费 | E40: 其他设施工程发生的支出 | F40: 4-29支付巴州方程式春和广告费 | H40: =IF(G40="","",VLOOKUP(G40,'附表8-合同明细采集底稿'!B:I,2,0)) | I40: =IF(G40="","",VLOOKUP(G40,'附表8-合同明细采集底稿'!B:I,3,0)) | J40: 巴州方程视广告有限公司（刘亭） | K40: 增值税专用发票 | L40: 6500193160 | M40: 00196124 | N40: 2574.26 | O40: 2600 | P40: 2574.26 | Q40: =-P40 -> -2574.26 | R40: =P40+Q40 -> 0 | S40: =IFERROR(VLOOKUP(G40,'附表8-合同明细采集底稿'!B:M,12,0),100%) -> 1 | T40: =ROUND(SUM(R40)*SUM(S40),2) -> 0 | V40: 共同成本费用 | W40: =IF('附表1-面积统计表'!$D$29=0,"",IF(AND(V40="共同成本费用",Z40="总建筑面积法"),ROUND(T40/'附表1-面积统计表'!$D$29*'附表1-面积统计表'!$D$5,2),IF(AND(V40="共同成本费用",Z40="可售建筑面积法"),ROUND(T40/'附表1-面积统计表'!$F$29*'附表1-面积统计表'!$F$5,2),"请手工填写"))) -> 0 | X40: =IF(SUM('附表1-面积统计表'!$D$6)=0,"",SUM(T40)-SUM(W40)-SUM(Y40)) | Y40: =IF(SUM('附表1-面积统计表'!$D$6)=0,SUM(T40)-SUM(W40),IF('附表1-面积统计表'!$D$29=0,"",IF(AND(V40="共同成本费用",Z40="总建筑面积法"),ROUND(T40/'附表1-面积统计表'!$D$29*'附表1-面积统计表'!$D$7,2),IF(AND(V40="共同成本费用",Z40="可售建筑面积法"),ROUND(T40/'附表1-面积统计表'!$F$29*'附表1-面积统计表'!$F$7,2),"请手工填写")))) -> 0 | Z40: 可售建筑面积法 | AB40: 可加计 | AE40: 属于开发费用 | AF40: 0 | AG40: =T40-AF40 -> 0
A41: 35 | B41: 2021-05-15 | C41: 记 - 86 | D41: 基础设施费 | E41: 其他设施工程发生的支出 | F41: 5-15预付江苏中义春和景苑消防工程款 | G41: 春和12# | H41: =IF(G41="","",VLOOKUP(G41,'附表8-合同明细采集底稿'!B:I,2,0)) -> 春和1#2#3#楼给排水 | I41: =IF(G41="","",VLOOKUP(G41,'附表8-合同明细采集底稿'!B:I,3,0)) -> 建设工程合同 | J41: =IF(G41="","",VLOOKUP(G41,'附表8-合同明细采集底稿'!B:I,4,0)) -> 江苏中义消防工程有限公司巴州分公司（巩红卫） | K41: 增值税专用发票 | L41: 6500193130 | M41: 09583352 | N41: 89449.54 | O41: 97500 | P41: 89449.54 | R41: =P41+Q41 -> 89449.54 | S41: =IFERROR(VLOOKUP(G41,'附表8-合同明细采集底稿'!B:M,12,0),100%) -> 1 | T41: =ROUND(SUM(R41)*SUM(S41),2) -> 89449.54 | V41: 共同成本费用 | W41: =IF('附表1-面积统计表'!$D$29=0,"",IF(AND(V41="共同成本费用",Z41="总建筑面积法"),ROUND(T41/'附表1-面积统计表'!$D$29*'附表1-面积统计表'!$D$5,2),IF(AND(V41="共同成本费用",Z41="可售建筑面积法"),ROUND(T41/'附表1-面积统计表'!$F$29*'附表1-面积统计表'!$F$5,2),"请手工填写"))) -> 89449.54 | X41: =IF(SUM('附表1-面积统计表'!$D$6)=0,"",SUM(T41)-SUM(W41)-SUM(Y41)) | Y41: =IF(SUM('附表1-面积统计表'!$D$6)=0,SUM(T41)-SUM(W41),IF('附表1-面积统计表'!$D$29=0,"",IF(AND(V41="共同成本费用",Z41="总建筑面积法"),ROUND(T41/'附表1-面积统计表'!$D$29*'附表1-面积统计表'!$D$7,2),IF(AND(V41="共同成本费用",Z41="可售建筑面积法"),ROUND(T41/'附表1-面积统计表'!$F$29*'附表1-面积统计表'!$F$7,2),"请手工填写")))) -> 0 | Z41: 可售建筑面积法 | AB41: 可加计 | AE41: 给水、排水、消防工程合同金额109万，发票金额60万， | AF41: 41284.4 | AG41: =T41-AF41 -> 48165.14
A42: 36 | B42: 2021-05-18 | C42: 记 - 105 | D42: 基础设施费 | E42: 供电工程支出 | F42: 5-18泰丰线缆春和发票到 | G42: 春和11# | H42: =IF(G42="","",VLOOKUP(G42,'附表8-合同明细采集底稿'!B:I,2,0)) -> 电缆采购合同 | I42: =IF(G42="","",VLOOKUP(G42,'附表8-合同明细采集底稿'!B:I,3,0)) -> 买卖合同 | J42: =IF(G42="","",VLOOKUP(G42,'附表8-合同明细采集底稿'!B:I,4,0)) -> 泰丰线缆有限公司 | K42: 增值税专用发票 | L42: 1300203130 | M42: 08918746 | N42: 193787.61 | O42: =43796+175184 -> 218980 | P42: 193787.61 | R42: =P42+Q42 -> 193787.61 | S42: =IFERROR(VLOOKUP(G42,'附表8-合同明细采集底稿'!B:M,12,0),100%) -> 1 | T42: =ROUND(SUM(R42)*SUM(S42),2) -> 193787.61 | U42: 税务局未认可 | V42: 共同成本费用 | W42: =IF('附表1-面积统计表'!$D$29=0,"",IF(AND(V42="共同成本费用",Z42="总建筑面积法"),ROUND(T42/'附表1-面积统计表'!$D$29*'附表1-面积统计表'!$D$5,2),IF(AND(V42="共同成本费用",Z42="可售建筑面积法"),ROUND(T42/'附表1-面积统计表'!$F$29*'附表1-面积统计表'!$F$5,2),"请手工填写"))) -> 193787.61 | X42: =IF(SUM('附表1-面积统计表'!$D$6)=0,"",SUM(T42)-SUM(W42)-SUM(Y42)) | Y42: =IF(SUM('附表1-面积统计表'!$D$6)=0,SUM(T42)-SUM(W42),IF('附表1-面积统计表'!$D$29=0,"",IF(AND(V42="共同成本费用",Z42="总建筑面积法"),ROUND(T42/'附表1-面积统计表'!$D$29*'附表1-面积统计表'!$D$7,2),IF(AND(V42="共同成本费用",Z42="可售建筑面积法"),ROUND(T42/'附表1-面积统计表'!$F$29*'附表1-面积统计表'!$F$7,2),"请手工填写")))) -> 0 | Z42: 可售建筑面积法 | AB42: 可加计 | AE42: 已支付 | AF42: 193787.61 | AG42: =T42-AF42 -> 0
A43: 37 | B43: 2021-05-18 | C43: 记 - 108 | D43: 基础设施费 | E43: 其他设施工程发生的支出 | F43: 5-11春和改扩道路票据到 | H43: =IF(G43="","",VLOOKUP(G43,'附表8-合同明细采集底稿'!B:I,2,0)) | I43: =IF(G43="","",VLOOKUP(G43,'附表8-合同明细采集底稿'!B:I,3,0)) | J43: 库尔勒市财政局 | K43: 增值税专用发票 | L43: 0 | M43: 5909131911 | N43: 54495 | O43: 54495 | P43: 54495 | Q43: =-P43 -> -54495 | R43: =P43+Q43 -> 0 | S43: =IFERROR(VLOOKUP(G43,'附表8-合同明细采集底稿'!B:M,12,0),100%) -> 1 | T43: =ROUND(SUM(R43)*SUM(S43),2) -> 0 | V43: 共同成本费用 | W43: =IF('附表1-面积统计表'!$D$29=0,"",IF(AND(V43="共同成本费用",Z43="总建筑面积法"),ROUND(T43/'附表1-面积统计表'!$D$29*'附表1-面积统计表'!$D$5,2),IF(AND(V43="共同成本费用",Z43="可售建筑面积法"),ROUND(T43/'附表1-面积统计表'!$F$29*'附表1-面积统计表'!$F$5,2),"请手工填写"))) -> 0 | X43: =IF(SUM('附表1-面积统计表'!$D$6)=0,"",SUM(T43)-SUM(W43)-SUM(Y43)) | Y43: =IF(SUM('附表1-面积统计表'!$D$6)=0,SUM(T43)-SUM(W43),IF('附表1-面积统计表'!$D$29=0,"",IF(AND(V43="共同成本费用",Z43="总建筑面积法"),ROUND(T43/'附表1-面积统计表'!$D$29*'附表1-面积统计表'!$D$7,2),IF(AND(V43="共同成本费用",Z43="可售建筑面积法"),ROUND(T43/'附表1-面积统计表'!$F$29*'附表1-面积统计表'!$F$7,2),"请手工填写")))) -> 0 | Z43: 可售建筑面积法 | AB43: 可加计 | AE43: 收取违反城市绿化条例，属于开发费用 | AF43: 0 | AG43: =T43-AF43 -> 0
A44: 38 | B44: 2021-05-18 | C44: 记 - 110 | D44: 基础设施费 | E44: 供水工程支出 | F44: 5-18新疆昌源水务水表发票到 | H44: =IF(G44="","",VLOOKUP(G44,'附表8-合同明细采集底稿'!B:I,2,0)) | I44: =IF(G44="","",VLOOKUP(G44,'附表8-合同明细采集底稿'!B:I,3,0)) | J44: 新疆昌源水务集团库尔勒银泉供水有限公司 | K44: 增值税专用发票 | L44: 6500193130 | M44: 09528806 | N44: 153.1 | O44: 173 | P44: 153.1 | Q44: =-P44 -> -153.1 | R44: =P44+Q44 -> 0 | S44: ='附表8-合同明细采集底稿'!$M$7 -> 0.72594598 | T44: =ROUND(SUM(R44)*SUM(S44),2) -> 0 | V44: 共同成本费用 | W44: =IF('附表1-面积统计表'!$D$29=0,"",IF(AND(V44="共同成本费用",Z44="总建筑面积法"),ROUND(T44/'附表1-面积统计表'!$D$29*'附表1-面积统计表'!$D$5,2),IF(AND(V44="共同成本费用",Z44="可售建筑面积法"),ROUND(T44/'附表1-面积统计表'!$F$29*'附表1-面积统计表'!$F$5,2),"请手工填写"))) -> 0 | X44: =IF(SUM('附表1-面积统计表'!$D$6)=0,"",SUM(T44)-SUM(W44)-SUM(Y44)) | Y44: =IF(SUM('附表1-面积统计表'!$D$6)=0,SUM(T44)-SUM(W44),IF('附表1-面积统计表'!$D$29=0,"",IF(AND(V44="共同成本费用",Z44="总建筑面积法"),ROUND(T44/'附表1-面积统计表'!$D$29*'附表1-面积统计表'!$D$7,2),IF(AND(V44="共同成本费用",Z44="可售建筑面积法"),ROUND(T44/'附表1-面积统计表'!$F$29*'附表1-面积统计表'!$F$7,2),"请手工填写")))) -> 0 | Z44: 可售建筑面积法 | AB44: 可加计 | AC44: 1总规 | AE44: 这个是不是更换水表 | AF44: 0 | AG44: =T44-AF44 -> 0
A45: 39 | B45: 2021-05-20 | C45: 记 - 125 | D45: 基础设施费 | E45: 绿化费用 | F45: 5-19支付巴州绿叶园林春和配套工程款 | G45: 春和14# | H45: =IF(G45="","",VLOOKUP(G45,'附表8-合同明细采集底稿'!B:I,2,0)) -> 春和景苑配套工程 | I45: =IF(G45="","",VLOOKUP(G45,'附表8-合同明细采集底稿'!B:I,3,0)) -> 建设工程合同 | J45: =IF(G45="","",VLOOKUP(G45,'附表8-合同明细采集底稿'!B:I,4,0)) -> 巴州绿叶园林工程有限责任公司（谢辞） | K45: 增值税专用发票 | L45: 6500203130 | M45: 00518204；00518204；00518206 | N45: 256880.74 | O45: 280000 | P45: 256880.74 | R45: =P45+Q45 -> 256880.74 | S45: =IFERROR(VLOOKUP(G45,'附表8-合同明细采集底稿'!B:M,12,0),100%) -> 0.72594598 | T45: =ROUND(SUM(R45)*SUM(S45),2) -> 186481.54 | V45: 共同成本费用 | W45: =IF('附表1-面积统计表'!$D$29=0,"",IF(AND(V45="共同成本费用",Z45="总建筑面积法"),ROUND(T45/'附表1-面积统计表'!$D$29*'附表1-面积统计表'!$D$5,2),IF(AND(V45="共同成本费用",Z45="可售建筑面积法"),ROUND(T45/'附表1-面积统计表'!$F$29*'附表1-面积统计表'!$F$5,2),"请手工填写"))) -> 186481.54 | X45: =IF(SUM('附表1-面积统计表'!$D$6)=0,"",SUM(T45)-SUM(W45)-SUM(Y45)) | Y45: =IF(SUM('附表1-面积统计表'!$D$6)=0,SUM(T45)-SUM(W45),IF('附表1-面积统计表'!$D$29=0,"",IF(AND(V45="共同成本费用",Z45="总建筑面积法"),ROUND(T45/'附表1-面积统计表'!$D$29*'附表1-面积统计表'!$D$7,2),IF(AND(V45="共同成本费用",Z45="可售建筑面积法"),ROUND(T45/'附表1-面积统计表'!$F$29*'附表1-面积统计表'!$F$7,2),"请手工填写")))) -> 0 | Z45: 可售建筑面积法 | AB45: 可加计 | AC45: 1总规 | AD45: 绿化及配套发票无法区分，全部分摊 | AE45: 便民超市及文化活动中心，建筑面积120.92，地上一层砖混结构；警卫室，面积53平方米，地上一层，砖混结构 | AF45: 100131.35 | AG45: =T45-AF45 -> 86350.19
A46: 40 | B46: 2021-05-20 | C46: 记 - 125 | D46: 基础设施费 | E46: 绿化费用 | F46: 5-19支付巴州绿叶园林春和配套工程款 | G46: 春和14# | H46: =IF(G46="","",VLOOKUP(G46,'附表8-合同明细采集底稿'!B:I,2,0)) -> 春和景苑配套工程 | I46: =IF(G46="","",VLOOKUP(G46,'附表8-合同明细采集底稿'!B:I,3,0)) -> 建设工程合同 | J46: =IF(G46="","",VLOOKUP(G46,'附表8-合同明细采集底稿'!B:I,4,0)) -> 巴州绿叶园林工程有限责任公司（谢辞） | K46: 增值税专用发票 | L46: 6500203130 | M46: 00518204；00518204；00518206 | N46: 256880.74 | O46: 280000 | P46: 256880.74 | R46: =P46+Q46 -> 256880.74 | S46: =IFERROR(VLOOKUP(G46,'附表8-合同明细采集底稿'!B:M,12,0),100%) -> 0.72594598 | T46: =ROUND(SUM(R46)*SUM(S46),2) -> 186481.54 | V46: 共同成本费用 | W46: =IF('附表1-面积统计表'!$D$29=0,"",IF(AND(V46="共同成本费用",Z46="总建筑面积法"),ROUND(T46/'附表1-面积统计表'!$D$29*'附表1-面积统计表'!$D$5,2),IF(AND(V46="共同成本费用",Z46="可售建筑面积法"),ROUND(T46/'附表1-面积统计表'!$F$29*'附表1-面积统计表'!$F$5,2),"请手工填写"))) -> 186481.54 | X46: =IF(SUM('附表1-面积统计表'!$D$6)=0,"",SUM(T46)-SUM(W46)-SUM(Y46)) | Y46: =IF(SUM('附表1-面积统计表'!$D$6)=0,SUM(T46)-SUM(W46),IF('附表1-面积统计表'!$D$29=0,"",IF(AND(V46="共同成本费用",Z46="总建筑面积法"),ROUND(T46/'附表1-面积统计表'!$D$29*'附表1-面积统计表'!$D$7,2),IF(AND(V46="共同成本费用",Z46="可售建筑面积法"),ROUND(T46/'附表1-面积统计表'!$F$29*'附表1-面积统计表'!$F$7,2),"请手工填写")))) -> 0 | Z46: 可售建筑面积法 | AB46: 可加计 | AC46: 1总规 | AD46: 绿化及配套发票无法区分，全部分摊 | AE46: 便民超市及文化活动中心，建筑面积120.92，地上一层砖混结构；警卫室，面积53平方米，地上一层，砖混结构 | AF46: 256880.74 | AG46: =T46-AF46 -> -70399.2
A47: 41 | B47: 2021-05-25 | C47: 记 - 162 | D47: 前期工程费 | E47: 七通一平支出 | F47: 5-25支付春和垃圾清运费 | G47: 春和34# | H47: =IF(G47="","",VLOOKUP(G47,'附表8-合同明细采集底稿'!B:I,2,0)) -> 春和景苑土方挖运 | I47: =IF(G47="","",VLOOKUP(G47,'附表8-合同明细采集底稿'!B:I,3,0)) -> 建设工程合同 | J47: =IF(G47="","",VLOOKUP(G47,'附表8-合同明细采集底稿'!B:I,4,0)) -> 李建新 | K47: 增值税专用发票 | L47: 6500193160 | M47: 00196404 | N47: 198019.8 | O47: 200000 | P47: 198019.8 | Q47: =-P47 -> -198019.8 | R47: =P47+Q47 -> 0 | S47: =IFERROR(VLOOKUP(G47,'附表8-合同明细采集底稿'!B:M,12,0),100%) -> 1 | T47: =ROUND(SUM(R47)*SUM(S47),2) -> 0 | V47: 共同成本费用 | W47: =IF('附表1-面积统计表'!$D$29=0,"",IF(AND(V47="共同成本费用",Z47="总建筑面积法"),ROUND(T47/'附表1-面积统计表'!$D$29*'附表1-面积统计表'!$D$5,2),IF(AND(V47="共同成本费用",Z47="可售建筑面积法"),ROUND(T47/'附表1-面积统计表'!$F$29*'附表1-面积统计表'!$F$5,2),"请手工填写"))) -> 0 | X47: =IF(SUM('附表1-面积统计表'!$D$6)=0,"",SUM(T47)-SUM(W47)-SUM(Y47)) | Y47: =IF(SUM('附表1-面积统计表'!$D$6)=0,SUM(T47)-SUM(W47),IF('附表1-面积统计表'!$D$29=0,"",IF(AND(V47="共同成本费用",Z47="总建筑面积法"),ROUND(T47/'附表1-面积统计表'!$D$29*'附表1-面积统计表'!$D$7,2),IF(AND(V47="共同成本费用",Z47="可售建筑面积法"),ROUND(T47/'附表1-面积统计表'!$F$29*'附表1-面积统计表'!$F$7,2),"请手工填写")))) -> 0 | Z47: 可售建筑面积法 | AB47: 可加计 | AE47: 垃圾运费，属于开发费用 | AF47: 0 | AG47: =T47-AF47 -> 0
A48: 42 | B48: 2021-05-27 | C48: 记 - 194 | D48: 基础设施费 | E48: 供电工程支出 | F48: 5-27支付航锐春和购电缆 | H48: =IF(G48="","",VLOOKUP(G48,'附表8-合同明细采集底稿'!B:I,2,0)) | I48: =IF(G48="","",VLOOKUP(G48,'附表8-合同明细采集底稿'!B:I,3,0)) | J48: 库尔勒航锐电力器材经营部 | K48: 增值税专用发票 | L48: 065002000211 | M48: 59626152 | N48: 5440 | O48: 5440 | P48: 5440 | Q48: =-P48 -> -5440 | R48: =P48+Q48 -> 0 | S48: =IFERROR(VLOOKUP(G48,'附表8-合同明细采集底稿'!B:M,12,0),100%) -> 1 | T48: =ROUND(SUM(R48)*SUM(S48),2) -> 0 | V48: 共同成本费用 | W48: =IF('附表1-面积统计表'!$D$29=0,"",IF(AND(V48="共同成本费用",Z48="总建筑面积法"),ROUND(T48/'附表1-面积统计表'!$D$29*'附表1-面积统计表'!$D$5,2),IF(AND(V48="共同成本费用",Z48="可售建筑面积法"),ROUND(T48/'附表1-面积统计表'!$F$29*'附表1-面积统计表'!$F$5,2),"请手工填写"))) -> 0 | X48: =IF(SUM('附表1-面积统计表'!$D$6)=0,"",SUM(T48)-SUM(W48)-SUM(Y48)) | Y48: =IF(SUM('附表1-面积统计表'!$D$6)=0,SUM(T48)-SUM(W48),IF('附表1-面积统计表'!$D$29=0,"",IF(AND(V48="共同成本费用",Z48="总建筑面积法"),ROUND(T48/'附表1-面积统计表'!$D$29*'附表1-面积统计表'!$D$7,2),IF(AND(V48="共同成本费用",Z48="可售建筑面积法"),ROUND(T48/'附表1-面积统计表'!$F$29*'附表1-面积统计表'!$F$7,2),"请手工填写")))) -> 0 | Z48: 可售建筑面积法 | AB48: 可加计 | AD48: 零星购买电缆电线，无合同，已支付 | AE48: 零星购买电缆电线，无合同，已支付 | AF48: 0 | AG48: =T48-AF48 -> 0
A49: 43 | B49: 2021-06-09 | C49: 记 - 43 | D49: 基础设施费 | E49: 排污工程支出 | F49: 6-6乌鲁木齐三源春和玻璃钢化粪池发票到 | G49: 春和16# | H49: =IF(G49="","",VLOOKUP(G49,'附表8-合同明细采集底稿'!B:I,2,0)) -> 春和景苑玻璃钢化粪池 | I49: =IF(G49="","",VLOOKUP(G49,'附表8-合同明细采集底稿'!B:I,3,0)) -> 买卖合同 | J49: =IF(G49="","",VLOOKUP(G49,'附表8-合同明细采集底稿'!B:I,4,0)) -> 乌鲁木齐三源众联复合材料有限公司 | K49: 增值税专用发票 | L49: 6500203130 | M49: 01914997 | N49: 39823.01 | O49: =13500+31500 -> 45000 | P49: 39823.01 | R49: =P49+Q49 -> 39823.01 | S49: =IFERROR(VLOOKUP(G49,'附表8-合同明细采集底稿'!B:M,12,0),100%) -> 1 | T49: =ROUND(SUM(R49)*SUM(S49),2) -> 39823.01 | V49: 共同成本费用 | W49: =IF('附表1-面积统计表'!$D$29=0,"",IF(AND(V49="共同成本费用",Z49="总建筑面积法"),ROUND(T49/'附表1-面积统计表'!$D$29*'附表1-面积统计表'!$D$5,2),IF(AND(V49="共同成本费用",Z49="可售建筑面积法"),ROUND(T49/'附表1-面积统计表'!$F$29*'附表1-面积统计表'!$F$5,2),"请手工填写"))) -> 39823.01 | X49: =IF(SUM('附表1-面积统计表'!$D$6)=0,"",SUM(T49)-SUM(W49)-SUM(Y49)) | Y49: =IF(SUM('附表1-面积统计表'!$D$6)=0,SUM(T49)-SUM(W49),IF('附表1-面积统计表'!$D$29=0,"",IF(AND(V49="共同成本费用",Z49="总建筑面积法"),ROUND(T49/'附表1-面积统计表'!$D$29*'附表1-面积统计表'!$D$7,2),IF(AND(V49="共同成本费用",Z49="可售建筑面积法"),ROUND(T49/'附表1-面积统计表'!$F$29*'附表1-面积统计表'!$F$7,2),"请手工填写")))) -> 0 | Z49: 可售建筑面积法 | AB49: 可加计 | AD49: 临时购买，无法确认本项目成本 | AE49: 有合同有发票有支付 | AF49: 39823.01 | AG49: =T49-AF49 -> 0
A50: 44 | B50: 2021-06-23 | C50: 记 - 176 | D50: 基础设施费 | E50: 排污工程支出 | F50: 6-21巴州国鑫管道春和排水管道安装款发票到 | G50: 春和17# | H50: =IF(G50="","",VLOOKUP(G50,'附表8-合同明细采集底稿'!B:I,2,0)) -> 春和排水管道安装工程 | I50: =IF(G50="","",VLOOKUP(G50,'附表8-合同明细采集底稿'!B:I,3,0)) -> 建设工程合同 | J50: =IF(G50="","",VLOOKUP(G50,'附表8-合同明细采集底稿'!B:I,4,0)) -> 巴州国鑫管道工程建筑有限责任公司 | K50: 增值税专用发票 | L50: 6500193160 | M50: 00167723 | N50: 26336.63 | O50: 26600 | P50: 26336.63 | R50: =P50+Q50 -> 26336.63 | S50: =IFERROR(VLOOKUP(G50,'附表8-合同明细采集底稿'!B:M,12,0),100%) -> 1 | T50: =ROUND(SUM(R50)*SUM(S50),2) -> 26336.63 | V50: 共同成本费用 | W50: =IF('附表1-面积统计表'!$D$29=0,"",IF(AND(V50="共同成本费用",Z50="总建筑面积法"),ROUND(T50/'附表1-面积统计表'!$D$29*'附表1-面积统计表'!$D$5,2),IF(AND(V50="共同成本费用",Z50="可售建筑面积法"),ROUND(T50/'附表1-面积统计表'!$F$29*'附表1-面积统计表'!$F$5,2),"请手工填写"))) -> 26336.63 | X50: =IF(SUM('附表1-面积统计表'!$D$6)=0,"",SUM(T50)-SUM(W50)-SUM(Y50)) | Y50: =IF(SUM('附表1-面积统计表'!$D$6)=0,SUM(T50)-SUM(W50),IF('附表1-面积统计表'!$D$29=0,"",IF(AND(V50="共同成本费用",Z50="总建筑面积法"),ROUND(T50/'附表1-面积统计表'!$D$29*'附表1-面积统计表'!$D$7,2),IF(AND(V50="共同成本费用",Z50="可售建筑面积法"),ROUND(T50/'附表1-面积统计表'!$F$29*'附表1-面积统计表'!$F$7,2),"请手工填写")))) -> 0 | Z50: 可售建筑面积法 | AB50: 可加计 | AE50: 有合同有发票有支付 | AF50: 26336.63 | AG50: =T50-AF50 -> 0
A51: 45 | B51: 2021-06-30 | C51: 记 - 231 | D51: 前期工程费 | E51: 设计费用 | F51: 调2020年11月37#凭证沁春锦苑四期项目设计费（开发成本）错入春和景苑项目 | H51: =IF(G51="","",VLOOKUP(G51,'附表8-合同明细采集底稿'!B:I,2,0)) | I51: =IF(G51="","",VLOOKUP(G51,'附表8-合同明细采集底稿'!B:I,3,0)) | K51: 其他凭据 | N51: -4716.98 | O51: 0 | P51: -4716.98 | R51: =P51+Q51 -> -4716.98 | S51: =IFERROR(VLOOKUP(G51,'附表8-合同明细采集底稿'!B:M,12,0),100%) -> 1 | T51: =ROUND(SUM(R51)*SUM(S51),2) -> -4716.98 | V51: 共同成本费用 | W51: =IF('附表1-面积统计表'!$D$29=0,"",IF(AND(V51="共同成本费用",Z51="总建筑面积法"),ROUND(T51/'附表1-面积统计表'!$D$29*'附表1-面积统计表'!$D$5,2),IF(AND(V51="共同成本费用",Z51="可售建筑面积法"),ROUND(T51/'附表1-面积统计表'!$F$29*'附表1-面积统计表'!$F$5,2),"请手工填写"))) -> -4716.98 | X51: =IF(SUM('附表1-面积统计表'!$D$6)=0,"",SUM(T51)-SUM(W51)-SUM(Y51)) | Y51: =IF(SUM('附表1-面积统计表'!$D$6)=0,SUM(T51)-SUM(W51),IF('附表1-面积统计表'!$D$29=0,"",IF(AND(V51="共同成本费用",Z51="总建筑面积法"),ROUND(T51/'附表1-面积统计表'!$D$29*'附表1-面积统计表'!$D$7,2),IF(AND(V51="共同成本费用",Z51="可售建筑面积法"),ROUND(T51/'附表1-面积统计表'!$F$29*'附表1-面积统计表'!$F$7,2),"请手工填写")))) -> 0 | Z51: 可售建筑面积法 | AB51: 可加计 | AF51: -4716.98 | AG51: =T51-AF51 -> 0
A52: 46 | B52: 2021-07-05 | C52: 记 - 21 | D52: 基础设施费 | E52: 排污工程支出 | F52: 7-5支付青橄榄春和监控及弱电工程款 | G52: 春和18# | H52: =IF(G52="","",VLOOKUP(G52,'附表8-合同明细采集底稿'!B:I,2,0)) -> 春和监控及弱电工程 | I52: =IF(G52="","",VLOOKUP(G52,'附表8-合同明细采集底稿'!B:I,3,0)) -> 建设工程合同 | J52: =IF(G52="","",VLOOKUP(G52,'附表8-合同明细采集底稿'!B:I,4,0)) -> 巴州青橄榄电子科技有限公司（党曌） | K52: 增值税专用发票 | L52: 6500203130 | M52: 00467487 | N52: 92079.21 | O52: 27900 | P52: 92079.21 | R52: =P52+Q52 -> 92079.21 | S52: =IFERROR(VLOOKUP(G52,'附表8-合同明细采集底稿'!B:M,12,0),100%) -> 1 | T52: =ROUND(SUM(R52)*SUM(S52),2) -> 92079.21 | V52: 共同成本费用 | W52: =IF('附表1-面积统计表'!$D$29=0,"",IF(AND(V52="共同成本费用",Z52="总建筑面积法"),ROUND(T52/'附表1-面积统计表'!$D$29*'附表1-面积统计表'!$D$5,2),IF(AND(V52="共同成本费用",Z52="可售建筑面积法"),ROUND(T52/'附表1-面积统计表'!$F$29*'附表1-面积统计表'!$F$5,2),"请手工填写"))) -> 92079.21 | X52: =IF(SUM('附表1-面积统计表'!$D$6)=0,"",SUM(T52)-SUM(W52)-SUM(Y52)) | Y52: =IF(SUM('附表1-面积统计表'!$D$6)=0,SUM(T52)-SUM(W52),IF('附表1-面积统计表'!$D$29=0,"",IF(AND(V52="共同成本费用",Z52="总建筑面积法"),ROUND(T52/'附表1-面积统计表'!$D$29*'附表1-面积统计表'!$D$7,2),IF(AND(V52="共同成本费用",Z52="可售建筑面积法"),ROUND(T52/'附表1-面积统计表'!$F$29*'附表1-面积统计表'!$F$7,2),"请手工填写")))) -> 0 | Z52: 可售建筑面积法 | AB52: 可加计 | AC52: 1总规 | AE52: 支付有误 | AF52: 92079.21 | AG52: =T52-AF52 -> 0
